 Dungeon Crawl Stone Soup version 0.24-a0-549-g45f0056d81 (webtiles) character file.

Game seed: 3562119757318242413

7682167 Skoj the Talismancer (level 27, 273/273 HPs)
             Began as a Demonspawn Wizard on Aug 13, 2019.
             Was an Initiate of Gozag.
             Escaped with the Orb
             ... and 15 runes on Aug 19, 2019!
             The game lasted 1 day 05:21:34 (254839 turns).

Skoj the Talismancer (Demonspawn Wizard)      Turns: 254839, Time: 1 , 05:21:34

Health: 273/273    AC: 62    Str: 24    XL:     27
Magic:  51/54      EV: 23    Int: 64    God:    Gozag
Gold:   44378      SH: 32    Dex: 20    Spells: 1/80 levels left

rFire    + + +     SeeInvis +   F - +18 lance "Wyrmbane" {slay drac, rPois rF+ rC+ AC+3}
rCold    + + +     Gourm    .   K - +5 large shield of Jyan {Int+3 Dex+4 Slay+3}
rNeg     + + +     Faith    .   q - +8 orange crystal plate armour {Archmagi, Int+3 Clar}
rPois    ∞         Spirit   .   (helmet unavailable)
rElec    +         Reflect  .   k - +0 cloak of Plog {MR+ Int+5}
rCorr    +         Harm     .   B - +0 pair of gloves of Dyspraxia {rCorr Str+5 Int+3}
MR       +++++     Clarity  +   w - +2 pair of boots of the Slightly Bent {MR+ Int+4 Stlth+}
Stlth    +++.......             l - macabre finger necklace {rN+}
HPRegen  0.55/turn              s - ring of Nokayfoyre {Wiz rN+ Int+6}
MPRegen  0.34/turn              X - ring "Egeudi" {rF+ rC+ Str+5 Int+4}
                                r - ring of Hietah {*Corrode rElec rF+ Str+6 Int+6}

@: lich-form, deflect missiles
A: antennae 3, beak, iridescent scales 3, agile 1, nightstalker 3, powered by
death 3, robust 1, electricity resistance, wild magic 1, augmentation 3
0: Orb of Zot
}: 15/15 runes: serpentine, barnacled, slimy, silver, golden, iron, obsidian,
icy, bone, abyssal, demonic, glowing, magical, fiery, dark
a: End Transformation, Potion Petition, Call Merchant, Bribe Branch, Renounce
Religion


You escaped.
You worshipped Gozag.
Gozag was extremely pleased with you.
You were not hungry.
You were a lich.
You visited 18 branches of the dungeon, and saw 90 of its levels.
You visited Pandemonium 2 times, and saw 19 of its levels.
You visited the Abyss 3 times.
You completed 14 ziggurats, and saw 378 of their levels.
You also visited: Trove, Sewer and Ossuary.

You collected 592151 gold pieces.
You spent 32986 gold pieces at shops.
You paid 514787 gold pieces to Gozag.

Inventory:

Hand Weapons
 y - the +8 mithril axe "Arga" {speed, MR+}
   (You found it on level 24 of a ziggurat)

   Attacks with this weapon are significantly faster.
   It affects your resistance to hostile enchantments.
 F - the +18 lance "Wyrmbane" (weapon) {slay drac, rPois rF+ rC+ AC+3}
   (You bought it in a shop on level 3 of the Depths)

   It affects your AC (+3).
   It protects you from fire.
   It protects you from cold.
   It protects you from poison.
 V - the +9 staff of Wucad Mu {channel}
   (You found it on level 22 of a ziggurat)
Missiles
 t - 6087 silver javelins (quivered)
Armour
 k - the +0 cloak of Plog (worn) {MR+ Int+5}
   (You found it on level 14 of a ziggurat)

   It affects your intelligence (+5).
   It affects your resistance to hostile enchantments.
 q - the +8 orange crystal plate armour (worn) {Archmagi, Int+3 Clar}
   (You acquired it on level 5 of a ziggurat)

   It affects your intelligence (+3).
   It protects you against confusion.
 w - the +2 pair of boots of the Slightly Bent (worn) {MR+ Int+4 Stlth+}
   (You acquired it on level 15 of a ziggurat)

   It affects your intelligence (+4).
   It affects your resistance to hostile enchantments.
   It makes you more stealthy.
 B - the +0 pair of gloves of Dyspraxia (worn) {rCorr Str+5 Int+3}
   (You found it on level 19 of a ziggurat)

   It affects your strength (+5).
   It affects your intelligence (+3).
   It provides partial protection from all sources of acid and corrosion.
 K - the +5 large shield of Jyan (worn) {Int+3 Dex+4 Slay+3}
   (You took it off a daeva on level 20 of a ziggurat)

   It affects your intelligence (+3).
   It affects your dexterity (+4).
   It affects your accuracy and damage with ranged weapons and melee attacks
   (+3).
Jewellery
 l - the macabre finger necklace (around neck) {rN+}
   (You found it on level 6 of a ziggurat)

   [amulet of nothing]

   It protects you from negative energy.
 r - the ring of Hietah (on amulet) {*Corrode rElec rF+ Str+6 Int+6}
   (You found it on level 15 of a ziggurat)

   [ring of strength]

   It affects your strength (+6).
   It affects your intelligence (+6).
   It protects you from fire.
   It insulates you from electricity.
   It may corrode you when you take damage.
 s - the ring of Nokayfoyre (left hand) {Wiz rN+ Int+6}
   (You found it on level 17 of a ziggurat)

   [ring of wizardry]

   It improves your spell success rate.
   It affects your intelligence (+6).
   It protects you from negative energy.
 G - the ring "Nempus" {rN+ MP+9 Int+2}
   (You found it on level 16 of a ziggurat)

   [ring of magical power]

   It affects your intelligence (+2).
   It protects you from negative energy.
   It affects your magic capacity (+9).
 X - the ring "Egeudi" (right hand) {rF+ rC+ Str+5 Int+4}
   (You found it on level 23 of a ziggurat)

   [ring of strength]

   It affects your strength (+5).
   It affects your intelligence (+4).
   It protects you from fire.
   It protects you from cold.
Wands
 j - a wand of flame (37)
 m - a wand of clouds (14)
 u - a wand of digging (22)
 I - a wand of acid (139)
 P - a wand of scattershot (23)
Scrolls
 b - 205 scrolls of enchant armour
 e - 81 scrolls of magic mapping
 f - 177 scrolls of identify
 g - 309 scrolls of remove curse
 n - 353 scrolls of teleportation
 A - 276 scrolls of enchant weapon
 H - 65 scrolls of silence
 O - 23 scrolls of fear
 Q - 152 scrolls of blinking
 S - 88 scrolls of amnesia
 W - 12 scrolls of summoning
 Z - 221 scrolls of fog
Potions
 c - 126 potions of experience
 h - 24 potions of brilliance
 i - 34 potions of might
 o - 8 potions of invisibility
 p - 107 potions of haste
 z - 12 potions of resistance
 C - 67 potions of curing
 E - 19 potions of flight
 J - 93 potions of heal wounds
 N - 10 potions of magic
 R - 133 potions of mutation
 T - 14 potions of agility
 U - 6 potions of cancellation
Miscellaneous
 D - 47 boxes of beasts
Comestibles
 d - 254 rations


   Skills:
 O Level 27 Fighting
 O Level 27 Short Blades
 O Level 27 Long Blades
 O Level 27 Axes
 O Level 27 Maces & Flails
 O Level 27 Polearms
 O Level 27 Staves
 O Level 27 Slings
 O Level 27 Bows
 O Level 27 Crossbows
 O Level 27 Throwing
 O Level 27 Armour
 O Level 27 Dodging
 O Level 27 Stealth
 O Level 27 Shields
 O Level 27 Unarmed Combat
 O Level 27 Spellcasting
 O Level 27 Conjurations
 O Level 27 Hexes
 O Level 27 Charms
 O Level 27 Summonings
 O Level 27 Necromancy
 O Level 27 Translocations
 O Level 27 Transmutations
 O Level 27 Fire Magic
 O Level 27 Ice Magic
 O Level 27 Air Magic
 O Level 27 Earth Magic
 O Level 27 Poison Magic
 O Level 27 Invocations
 O Level 27 Evocations


You had one spell level left.
You knew the following spells:

 Your Spells              Type           Power        Failure   Level  Hunger
a - Fire Storm            Conj/Fire      ##########   1%          9    N/A
b - Lehudib's Crystal Sp  Conj/Erth      ##########   1%          8    N/A
d - Glaciate              Conj/Ice       ##########   1%          9    N/A
g - Ignition              Fire           ##########   1%          8    N/A
o - Death's Door          Chrm/Necr      ##########   1%          8    N/A
r - Necromutation         Tmut/Necr      ##########   1%          8    N/A
s - Tornado               Air            ##########   1%          9    N/A
t - Deflect Missiles      Chrm/Air       ##########   1%          6    N/A
w - Controlled Blink      Tloc           N/A          1%          8    N/A
y - Darkness              Hex            ##########   1%          6    N/A

Your spell library contained the following spells:

 Spells                   Type           Power        Failure   Level  Hunger
 Animate Skeleton         Necr           N/A          1%          1    N/A
 Apportation              Tloc           ######       1%          1    N/A
 Beastly Appendage        Tmut           ######       1%          1    N/A
 Confusing Touch          Hex            ######       1%          1    N/A
 Corona                   Hex            #######      1%          1    N/A
 Flame Tongue             Conj/Fire      #####        1%          1    N/A
 Freeze                   Ice            ####         1%          1    N/A
 Infusion                 Chrm           ####         1%          1    N/A
 Magic Dart               Conj           ####         1%          1    N/A
 Pain                     Necr           ####         1%          1    N/A
 Sandblast                Erth           ######       1%          1    N/A
 Shock                    Conj/Air       ####         1%          1    N/A
 Sting                    Conj/Pois      ####         1%          1    N/A
 Summon Butterflies       Summ           ########     1%          1    N/A
 Summon Small Mammal      Summ           ####         1%          1    N/A
 Blink                    Tloc           N/A          1%          2    N/A
 Call Imp                 Summ           ########     1%          2    N/A
 Corpse Rot               Necr           N/A          1%          2    N/A
 Ensorcelled Hibernation  Hex/Ice        ######       1%          2    N/A
 Passwall                 Tmut/Erth      ########     1%          2    N/A
 Poisonous Vapours        Pois/Air       ######       1%          2    N/A
 Searing Ray              Conj           ######       1%          2    N/A
 Shroud of Golubria       Chrm/Tloc      ######       1%          2    N/A
 Slow                     Hex            ########     1%          2    N/A
 Song of Slaying          Chrm           ########     1%          2    N/A
 Sticks to Snakes         Tmut           ########     1%          2    N/A
 Sublimation of Blood     Necr           ##########   1%          2    N/A
 Swiftness                Chrm/Air       ########     1%          2    N/A
 Throw Flame              Conj/Fire      ######       1%          2    N/A
 Throw Frost              Conj/Ice       ######       1%          2    N/A
 Call Canine Familiar     Summ           ########     1%          3    N/A
 Confuse                  Hex            ########     1%          3    N/A
 Conjure Flame            Conj/Fire      ########     1%          3    N/A
 Dazzling Spray           Conj/Hex       ######       1%          3    N/A
 Gell's Gravitas          Tloc           ##########   1%          3    N/A
 Ignite Poison            Fire/Tmut/Pois ########     1%          3    N/A
 Inner Flame              Hex/Fire       ########     1%          3    N/A
 Lesser Beckoning         Tloc           ##########   1%          3    N/A
 Mephitic Cloud           Conj/Pois/Air  ########     1%          3    N/A
 Ozocubu's Armour         Chrm/Ice       ########     1%          3    N/A
 Portal Projectile        Hex/Tloc       ######       1%          3    N/A
 Recall                   Summ/Tloc      N/A          1%          3    N/A
 Regeneration             Chrm/Necr      ##########   1%          3    N/A
 Spectral Weapon          Hex/Chrm       ########     1%          3    N/A
 Spider Form              Tmut/Pois      ##########   1%          3    N/A
 Static Discharge         Conj/Air       ########     1%          3    N/A
 Stone Arrow              Conj/Erth      ######       1%          3    N/A
 Summon Guardian Golem    Hex/Summ       ########     1%          3    N/A
 Teleport Other           Tloc           ########     1%          3    N/A
 Tukima's Dance           Hex            ########     1%          3    N/A
 Vampiric Draining        Necr           ##########   1%          3    N/A
 Airstrike                Air            ##########   1%          4    N/A
 Animate Dead             Necr           N/A          1%          4    N/A
 Cause Fear               Hex            ##########   1%          4    N/A
 Force Lance              Conj/Tloc      ########     1%          4    N/A
 Fulminant Prism          Conj/Hex       ##########   1%          4    N/A
 Ice Form                 Ice/Tmut       ########     1%          4    N/A
 Iskenderun's Mystic Bla  Conj           ########     1%          4    N/A
 Leda's Liquefaction      Hex/Erth       ##########   1%          4    N/A
 Olgreb's Toxic Radiance  Pois           ########     1%          4    N/A
 Petrify                  Tmut/Erth      ########     1%          4    N/A
 Sticky Flame             Conj/Fire      ########     1%          4    N/A
 Summon Ice Beast         Ice/Summ       ########     1%          4    N/A
 Summon Lightning Spire   Summ/Air       ########     1%          4    N/A
 Throw Icicle             Conj/Ice       ########     1%          4    N/A
 Agony                    Necr           ########     1%          5    N/A
 Alistair's Intoxication  Tmut/Pois      ########     1%          5    N/A
 Aura of Abjuration       Summ           ##########   1%          5    N/A
 Blade Hands              Tmut           ##########   1%          5    N/A
 Bolt of Draining         Conj/Necr      ##########   1%          5    N/A
 Bolt of Magma            Conj/Fire/Erth ##########   1%          5    N/A
 Borgnjor's Vile Clutch   Necr/Erth      ##########   1%          5    N/A
 Dispel Undead            Necr           ########     1%          5    N/A
 Excruciating Wounds      Chrm/Necr      ##########   1%          5    N/A
 Fireball                 Conj/Fire      ##########   1%          5    N/A
 Irradiate                Conj/Tmut      ##########   1%          5    N/A
 Iskenderun's Battlesphe  Conj/Chrm      ########     1%          5    N/A
 Lee's Rapid Deconstruct  Erth           ##########   1%          5    N/A
 Lightning Bolt           Conj/Air       ##########   1%          5    N/A
 Metabolic Englaciation   Hex/Ice        ##########   1%          5    N/A
 Silence                  Hex/Air        ##########   1%          5    N/A
 Summon Demon             Summ           ##########   1%          5    N/A
 Summon Forest            Summ/Tloc      ##########   1%          5    N/A
 Summon Mana Viper        Hex/Summ       ########     1%          5    N/A
 Venom Bolt               Conj/Pois      ##########   1%          5    N/A
 Yara's Violent Unravell  Hex/Tmut       ##########   1%          5    N/A
 Bolt of Cold             Conj/Ice       ##########   1%          6    N/A
 Bolt of Fire             Conj/Fire      ##########   1%          6    N/A
 Conjure Ball Lightning   Conj/Air       ##########   1%          6    N/A
 Death Channel            Necr           ##########   1%          6    N/A
 Dispersal                Tloc           ##########   1%          6    N/A
 Freezing Cloud           Conj/Ice/Air   ##########   1%          6    N/A
 Hydra Form               Tmut           ##########   1%          6    N/A
 Invisibility             Hex            ########     1%          6    N/A
 Iron Shot                Conj/Erth      ##########   1%          6    N/A
 Ozocubu's Refrigeration  Ice            ##########   1%          6    N/A
 Poison Arrow             Conj/Pois      ##########   1%          6    N/A
 Shadow Creatures         Summ           N/A          1%          6    N/A
 Simulacrum               Ice/Necr       ##########   1%          6    N/A
 Statue Form              Tmut/Erth      #########    1%          6    N/A
 Dragon Form              Tmut           ##########   1%          7    N/A
 Haunt                    Necr/Summ      ##########   1%          7    N/A
 Malign Gateway           Summ/Tloc      ##########   1%          7    N/A
 Monstrous Menagerie      Summ           ##########   1%          7    N/A
 Orb of Destruction       Conj           ##########   1%          7    N/A
 Ring of Flames           Chrm/Fire      ##########   1%          7    N/A
 Spellforged Servitor     Conj/Summ      ##########   1%          7    N/A
 Summon Greater Demon     Summ           ##########   1%          7    N/A
 Summon Hydra             Summ           ##########   1%          7    N/A
 Borgnjor's Revivificati  Necr           ##########   1%          8    N/A
 Chain Lightning          Conj/Air       ##########   1%          8    N/A
 Discord                  Hex            ##########   1%          8    N/A
 Disjunction              Tloc           ##########   1%          8    N/A
 Infestation              Necr           ##########   1%          8    N/A
 Summon Horrible Things   Summ           ##########   1%          8    N/A
 Dragon's Call            Summ           ##########   1%          9    N/A
 Shatter                  Erth           ##########   1%          9    N/A
 Passage of Golubria      Tloc           Unusable     N/A         4    N/A

Dungeon Overview and Level Annotations

Branches:
Dungeon (15/15)            Temple (1/1) D:4            Lair (6/6) D:8
 Shoals (4/4) Lair:2        Snake (4/4) Lair:2        Slime (5/5) Lair:6
    Orc (2/2) D:10            Elf (3/3) Orc:2        Vaults (5/5) D:13
  Crypt (3/3) Vaults:3       Tomb (3/3) Crypt:3      Depths (5/5) D:15
   Hell (1/1)                 Dis (7/7) Hell            Geh (7/7) Hell
    Coc (7/7) Hell            Tar (7/7) Hell            Zot (5/5) Depths:5

Altars:
Ashenzari
Cheibriados
Dithmenos
Elyvilon
Fedhas
Gozag
Hepliaklqana
Kikubaaqudgha
Makhleb
Nemelex Xobeh
Okawaru
Qazlal
Ru
Sif Muna
Trog
Uskayaw
Vehumet
Wu Jian
Xom
Yredelemnul
Zin
The Shining One

Shops:
D:6 ?   D:12 *   D:13 [[*   D:15 [=*:   Orc:2 *[!*   Elf:1 ?   Elf:3 (
Shoals:3 *   Snake:4 !?(*   Vaults:2 *   Vaults:3 [:[
Depths:3 **?[*[(*(*[(*[((*([=:==(*[[*((**[=[((*=*[*=[*[=[*****   Depths:4 [*

Portals:
Hell: Depths:1 Depths:2 Depths:3 Depths:4 Depths:5
Abyss: Depths:2 Depths:4
Pandemonium: Depths:1 Depths:2 Depths:3
Ziggurat: Hell*

Annotations:
D:2 exclusion: oklob plant
Elf:1 6 runed translucent doors
Elf:2 2 runed translucent doors
Vaults:2 3 runed translucent doors, exclusion: obsidian statue, Stiffzip's ghost, adept DDFi
Crypt:1 1 runed translucent door, Hom Ynerri's ghost, veteran GrFi


Innate Abilities, Weirdness & Mutations

You have a pair of large antennae on your head. (SInv)
You are completely covered in iridescent scales. (AC +6)
You are completely attuned to the shadows.
You regenerate a lot of health from kills.
Your magical and physical power is greatly enhanced at high health.
You have a beak for a mouth.
You are agile. (Dex +2)
You are robust. (+10% HP)
You are resistant to electric shocks. (rElec)
Your spells are a little harder to cast, but a little more powerful.


Message History

Level annotation: exclusion: oklob plant
There is a stone staircase leading down here.
(D) Dungeon (T) Temple (L) Lair (A) Shoals (P) Snake Pit (M) Slime Pits (O) Orcish Mines (E) Elven Halls (V) Vaults (C) Crypt (W) Tomb (U) Depths (H) Hell (I) Dis (G) Gehenna (X) Cocytus (Y) Tartarus (Z) Zot
Where to? (Enter - D:1, ? - help)
What level of the Dungeon? (default 1, ? - help)
You sense a monster nearby.
There is a stone staircase leading up here.
You climb upwards.
There is a stone staircase leading down here.
Casting: Necromutation (safe; 1% risk of failure)
Confirm with . or Enter, or press ? or * to list all spells.
You feel a surge of power!
Your body is suffused with negative energy!
There is an open door here.
There is a staircase leading out of the dungeon here.
You have escaped!

...#####.####.#.###.#.####....###
...+........................>....
...##..#.####.#.#.....#####.#.###
.......#.# ##...............#..##
##....^..# #..........#######..##
[........###.++++++........##..##
.............+....+...####.##..##
....###..###.+....+........##....
....###..# #.+..L.'..#########.(.
.>..'....###.+....+..# ####
....####..##.+++++++######
...(#####[##.............#
.......##.#..##..........#
#......##.#.####.#.......#
#......##...# #.#.......#
#......###.## #.#.......#
#......###+#####.################


There were no monsters in sight!

Vanquished Creatures
  Cerebov (Pan)
  Antaeus (Coc:7)
  Asmodeus (Geh:7)
  the Royal Jelly (Slime:5)
  Gloorx Vloq (Pan)
  Ereshkigal (Tar:7)
  Lom Lobon (Pan)
  Mnoleg (Pan)
  the Serpent of Hell (Tar:7)
  535 ancient liches
  Dispater (Dis:7)
  116 orbs of fire
  413 juggernauts
  A juggernaut (shapeshifter) (Zig:18)
  Boris (Tomb:2)
  313 greater mummies
  209 Killer Klowns
  133 shard shrikes
  Margery (Vaults:2)
  97 caustic shrikes
  Bai Suzhen (Crypt:3)
  3 caustic shrikes (shapeshifter)
  Xtahua (Depths:5)
  15 curse toes
  3 golden dragons (shapeshifter)
  Geryon (Hell)
  445 golden dragons
  Saint Roka (Vaults:2)
  440 bone dragons
  Nikola (Vaults:3)
  229 profane servitors
  81 pearl dragons
  548 pandemonium lords
  42 doom hounds
  80 electric golems
  256 Brimstone Fiends
  255 Tzitzimimeh
  68 hellephants
  An iron giant (shapeshifter) (Zig:25)
  550 tentacled monstrosities
  Rupert (Orc:2)
  293 iron giants
  314 Hell Sentinels
  Jorgrun (Snake:2)
  308 Ice Fiends
  362 liches
  361 titans
  26 Orb Guardians
  Asterion (Vaults:4)
  207 quicksilver dragons
  1845 acid blobs
  511 deep elf master archers
  371 deep elf blademasters
  233 Executioners
  192 tentacled starspawn
  99 sphinxes
  15 quicksilver dragons (shapeshifter)
  2 acid blobs (shapeshifter)
  A kraken (Shoals:1)
  3 death cobs
  11 sphinxes (shapeshifter)
  61 tengu reavers
  408 ancient champions
  Agnes (Vaults:4)
  4 eldritch tentacles
  34 thorn hunters
  10 azure jellies (shapeshifter)
  15 shadow dragons (shapeshifter)
  134 shadow dragons
  71 daevas
  1151 nagarajas
  231 draconian monks
  4 storm dragons (shapeshifter)
  125 storm dragons
  11 fire giants (shapeshifter)
  746 azure jellies
  183 fire giants
  455 revenants
  630 ghost moths
  Aizul (Elf:2)
  2 ghost moths (shapeshifter)
  320 draconian knights
  Louise (Shoals:1)
  157 iron dragons
  240 draconian scorchers
  12 frost giants (shapeshifter)
  2 iron dragons (shapeshifter)
  A spectral juggernaut (Zig:7)
  75 vault wardens
  365 balrugs
  658 orc warlords
  80 caustic shrike zombies
  193 frost giants
  72 ghouls
  61 juggernaut zombies
  198 cacodemons
  451 corrupters
  168 warmongers
  203 draconian stormcallers
  3 spectral caustic shrikes
  4 emperor scorpions (shapeshifter)
  85 deep elf sorcerers
  334 curse skulls
  33 deep elf elementalists
  364 emperor scorpions
  53 caustic shrike skeletons
  2 elemental wellsprings (Coc:7)
  44 angels
  75 ironheart preservers
  288 draconian annihilators
  216 draconian shifters
  16 stone giants (shapeshifter)
  51 juggernaut skeletons
  3 entropy weavers (shapeshifter)
  554 reapers
  189 very ugly things
  106 bennus
  53 ophanim
  405 stone giants
  257 war gargoyles
  44 apis
  403 entropy weavers
  230 blood saints
  292 deep elf demonologists
  326 deep elf annihilators
  265 black suns
  The ghost of motoroller71 the Severer, a journeyman DsGl of Makhleb (D:15)
  236 vampire knights
  100 green draconians
  131 lorocyprocas
  44 dire elephants
  5 dire elephants (shapeshifter)
  A spectral titan (Zig:24)
  86 spark wasps
  4 minotaurs (shapeshifter)
  81 purple draconians
  104 red draconians
  111 white draconians
  106 yellow draconians
  3 spark wasps (shapeshifter)
  112 black draconians
  71 ettins
  366 blizzard demons
  An ettin (shapeshifter) (Zig:15)
  272 eidola
  398 merfolk javelineers
  38 crystal guardians
  176 deep elf death magi
  3 spectral quicksilver dragons
  253 mummy priests
  83 death oozes
  483 green deaths
  48 jiangshi
  32 quicksilver dragon zombies
  123 fire dragons
  69 ogre magi
  399 deep elf high priests
  3 great orbs of eyes (shapeshifter)
  94 merfolk impalers
  168 great orbs of eyes
  6 hydras (shapeshifter)
  6 ice dragons (shapeshifter)
  3 spectral tengu
  137 yaktaur captains
  99 hell beasts
  34 vault guards
  4 caustic shrike simulacra
  23 quicksilver dragon skeletons
  Erolcha (D:10)
  26 monstrous demonspawn
  26 merfolk avatars
  3 spectral shadow dragons
  154 ice dragons
  50 rakshasas
  115 spriggan air magi
  45 catoblepae
  371 hydras
  152 anacondas
  3 catoblepae (shapeshifter)
  29 ghost crabs
  216 naga warriors
  2 spectral sphinxes
  71 centaur warriors
  12 alligator snapping turtles (shapeshifter)
  8 juggernaut simulacra
  81 alligator snapping turtles
  378 shambling mangroves
  2 two-headed ogres (shapeshifter)
  A spectral stone giant (Zig:7)
  2 spectral fire giants (Zig:10)
  5 anacondas (shapeshifter)
  64 death knights
  4 queen ants (shapeshifter)
  119 hell hogs
  81 satyrs
  4 satyrs (shapeshifter)
  69 alligators
  454 merfolk aquamancers
  11 deep troll earth magi
  3 alligators (shapeshifter)
  7 death yaks
  84 two-headed ogres
  213 death scarabs
  7 spriggan berserkers
  78 titan zombies
  4 spectral elves
  12 deep troll shamans
  230 thrashing horrors
  8 tengu warriors
  262 shock serpents
  6 shock serpents (shapeshifter)
  666 orc high priests
  247 soul eaters
  311 vampire magi
  2 death yaks (shapeshifter)
  Urug (Lair:2)
  Sonja (Lair:3)
  56 storm dragon zombies
  2 spectral storm dragons
  371 naga sharpshooters
  A spectral spriggan (Zig:14)
  348 deep elf knights
  58 iron golems
  50 titan skeletons
  5 fire crabs (shapeshifter)
  7 holy swine
  2 ghost moth zombies
  A spectral yaktaur (Zig:3)
  184 iron trolls
  115 sun demons
  122 sixfirhies
  3 spectral spark wasps (Zig:14)
  282 skeletal warriors
  41 storm dragon skeletons
  451 wretched stars
  91 golden dragon zombies
  32 fire crabs
  97 hell knights
  55 salamander mystics
  11 iron trolls (shapeshifter)
  83 spatial maelstroms
  24 spark wasp zombies
  241 death drakes
  2 unseen horrors (shapeshifter)
  11 death drakes (shapeshifter)
  4 anaconda zombies
  3 sea snakes (shapeshifter)
  216 flayed ghosts
  31 infernal demonspawn
  90 sea snakes
  169 shadow wraiths
  25 unseen horrors
  91 glowing orange brains
  166 shadow demons
  37 deep trolls
  3 quicksilver dragon simulacra
  301 swamp dragons
  24 torturous demonspawn
  11 glowing orange brains (shapeshifter)
  4 anaconda skeletons
  An entropy weaver zombie (Crypt:1)
  28 gelid demonspawn
  A lindwurm (Zig:25)
  33 cherubim
  84 spriggan druids
  337 deep elf archers
  127 naga ritualists
  115 orc knights
  11 deep trolls (shapeshifter)
  425 starcursed masses
  142 phantasmal warriors
  9 swamp dragons (shapeshifter)
  54 shadow dragon zombies
  48 wizards
  3 spectral iron dragons
  437 orb spiders
  13 lindwurms (shapeshifter)
  29 obsidian statues
  37 orange crystal statues
  67 golden dragon skeletons
  50 iron dragon zombies
  5 harpies (shapeshifter)
  47 necromancers
  82 tengu zombies
  Pikel (D:7)
  70 ironbrand convokers
  5 orb spiders (shapeshifter)
  11 mana vipers (shapeshifter)
  A wolf spider zombie (Dis:7)
  9 wolf spiders (shapeshifter)
  87 harpies
  1074 deep elf magi
  13 manticores (shapeshifter)
  190 shining eyes
  44 oklob plants (Zig:26)
  257 orc sorcerers
  54 sphinx zombies
  36 frost giant zombies
  109 ugly things
  35 fire giant zombies
  120 mana vipers
  108 cyclopes
  46 shadow dragon skeletons
  4 shining eyes (shapeshifter)
  5 cyclopes (shapeshifter)
  8 fauns (shapeshifter)
  48 worldbinders
  78 manticores
  6 salamanders (shapeshifter)
  44 tengu skeletons
  A glowing shapeshifter (Zig:15)
  16 stone giant zombies
  51 sphinx skeletons
  254 wolf spiders
  135 fauns
  4 moths of wrath (shapeshifter)
  67 salamanders
  A spectral ice dragon (Zig:3)
  65 merfolk sirens
  53 elephants
  16 stone giant skeletons
  Maurice (D:13)
  490 moths of wrath
  650 black mambas
  48 iron dragon skeletons
  4 eyes of devastation (shapeshifter)
  28 frost giant skeletons
  371 smoke demons
  347 water nymphs
  107 eyes of devastation
  10 molten gargoyles
  84 vault sentinels
  18 fire giant skeletons
  310 torpor snails
  4 black mambas (shapeshifter)
  12 guardian serpents (shapeshifter)
  312 guardian serpents
  25 ice statues
  353 naga magi
  8 torpor snails (shapeshifter)
  10 water nymphs (shapeshifter)
  138 apocalypse crabs
  2 shock serpent zombies
  7 elephants (shapeshifter)
  9 spiny frogs (shapeshifter)
  4 dire elephant zombies
  2 shock serpent skeletons
  244 rust devils
  4 centaur skeletons
  2 storm dragon simulacra
  118 orange demons
  22 gargoyles
  6 titan simulacra
  84 spriggan zombies
  2 dire elephant skeletons
  A catoblepas zombie (Abyss:5)
  344 hellions
  131 spiny frogs
  3 yaktaur zombies
  425 tormentors
  221 freezing wraiths
  3 kobold demonologists
  174 ancient zymes
  27 komodo dragons
  84 efreet
  8 komodo dragons (shapeshifter)
  70 rime drakes
  4 emperor scorpion zombies
  9 yaktaurs (shapeshifter)
  103 yaktaurs
  233 ice devils
  2 spark wasp simulacra
  4 rime drakes (shapeshifter)
  258 demonic crawlers
  9 hydra zombies
  A yaktaur skeleton (Zig:3)
  7 tengu conjurers
  3 harpy zombies
  115 trolls
  5 golden dragon simulacra
  341 merfolk
  122 hellwings
  22 silent spectres
  A black draconian skeleton (Tar:7)
  An entropy weaver simulacrum (Vaults:2)
  7 meliai (shapeshifter)
  146 red devils
  3 catoblepas skeletons
  6 tengu simulacra
  A death drake zombie (Crypt:1)
  60 wind drakes
  524 guardian mummies
  259 jumping spiders
  20 polar bears
  79 tyrant leeches
  9 queen bees (shapeshifter)
  7 trolls (shapeshifter)
  13 jumping spiders (shapeshifter)
  11 merfolk (shapeshifter)
  68 spriggan skeletons
  6 polar bears (shapeshifter)
  7 sphinx simulacra
  A wolf spider simulacrum (Hell)
  2 meliai
  2 tyrant leeches (shapeshifter) (Zig:26)
  2 shadow dragon simulacra
  5 wind drakes (shapeshifter)
  669 hornets
  A moth of wrath zombie (Crypt:2)
  4 alligator zombies
  12 ettin zombies
  4 hydra skeletons
  236 raiju
  75 bog bodies
  3 fire dragon zombies
  A harpy skeleton (Geh:2)
  4 raiju (shapeshifter)
  880 slime creatures
  8 hornets (shapeshifter)
  5 blink frogs (shapeshifter)
  4 frost giant simulacra
  4 snapping turtles (shapeshifter)
  42 hippogriffs
  76 blink frogs
  7 slime creatures (shapeshifter)
  69 snapping turtles
  12 dream sheep (shapeshifter)
  21 dream sheep
  2 meliai zombies
  5 fire giant simulacra
  A deep troll zombie (Zig:3)
  11 hippogriffs (shapeshifter)
  3 iron dragon simulacra
  5 ice dragon zombies
  33 spriggans
  2 ice dragon skeletons
  A black mamba zombie (Geh:6)
  380 flying skulls
  131 shadows
  4 spriggans (shapeshifter)
  5 fire dragon skeletons
  Sigmund (D:6)
  7 tarantellas (shapeshifter)
  149 air elementals
  218 ynoxinuls
  247 redbacks
  215 water elementals
  216 tarantellas
  2 wyverns (shapeshifter)
  174 fire elementals
  22 elf simulacra
  6 yaks (shapeshifter)
  25 wyverns
  211 ushabtiu
  10 basilisks
  10 redbacks (shapeshifter)
  A dire elephant simulacrum (Abyss:5)
  A hog (D:12)
  7 humans (D:13)
  3 black mamba skeletons
  12 fire bats
  3 fire bats (shapeshifter)
  8 vampires
  195 wraiths
  Eustachio (D:4)
  5 hogs (shapeshifter)
  67 yaks
  29 hungry ghosts
  12 ettin skeletons
  8 humans (shapeshifter)
  2 steam dragons (shapeshifter)
  6 basilisks (shapeshifter)
  276 chaos spawn
  86 golden eyes
  4 golden eyes (shapeshifter)
  171 neqoxecs
  55 vampire mosquitoes
  92 wargs
  27 steam dragons
  44 spatial vortices
  132 elf skeletons
  52 insubstantial wisps
  264 nagas
  2 nagas (shapeshifter)
  A soldier ant (D:14)
  A harpy simulacrum (Abyss:5)
  36 acid dragons
  2 hydra simulacra (Hell)
  2 wargs (shapeshifter)
  A gelid demonspawn zombie (Crypt:3)
  6 soldier ants (shapeshifter)
  7 swamp worms (shapeshifter)
  A merfolk zombie (Coc:7)
  167 hell hounds
  A water moccasin (shapeshifter) (Depths:4)
  117 floating eyes
  9 porcupines
  47 water moccasins
  9 floating eyes (shapeshifter)
  536 orc warriors
  110 swamp drakes
  7 spiny frog zombies
  8 eyes of draining (shapeshifter)
  12 black bears
  3 sky beasts
  A sky beast (shapeshifter) (Zig:24)
  2 spiny frog skeletons
  A blink frog zombie (Crypt:2)
  45 ice beasts
  A slave (D:7)
  6 black bears (shapeshifter)
  7 snapping turtle zombies
  A swamp dragon zombie (Tar:6)
  An ettin simulacrum (Vaults:1)
  90 necrophages
  An ice beast (shapeshifter) (Vaults:4)
  729 large abominations
  2 ogres (shapeshifter)
  2 manticore zombies
  61 centaurs
  256 ogres
  A lindwurm zombie (Crypt:3)
  214 eyes of draining
  25 wolves
  10 phantoms
  A boggart (shapeshifter) (Zig:22)
  28 boggarts
  237 small abominations
  2 wolves (shapeshifter)
  2 centaurs (shapeshifter)
  A manticore skeleton (Crypt:3)
  45 crocodiles
  4 human skeletons
  A fire crab zombie (Crypt:2)
  3 crocodiles (shapeshifter)
  185 elf zombies
  A snapping turtle skeleton (Pan)
  A big kobold (D:14)
  Blork the orc (D:6)
  A hog skeleton (Crypt:3)
  3 bullfrogs (shapeshifter)
  7 glowing shapeshifter simulacra
  2 gnoll sergeants
  2 wyvern zombies
  14 bullfrogs
  4 water moccasin zombies (Ossuary)
  137 earth elementals
  5 scorpions
  3 human simulacra
  11 killer bees
  A cyclops skeleton (Crypt:2)
  A troll zombie (Dis:7)
  2 howler monkeys (D:7)
  68 wights
  A howler monkey (shapeshifter) (Zig:18)
  4 centaur zombies
  7 crimson imps
  3 bullfrog zombies
  A lava snake (Zig:19)
  4 quasits
  3 gnoll shamans
  8 human zombies
  10 jellies
  79 orc priests
  13 hounds
  A hound (shapeshifter) (Zig:26)
  89 orc wizards
  229 iron imps
  4 bullfrog skeletons
  An iguana (shapeshifter) (Zig:26)
  4 iguanas
  Ijyb (D:4)
  Crazy Yiuf (D:6)
  20 lightning spires
  6 worker ants
  A hell rat (Zig:10)
  A worker ant (shapeshifter) (Abyss:5)
  10 spriggan simulacra
  6 big kobold zombies (Ossuary)
  A felid zombie (Crypt:2)
  A naga zombie (Geh:2)
  A deep dwarf skeleton (Crypt:2)
  An ogre skeleton (Crypt:3)
  A hound zombie (D:7)
  849 mummies
  2 worker ant zombies
  12 adders
  6 gnolls
  A scorpion zombie (Crypt:3)
  An ogre simulacrum (Tomb:3)
  A swamp drake skeleton (Crypt:2)
  2 swamp drake zombies
  69 shadow imps
  104 white imps
  5 oozes
  4 adder zombies (Ossuary)
  2 worms (shapeshifter)
  An adder skeleton (D:5)
  A lava snake skeleton (Crypt:2)
  A ball lightning (Pan)
  A dart slug (D:1)
  6 leopard geckos
  96 orcs
  A ball python (D:3)
  4 giant cockroaches
  3 gnoll zombies (Ossuary)
  5 goblins
  3 hobgoblins
  16 jackals
  A kobold (shapeshifter) (Zig:21)
  9 quokkas
  A ball python skeleton (Crypt:1)
  9 bats
  8 frilled lizards
  3 hobgoblin zombies (Ossuary)
  A jackal skeleton (D:5)
  15 kobolds
  3 kobold skeletons
  8 kobold zombies (Ossuary)
  A leopard gecko skeleton (D:6)
  An orc skeleton (Geh:7)
  8 orc zombies (Ossuary)
  A quokka skeleton (D:3)
  13 rats
  1611 blocks of ice
  17 briar patches
  2 bushes (Zig:26)
  1712 fire vortices
  A fungus (Lair:6)
  8 lurking horrors
  2 macabre masses (Abyss:3)
  19 plants
  50 starspawn tentacles
  2 tentacles (Shoals:1)
62815 creatures vanquished.

Vanquished Creatures (collateral kills)
  A juggernaut (Zig:17)
  2 ancient liches
  3 greater mummies
  A profane servitor (Zig:24)
  2 bone dragons
  2 Tzitzimimeh
  A tentacled monstrosity (Zig:27)
  2 Ice Fiends
  A deep elf master archer (Zig:25)
  2 deep elf blademasters (Zig:25)
  12 acid blobs
  An Executioner (Zig:9)
  A thorn hunter (Zig:1)
  2 shadow dragons
  2 azure jellies
  A daeva (Zig:17)
  3 corrupters
  A revenant (Zig:13)
  3 orc warlords
  2 draconian knights (Zig:25)
  A juggernaut zombie (Zig:15)
  An emperor scorpion (Zig:15)
  2 ghouls
  A curse skull (Zig:26)
  A reaper (Zig:11)
  A caustic shrike skeleton (Zig:21)
  A juggernaut skeleton (Zig:25)
  An ophan (Zig:17)
  A deep elf annihilator (Zig:22)
  A vampire knight (Zig:18)
  An apis (Zig:17)
  3 black suns
  A merfolk impaler (Zig:27)
  A green death (Zig:14)
  A mummy priest (Zig:21)
  A quicksilver dragon zombie (Geh:6)
  A deep elf high priest (Zig:25)
  A caustic shrike simulacrum (Zig:11)
  An ice dragon (Zig:25)
  A hydra (Zig:19)
  An alligator (Zig:22)
  2 shambling mangroves
  An alligator snapping turtle (Zig:27)
  A naga sharpshooter (Zig:22)
  An iron troll (Zig:4)
  3 wretched stars
  2 titan skeletons
  A sixfirhy (Zig:26)
  A skeletal warrior (Zig:25)
  A spatial maelstrom (Zig:18)
  2 golden dragon zombies
  A golden dragon skeleton (Zig:11)
  A shadow dragon zombie (Zig:27)
  2 tengu zombies
  4 orb spiders
  A sphinx zombie (Zig:24)
  A frost giant zombie (Zig:12)
  A deep elf mage (Zig:25)
  2 large abominations
  A shining eye (Zig:18)
  A moth of wrath (Zig:10)
  2 sphinx skeletons (Zig:15)
  An iron dragon skeleton (Zig:27)
  A fire giant skeleton (Geh:6)
  A merfolk siren (Zig:19)
  A torpor snail (Zig:15)
  An ice devil (Zig:27)
  2 jumping spiders
  A wind drake (Zig:14)
  4 slime creatures
  An ettin skeleton (Geh:6)
  A flying skull (Zig:19)
  An air elemental (Zig:25)
  An ushabti (Zig:16)
  2 water elementals
  A redback (Zig:16)
  A tarantella (Zig:16)
  3 golden eyes
  A chaos spawn (Pan)
  5 floating eyes
  A swamp drake (Zig:23)
  An ogre (Zig:13)
  A small abomination (Zig:18)
  A glowing shapeshifter simulacrum (Zig:25)
  A killer bee (D:6)
  A wight (Geh:6)
  An orc priest (Zig:17)
  An orc wizard (Zig:26)
  18 mummies
  A white imp (Zig:27)
157 creatures vanquished.

Vanquished Creatures (others)
  3 Killer Klowns
  A doom hound (Zig:25)
  A Tzitzimitl (Zig:14)
  An Ice Fiend (Zig:12)
  A deep elf blademaster (Zig:27)
  A deep elf master archer (Zig:20)
  2 Executioners
  3 eldritch tentacles
  A shadow dragon (Zig:23)
  A fire giant (shapeshifter) (Zig:26)
  A draconian knight (Zig:24)
  A cacodemon (Zig:27)
  A balrug (Zig:9)
  An emperor scorpion (Zig:27)
  A caustic shrike zombie (Zig:9)
  A deep elf elementalist (Vaults:5)
  A draconian stormcaller (Zig:11)
  4 blood saints
  A deep elf demonologist (Zig:25)
  A corrupter (Zig:15)
  An eidolon (Zig:24)
  A merfolk javelineer (Zig:27)
  2 deep elf high priests
  A juggernaut simulacrum (Zig:16)
  A hell beast (Hell)
  A spriggan air mage (Zig:24)
  534 dancing weapons
  2 hell hogs
  A soul eater (Zig:9)
  A storm dragon zombie (Zig:25)
  An orc high priest (Zig:26)
  2 sixfirhies
  A flayed ghost (Zig:13)
  2 ugly things
  8 deep elf magi
  A rust devil (Zig:10)
  A smoke demon (Pan)
  An eye of devastation (Zig:18)
  A spiny frog (shapeshifter) (Zig:25)
  A tormentor (Zig:16)
  A yaktaur (shapeshifter) (Zig:7)
  A hellwing (Zig:16)
  2 ancient zymes
  A troll (Zig:10)
  7 large abominations (Abyss:5)
  A merfolk (Zig:14)
  3 hornets
  A raiju (Abyss:5)
  A raiju (shapeshifter) (Zig:9)
  2 blink frogs (Abyss:5)
  A spriggan zombie (Zig:9)
  3 air elementals (Zig:20)
  16 small abominations
  A fire bat (Pan)
  A human (D:13)
  3 fire elementals
  10 water elementals
  9 golden eyes (Abyss:5)
  A steam dragon (Zig:19)
  An insubstantial wisp (Zig:19)
  A slave (D:7)
  An ettin simulacrum (Abyss:5)
  An alligator simulacrum (Abyss:5)
  3 iron imps
  8 ball lightnings (Pan)
  3 jackals (D:7)
  716 blocks of ice
  8 briar patches
  13 bushes (Zig:26)
  2207 fire vortices
  102 fungi
  10 lurking horrors
  143 plants
  58 starspawn tentacles
  2 tentacles (Shoals:1)
3934 creatures vanquished.

Grand Total: 66906 creatures vanquished

Notes
Turn   | Place    | Note
-------+----------+-------------------------------------------
     0 | D:1      | Skoj the Demonspawn Wizard began the quest for the Orb.
     0 | D:1      | Reached XP level 1. HP: 13/13 MP: 4/4
   234 | D:1      | Gained mutation: You have a pair of small antennae on your
                  | head. [demonic ancestry]
   234 | D:1      | Reached XP level 2. HP: 19/19 MP: 0/6
   994 | D:2      | Gained mutation: You are slightly more attuned to the
                  | shadows. [demonic ancestry]
   994 | D:2      | Reached XP level 3. HP: 24/24 MP: 3/7
  1238 | D:2      | Found a blossoming altar of Fedhas.
  1260 | D:2      | Noticed an oklob plant
  1523 | D:2      | Found a shimmering blue altar of Sif Muna.
  1598 | D:2      | Gained mutation: You are partially covered in iridescent
                  | scales. (AC +2) [demonic ancestry]
  1598 | D:2      | Reached XP level 4. HP: 28/30 MP: 0/8
  1601 | D:2      | Reached skill level 1 in Throwing
  1682 | D:2      | Learned a level 3 spell: Conjure Flame
  1686 | D:2      | Learned a level 3 spell: Mephitic Cloud
  1689 | D:2      | Learned a level 2 spell: Blink
  2162 | D:3      | Found a glowing drain.
  2185 | Sewer    | Entered a sewer
  2386 | Sewer    | Noticed a crocodile
  2409 | Sewer    | Killed a crocodile
  2409 | Sewer    | Gained mutation: You have a pair of antennae on your head.
                  | [demonic ancestry]
  2409 | Sewer    | Reached XP level 5. HP: 35/35 MP: 5/9
  2934 | D:4      | Noticed Ijyb
  2946 | D:4      | Killed Ijyb
  3011 | D:4      | Reached XP level 6. HP: 41/41 MP: 0/11
  3013 | D:4      | Reached skill level 1 in Evocations
  3336 | D:4      | Reached skill level 5 in Conjurations
  3516 | D:4      | Found a staircase to the Ecumenical Temple.
  3524 | Temple   | Entered the Ecumenical Temple
  3666 | D:4      | Noticed Eustachio
  3794 | D:4      | Killed Eustachio
  3794 | D:4      | Reached skill level 1 in Air Magic
  3794 | D:4      | Gained mutation: You are mostly covered in iridescent
                  | scales. (AC +4) [demonic ancestry]
  3794 | D:4      | Reached XP level 7. HP: 42/46 MP: 4/12
  4064 | Temple   | Became a worshipper of Gozag Ym Sagoz the Greedy
  4146 | D:4      | Found an ornate altar of the Wu Jian Council.
  4382 | D:5      | Entered Level 5 of the Dungeon
  4431 | D:5      | Found a sand-covered staircase.
  4437 | Ossuary  | Entered an ossuary
  4752 | Ossuary  | Reached skill level 5 in Spellcasting
  5015 | Ossuary  | Gained mutation: You regenerate a little health from kills.
                  | [demonic ancestry]
  5015 | Ossuary  | Reached XP level 8. HP: 52/52 MP: 11/16
  5179 | Ossuary  | Gained mutation: You are frail. (-10% HP) [potion of
                  | mutation]
  5179 | Ossuary  | Gained mutation: You have a pair of large antennae on your
                  | head. (SInv) [potion of mutation]
  5179 | Ossuary  | Gained mutation: You expend magic power (3 MP) to
                  | strengthen your wands. [potion of mutation]
  5179 | Ossuary  | Gained mutation: You are somewhat resistant to further
                  | mutation. [potion of mutation]
  5203 | Ossuary  | Learned a level 4 spell: Iskenderun's Mystic Blast
  5266 | D:5      | Found a basalt altar of Yredelemnul.
  6075 | D:5      | Found a shimmering altar of Xom.
  6585 | D:6      | Found a blossoming altar of Fedhas.
  6620 | D:6      | Noticed Blork the orc
  6641 | D:6      | Killed Blork the orc
  6688 | D:6      | Reached XP level 9. HP: 51/51 MP: 6/21
  7021 | D:6      | Reached skill level 1 in Armour
  7058 | D:6      | Found a runed translucent door.
  7059 | D:6      | Noticed Crazy Yiuf
  7070 | D:6      | Killed Crazy Yiuf
  7346 | D:6      | Found Urocue Pipn's Magic Scroll Boutique.
  7363 | D:6      | Bought a scroll of blinking for 105 gold pieces
  7363 | D:6      | Bought a scroll of teleportation for 42 gold pieces
  7371 | D:6      | Noticed Sigmund
  7390 | D:6      | Killed Sigmund
  7527 | D:6      | Found a glowing silver altar of Zin.
  7594 | D:7      | Noticed Pikel
  7752 | D:7      | Found a sparkling altar of Nemelex Xobeh.
  7756 | D:7      | Found a snail-covered altar of Cheibriados.
  7758 | D:7      | Found a glowing golden altar of the Shining One.
  7760 | D:7      | Found a sacrificial altar of Ru.
  7764 | D:7      | Found a stormy altar of Qazlal.
  7843 | D:7      | Reached skill level 1 in Polearms
  7870 | D:7      | Reached skill level 10 in Spellcasting
  8092 | D:7      | Killed Pikel
  8092 | D:7      | Reached XP level 10. HP: 56/56 MP: 10/24
  8504 | D:8      | Found a staircase to the Lair.
  9314 | D:9      | Found an iron altar of Okawaru.
  9629 | D:9      | Found a hazy altar of Hepliaklqana.
  9945 | D:9      | Found a shimmering blue altar of Sif Muna.
 10477 | D:10     | Entered Level 10 of the Dungeon
 10533 | D:10     | Reached skill level 1 in Fighting
 10680 | D:10     | Noticed Erolcha
 10694 | D:10     | Killed Erolcha
 10795 | D:10     | Noticed a gargoyle
 10806 | D:10     | Killed a gargoyle
 10905 | D:10     | Reached skill level 5 in Polearms
 10905 | D:10     | Gained mutation: You are significantly more attuned to the
                  | shadows. [demonic ancestry]
 10905 | D:10     | Reached XP level 11. HP: 62/66 MP: 17/26
 11152 | D:10     | Found a staircase to the Orcish Mines.
 11301 | Lair:1   | Entered Level 1 of the Lair of Beasts
 12914 | Lair:2   | Noticed Urug
 12935 | Lair:2   | Killed Urug
 13122 | Lair:2   | Reached skill level 5 in Fighting
 13198 | Lair:2   | Identified Emnoonku's Volume of Transmutation and Lightness
 13350 | Lair:2   | Found a staircase to the Snake Pit.
 13394 | Lair:2   | Found a staircase to the Shoals.
 13410 | Lair:2   | Reached XP level 12. HP: 77/77 MP: 18/27
 13545 | Lair:2   | Reached skill level 10 in Conjurations
 14403 | Lair:3   | Noticed Sonja
 14407 | Lair:3   | Killed Sonja
 14451 | Lair:3   | Reached skill level 1 in Fire Magic
 15466 | Lair:4   | Noticed a four-headed hydra
 15563 | Lair:4   | Killed a four-headed hydra
 15687 | Lair:4   | Noticed a four-headed hydra
 15693 | Lair:4   | Killed a four-headed hydra
 16384 | Lair:4   | Reached XP level 13. HP: 83/83 MP: 26/29
 17176 | Lair:5   | Reached skill level 5 in Fire Magic
 18242 | Lair:5   | Noticed a dire elephant
 19253 | Lair:5   | Killed a dire elephant
 19375 | Lair:6   | Entered Level 6 of the Lair of Beasts
 19562 | Lair:6   | Got a polished chain mail
 19563 | Lair:6   | Identified the cursed +1 chain mail of Immorality {rPois
                  | Str+3 Int-5} (You found it on level 6 of the Lair of
                  | Beasts)
 20625 | Lair:5   | Gained mutation: You regenerate health from kills. [demonic
                  | ancestry]
 20625 | Lair:5   | Reached XP level 14. HP: 73/90 MP: 15/32
 21172 | Lair:6   | Learned a level 5 spell: Fireball
 21530 | Lair:6   | Found a staircase to the Slime Pits.
 22210 | Lair:6   | Reached skill level 15 in Spellcasting
 23339 | Orc:1    | Entered Level 1 of the Orcish Mines
 23652 | Orc:2    | Entered Level 2 of the Orcish Mines
 24231 | Orc:2    | Noticed Rupert
 24246 | Orc:2    | Killed Rupert
 24935 | Orc:2    | Found a staircase to the Elven Halls.
 25161 | Orc:2    | Found Siughem's Antique Armour Emporium.
 25161 | Orc:2    | Found Kuliep's Distillery.
 25161 | Orc:2    | Found Cixi's Assorted Antiques.
 25163 | Orc:2    | Found Odeveyco's Assorted Antiques.
 25172 | Orc:2    | Bought a pair of glowing boots for 240 gold pieces
 25186 | Orc:2    | Bought a potion of magic for 136 gold pieces
 25189 | Orc:2    | Bought a potion of heal wounds for 130 gold pieces
 25189 | Orc:2    | Bought a potion of heal wounds for 130 gold pieces
 26568 | D:12     | Found Pocao's General Store.
 26583 | D:12     | Bought a +3 ring of slaying for 585 gold pieces
 26923 | D:12     | Found a huge runed translucent gate.
 26923 | D:12     | Found a huge runed translucent gate.
 26923 | D:12     | Found a huge runed translucent gate.
 26924 | D:12     | Found a huge runed translucent gate.
 27006 | D:12     | Lost mutation: You are frail. (-10% HP) [potion of
                  | mutation]
 27006 | D:12     | Gained mutation: You can translocate small distances at
                  | will. [potion of mutation]
 27937 | D:13     | Noticed Maurice
 27976 | D:13     | Killed Maurice
 27980 | D:13     | Reached XP level 15. HP: 94/105 MP: 0/35
 28156 | D:13     | Got a heavily runed pewter ring
 28158 | D:13     | Identified the ring of Cips {MR- EV+6 Dex+6} (You found it
                  | on level 13 of the Dungeon)
 28373 | D:13     | Found an opulent altar of Gozag.
 28970 | D:13     | Found a gate to the Vaults.
 29181 | D:13     | Reached skill level 1 in Shields
 30117 | D:14     | You fall into a shaft and drop 1 floor!
 30117 | D:15     | Entered Level 15 of the Dungeon
 30410 | D:15     | Reached skill level 5 in Shields
 30623 | D:15     | Found a staircase to the Depths.
 31036 | D:15     | Found a runed translucent door.
 31036 | D:15     | Found a shimmering altar of Xom.
 31036 | D:15     | Noticed motoroller71's ghost (journeyman DsGl)
 31194 | D:15     | Got an ancient glass ring
 31195 | D:15     | Identified the ring "Wogel" {Ice Int+4 Dex+3} (You found it
                  | on level 15 of the Dungeon)
 31764 | D:15     | Bought a scorched ring mail for 351 gold pieces
 31764 | D:15     | Bought a glowing golden potion for 35 gold pieces
 31764 | D:15     | Bought a pair of embroidered gloves for 292 gold pieces
 31764 | D:15     | Bought a scroll of summoning for 370 gold pieces
 31774 | D:15     | Identified the +1 ring mail of Dykaoly {rC++ Str-2 Int+4}
                  | (You bought it in a shop on level 15 of the Dungeon)
 31798 | D:15     | Bought the ring of Zus Mifin {Fire rPois MP+9} for 771 gold
                  | pieces
 32044 | Snake:1  | Entered Level 1 of the Snake Pit
 32283 | Snake:1  | Noticed a nagaraja
 32288 | Snake:1  | Killed a nagaraja
 32834 | Snake:1  | Reached skill level 10 in Shields
 32851 | Snake:1  | Reached XP level 16. HP: 95/111 MP: 37/37
 33826 | Snake:2  | Found an iron altar of Okawaru.
 34408 | Snake:2  | Identified the ring of the Cast Vote {rPois Dex+3 Slay+2}
 35377 | Snake:2  | Noticed Jorgrun
 35387 | Snake:2  | Killed Jorgrun
 35963 | Snake:2  | Identified the cursed +2 bardiche of the Egg {venom, Int+4}
 36755 | Snake:3  | Found a sparkling altar of Nemelex Xobeh.
 37229 | Snake:4  | Entered Level 4 of the Snake Pit
 37585 | Snake:4  | Reached XP level 17. HP: 116/117 MP: 17/38
 40843 | Snake:4  | Reached skill level 10 in Polearms
 41611 | Snake:4  | Found Xazxez's Assorted Antiques.
 41614 | Snake:4  | Found Moim's Weapon Emporium.
 41614 | Snake:4  | Found Feceuf's Magic Scroll Shoppe.
 41617 | Snake:4  | Bought a potion of magic for 296 gold pieces
 41617 | Snake:4  | Bought a translucent shield for 351 gold pieces
 41617 | Snake:4  | Identified the cursed +0 shield "Ciogam" {Str+4 Int+2} (You
                  | bought it in a shop on level 4 of the Snake Pit)
 41618 | Snake:4  | Found Efosinwu's Distillery.
 41621 | Snake:4  | Bought a scroll of blinking for 105 gold pieces
 41627 | Snake:4  | Bought a potion of heal wounds for 100 gold pieces
 43626 | Snake:4  | Got a serpentine rune of Zot
 43834 | Snake:4  | Reached XP level 18. HP: 123/123 MP: 28/39
 43917 | Snake:4  | Learned a level 6 spell: Freezing Cloud
 44236 | Vaults:1 | Entered Level 1 of the Vaults
 44316 | Vaults:1 | Paralysed by a sphinx for 5 turns
 45769 | Vaults:1 | Found a portal to a secret trove of treasure.
 45825 | Vaults:1 | You paid a toll of 7 potions of haste to enter a treasure
                  | trove
 45826 | Trove    | Entered a treasure trove
 45834 | Trove    | Got a coiled iron amulet
 45836 | Trove    | Got a warped ruby amulet
 45839 | Trove    | Got a translucent lead ring
 45844 | Trove    | Identified the amulet of Devotion {rF++ Regen+ Int+2} (You
                  | found it in a treasure trove)
 45847 | Trove    | Identified the amulet of Cowardice {RegenMP *Contam rF+++
                  | Str+3 Int+2 Dex-5} (You found it in a treasure trove)
 45848 | Trove    | Identified the ring "Tokhyggi" {AC+3 Dex+2} (You found it
                  | in a treasure trove)
 45854 | Trove    | Got an ancient platinum amulet
 45855 | Trove    | Identified the amulet of the Echidna {Acrobat Dex+5} (You
                  | found it in a treasure trove)
 45859 | Trove    | Got a translucent steel ring
 45860 | Trove    | Identified the ring of Veafruuck {rPois Int+3} (You found
                  | it in a treasure trove)
 45863 | Trove    | Got a fine turquoise ring
 45864 | Trove    | Identified the ring "Jorghih" {rF+ rC- Dex+5} (You found it
                  | in a treasure trove)
 45868 | Trove    | Got a flickering bronze ring
 45869 | Trove    | Identified the ring of Taor {rPois rN+ Dex+3} (You found it
                  | in a treasure trove)
 45872 | Trove    | Got a wavering copper ring
 45873 | Trove    | Identified the ring "Laxeokor" {+Fly Int+3} (You found it
                  | in a treasure trove)
 45876 | Trove    | Got a pitted jade ring
 45877 | Trove    | Identified the ring "Korgh" {+Blink Stlth+} (You found it
                  | in a treasure trove)
 45882 | Trove    | Got a twitching jade amulet
 45883 | Trove    | Identified the amulet "Akliam" {Faith +Inv rElec Dex+4
                  | Stlth+} (You found it in a treasure trove)
 45891 | Trove    | Got a warped lead ring
 45892 | Trove    | Identified the ring "Piazaix" {rF+ Int+2 Dex+3} (You found
                  | it in a treasure trove)
 45899 | Trove    | Got a faintly glowing granite ring
 45900 | Trove    | Identified the ring "Modamuxt" {Fire Str+4 Slay+4} (You
                  | found it in a treasure trove)
 46811 | Vaults:2 | Found the +7 Singing Sword {slice, sonic wave}
 46848 | Vaults:2 | Reached skill level 1 in Ice Magic
 46880 | Vaults:2 | Found a runed translucent gate.
 46881 | Vaults:2 | Found a runed translucent gate.
 46885 | Vaults:2 | Found a runed translucent gate.
 46885 | Vaults:2 | Found an opulent altar of Gozag.
 46888 | Vaults:2 | Noticed Stiffzip's ghost (adept DDFi)
 47616 | Vaults:2 | Reached skill level 5 in Air Magic
 48475 | Vaults:2 | Reached skill level 15 in Shields
 48753 | Vaults:2 | Noticed Saint Roka
 48973 | Vaults:2 | Killed Saint Roka
 49098 | Vaults:2 | Found Ropew's Assorted Antiques.
 49290 | Vaults:2 | Noticed Margery
 49306 | Vaults:2 | Killed Margery
 49306 | Vaults:2 | Reached skill level 5 in Ice Magic
 49312 | Vaults:2 | Reached skill level 10 in Fire Magic
 49395 | Vaults:2 | Reached XP level 19. HP: 125/129 MP: 37/40
 49943 | Vaults:3 | Bought a ration for 65 gold pieces
 49943 | Vaults:3 | Bought a ration for 65 gold pieces
 49943 | Vaults:3 | Bought a ration for 65 gold pieces
 49943 | Vaults:3 | Bought a ration for 65 gold pieces
 49943 | Vaults:3 | Bought a ration for 65 gold pieces
 49943 | Vaults:3 | Bought a ration for 65 gold pieces
 49943 | Vaults:3 | Bought a ration for 65 gold pieces
 49943 | Vaults:3 | Bought a ration for 65 gold pieces
 49943 | Vaults:3 | Bought a ration for 65 gold pieces
 49943 | Vaults:3 | Bought a ration for 65 gold pieces
 50386 | Vaults:3 | Gained mutation: You are completely attuned to the shadows.
                  | [demonic ancestry]
 50386 | Vaults:3 | Reached XP level 20. HP: 135/135 MP: 42/42
 50403 | Vaults:3 | Found Entokon's Armour Emporium.
 51390 | Vaults:3 | Noticed Nikola
 51395 | Vaults:3 | Killed Nikola
 52222 | Vaults:3 | Found a staircase to the Crypt.
 52284 | Vaults:3 | Bought a manual of Armour for 1214 gold pieces
 52286 | Vaults:3 | Bought a steaming robe for 125 gold pieces
 52306 | Vaults:3 | Identified the cursed +1 robe of the Game of Kings {rF++
                  | Slay+4} (You bought it in a shop on level 3 of the Vaults)
 52504 | Vaults:4 | Noticed Agnes
 52507 | Vaults:4 | Killed Agnes
 52507 | Vaults:4 | Noticed Asterion
 52524 | Vaults:4 | Killed Asterion
 55200 | Elf:1    | Entered Level 1 of the Elven Halls
 55853 | Elf:1    | Gained mutation: Your magical and physical power is
                  | slightly enhanced at high health. [demonic ancestry]
 55853 | Elf:1    | Reached XP level 21. HP: 87/141 MP: 34/43
 56032 | Elf:1    | Found Qipur's Magic Scroll Emporium.
 56080 | Elf:1    | Reached skill level 15 in Conjurations
 56410 | Elf:1    | Found a runed translucent gate.
 56410 | Elf:1    | Found a runed translucent gate.
 56410 | Elf:1    | Found a runed translucent gate.
 56410 | Elf:1    | Found a runed translucent gate.
 56414 | Elf:1    | Found a runed translucent gate.
 56422 | Elf:1    | Found a runed translucent gate.
 56677 | Elf:1    | Identified the Tome of Combed Thunderclap
 56696 | Elf:1    | Identified Caczoz's Incunabulum of Plaster Cramp
 56753 | Elf:1    | Identified the Volume of Axaxaxas mlö
 57464 | Elf:2    | Found a runed translucent door.
 57491 | Elf:2    | Found a runed translucent door.
 57505 | Elf:2    | Found Xuitoz's Food Emporium.
 57510 | Elf:2    | Bought a ration for 65 gold pieces
 57510 | Elf:2    | Bought a ration for 65 gold pieces
 57510 | Elf:2    | Bought a ration for 65 gold pieces
 57510 | Elf:2    | Bought a ration for 65 gold pieces
 57510 | Elf:2    | Bought a ration for 65 gold pieces
 57510 | Elf:2    | Bought a ration for 65 gold pieces
 57537 | Elf:2    | Cast into level 3 of the Abyss (+1 halberd of distortion)
 57935 | Elf:2    | Escaped the Abyss
 58378 | Elf:2    | Noticed Aizul
 58384 | Elf:2    | Killed Aizul
 58621 | Elf:3    | Entered Level 3 of the Elven Halls
 58859 | Elf:3    | Found Icwefuss's Weapon Shoppe.
 61163 | Elf:3    | Identified the +2 quarterstaff "Nacosoic" {antimagic, *Rage
                  | +Rage Int-5 Stlth+}
 61266 | Elf:3    | Mutation became permanent: You have a pair of antennae on
                  | your head. [demonic ancestry]
 61266 | Elf:3    | Gained mutation: You have a pair of large antennae on your
                  | head. (SInv) [demonic ancestry]
 61266 | Elf:3    | Reached XP level 22. HP: 147/147 MP: 39/45
 61614 | Elf:3    | Identified the Grimoire of Spatial Companions
 61873 | Elf:3    | Identified the Almanac of the Birds and Aid
 61895 | Elf:3    | Learned a level 8 spell: Ignition
 62329 | Crypt:1  | Entered Level 1 of the Crypt
 63322 | Crypt:1  | Found a runed translucent door.
 63324 | Crypt:1  | Found a shimmering altar of Xom.
 63324 | Crypt:1  | Noticed Hom Ynerri's ghost (veteran GrFi)
 63591 | Crypt:1  | Found a basalt altar of Yredelemnul.
 64217 | Crypt:1  | Found the +8 demon trident "Rift" {distort, reach+}
 65446 | Crypt:2  | Reached skill level 15 in Fire Magic
 65955 | Crypt:3  | Entered Level 3 of the Crypt
 65958 | Crypt:3  | Gained mutation: Your magical and physical power is
                  | enhanced at high health. [demonic ancestry]
 65958 | Crypt:3  | Reached XP level 23. HP: 152/152 MP: 45/46
 67150 | Crypt:3  | Found a staircase to the Tomb.
 67390 | Crypt:3  | Noticed Bai Suzhen
 67965 | Crypt:3  | Killed Bai Suzhen
 68104 | Crypt:3  | Found a basalt altar of Yredelemnul.
 68104 | Crypt:3  | Found an ancient bone altar of Kikubaaqudgha.
 68132 | Crypt:3  | Got a heavily runed glass ring
 68132 | Crypt:3  | Got a smoking bone ring
 68132 | Crypt:3  | Got a vibrating brass ring
 68134 | Crypt:3  | Identified the ring "Nabo Hui" {rElec rN+ Dex+3 Stlth+}
                  | (You found it on level 3 of the Crypt)
 68136 | Crypt:3  | Identified the ring "Pathiet" {rN+ Int+7} (You found it on
                  | level 3 of the Crypt)
 68138 | Crypt:3  | Identified the ring "Nesutaecre" {*Corrode rN+ Int+3 Dex+4}
                  | (You found it on level 3 of the Crypt)
 68146 | Crypt:3  | Got a steaming scale mail
 68147 | Crypt:3  | Identified the cursed +1 scale mail "Pakkon" {Str+5} (You
                  | found it on level 3 of the Crypt)
 68505 | Depths:1 | Entered Level 1 of the Depths
 68916 | D:15     | Bought the Disquisition on Ashen Weightlessness for 700
                  | gold pieces
 68923 | D:15     | Learned a level 6 spell: Iron Shot
 68927 | D:15     | Bought a ration for 65 gold pieces
 68927 | D:15     | Bought a ration for 65 gold pieces
 68927 | D:15     | Bought a ration for 65 gold pieces
 68927 | D:15     | Bought a ration for 65 gold pieces
 68927 | D:15     | Bought a ration for 65 gold pieces
 68927 | D:15     | Bought a ration for 65 gold pieces
 68927 | D:15     | Bought a ration for 65 gold pieces
 68927 | D:15     | Bought a ration for 65 gold pieces
 68927 | D:15     | Bought a ration for 65 gold pieces
 68927 | D:15     | Bought a ration for 65 gold pieces
 68927 | D:15     | Bought a ration for 65 gold pieces
 68927 | D:15     | Bought a ration for 65 gold pieces
 69170 | Depths:1 | Found a gateway to Hell.
 69304 | Depths:1 | Reached skill level 1 in Earth Magic
 69335 | Depths:1 | Got a wavering marble ring
 69570 | Depths:1 | Found a one-way gate leading to the halls of Pandemonium.
 70120 | Depths:2 | Noticed a juggernaut
 70123 | Depths:2 | Killed a juggernaut
 70219 | Depths:2 | You fall into a shaft and drop 1 floor!
 70219 | Depths:3 | Found a gateway to a ziggurat.
 70369 | Depths:2 | Gained mutation: You regenerate a lot of health from kills.
                  | [demonic ancestry]
 70369 | Depths:2 | Reached XP level 24. HP: 159/159 MP: 11/46
 71155 | Depths:2 | Found a one-way gate to the infinite horrors of the Abyss.
 72111 | Depths:3 | Got a bloodstained leather armour
 72537 | Depths:3 | Got a crude leather armour
 72548 | Depths:3 | Identified the +2 leather armour of Vehumet's Condemnation
                  | {rN+} (You found it on level 3 of the Depths)
 72559 | Depths:3 | Identified the +3 leather armour "Tiusuz" {Slay+2} (You
                  | found it on level 3 of the Depths)
 73745 | Depths:4 | Gained mutation: Your magical and physical power is greatly
                  | enhanced at high health. [demonic ancestry]
 73745 | Depths:4 | Reached XP level 25. HP: 154/164 MP: 23/46
 74684 | Depths:5 | Entered Level 5 of the Depths
 74820 | Depths:5 | Noticed Xtahua
 74823 | Depths:5 | Killed Xtahua
 75470 | Depths:5 | Found a gate to the Realm of Zot.
 76108 | Depths:5 | Identified the ring of Guazifas {Fire rN+ Str+2} (You found
                  | it on level 1 of the Depths)
 76653 | Vaults:5 | Entered Level 5 of the Vaults
 76666 | Vaults:5 | Reached XP level 26. HP: 171/171 MP: 2/46
 76763 | Vaults:5 | Identified the ring of Omacw {-Tele rC++ rN+++ Int+4
                  | Stlth-}
 76909 | Vaults:4 | Lost mutation: You expend magic power (3 MP) to strengthen
                  | your wands. [mutagenic glow]
 77106 | Vaults:5 | Noticed an ancient lich
 77573 | Vaults:5 | Killed an ancient lich
 77748 | Vaults:5 | Identified the +12 broad axe "Ladwonig" {flame, Dex+7}
 77870 | Vaults:5 | Identified Sif Muna's Papyrus of the Gliding Snowflakes
 78040 | Vaults:5 | Identified the cursed +1 flail of Unpleasantness
                  | {antimagic, rC++}
 78040 | Vaults:5 | Identified the +9 scale mail "Yrus" {rPois rF++}
 78785 | Vaults:5 | Got a silver rune of Zot
 78790 | Vaults:5 | Got an encrusted scale mail
 78791 | Vaults:5 | Identified the +1 scale mail of Doif {rCorr} (You found it
                  | on level 5 of the Vaults)
 79111 | Vaults:5 | Got a pitted leather armour
 79112 | Vaults:5 | Identified the cursed +1 leather armour of Hitesk {-Tele
                  | +Fly Str+4 SInv} (You found it on level 5 of the Vaults)
 79341 | D:13     | Bought an ancient leather armour for 301 gold pieces
 79341 | D:13     | Bought a dazzling ring mail for 387 gold pieces
 79341 | D:13     | Bought a pair of glowing boots for 322 gold pieces
 79353 | D:13     | Identified the +2 leather armour "Usydwedd" {*Slow rPois
                  | Regen+ SInv} (You bought it in a shop on level 13 of the
                  | Dungeon)
 79365 | D:13     | Identified the +5 ring mail of Tulips {rC- rN+ rCorr Int+7}
                  | (You bought it in a shop on level 13 of the Dungeon)
 79382 | D:13     | Identified a +2 pair of boots of running (You bought it in
                  | a shop on level 13 of the Dungeon)
 79391 | D:13     | Bought a scroll of acquirement for 884 gold pieces
 79400 | D:13     | Got an ancient robe
 79411 | D:13     | Identified the +0 robe of the Barracuda {rCorr Str-2 Int+5
                  | Dex-2} (You acquired it on level 13 of the Dungeon)
 79643 | Shoals:1 | Entered Level 1 of the Shoals
 80085 | Shoals:1 | Noticed Louise
 80088 | Shoals:1 | Killed Louise
 80907 | Shoals:2 | Reached skill level 5 in Armour
 81778 | Shoals:3 | Found Toquemai's General Store.
 81796 | Shoals:3 | Bought a potion of heal wounds for 90 gold pieces
 81796 | Shoals:3 | Bought a ration for 90 gold pieces
 82126 | Shoals:3 | Gained mutation: You are completely covered in iridescent
                  | scales. (AC +6) [demonic ancestry]
 82126 | Shoals:3 | Reached XP level 27. HP: 176/176 MP: 27/46
 82615 | Shoals:4 | Entered Level 4 of the Shoals
 82764 | Shoals:4 | Got a barnacled rune of Zot
 83588 | Shoals:4 | Identified Sif Muna's Catalogue of the Nocuous Frostbite
 83941 | D:15     | Killed motoroller71's ghost
 83949 | D:15     | Bought a ring of the Octopus King {rCorr AC+1 EV+1 Str+1
                  | Int+1 Dex+1} for 583 gold pieces
 83949 | D:15     | Found the ring of the Octopus King {rCorr AC+1 EV+1 Str+1
                  | Int+1 Dex+1}
 84178 | Slime:1  | Entered Level 1 of the Pits of Slime
 85199 | Slime:4  | Reached skill level 10 in Armour
 85654 | Slime:5  | Entered Level 5 of the Pits of Slime
 85897 | Slime:5  | Noticed the Royal Jelly
 85910 | Slime:5  | Killed the Royal Jelly
 86233 | Slime:5  | Identified the Papyrus of Helpful Dark Secrets
 86263 | Slime:5  | Identified the Volume of Fire and the Glacier
 86318 | Slime:5  | Got a slimy rune of Zot
 86353 | Slime:5  | Identified Rypi's Almanac of Hexes
 86367 | Slime:5  | Got a translucent leather armour
 86368 | Slime:5  | Identified the +0 leather armour of Negation {MR+ Int+3}
                  | (You found it on level 5 of the Pits of Slime)
 87250 | Zot:1    | Entered Level 1 of the Realm of Zot
 90225 | Zot:3    | Noticed an orb of fire
 90395 | Depths:4 | Voluntarily entered the Abyss.
 90844 | Abyss:3  | Reached skill level 10 in Air Magic
 90993 | Abyss:3  | Got an abyssal rune of Zot
 91725 | Abyss:4  | Found a shimmering blue altar of Sif Muna.
 91766 | Abyss:4  | Identified the Compendium of Calling
 91772 | Abyss:4  | Identified Mabeemigh's Catalogue of Calling
 91803 | Abyss:4  | Found a shimmering blue altar of Sif Muna.
 91881 | Abyss:5  | Entered Level 5 of the Abyss
 91881 | Abyss:5  | Entered Level 5 of the Abyss
 92755 | Abyss:5  | Paralysed by a lich for 5 turns
 92837 | Abyss:5  | Reached skill level 15 in Air Magic
 93262 | Abyss:5  | Paralysed by accursed screaming for 2 turns
 93926 | Abyss:5  | Paralysed by accursed screaming for 1 turns
 94202 | Abyss:5  | Gained mutation: You are frail. (-10% HP) [a cacodemon]
 94409 | Abyss:5  | Noticed an ancient lich
 94415 | Depths:4 | Escaped the Abyss
 94492 | Depths:4 | Bought a ration for 65 gold pieces
 94492 | Depths:4 | Bought a ration for 65 gold pieces
 94492 | Depths:4 | Bought a ration for 65 gold pieces
 94492 | Depths:4 | Bought a ration for 65 gold pieces
 94492 | Depths:4 | Bought a ration for 65 gold pieces
 94492 | Depths:4 | Bought a ration for 65 gold pieces
 94492 | Depths:4 | Bought a ration for 65 gold pieces
 94492 | Depths:4 | Bought a ration for 65 gold pieces
 94492 | Depths:4 | Bought a ration for 65 gold pieces
 94494 | Depths:4 | Bought a pair of scorched boots for 266 gold pieces
 94494 | Depths:4 | Bought a jasper-encrusted plate armour for 784 gold pieces
 94494 | Depths:4 | Identified the -4 pair of boots "Teeplaeck" {rElec} (You
                  | bought it in a shop on level 4 of the Depths)
 94495 | Depths:4 | Identified the +1 plate armour of the Other World {rF-
                  | rCorr Int+2} (You bought it in a shop on level 4 of the
                  | Depths)
 94501 | Depths:4 | Bought a potion of resistance for 500 gold pieces
 94536 | Pan      | Entered Pandemonium
 95022 | Pan      | Noticed Loig Gaoqo the pandemonium lord
 95029 | Pan      | Killed Loig Gaoqo the pandemonium lord
 95350 | Pan      | Found an exit through the horrors of the Abyss.
 95941 | Pan      | Gained mutation: You are very frail. (-20% HP) [a
                  | cacodemon]
 95992 | Pan      | Lost mutation: You are very frail. (-20% HP) [potion of
                  | mutation]
 95992 | Pan      | Lost mutation: You are frail. (-10% HP) [potion of
                  | mutation]
 95992 | Pan      | Gained mutation: Your system is resistant to poisons.
                  | (rPois) [potion of mutation]
 96103 | Pan      | Gained mutation: Scrolls take you a little longer to read.
                  | [a cacodemon]
 96146 | Pan      | Noticed Fic Ock the pandemonium lord
 96158 | Pan      | Killed Fic Ock the pandemonium lord
 96300 | Pan      | Lost mutation: Scrolls take you a little longer to read.
                  | [potion of mutation]
 96300 | Pan      | Lost mutation: Your system is resistant to poisons. (rPois)
                  | [potion of mutation]
 96300 | Pan      | Gained mutation: You have large cloven feet. [potion of
                  | mutation]
 96847 | Pan      | Found an exit through the horrors of the Abyss.
 96857 | Pan      | Noticed Sysagg the pandemonium lord
 96862 | Pan      | Killed Sysagg the pandemonium lord
 96947 | Pan      | Gained mutation: You are clumsy. (Dex -2) [a cacodemon]
 99366 | Pan      | Noticed Muisitt the pandemonium lord
 99371 | Pan      | Killed Muisitt the pandemonium lord
100356 | Pan      | Found an exit through the horrors of the Abyss.
101358 | Pan      | Noticed Dioror the pandemonium lord
101370 | Pan      | Killed Dioror the pandemonium lord
102257 | Pan      | Got a demonic rune of Zot
102443 | Pan      | Learned a level 9 spell: Tornado
102871 | Pan      | Found an exit through the horrors of the Abyss.
102984 | Pan      | Noticed Zativ the pandemonium lord
102998 | Pan      | Killed Zativ the pandemonium lord
103646 | Pan      | Found an exit through the horrors of the Abyss.
103739 | Pan      | Got smoking fire dragon scales
103740 | Pan      | Identified the +2 fire dragon scales of Durghion {rF++ rC-
                  | MR+ Int+4} (You found it in Pandemonium)
103988 | Pan      | Noticed Xyemir the pandemonium lord
103994 | Pan      | Killed Xyemir the pandemonium lord
104144 | Pan      | Identified the +5 chain mail "Cereab" {rElec rF++}
104719 | Pan      | Learned a level 1 spell: Summon Butterflies
104726 | Pan      | Learned a level 6 spell: Deflect Missiles
105073 | Pan      | Noticed Dehe the pandemonium lord
105091 | Pan      | Killed Dehe the pandemonium lord
105792 | Pan      | Learned a level 2 spell: Sublimation of Blood
105884 | Pan      | Reached skill level 1 in Necromancy
106033 | Pan      | Found a huge runed translucent gate.
106767 | Pan      | Found a huge runed translucent gate.
106768 | Pan      | Found a huge runed translucent gate.
106769 | Pan      | Found a huge runed translucent gate.
106811 | Pan      | Reached skill level 5 in Necromancy
106897 | Pan      | Noticed Huirphysi the pandemonium lord
107178 | Pan      | Entered the realm of Lom Lobon.
107514 | Pan      | Found an exit through the horrors of the Abyss.
108713 | Pan      | Noticed Lom Lobon
108761 | Pan      | Killed Lom Lobon
108861 | Pan      | Got a magical rune of Zot
109105 | Pan      | Reached skill level 10 in Necromancy
109217 | Pan      | Entered the realm of Cerebov.
109219 | Pan      | Identified Hohyudoti's Reference Book on Dusty
                  | Contamination
110431 | Pan      | Got a smoking shield
110432 | Pan      | Identified the +2 shield of Roeqixaf {rPois rN++ Int+6}
                  | (You found it in Pandemonium)
110479 | Pan      | Got an ancient cloak
110480 | Pan      | Identified the +0 cloak of Responsibility {rCorr} (You
                  | found it in Pandemonium)
110701 | Pan      | Identified the +6 sword of Cerebov {flame}
110701 | Pan      | Noticed Cerebov
110722 | Pan      | Killed Cerebov
110907 | Pan      | Identified the ring "Zaogodu" {rPois rF- Str+4 Slay+2}
110957 | Pan      | Got a fiery rune of Zot
111024 | Pan      | Entered the realm of Mnoleg.
111876 | Pan      | Found an exit through the horrors of the Abyss.
111954 | Pan      | Noticed Mnoleg
112271 | Pan      | Got a glowing rune of Zot
112595 | Pan      | Killed Mnoleg
112923 | Pan      | Reached skill level 15 in Necromancy
113036 | Pan      | Gained mutation: Armour fits poorly on your strangely
                  | shaped body. [a neqoxec]
114015 | Pan      | Identified the cursed +1 battleaxe of Destiny {pain, Int+4}
114228 | Pan      | Noticed Taun the pandemonium lord
114241 | Pan      | Entered the realm of Gloorx Vloq.
114624 | Pan      | Found an exit through the horrors of the Abyss.
115364 | Pan      | Noticed Gloorx Vloq
115375 | Pan      | Killed Gloorx Vloq
115398 | Pan      | Got a dark rune of Zot
115812 | Pan      | Found an exit through the horrors of the Abyss.
115856 | Pan      | Reached skill level 15 in Armour
115861 | Pan      | Noticed Onkuly the pandemonium lord
116149 | Pan      | Killed Onkuly the pandemonium lord
116523 | Pan      | Reached skill level 10 in Fighting
117376 | Depths:3 | Escaped Pandemonium
117382 | Depths:3 | Bought a book of Annihilations for 1876 gold pieces
117382 | Depths:3 | Bought a manual of Throwing for 1876 gold pieces
117393 | Depths:3 | Learned a level 8 spell: Lehudib's Crystal Spear
117403 | Depths:3 | Learned a level 9 spell: Fire Storm
117403 | Depths:3 | Bought a manual of Earth Magic for 1876 gold pieces
117465 | Pan      | Entered Pandemonium
117471 | Pan      | Reached skill level 5 in Earth Magic
117471 | Pan      | Noticed Soinivu the pandemonium lord
117483 | Pan      | Killed Soinivu the pandemonium lord
117908 | Pan      | Learned a level 7 spell: Dragon Form
118148 | Pan      | Reached skill level 1 in Transmutations
118214 | Pan      | Noticed Foedarph the pandemonium lord
118217 | Pan      | Killed Foedarph the pandemonium lord
118219 | Pan      | Reached skill level 10 in Earth Magic
118951 | Pan      | Reached skill level 5 in Transmutations
119108 | Pan      | Noticed Roviuhak the pandemonium lord
119115 | Pan      | Killed Roviuhak the pandemonium lord
119795 | Pan      | Found an exit through the horrors of the Abyss.
120350 | Depths:3 | Escaped Pandemonium
120628 | Vaults:3 | Bought a Necronomicon for 1214 gold pieces
120637 | Vaults:3 | Learned a level 8 spell: Necromutation
120887 | Hell     | Entered the Vestibule of Hell
120887 | Hell     | Noticed Geryon
120891 | Hell     | Killed Geryon
120983 | Hell     | Found a gateway to the ashen valley of Gehenna.
121151 | Hell     | Found a gateway to the freezing wastes of Cocytus.
121297 | Hell     | Found a gateway to the decaying netherworld of Tartarus.
121407 | Hell     | Reached skill level 10 in Transmutations
121529 | Hell     | Found a gateway to the Iron City of Dis.
121736 | Hell     | Lost mutation: You are clumsy. (Dex -2) [potion of
                  | mutation]
121736 | Hell     | Lost mutation: You have large cloven feet. [potion of
                  | mutation]
121736 | Hell     | Lost mutation: Armour fits poorly on your strangely shaped
                  | body. [potion of mutation]
121736 | Hell     | Gained mutation: Your mind is acute. (Int +2) [potion of
                  | mutation]
121736 | Hell     | Gained mutation: You possess an exceptional clarity of
                  | mind. [potion of mutation]
121736 | Hell     | Gained mutation: Your muscles are strong. (Str +2) [potion
                  | of mutation]
121825 | Zig:1    | Entered Level 1 of a ziggurat
121859 | Zig:2    | Entered Level 2 of a ziggurat
121966 | Zig:3    | Entered Level 3 of a ziggurat
122018 | Zig:4    | Entered Level 4 of a ziggurat
122089 | Zig:5    | Entered Level 5 of a ziggurat
122139 | Zig:5    | Identified Vehumet's Handbook of Attacks and Feathers
122143 | Zig:6    | Entered Level 6 of a ziggurat
122150 | Zig:6    | Noticed an ancient lich
122152 | Zig:6    | Killed an ancient lich
122199 | Zig:6    | Found the +3 crown of Dyrovepreva {rElec Int+2 SInv}
122218 | Zig:6    | Got a twitching tin ring
122219 | Zig:6    | Identified the ring "Zoith" {rN+ Int+2 Stlth+} (You found
                  | it on level 6 of a ziggurat)
122222 | Zig:6    | Got a serpentine tin ring
122224 | Zig:6    | Identified the ring "Uneyss" {rPois rF++ rC- Dex+4 SInv}
                  | (You found it on level 6 of a ziggurat)
122246 | Zig:7    | Entered Level 7 of a ziggurat
122251 | Zig:7    | Noticed Mujas the pandemonium lord
122259 | Zig:7    | Killed Mujas the pandemonium lord
122326 | Zig:8    | Entered Level 8 of a ziggurat
122448 | Zig:9    | Entered Level 9 of a ziggurat
122500 | Zig:9    | Identified the Handbook of Translocation and Fire
122502 | Zig:9    | Identified Milepniq's Catalogue of Snow and Enhancements
122506 | Zig:10   | Entered Level 10 of a ziggurat
122514 | Zig:10   | Noticed Puqol the pandemonium lord
122514 | Zig:10   | Noticed Xoche the pandemonium lord
122523 | Zig:10   | Killed Xoche the pandemonium lord
122524 | Zig:10   | Killed Puqol the pandemonium lord
122532 | Zig:10   | Noticed Baqeg the pandemonium lord
122539 | Zig:10   | Killed Baqeg the pandemonium lord
122549 | Zig:10   | Found the +3 robe of Folly {Archmagi, MR-- Int+5}
122660 | Zig:10   | Identified the Collected Works on the Gliding Rocks
122714 | Zig:11   | Entered Level 11 of a ziggurat
122730 | Zig:11   | Killed an ancient lich
122801 | Zig:11   | Identified the Tome of Transmutation and the Arsonist
122825 | Zig:12   | Entered Level 12 of a ziggurat
122843 | Zig:12   | Reached skill level 15 in Transmutations
122887 | Zig:12   | Got a pitted ivory ring
122956 | Zig:12   | Identified the ring "Fyxi Ofo" {rPois rF+ MR- Str+3 Dex+9}
                  | (You found it on level 12 of a ziggurat)
122961 | Zig:13   | Entered Level 13 of a ziggurat
123087 | Zig:13   | Got a bloodstained plate armour
123088 | Zig:13   | Identified the +8 plate armour of Dyspraxia {rElec Int+4
                  | Dex+2 Stlth+} (You found it on level 13 of a ziggurat)
123118 | Zig:14   | Entered Level 14 of a ziggurat
123266 | Zig:14   | Identified Sif Muna's Almanac of Battle Magic and Flight
123268 | Zig:14   | Identified Sif Muna's Reference Book on Icy Shape Shifting
123329 | Zig:15   | Entered Level 15 of a ziggurat
123717 | Zig:16   | Entered Level 16 of a ziggurat
123742 | Zig:16   | Noticed a greater mummy
123743 | Zig:16   | Noticed a greater mummy
123743 | Zig:16   | Noticed a greater mummy
123744 | Zig:16   | Noticed a greater mummy
123745 | Zig:16   | Noticed a greater mummy
123747 | Zig:16   | Noticed a greater mummy
123748 | Zig:16   | Killed a greater mummy
123748 | Zig:16   | Killed a greater mummy
123748 | Zig:16   | Killed a greater mummy
123748 | Zig:16   | Killed a greater mummy
123748 | Zig:16   | Killed a greater mummy
123749 | Zig:16   | Killed a greater mummy
123749 | Zig:16   | Killed a greater mummy
123750 | Zig:16   | Killed a greater mummy
123754 | Zig:16   | Noticed a greater mummy
123767 | Zig:16   | Killed a greater mummy
123835 | Zig:16   | Found the +2 Maxwell's thermic engine {flame, freeze}
123842 | Zig:16   | Found the +7 mace of Variability {chain chaos}
123968 | Zig:17   | Entered Level 17 of a ziggurat
123986 | Zig:17   | Noticed a juggernaut
123986 | Zig:17   | Noticed a juggernaut
123987 | Zig:17   | Noticed a juggernaut
123989 | Zig:17   | Killed a juggernaut
123992 | Zig:17   | Killed a juggernaut
123992 | Zig:17   | Killed a juggernaut
124001 | Zig:17   | Killed a juggernaut
124002 | Zig:17   | Noticed a juggernaut
124006 | Zig:17   | Killed a juggernaut
124011 | Zig:17   | Found the cursed necklace of Bloodlust {*Rage +Rage MR++
                  | Int-3 Slay+6 *Curse}
124091 | Zig:17   | Identified Sif Muna's Volume of Warped Shape Shifting
124095 | Zig:17   | Identified Maffups's Papyrus of Hurtful Talismans
124109 | Zig:17   | Identified the Guide on Ashen Sinister Secrets
124198 | Zig:17   | Got a transparent cloak
124199 | Zig:17   | Identified the +2 cloak "Meijy" {rF+ Int-5 Dex+2} (You
                  | found it on level 17 of a ziggurat)
124212 | Zig:18   | Entered Level 18 of a ziggurat
124225 | Zig:18   | Noticed Emies the pandemonium lord
124228 | Zig:18   | Noticed Pimoipsirgh the pandemonium lord
124235 | Zig:18   | Killed Emies the pandemonium lord
124236 | Zig:18   | Killed Pimoipsirgh the pandemonium lord
124237 | Zig:18   | Noticed Riha the pandemonium lord
124237 | Zig:18   | Noticed Egarut the pandemonium lord
124237 | Zig:18   | Noticed Kuxyilos the pandemonium lord
124237 | Zig:18   | Noticed Figruine the pandemonium lord
124238 | Zig:18   | Noticed Xouth the pandemonium lord
124238 | Zig:18   | Killed Figruine the pandemonium lord
124238 | Zig:18   | Killed Kuxyilos the pandemonium lord
124238 | Zig:18   | Noticed Kipsis the pandemonium lord
124239 | Zig:18   | Killed Egarut the pandemonium lord
124239 | Zig:18   | Killed Riha the pandemonium lord
124239 | Zig:18   | Killed Unif Lod the pandemonium lord
124240 | Zig:18   | Killed Xouth the pandemonium lord
124240 | Zig:18   | Killed Kipsis the pandemonium lord
124240 | Zig:18   | Noticed Xihic the pandemonium lord
124258 | Zig:18   | Noticed Zosoam the pandemonium lord
124258 | Zig:18   | Noticed Icilorro the pandemonium lord
124261 | Zig:18   | Killed Xihic the pandemonium lord
124264 | Zig:18   | Killed Zosoam the pandemonium lord
124278 | Zig:18   | Killed Icilorro the pandemonium lord
124387 | Zig:18   | Identified Sif Muna's Tome of Poisonous Conjuration
124441 | Zig:18   | Got a scorched brass ring
124442 | Zig:18   | Identified the ring "Muiw Ene" {*Tele +Inv rPois Int+6
                  | Slay-6} (You found it on level 18 of a ziggurat)
124502 | Zig:19   | Entered Level 19 of a ziggurat
124643 | Zig:19   | Got a smoking steel ring
124645 | Zig:19   | Identified the ring of Cuorurgh {rF+ Str+3 Stlth+} (You
                  | found it on level 19 of a ziggurat)
124662 | Zig:19   | Got a polished plate armour
124673 | Zig:19   | Identified the +3 plate armour of Dokkaagh {Str+4} (You
                  | found it on level 19 of a ziggurat)
124700 | Zig:19   | Identified Acleruoh's Catalogue of the Mind
124786 | Zig:20   | Entered Level 20 of a ziggurat
124804 | Zig:20   | Noticed a juggernaut
124810 | Zig:20   | Killed a juggernaut
124811 | Zig:20   | Noticed a juggernaut
124812 | Zig:20   | Noticed a juggernaut
124813 | Zig:20   | Noticed a juggernaut
124814 | Zig:20   | Noticed a juggernaut
124818 | Zig:20   | Noticed a juggernaut
124820 | Zig:20   | Killed a juggernaut
124822 | Zig:20   | Killed a juggernaut
124822 | Zig:20   | Killed a juggernaut
124823 | Zig:20   | Killed a juggernaut
124823 | Zig:20   | Killed a juggernaut
124830 | Zig:20   | Found the +4 robe of Augmentation {Str+4 Int+4 Dex+4}
124834 | Zig:20   | Found the +3 pair of gauntlets of War {Slay+5}
124952 | Zig:20   | Got a flickering brass ring
124954 | Zig:20   | Identified the ring of the Moon {Slay+2 Stlth-} (You found
                  | it on level 20 of a ziggurat)
125068 | Zig:21   | Entered Level 21 of a ziggurat
125096 | Zig:21   | Reached skill level 15 in Fighting
125351 | Zig:22   | Entered Level 22 of a ziggurat
125535 | Zig:22   | Got a glittering ivory amulet
125536 | Zig:22   | Identified the amulet "Soewoh" {Acrobat MR++ Str+4 Dex-3}
                  | (You found it on level 22 of a ziggurat)
125547 | Zig:22   | Identified Hyjoon's Reference Book on Translocation
125554 | Zig:22   | Got an obsidian-encrusted plate armour
125565 | Zig:22   | Identified the cursed +1 plate armour of Vehumet's
                  | Condemnation {rCorr Dex+3} (You found it on level 22 of a
                  | ziggurat)
125659 | Zig:23   | Entered Level 23 of a ziggurat
125682 | Zig:23   | Noticed an ancient lich
125683 | Zig:23   | Killed an ancient lich
125683 | Zig:23   | Noticed an ancient lich
125684 | Zig:23   | Noticed an ancient lich
125684 | Zig:23   | Noticed an ancient lich
125686 | Zig:23   | Killed an ancient lich
125686 | Zig:23   | Killed an ancient lich
125686 | Zig:23   | Killed an ancient lich
125690 | Zig:23   | Killed an ancient lich
125836 | Zig:23   | Got a fine brass ring
125838 | Zig:23   | Identified the ring "Wowest" {rPois Dex+3 Slay+3} (You
                  | found it on level 23 of a ziggurat)
125850 | Zig:23   | Identified Mawumosch's Reference Book on Transmigration and
                  | Lightness
125855 | Zig:23   | Identified Aqean's Grimoire of the Traveller
125937 | Zig:24   | Entered Level 24 of a ziggurat
126142 | Zig:24   | Found the +6 Majin-Bo {vamp, Archmagi MP+6 Int+6}
126169 | Zig:24   | Got a shimmering silver ring
126171 | Zig:24   | Identified the ring of Cooculeq {rC+ rN+ MR++ Str-4 Slay+3}
                  | (You found it on level 24 of a ziggurat)
126211 | Zig:24   | Got a pitted scale mail
126212 | Zig:24   | Identified the +4 scale mail "Naicaoc" {SInv} (You found it
                  | on level 24 of a ziggurat)
126295 | Zig:25   | Entered Level 25 of a ziggurat
126320 | Zig:25   | Noticed Icie the pandemonium lord
126320 | Zig:25   | Noticed Ihujeyc the pandemonium lord
126321 | Zig:25   | Noticed Tiuj Erali the pandemonium lord
126325 | Zig:25   | Killed Icie the pandemonium lord
126326 | Zig:25   | Killed Ihujeyc the pandemonium lord
126327 | Zig:25   | Killed Tiuj Erali the pandemonium lord
126352 | Zig:25   | Noticed Fepixzea the pandemonium lord
126359 | Zig:25   | Killed Fepixzea the pandemonium lord
126400 | Zig:25   | Noticed Naasmuom the pandemonium lord
126409 | Zig:25   | Killed Naasmuom the pandemonium lord
126409 | Zig:25   | Reached skill level 5 in Throwing
126411 | Zig:25   | Reached skill level 5 in Dodging
126412 | Zig:25   | Noticed Sukkemis the pandemonium lord
126412 | Zig:25   | Noticed Gacs the pandemonium lord
126413 | Zig:25   | Noticed Dips the pandemonium lord
126418 | Zig:25   | Killed Gacs the pandemonium lord
126422 | Zig:25   | Killed Dips the pandemonium lord
126424 | Zig:25   | Killed Sukkemis the pandemonium lord
126427 | Zig:25   | Noticed Ogruoghi the pandemonium lord
126427 | Zig:25   | Noticed Qiaroitt the pandemonium lord
126428 | Zig:25   | Noticed Meesh the pandemonium lord
126445 | Zig:25   | Killed Ogruoghi the pandemonium lord
126446 | Zig:25   | Killed Qiaroitt the pandemonium lord
126449 | Zig:25   | Killed Meesh the pandemonium lord
126455 | Zig:25   | Noticed Raimm the pandemonium lord
126455 | Zig:25   | Noticed Zabrie the pandemonium lord
126456 | Zig:25   | Noticed Yjyxom the pandemonium lord
126465 | Zig:25   | Killed Zabrie the pandemonium lord
126469 | Zig:25   | Noticed Nacaer the pandemonium lord
126473 | Zig:25   | Noticed Ipa Dato the pandemonium lord
126565 | Zig:25   | Killed Yjyxom the pandemonium lord
126568 | Zig:25   | Killed Nacaer the pandemonium lord
126583 | Zig:25   | Killed Raimm the pandemonium lord
126592 | Zig:25   | Killed Ipa Dato the pandemonium lord
126888 | Zig:25   | Got a coiled ruby amulet
126889 | Zig:25   | Identified the amulet "Ilaatinn" {RegenMP +Blink rPois}
                  | (You found it on level 25 of a ziggurat)
126908 | Zig:25   | Got a clouded golden ring
126910 | Zig:25   | Identified the ring of Letsiun {*Tele Str+3} (You found it
                  | on level 25 of a ziggurat)
126951 | Zig:26   | Entered Level 26 of a ziggurat
126979 | Zig:26   | Reached skill level 10 in Throwing
126980 | Zig:26   | Reached skill level 10 in Dodging
127133 | Zig:26   | Found the +10 morningstar "Eos" {elec, Halo rElec}
127286 | Zig:27   | Entered Level 27 of a ziggurat
127377 | Zig:27   | Noticed Leronyse the pandemonium lord
127388 | Zig:27   | Killed Leronyse the pandemonium lord
127841 | Zig:27   | Found the +8 storm bow {elec, penet}
127847 | Zig:27   | Got a wavering graven amulet
127848 | Zig:27   | Identified the amulet of Koab {Inacc +Blink Str+4 Int+3}
                  | (You found it on level 27 of a ziggurat)
127856 | Zig:27   | Got a scorched cloak
127867 | Zig:27   | Identified the +2 cloak of Dyspraxia {Int+2} (You found it
                  | on level 27 of a ziggurat)
128164 | Depths:3 | Bought a scroll of identify for 88 gold pieces
128164 | Depths:3 | Bought 2 scrolls of identify for 176 gold pieces
128588 | Shoals:3 | Bought 4 silver javelins for 172 gold pieces
128866 | Depths:2 | Noticed a juggernaut
128868 | Depths:2 | Killed a juggernaut
128983 | Geh:1    | Entered Level 1 of Gehenna
129267 | Geh:3    | You fall into a shaft and drop 1 floor!
129694 | Geh:5    | You fall into a shaft and drop 1 floor!
129830 | Geh:7    | Entered Level 7 of Gehenna
130295 | Geh:7    | Identified the +7 sceptre of Asmodeus
130295 | Geh:7    | Noticed Asmodeus
130303 | Geh:7    | Killed Asmodeus
130313 | Geh:7    | Got an obsidian rune of Zot
130470 | Geh:7    | Reached skill level 15 in Throwing
130649 | Dis:1    | Entered Level 1 of the Iron City of Dis
132561 | Dis:3    | Paralysed by an eldritch tentacle for 7 turns
133799 | Dis:5    | You fall into a shaft and drop 1 floor!
134005 | Dis:7    | Entered Level 7 of the Iron City of Dis
134110 | Dis:7    | Reached skill level 15 in Dodging
134879 | Dis:7    | Identified the +4 staff of Dispater
134879 | Dis:7    | Noticed Dispater
134903 | Dis:7    | Killed Dispater
135020 | Dis:7    | Got a vibrating lapis lazuli ring
135021 | Dis:7    | Identified the ring "Kucroom" {+Fly rElec rCorr Str+8
                  | Int-2} (You found it on level 7 of the Iron City of Dis)
135025 | Dis:7    | Got an iron rune of Zot
135026 | Dis:7    | Identified Witchery, Part Three
135242 | Zig:1    | Entered Level 1 of a ziggurat
135247 | Zig:1    | Reached skill level 1 in Translocations
135275 | Zig:2    | Entered Level 2 of a ziggurat
135311 | Zig:3    | Entered Level 3 of a ziggurat
135388 | Zig:4    | Entered Level 4 of a ziggurat
135395 | Zig:4    | Noticed Quimu the pandemonium lord
135397 | Zig:4    | Killed Quimu the pandemonium lord
135457 | Zig:4    | Got a faintly glowing graven amulet
135458 | Zig:4    | Identified the amulet "Giruint" {+Blink Regen+ Stlth+} (You
                  | found it on level 4 of a ziggurat)
135468 | Zig:5    | Entered Level 5 of a ziggurat
135474 | Zig:5    | Noticed a juggernaut
135479 | Zig:5    | Killed a juggernaut
135479 | Zig:5    | Reached skill level 10 in Ice Magic
135500 | Zig:5    | Identified the Almanac of Earth
135507 | Zig:5    | Found the +8 orange crystal plate armour {Archmagi, Int+3
                  | Clar}
135530 | Zig:6    | Entered Level 6 of a ziggurat
135540 | Zig:6    | Reached skill level 5 in Evocations
135586 | Zig:7    | Entered Level 7 of a ziggurat
135652 | Zig:7    | Identified the Collected Works on Dusty Cold
135661 | Zig:7    | Identified Sycwabim's Grimoire of Stolen Souls and Changing
135689 | Zig:8    | Entered Level 8 of a ziggurat
135699 | Zig:8    | Reached skill level 10 in Evocations
135794 | Zig:9    | Entered Level 9 of a ziggurat
135802 | Zig:9    | Noticed a juggernaut
135806 | Zig:9    | Killed a juggernaut
135809 | Zig:9    | Found the +15 Maxwell's patent armour {-Cast -Tele rElec
                  | MR+ rCorr}
135881 | Zig:9    | Got a brightly glowing chain mail
135882 | Zig:9    | Identified the +1 chain mail "Utwuje" {rPois rF+++ Int-5
                  | Dex-2} (You found it on level 9 of a ziggurat)
135903 | Zig:10   | Entered Level 10 of a ziggurat
135920 | Zig:10   | Learned a level 9 spell: Glaciate
135922 | Zig:10   | Noticed an orb of fire
135924 | Zig:10   | Noticed an orb of fire
135924 | Zig:10   | Noticed an orb of fire
135926 | Zig:10   | Killed an orb of fire
135927 | Zig:10   | Killed an orb of fire
135927 | Zig:10   | Killed an orb of fire
135929 | Zig:10   | Noticed an orb of fire
135930 | Zig:10   | Noticed an orb of fire
135932 | Zig:10   | Killed an orb of fire
135937 | Zig:10   | Killed an orb of fire
136016 | Zig:10   | Got a spiked plate armour
136017 | Zig:10   | Identified the +5 plate armour "Bymadal" {rPois rF+++ Int-2
                  | Stlth-} (You found it on level 10 of a ziggurat)
136023 | Zig:10   | Got a twisted ring mail
136034 | Zig:10   | Identified the +0 ring mail of Inviolability {rN+ Slay+3
                  | SInv} (You found it on level 10 of a ziggurat)
136075 | Zig:11   | Entered Level 11 of a ziggurat
136205 | Zig:11   | Identified the Handbook of the Unstable Volcanoes
136225 | Zig:12   | Entered Level 12 of a ziggurat
136232 | Zig:12   | Reached skill level 15 in Evocations
136280 | Zig:12   | Found the +7 Spriggan's Knife {stab, EV+4 Stlth+}
136316 | Zig:12   | Got a heavily runed lapis lazuli ring
136324 | Zig:12   | Got a steaming lapis lazuli ring
136330 | Zig:12   | Identified Agi Xide's Disquisition on the Mountains
136366 | Zig:12   | Identified the ring "Uczilen" {*Contam rPois rN+ EV+4} (You
                  | found it on level 12 of a ziggurat)
136549 | Zig:12   | Identified the cursed ring "Guguigh" {rN+ AC-2 Str-2 Dex+4
                  | SInv} (You found it on level 12 of a ziggurat)
136558 | Zig:13   | Entered Level 13 of a ziggurat
136824 | Zig:14   | Entered Level 14 of a ziggurat
136960 | Zig:14   | Identified Spellcraft, Part Four
137031 | Zig:15   | Entered Level 15 of a ziggurat
137154 | Zig:15   | Reached skill level 15 in Ice Magic
137168 | Zig:15   | Got a shimmering golden ring
137172 | Zig:15   | Got a scorched lapis lazuli ring
137174 | Zig:15   | Identified the ring of Hietah {*Corrode rElec rF+ Str+6
                  | Int+6} (You found it on level 15 of a ziggurat)
137175 | Zig:15   | Identified the ring of Yho Piw {rN+ MR+ rCorr Str+3 Int+2}
                  | (You found it on level 15 of a ziggurat)
137198 | Zig:16   | Entered Level 16 of a ziggurat
137332 | Zig:16   | Identified Cyrygrer's Disquisition on Warped Sinister
                  | Rituals
137339 | Zig:16   | Got a twitching brass ring
137340 | Zig:16   | Identified the ring of Maybbag {rElec Dex+3} (You found it
                  | on level 16 of a ziggurat)
137353 | Zig:17   | Entered Level 17 of a ziggurat
137464 | Zig:17   | Found the +0 pair of fencer's gloves {Riposte Dex+3}
137538 | Zig:17   | Got a flickering ivory ring
137539 | Zig:17   | Identified the ring "Batumit" {rElec rPois rN+ Dex-3 SInv}
                  | (You found it on level 17 of a ziggurat)
137550 | Zig:17   | Got a pair of shimmering gloves
137561 | Zig:17   | Identified the +1 pair of gloves of the Jabberwock {rElec
                  | rN+++ Str-2} (You found it on level 17 of a ziggurat)
137592 | Zig:17   | Lost mutation: Your muscles are strong. (Str +2) [potion of
                  | mutation]
137592 | Zig:17   | Lost mutation: You possess an exceptional clarity of mind.
                  | [potion of mutation]
137592 | Zig:17   | Lost mutation: You are somewhat resistant to further
                  | mutation. [potion of mutation]
137592 | Zig:17   | Lost mutation: Your mind is acute. (Int +2) [potion of
                  | mutation]
137592 | Zig:17   | Gained mutation: You are resistant to hostile enchantments.
                  | (MR+) [potion of mutation]
137592 | Zig:17   | Gained mutation: Your muscles are strong. (Str +2) [potion
                  | of mutation]
137593 | Zig:17   | Lost mutation: You are resistant to hostile enchantments.
                  | (MR+) [potion of mutation]
137593 | Zig:17   | Lost mutation: Your muscles are strong. (Str +2) [potion of
                  | mutation]
137593 | Zig:17   | Gained mutation: You are frail. (-10% HP) [potion of
                  | mutation]
137593 | Zig:17   | Gained mutation: You evolve. [potion of mutation]
137594 | Zig:17   | Lost mutation: You are frail. (-10% HP) [potion of
                  | mutation]
137594 | Zig:17   | Lost mutation: You evolve. [potion of mutation]
137594 | Zig:17   | Gained mutation: Your body sometimes deteriorates upon
                  | taking damage. [potion of mutation]
137594 | Zig:17   | Gained mutation: You are agile. (Dex +2) [potion of
                  | mutation]
137594 | Zig:17   | Gained mutation: Your spells are a little harder to cast,
                  | but a little more powerful. [potion of mutation]
137595 | Zig:17   | Lost mutation: You are agile. (Dex +2) [potion of mutation]
137595 | Zig:17   | Lost mutation: You can translocate small distances at will.
                  | [potion of mutation]
137595 | Zig:17   | Lost mutation: Your body sometimes deteriorates upon taking
                  | damage. [potion of mutation]
137595 | Zig:17   | Gained mutation: You have very sharp teeth. [potion of
                  | mutation]
137595 | Zig:17   | Gained mutation: You have sharp toenails. [potion of
                  | mutation]
137596 | Zig:17   | Lost mutation: You have sharp toenails. [potion of
                  | mutation]
137596 | Zig:17   | Lost mutation: Your spells are a little harder to cast, but
                  | a little more powerful. [potion of mutation]
137596 | Zig:17   | Lost mutation: You have very sharp teeth. [potion of
                  | mutation]
137596 | Zig:17   | Gained mutation: You are frail. (-10% HP) [potion of
                  | mutation]
137596 | Zig:17   | Gained mutation: You have supernaturally acute eyesight.
                  | (SInv) [potion of mutation]
137597 | Zig:17   | Lost mutation: You are frail. (-10% HP) [potion of
                  | mutation]
137597 | Zig:17   | Gained mutation: You are frail. (-10% HP) [potion of
                  | mutation]
137597 | Zig:17   | Gained mutation: You evolve. [potion of mutation]
137598 | Zig:17   | Lost mutation: You are frail. (-10% HP) [potion of
                  | mutation]
137598 | Zig:17   | Lost mutation: You evolve. [potion of mutation]
137598 | Zig:17   | Gained mutation: You passively map a small area around you.
                  | [potion of mutation]
137598 | Zig:17   | Gained mutation: You evolve. [potion of mutation]
137599 | Zig:17   | Lost mutation: You have supernaturally acute eyesight.
                  | (SInv) [potion of mutation]
137599 | Zig:17   | Lost mutation: You evolve. [potion of mutation]
137599 | Zig:17   | Gained mutation: You passively map the area around you.
                  | [potion of mutation]
137599 | Zig:17   | Gained mutation: You are resistant to electric shocks.
                  | (rElec) [potion of mutation]
137600 | Zig:17   | Lost mutation: You passively map the area around you.
                  | [potion of mutation]
137600 | Zig:17   | Lost mutation: You passively map a small area around you.
                  | [potion of mutation]
137600 | Zig:17   | Lost mutation: You are resistant to electric shocks.
                  | (rElec) [potion of mutation]
137600 | Zig:17   | Gained mutation: You expend magic power (3 MP) to
                  | strengthen your wands. [potion of mutation]
137600 | Zig:17   | Gained mutation: Your muscles are strong. (Str +2) [potion
                  | of mutation]
137601 | Zig:17   | Lost mutation: Your muscles are strong. (Str +2) [potion of
                  | mutation]
137601 | Zig:17   | Lost mutation: You expend magic power (3 MP) to strengthen
                  | your wands. [potion of mutation]
137601 | Zig:17   | Gained mutation: You are frail. (-10% HP) [potion of
                  | mutation]
137601 | Zig:17   | Gained mutation: Scrolls take you a little longer to read.
                  | [potion of mutation]
137601 | Zig:17   | Gained mutation: You are resistant to electric shocks.
                  | (rElec) [potion of mutation]
137602 | Zig:17   | Lost mutation: Scrolls take you a little longer to read.
                  | [potion of mutation]
137602 | Zig:17   | Lost mutation: You are resistant to electric shocks.
                  | (rElec) [potion of mutation]
137602 | Zig:17   | Lost mutation: You are frail. (-10% HP) [potion of
                  | mutation]
137602 | Zig:17   | Gained mutation: You are agile. (Dex +2) [potion of
                  | mutation]
137602 | Zig:17   | Gained mutation: Your mind is acute. (Int +2) [potion of
                  | mutation]
137603 | Zig:17   | Lost mutation: You are agile. (Dex +2) [potion of mutation]
137603 | Zig:17   | Lost mutation: Your mind is acute. (Int +2) [potion of
                  | mutation]
137603 | Zig:17   | Gained mutation: You are weak. (Str -2) [potion of
                  | mutation]
137603 | Zig:17   | Lost mutation: You are weak. (Str -2) [potion of mutation]
137603 | Zig:17   | Gained mutation: Your spells are a little harder to cast,
                  | but a little more powerful. [potion of mutation]
137604 | Zig:17   | Lost mutation: Your spells are a little harder to cast, but
                  | a little more powerful. [potion of mutation]
137604 | Zig:17   | Gained mutation: Your flesh is heat resistant. (rF+)
                  | [potion of mutation]
137604 | Zig:17   | Gained mutation: You possess an exceptional clarity of
                  | mind. [potion of mutation]
137605 | Zig:17   | Lost mutation: You possess an exceptional clarity of mind.
                  | [potion of mutation]
137605 | Zig:17   | Lost mutation: Your flesh is heat resistant. (rF+) [potion
                  | of mutation]
137605 | Zig:17   | Gained mutation: Your system is resistant to poisons.
                  | (rPois) [potion of mutation]
137605 | Zig:17   | Gained mutation: Your flesh is cold resistant. (rC+)
                  | [potion of mutation]
137605 | Zig:17   | Gained mutation: You evolve. [potion of mutation]
137605 | Zig:17   | Gained mutation: You have a beak for a mouth. [potion of
                  | mutation]
137606 | Zig:17   | Lost mutation: Your flesh is cold resistant. (rC+) [potion
                  | of mutation]
137606 | Zig:17   | Lost mutation: You evolve. [potion of mutation]
137606 | Zig:17   | Lost mutation: Your system is resistant to poisons. (rPois)
                  | [potion of mutation]
137606 | Zig:17   | Gained mutation: You evolve. [potion of mutation]
137606 | Zig:17   | Lost mutation: You evolve. [potion of mutation]
137606 | Zig:17   | Gained mutation: You are robust. (+10% HP) [potion of
                  | mutation]
137607 | Zig:17   | Lost mutation: You are robust. (+10% HP) [potion of
                  | mutation]
137607 | Zig:17   | Gained mutation: You are agile. (Dex +2) [potion of
                  | mutation]
137607 | Zig:17   | Gained mutation: You are frail. (-10% HP) [potion of
                  | mutation]
137607 | Zig:17   | Gained mutation: Your spells are a little harder to cast,
                  | but a little more powerful. [potion of mutation]
137608 | Zig:17   | Lost mutation: You are agile. (Dex +2) [potion of mutation]
137608 | Zig:17   | Lost mutation: Your spells are a little harder to cast, but
                  | a little more powerful. [potion of mutation]
137608 | Zig:17   | Lost mutation: You are frail. (-10% HP) [potion of
                  | mutation]
137608 | Zig:17   | Gained mutation: Your spells are a little harder to cast,
                  | but a little more powerful. [potion of mutation]
137608 | Zig:17   | Gained mutation: You expend magic power (3 MP) to
                  | strengthen your wands. [potion of mutation]
137615 | Zig:18   | Entered Level 18 of a ziggurat
137633 | Zig:18   | Noticed an ancient lich
137635 | Zig:18   | Killed an ancient lich
137807 | Zig:18   | Found the +27 Lear's hauberk
137837 | Zig:18   | Identified the Compendium of Creative Beguiling
137843 | Zig:18   | Got a scorched amber ring
137846 | Zig:18   | Got a transparent steel ring
137861 | Zig:18   | Noticed an ancient lich
137863 | Zig:18   | Killed an ancient lich
137877 | Zig:18   | Identified the ring "Abo Geor" {rN+ Int-4 Dex+3 SInv} (You
                  | found it on level 18 of a ziggurat)
137880 | Zig:18   | Identified the ring of Elupofu {rElec MP+9 Int-2 Dex+2
                  | Slay+1} (You found it on level 18 of a ziggurat)
137909 | Zig:19   | Entered Level 19 of a ziggurat
137923 | Zig:19   | Noticed a greater mummy
137924 | Zig:19   | Killed a greater mummy
137925 | Zig:19   | Noticed a greater mummy
137925 | Zig:19   | Noticed a greater mummy
137926 | Zig:19   | Killed a greater mummy
137929 | Zig:19   | Killed a greater mummy
137930 | Zig:19   | Noticed a greater mummy
137931 | Zig:19   | Killed a greater mummy
137939 | Zig:19   | Noticed a greater mummy
137944 | Zig:19   | Noticed a greater mummy
137945 | Zig:19   | Killed a greater mummy
137945 | Zig:19   | Killed a greater mummy
137948 | Zig:19   | Noticed a greater mummy
137952 | Zig:19   | Noticed a greater mummy
137955 | Zig:19   | Noticed a greater mummy
137956 | Zig:19   | Killed a greater mummy
137956 | Zig:19   | Noticed a greater mummy
137957 | Zig:19   | Killed a greater mummy
137957 | Zig:19   | Killed a greater mummy
137966 | Zig:19   | Killed a greater mummy
138179 | Zig:19   | Identified Sif Muna's Handbook of the Spatial Oath
138187 | Zig:19   | Got a sparkling ivory ring
138188 | Zig:19   | Identified the ring "Fovav" {AC+3 Str+5} (You found it on
                  | level 19 of a ziggurat)
138193 | Zig:19   | Got a faintly glowing silver amulet
138194 | Zig:19   | Identified the amulet "Kempiyto" {Acrobat Str+4 Dex+2} (You
                  | found it on level 19 of a ziggurat)
138213 | Zig:20   | Entered Level 20 of a ziggurat
138382 | Zig:20   | Got a steaming ivory amulet
138391 | Zig:20   | Got a coiled amber ring
138392 | Zig:20   | Identified Sif Muna's Guide on Attacks
138398 | Zig:20   | Identified the ring "Cixewuc" {rPois rC+ Dex+2 Stlth-} (You
                  | found it on level 20 of a ziggurat)
138401 | Zig:20   | Identified the amulet "Xitinu" {Harm *Drain MR++ Stlth+}
                  | (You found it on level 20 of a ziggurat)
138416 | Zig:20   | Got a glittering glass ring
138417 | Zig:20   | Identified the ring of the Five Beggars {EV+1 Slay+2} (You
                  | found it on level 20 of a ziggurat)
138470 | Zig:21   | Entered Level 21 of a ziggurat
138479 | Zig:21   | Noticed Furoaj the pandemonium lord
138481 | Zig:21   | Noticed Suud the pandemonium lord
138488 | Zig:21   | Killed Furoaj the pandemonium lord
138488 | Zig:21   | Noticed Zayrpheinu the pandemonium lord
138488 | Zig:21   | Noticed Imiejiv the pandemonium lord
138489 | Zig:21   | Killed Suud the pandemonium lord
138489 | Zig:21   | Killed Imiejiv the pandemonium lord
138494 | Zig:21   | Noticed Moat the pandemonium lord
138496 | Zig:21   | Killed Zayrpheinu the pandemonium lord
138496 | Zig:21   | Noticed Xyomiho the pandemonium lord
138496 | Zig:21   | Noticed Innaw the pandemonium lord
138503 | Zig:21   | Killed Innaw the pandemonium lord
138503 | Zig:21   | Killed Moat the pandemonium lord
138517 | Zig:21   | Noticed Hoggabbes the pandemonium lord
138517 | Zig:21   | Noticed Tysodut the pandemonium lord
138520 | Zig:21   | Killed Hoggabbes the pandemonium lord
138521 | Zig:21   | Noticed Nitheum the pandemonium lord
138524 | Zig:21   | Killed Tysodut the pandemonium lord
138525 | Zig:21   | Killed Nitheum the pandemonium lord
138528 | Zig:21   | Noticed Ukixyn the pandemonium lord
138534 | Zig:21   | Killed Xyomiho the pandemonium lord
138534 | Zig:21   | Noticed Kakacwol the pandemonium lord
138536 | Zig:21   | Killed Ukixyn the pandemonium lord
138536 | Zig:21   | Noticed Myasemuf the pandemonium lord
138539 | Zig:21   | Killed Kakacwol the pandemonium lord
138539 | Zig:21   | Noticed Beowk the pandemonium lord
138542 | Zig:21   | Noticed Himea the pandemonium lord
138544 | Zig:21   | Killed Myasemuf the pandemonium lord
138547 | Zig:21   | Killed Himea the pandemonium lord
138547 | Zig:21   | Killed Beowk the pandemonium lord
138647 | Zig:21   | Found the +3 hat of Pondering {ponderous, MR+ MP+10 Int+5}
138690 | Zig:22   | Entered Level 22 of a ziggurat
138708 | Zig:22   | Reached skill level 27 in Evocations
138726 | Zig:22   | Found the +2 shield of Resistance {rF+ rC+ MR+}
138889 | Zig:22   | Got a crude jade ring
138891 | Zig:22   | Identified the ring of Peace {Str+3 Stlth-} (You found it
                  | on level 22 of a ziggurat)
138899 | Zig:22   | Identified the Reference Book on Enthralling Flight
138948 | Zig:23   | Entered Level 23 of a ziggurat
139139 | Zig:23   | Identified the Compendium of Enhancements
139149 | Zig:23   | Got an ancient amber ring
139163 | Zig:23   | Identified the ring "Usiur" {MR+ Str-3 Int+3 Dex+3} (You
                  | found it on level 23 of a ziggurat)
139172 | Zig:23   | Got a faintly glowing troll leather armour
139183 | Zig:23   | Identified the +0 troll leather armour of the Mackerel {rN+
                  | Regen+} (You found it on level 23 of a ziggurat)
139203 | Zig:23   | Got a twitching granite ring
139205 | Zig:23   | Identified the ring "Jecoh" {MP+9 Str+6} (You found it on
                  | level 23 of a ziggurat)
139232 | Zig:24   | Entered Level 24 of a ziggurat
139477 | Zig:24   | Got a fine cloak
139488 | Zig:24   | Identified the cursed +0 cloak "Heomo Xutoe" {rPois rF-
                  | Dex+7} (You found it on level 24 of a ziggurat)
139517 | Zig:24   | Identified the Tome of Changing and Attacks
139525 | Zig:24   | Reached skill level 27 in Spellcasting
139540 | Zig:24   | Got a smoking turquoise ring
139541 | Zig:24   | Identified the ring of the Komtur {rElec rF+ rC+} (You
                  | found it on level 24 of a ziggurat)
139567 | Zig:25   | Entered Level 25 of a ziggurat
139803 | Zig:25   | Got a transparent silver ring
139804 | Zig:25   | Identified the ring of the Secret Allies {rC+ rCorr} (You
                  | found it on level 25 of a ziggurat)
139810 | Zig:25   | Found the +7 great mace "Undeadhunter" {disrupt, rN+}
139814 | Zig:25   | Identified the Grimoire of Slavery and Dislocation
139918 | Zig:26   | Entered Level 26 of a ziggurat
139937 | Zig:26   | Reached skill level 27 in Armour
139938 | Zig:26   | Noticed an ancient lich
139940 | Zig:26   | Killed an ancient lich
139941 | Zig:26   | Noticed an ancient lich
139944 | Zig:26   | Noticed an ancient lich
139944 | Zig:26   | Killed an ancient lich
139944 | Zig:26   | Killed an ancient lich
139951 | Zig:26   | Noticed an ancient lich
139952 | Zig:26   | Noticed an ancient lich
139953 | Zig:26   | Noticed an ancient lich
139954 | Zig:26   | Killed an ancient lich
139954 | Zig:26   | Killed an ancient lich
139954 | Zig:26   | Killed an ancient lich
139957 | Zig:26   | Noticed an ancient lich
139963 | Zig:26   | Killed an ancient lich
139967 | Zig:26   | Reached skill level 27 in Conjurations
140267 | Zig:27   | Entered Level 27 of a ziggurat
140320 | Zig:27   | Found the +18 shield of the Gong {rElec rN+ MR+ EV-5}
140579 | Zig:27   | Identified the Volume of Anaesthesia
140596 | Zig:27   | Got a smoking plate armour
140597 | Zig:27   | Identified the +10 plate armour of Perfidy {rF+ Dex+3} (You
                  | found it on level 27 of a ziggurat)
140600 | Zig:27   | Got a bronze scale mail
140601 | Zig:27   | Identified the +0 scale mail of the Monk {rElec MR++} (You
                  | found it on level 27 of a ziggurat)
140709 | Hell     | Lost mutation: You expend magic power (3 MP) to strengthen
                  | your wands. [potion of mutation]
140709 | Hell     | Lost mutation: Your spells are a little harder to cast, but
                  | a little more powerful. [potion of mutation]
140709 | Hell     | Lost mutation: You have a beak for a mouth. [potion of
                  | mutation]
140709 | Hell     | Gained mutation: Your flesh is heat resistant. (rF+)
                  | [potion of mutation]
140709 | Hell     | Gained mutation: You have sharp toenails. [potion of
                  | mutation]
140710 | Hell     | Lost mutation: You have sharp toenails. [potion of
                  | mutation]
140710 | Hell     | Lost mutation: Your flesh is heat resistant. (rF+) [potion
                  | of mutation]
140710 | Hell     | Gained mutation: Your natural rate of healing is unusually
                  | fast. [potion of mutation]
140710 | Hell     | Gained mutation: You are frail. (-10% HP) [potion of
                  | mutation]
140710 | Hell     | Gained mutation: You are agile. (Dex +2) [potion of
                  | mutation]
140710 | Hell     | Gained mutation: You possess an exceptional clarity of
                  | mind. [potion of mutation]
140711 | Hell     | Lost mutation: You possess an exceptional clarity of mind.
                  | [potion of mutation]
140711 | Hell     | Lost mutation: You are agile. (Dex +2) [potion of mutation]
140711 | Hell     | Gained mutation: Potions are less effective at restoring
                  | your health. [potion of mutation]
140711 | Hell     | Gained mutation: You are agile. (Dex +2) [potion of
                  | mutation]
140712 | Hell     | Lost mutation: You are agile. (Dex +2) [potion of mutation]
140712 | Hell     | Lost mutation: You are frail. (-10% HP) [potion of
                  | mutation]
140712 | Hell     | Lost mutation: Your natural rate of healing is unusually
                  | fast. [potion of mutation]
140712 | Hell     | Gained mutation: You are resistant to hostile enchantments.
                  | (MR+) [potion of mutation]
140712 | Hell     | Gained mutation: Your natural rate of healing is unusually
                  | fast. [potion of mutation]
140713 | Hell     | Lost mutation: Your natural rate of healing is unusually
                  | fast. [potion of mutation]
140713 | Hell     | Lost mutation: Potions are less effective at restoring your
                  | health. [potion of mutation]
140713 | Hell     | Lost mutation: You are resistant to hostile enchantments.
                  | (MR+) [potion of mutation]
140713 | Hell     | Gained mutation: You are clumsy. (Dex -2) [potion of
                  | mutation]
140713 | Hell     | Gained mutation: Your flesh is heat resistant. (rF+)
                  | [potion of mutation]
140714 | Hell     | Lost mutation: You are clumsy. (Dex -2) [potion of
                  | mutation]
140714 | Hell     | Lost mutation: Your flesh is heat resistant. (rF+) [potion
                  | of mutation]
140714 | Hell     | Gained mutation: You are robust. (+10% HP) [potion of
                  | mutation]
140714 | Hell     | Gained mutation: You expend magic power (3 MP) to
                  | strengthen your wands. [potion of mutation]
140715 | Hell     | Lost mutation: You are robust. (+10% HP) [potion of
                  | mutation]
140715 | Hell     | Lost mutation: You expend magic power (3 MP) to strengthen
                  | your wands. [potion of mutation]
140715 | Hell     | Gained mutation: You have large cloven feet. [potion of
                  | mutation]
140715 | Hell     | Gained mutation: You occasionally shout uncontrollably at
                  | your foes. [potion of mutation]
140715 | Hell     | Gained mutation: You possess an exceptional clarity of
                  | mind. [potion of mutation]
140715 | Hell     | Gained mutation: Your spells are a little harder to cast,
                  | but a little more powerful. [potion of mutation]
140716 | Hell     | Lost mutation: You possess an exceptional clarity of mind.
                  | [potion of mutation]
140716 | Hell     | Lost mutation: Your spells are a little harder to cast, but
                  | a little more powerful. [potion of mutation]
140716 | Hell     | Gained mutation: You are resistant to hostile enchantments.
                  | (MR+) [potion of mutation]
140716 | Hell     | Gained mutation: You expend magic power (3 MP) to
                  | strengthen your wands. [potion of mutation]
140717 | Hell     | Lost mutation: You occasionally shout uncontrollably at
                  | your foes. [potion of mutation]
140717 | Hell     | Lost mutation: You have large cloven feet. [potion of
                  | mutation]
140717 | Hell     | Gained mutation: Your skin changes colour to match your
                  | surroundings (Stealth+). [potion of mutation]
140717 | Hell     | Gained mutation: You have large cloven feet. [potion of
                  | mutation]
140717 | Hell     | Gained mutation: You tend to lose your temper in combat.
                  | [potion of mutation]
140717 | Hell     | Gained mutation: You are resistant to electric shocks.
                  | (rElec) [potion of mutation]
140718 | Hell     | Lost mutation: You expend magic power (3 MP) to strengthen
                  | your wands. [potion of mutation]
140718 | Hell     | Lost mutation: You tend to lose your temper in combat.
                  | [potion of mutation]
140718 | Hell     | Lost mutation: You have large cloven feet. [potion of
                  | mutation]
140718 | Hell     | Lost mutation: You are resistant to hostile enchantments.
                  | (MR+) [potion of mutation]
140718 | Hell     | Gained mutation: Your spells are a little easier to cast,
                  | but a little less powerful. [potion of mutation]
140718 | Hell     | Gained mutation: Your system is resistant to poisons.
                  | (rPois) [potion of mutation]
140718 | Hell     | Gained mutation: You are clumsy. (Dex -2) [potion of
                  | mutation]
140718 | Hell     | Gained mutation: You are covered in fur. (AC +1) [potion of
                  | mutation]
140719 | Hell     | Lost mutation: You are covered in fur. (AC +1) [potion of
                  | mutation]
140719 | Hell     | Lost mutation: Your spells are a little easier to cast, but
                  | a little less powerful. [potion of mutation]
140719 | Hell     | Gained mutation: Your spells are a little easier to cast,
                  | but a little less powerful. [potion of mutation]
140719 | Hell     | Gained mutation: You can translocate small distances at
                  | will. [potion of mutation]
140719 | Hell     | Gained mutation: Your mind is acute. (Int +2) [potion of
                  | mutation]
140720 | Hell     | Lost mutation: Your mind is acute. (Int +2) [potion of
                  | mutation]
140720 | Hell     | Lost mutation: You are clumsy. (Dex -2) [potion of
                  | mutation]
140720 | Hell     | Gained mutation: You are occasionally teleported next to
                  | monsters. [potion of mutation]
140720 | Hell     | Gained mutation: Your flesh is cold resistant. (rC+)
                  | [potion of mutation]
140721 | Hell     | Lost mutation: You are occasionally teleported next to
                  | monsters. [potion of mutation]
140721 | Hell     | Lost mutation: Your spells are a little easier to cast, but
                  | a little less powerful. [potion of mutation]
140721 | Hell     | Gained mutation: You are resistant to hostile enchantments.
                  | (MR+) [potion of mutation]
140754 | Depths:3 | Bought a scroll of acquirement for 2340 gold pieces
140756 | Depths:3 | Bought the ring of the Mage {Wiz MR++ Int+3} for 1189 gold
                  | pieces
140756 | Depths:3 | Found the ring of the Mage {Wiz MR++ Int+3}
140762 | Depths:3 | Got a pair of bloodstained gloves
140763 | Depths:3 | Identified the +3 pair of gloves of Woasch {+Fly Regen+
                  | SInv} (You acquired it on level 3 of the Depths)
140820 | Zig:1    | Entered Level 1 of a ziggurat
140850 | Zig:2    | Entered Level 2 of a ziggurat
140867 | Zig:2    | Got a shimmering wooden ring
140872 | Zig:2    | Identified the ring "Miezxid" {+Blink +Fly Int+4} (You
                  | found it on level 2 of a ziggurat)
140886 | Zig:3    | Entered Level 3 of a ziggurat
140930 | Zig:4    | Entered Level 4 of a ziggurat
140995 | Zig:5    | Entered Level 5 of a ziggurat
141016 | Zig:5    | Identified the Reference Book on Burning Ice
141049 | Zig:6    | Entered Level 6 of a ziggurat
141091 | Zig:6    | Got a pitted copper ring
141096 | Zig:6    | Identified the ring "Ofaoxahe" {MP+9 Str+2} (You found it
                  | on level 6 of a ziggurat)
141107 | Zig:6    | Found the +3 warlock's mirror {reflect}
141167 | Zig:7    | Entered Level 7 of a ziggurat
141214 | Zig:7    | Got a scorched bone ring
141216 | Zig:7    | Identified the ring "Veusme" {rPois rF+} (You found it on
                  | level 7 of a ziggurat)
141267 | Zig:8    | Entered Level 8 of a ziggurat
141308 | Zig:8    | Found the +6 arbalest "Damnation" {damnation}
141327 | Zig:8    | Identified the Incunabulum of Unstable Cold
141387 | Zig:9    | Entered Level 9 of a ziggurat
141531 | Zig:10   | Entered Level 10 of a ziggurat
141619 | Zig:10   | Got a sparkling bone ring
141623 | Zig:10   | Identified the ring "Befuchua" {Fire *Slow rPois Int+6
                  | Dex-4} (You found it on level 10 of a ziggurat)
141698 | Zig:11   | Entered Level 11 of a ziggurat
141713 | Zig:11   | Noticed Kucribuy the pandemonium lord
141729 | Zig:11   | Killed Kucribuy the pandemonium lord
141848 | Zig:11   | Got a clouded steel ring
141850 | Zig:11   | Identified the cursed ring "Qisoeza" {MR++ EV-3 Stlth+}
                  | (You found it on level 11 of a ziggurat)
141904 | Zig:12   | Entered Level 12 of a ziggurat
141917 | Zig:12   | Noticed an ancient lich
141918 | Zig:12   | Noticed an ancient lich
141919 | Zig:12   | Killed an ancient lich
141919 | Zig:12   | Killed an ancient lich
141987 | Zig:12   | Identified the Handbook of the Escort
142000 | Zig:12   | Got a warped turquoise ring
142056 | Zig:12   | Identified the ring of Osauvvet {rPois rN+ Int+3 Dex+4}
                  | (You found it on level 12 of a ziggurat)
142074 | Zig:13   | Entered Level 13 of a ziggurat
142091 | Zig:13   | Reached skill level 27 in Air Magic
142319 | Zig:13   | Got a slimy ivory ring
142321 | Zig:13   | Identified the ring of Ynoacuto {rF++ rCorr MP+9 Slay+2}
                  | (You found it on level 13 of a ziggurat)
142330 | Zig:14   | Entered Level 14 of a ziggurat
142345 | Zig:14   | Reached skill level 27 in Fighting
142352 | Zig:14   | Noticed Fyiloust the pandemonium lord
142353 | Zig:14   | Killed Fyiloust the pandemonium lord
142430 | Zig:14   | Got a shimmering gossamer ring
142432 | Zig:14   | Identified the ring "Coubroefirch" {rC+ Str+3 Slay+3
                  | Stlth+} (You found it on level 14 of a ziggurat)
142436 | Zig:14   | Identified the Reference Book on the Unholy Escort
142515 | Zig:15   | Entered Level 15 of a ziggurat
142531 | Zig:15   | Reached skill level 27 in Fire Magic
142589 | Zig:15   | Got a transparent bronze ring
142591 | Zig:15   | Identified the ring "Coxteubu" {Str+2 Int+2} (You found it
                  | on level 15 of a ziggurat)
142758 | Zig:16   | Entered Level 16 of a ziggurat
142821 | Zig:16   | Found the +1 cloak of Starlight {rElec rC+ EV+4 Stlth--}
143055 | Zig:17   | Entered Level 17 of a ziggurat
143093 | Zig:17   | Reached skill level 27 in Ice Magic
143166 | Zig:17   | Got a distressingly furry large shield
143177 | Zig:17   | Identified the +1 large shield of the Lobster {Str+4 Dex+8}
                  | (You took it off a daeva on level 17 of a ziggurat)
143209 | Zig:17   | Got a brightly glowing large shield
143220 | Zig:17   | Identified the cursed +0 large shield "Qoloxyp" {rC+ Str+6
                  | Dex-2} (You took it off a daeva on level 17 of a ziggurat)
143240 | Zig:17   | Found the +3 robe of Clouds {+Thunder rCloud rElec}
143241 | Zig:17   | Identified the Handbook of Doomed Transmutation
143376 | Zig:17   | Got a crude large shield
143377 | Zig:17   | Identified the +9 large shield of Valour {rF+ Int+2} (You
                  | took it off a daeva on level 17 of a ziggurat)
143390 | Zig:18   | Entered Level 18 of a ziggurat
143406 | Zig:18   | Reached skill level 5 in Translocations
143416 | Zig:18   | Reached skill level 10 in Translocations
143474 | Zig:18   | Found the +3 salamander hide armour {+Rage rF++}
143495 | Zig:18   | Found the ring of Robustness {AC+8}
143521 | Zig:18   | Identified Devok's Tome of Battle Magic
143536 | Zig:18   | Got a vibrating granite ring
143538 | Zig:18   | Identified the ring of Xom's Bemusement {*Tele rN++} (You
                  | found it on level 18 of a ziggurat)
143542 | Zig:18   | Identified Koinuzez's Collected Works on Confrontation
143658 | Zig:19   | Entered Level 19 of a ziggurat
143707 | Zig:19   | Found the +0 sword of Power
143722 | Zig:19   | Identified the Tome of Transmutation
143757 | Zig:19   | Got an ancient copper ring
143759 | Zig:19   | Identified the ring of Amelioration {rElec rF++ rCorr Int+3
                  | Dex-5} (You found it on level 19 of a ziggurat)
143978 | Zig:20   | Entered Level 20 of a ziggurat
144017 | Zig:20   | Reached skill level 15 in Translocations
144040 | Zig:20   | Found the +9 heavy crossbow "Sniper" {velocity, Acc+∞ SInv}
144301 | Zig:21   | Entered Level 21 of a ziggurat
144370 | Zig:21   | Found the +2 ratskin cloak {+Rats rPois rN+ Str-1 Int-1
                  | Dex+1}
144403 | Zig:21   | Got a faintly glowing lead ring
144405 | Zig:21   | Identified the ring of Reireewilo {rF+ rC+ Str+2} (You
                  | found it on level 21 of a ziggurat)
144424 | Zig:21   | Got a glittering iron ring
144426 | Zig:21   | Identified the ring of Ligofutak {Fire Int+2 Dex+3} (You
                  | found it on level 21 of a ziggurat)
144434 | Zig:21   | Identified The Lost Secrets of the Arcane Arts
144444 | Zig:21   | Got a brightly glowing pewter ring
144446 | Zig:21   | Identified the ring of Wudil {+Fly Dex+3 SInv} (You found
                  | it on level 21 of a ziggurat)
144710 | Zig:22   | Entered Level 22 of a ziggurat
144809 | Zig:22   | Identified the Tome of the Hummingbird
144813 | Zig:22   | Found the brooch of Shielding {Reflect SH+8}
144851 | Zig:22   | Got a sparkling copper ring
144853 | Zig:22   | Identified the ring "Uwiw" {*Tele rPois MR+ MP+9 Str-4}
                  | (You found it on level 22 of a ziggurat)
144861 | Zig:22   | Got a warped bronze ring
144863 | Zig:22   | Identified the ring "Emickias" {*Corrode Str+5 Int-4 Dex+8
                  | Slay+5} (You found it on level 22 of a ziggurat)
145132 | Zig:22   | Learned a level 8 spell: Controlled Blink
145137 | Zig:23   | Entered Level 23 of a ziggurat
145253 | Zig:23   | Identified the Almanac of Burning Lightness
145546 | Zig:24   | Entered Level 24 of a ziggurat
145612 | Zig:24   | Found the +8 trident of the Octopus King {venom, rElec
                  | rPois MR+}
145614 | Zig:24   | Found the +9 scales of the Dragon King {rPois rF+ rC+ MR+}
145630 | Zig:24   | Got a flickering bronze ring
145632 | Zig:24   | Identified the ring "Qohat" {+Blink rF+ rC+++ MR- SInv}
                  | (You found it on level 24 of a ziggurat)
145658 | Zig:24   | Identified Orhoczaz's Compendium of Contamination and the
                  | Volcanoes
145680 | Zig:24   | Got a twitching marble ring
145681 | Zig:24   | Identified the ring "Iliynogo" {rC++ Str+2 Int-4 SInv
                  | Stlth+} (You found it on level 24 of a ziggurat)
145694 | Zig:24   | Got an ancient wooden ring
145705 | Zig:24   | Identified the ring "Kausuk" {rC+++ MP+9 Int-5 Dex+5} (You
                  | found it on level 24 of a ziggurat)
145858 | Zig:25   | Entered Level 25 of a ziggurat
145941 | Zig:25   | Found the +6 lightning scales {run, rElec}
145958 | Zig:25   | Got a pair of encrusted gloves
145969 | Zig:25   | Identified the +0 pair of gloves "Jidon" {rN+ Str+4 Int+3}
                  | (You found it on level 25 of a ziggurat)
145978 | Zig:25   | Got a clouded brass ring
145979 | Zig:25   | Identified the ring "Loxkitz" {Fire rN+ MR- Str+5 Dex+4}
                  | (You found it on level 25 of a ziggurat)
146286 | Zig:26   | Entered Level 26 of a ziggurat
146308 | Zig:26   | Noticed a juggernaut
146309 | Zig:26   | Noticed a juggernaut
146310 | Zig:26   | Killed a juggernaut
146310 | Zig:26   | Noticed a juggernaut
146313 | Zig:26   | Killed a juggernaut
146317 | Zig:26   | Noticed a juggernaut
146318 | Zig:26   | Killed a juggernaut
146323 | Zig:26   | Killed a juggernaut
146408 | Zig:26   | Got a pair of shimmering boots
146419 | Zig:26   | Identified the cursed +0 pair of boots "Unwiekh" {rPois
                  | rF++} (You found it on level 26 of a ziggurat)
146457 | Zig:26   | Identified Vesif's Guide on Shifting Snow
146842 | Zig:27   | Entered Level 27 of a ziggurat
147329 | Depths:3 | Bought a scroll of identify for 84 gold pieces
147329 | Depths:3 | Bought a potion of magic for 336 gold pieces
147331 | Depths:3 | Bought the +8 lance "Wyrmbane" {slay drac, rPois rF+ rC+
                  | AC+3} for 3151 gold pieces
147331 | Depths:3 | Found the +8 lance "Wyrmbane" {slay drac, rPois rF+ rC+
                  | AC+3}
147610 | Zig:1    | Entered Level 1 of a ziggurat
147614 | Zig:1    | Noticed an ancient lich
147616 | Zig:1    | Killed an ancient lich
147648 | Zig:2    | Entered Level 2 of a ziggurat
147696 | Zig:3    | Entered Level 3 of a ziggurat
147762 | Zig:4    | Entered Level 4 of a ziggurat
147815 | Zig:4    | Got a faintly glowing brass ring
147817 | Zig:4    | Identified the ring "Ikac" {*Contam Str+3 Int+4 SInv} (You
                  | found it on level 4 of a ziggurat)
147871 | Zig:5    | Entered Level 5 of a ziggurat
148055 | Zig:6    | Entered Level 6 of a ziggurat
148060 | Zig:6    | Noticed Koonaggu the pandemonium lord
148061 | Zig:6    | Noticed Ymoxt the pandemonium lord
148063 | Zig:6    | Killed Koonaggu the pandemonium lord
148063 | Zig:6    | Killed Ymoxt the pandemonium lord
148070 | Zig:6    | Reached skill level 27 in Shields
148090 | Zig:6    | Found the macabre finger necklace {rN+}
148124 | Zig:7    | Entered Level 7 of a ziggurat
148138 | Zig:7    | Noticed Natir the pandemonium lord
148143 | Zig:7    | Killed Natir the pandemonium lord
148156 | Zig:7    | Found the ring of the Octopus King
148192 | Zig:7    | Identified the Almanac of Arcane Weapons
148202 | Zig:7    | Got a ring of the Octopus King
148203 | Zig:7    | Identified a ring of the Octopus King {rN+ AC+1 EV+1 Str+1
                  | Int+1 Dex+1} (You found it on level 7 of a ziggurat)
148235 | Zig:8    | Entered Level 8 of a ziggurat
148322 | Zig:8    | Got a slimy golden ring
148333 | Zig:8    | Identified the ring "Sias" {rC- Slay+5 SInv} (You found it
                  | on level 8 of a ziggurat)
148341 | Zig:9    | Entered Level 9 of a ziggurat
148473 | Zig:10   | Entered Level 10 of a ziggurat
148494 | Zig:10   | Found the +0 Maxwell's etheric cage {RegenMP+ *Contam rElec
                  | MP+4}
148623 | Zig:10   | Identified the Papyrus of Unstable Envenoming
148669 | Zig:11   | Entered Level 11 of a ziggurat
148705 | Zig:11   | Noticed an ancient lich
148731 | Zig:11   | Killed an ancient lich
148740 | Zig:11   | Identified the Tome of Fate
148771 | Zig:11   | Got a scorched jade ring
148782 | Zig:11   | Got a bound granite ring
148791 | Zig:11   | Got a pair of faintly humming gloves
148802 | Zig:11   | Identified the +2 pair of gloves of Relativism {MR+ SInv}
                  | (You acquired it on level 11 of a ziggurat)
148903 | Zig:12   | Entered Level 12 of a ziggurat
149040 | Zig:12   | Identified the Tome of Harmful Curses
149055 | Zig:12   | Got a pitted copper ring
149057 | Zig:12   | Identified the ring "Oxanaomeha" {Fire +Inv Dex+4} (You
                  | found it on level 12 of a ziggurat)
149062 | Zig:12   | Identified the ring "Ceivell" {Ice Int+3 Stlth+} (You found
                  | it on level 11 of a ziggurat)
149065 | Zig:12   | Identified the ring of Goodeele {Str+7 Dex-2 Stlth-} (You
                  | found it on level 11 of a ziggurat)
149114 | Zig:13   | Entered Level 13 of a ziggurat
149123 | Zig:13   | Noticed an ancient lich
149124 | Zig:13   | Killed an ancient lich
149124 | Zig:13   | Killed an ancient lich
149126 | Zig:13   | Noticed an ancient lich
149129 | Zig:13   | Killed an ancient lich
149135 | Zig:13   | Noticed an ancient lich
149139 | Zig:13   | Killed an ancient lich
149139 | Zig:13   | Killed an ancient lich
149147 | Zig:13   | Found the +7 sceptre of Torment {pain, torment}
149286 | Zig:14   | Entered Level 14 of a ziggurat
149320 | Zig:14   | Found the +2 hat of the Bear Spirit {Spirit, +Rage rN+
                  | MR++}
149466 | Zig:15   | Entered Level 15 of a ziggurat
149598 | Zig:15   | Got a pair of fine gloves
149609 | Zig:15   | Identified the +2 pair of gloves of the Kangaroo {Str+2}
                  | (You acquired it on level 15 of a ziggurat)
149622 | Zig:15   | Got a dazzling cloak
149633 | Zig:15   | Identified the +0 cloak of Beyond {rF- rCorr Str+3} (You
                  | found it on level 15 of a ziggurat)
149773 | Zig:16   | Entered Level 16 of a ziggurat
149807 | Zig:16   | Found the +9 staff of Olgreb {rPois}
149940 | Zig:16   | Found the +2 robe of Vines {NoPotionHeal Regen+7}
150018 | Zig:17   | Entered Level 17 of a ziggurat
150165 | Zig:17   | Identified the Reference Book on the Harmful Birds
150177 | Zig:17   | Identified the Volume of Weightlessness
150325 | Zig:18   | Entered Level 18 of a ziggurat
150367 | Zig:18   | Found the +8 longbow "Zephyr" {speed, Dex+3 SInv}
150367 | Zig:18   | Got a crude steel ring
150369 | Zig:18   | Identified the cursed ring of Ephemeral Luck {AC-4 Str+4}
                  | (You found it on level 18 of a ziggurat)
150404 | Zig:18   | Identified the Incunabulum of Vitriolic Aid
150571 | Zig:19   | Entered Level 19 of a ziggurat
150614 | Zig:19   | Found the +8 autumn katana {slice, Clar}
150666 | Zig:19   | Got a warped platinum ring
150668 | Zig:19   | Identified the ring of Tender Moments {rF+ rC+} (You found
                  | it on level 19 of a ziggurat)
150816 | Zig:20   | Entered Level 20 of a ziggurat
150832 | Zig:20   | Noticed an ancient lich
150833 | Zig:20   | Noticed an ancient lich
150834 | Zig:20   | Killed an ancient lich
150835 | Zig:20   | Killed an ancient lich
150837 | Zig:20   | Killed an ancient lich
150838 | Zig:20   | Reached skill level 27 in Throwing
150850 | Zig:20   | Found the +10 large shield of Ignorance {rN+ Int-4}
150890 | Zig:20   | Got a twitching amethyst amulet
150891 | Zig:20   | Identified the amulet "Cupuom" {Inacc rN+ Str+4 Int+4} (You
                  | found it on level 20 of a ziggurat)
151060 | Zig:21   | Entered Level 21 of a ziggurat
151077 | Zig:21   | Reached skill level 27 in Dodging
151091 | Zig:21   | Noticed Uciet the pandemonium lord
151096 | Zig:21   | Reached skill level 15 in Earth Magic
151096 | Zig:21   | Killed Uciet the pandemonium lord
151353 | Zig:22   | Entered Level 22 of a ziggurat
151399 | Zig:22   | Found the +8 demon blade "Bloodbane" {slice, *Rage +Rage
                  | Stlth-}
151401 | Zig:22   | Found the +4 moon troll leather armour {Spirit, Regen++
                  | MP+5}
151406 | Zig:22   | Found the ring of Phasing {EV+8}
151437 | Zig:22   | Got a pair of bloodstained boots
151448 | Zig:22   | Identified the +3 pair of boots "Ysoczen" {rN+ MR+++ Int-5
                  | Dex+3 Slay+2} (You found it on level 22 of a ziggurat)
151661 | Zig:23   | Entered Level 23 of a ziggurat
151667 | Zig:23   | Noticed a greater mummy
151669 | Zig:23   | Noticed a greater mummy
151672 | Zig:23   | Killed a greater mummy
151675 | Zig:23   | Killed a greater mummy
151675 | Zig:23   | Noticed a greater mummy
151676 | Zig:23   | Killed a greater mummy
151681 | Zig:23   | Noticed a greater mummy
151681 | Zig:23   | Noticed a greater mummy
151681 | Zig:23   | Noticed a greater mummy
151682 | Zig:23   | Noticed a greater mummy
151683 | Zig:23   | Noticed a greater mummy
151684 | Zig:23   | Killed a greater mummy
151684 | Zig:23   | Killed a greater mummy
151684 | Zig:23   | Killed a greater mummy
151684 | Zig:23   | Killed a greater mummy
151684 | Zig:23   | Noticed a greater mummy
151685 | Zig:23   | Killed a greater mummy
151685 | Zig:23   | Noticed a greater mummy
151686 | Zig:23   | Noticed a greater mummy
151688 | Zig:23   | Noticed a greater mummy
151690 | Zig:23   | Killed a greater mummy
151690 | Zig:23   | Noticed a greater mummy
151690 | Zig:23   | Noticed a greater mummy
151691 | Zig:23   | Killed a greater mummy
151691 | Zig:23   | Killed a greater mummy
151692 | Zig:23   | Killed a greater mummy
151692 | Zig:23   | Noticed a greater mummy
151696 | Zig:23   | Killed a greater mummy
151697 | Zig:23   | Killed a greater mummy
151697 | Zig:23   | Killed a greater mummy
151698 | Zig:23   | Noticed a greater mummy
151698 | Zig:23   | Killed a greater mummy
151698 | Zig:23   | Killed a greater mummy
151699 | Zig:23   | Noticed a greater mummy
151700 | Zig:23   | Noticed a greater mummy
151700 | Zig:23   | Noticed a greater mummy
151701 | Zig:23   | Killed a greater mummy
151705 | Zig:23   | Killed a greater mummy
151707 | Zig:23   | Killed a greater mummy
151754 | Zig:23   | Found the +6 shillelagh "Devastator" {shatter}
151758 | Zig:23   | Got a steaming sapphire amulet
151765 | Zig:23   | Identified the amulet "Paepeusmu" {Inacc rElec Int+3} (You
                  | found it on level 23 of a ziggurat)
151768 | Zig:23   | Got a clouded granite ring
151770 | Zig:23   | Identified the ring of Amelioration {+Blink AC+1 Str+2}
                  | (You found it on level 23 of a ziggurat)
151776 | Zig:23   | Identified the Disquisition on Stones
151800 | Zig:23   | Got a faintly glowing copper ring
151805 | Zig:23   | Identified the ring "Avoox" {rF+ Stlth+} (You found it on
                  | level 23 of a ziggurat)
152072 | Zig:24   | Entered Level 24 of a ziggurat
152087 | Zig:24   | Noticed Cysm the pandemonium lord
152094 | Zig:24   | Killed Cysm the pandemonium lord
152136 | Zig:24   | Got a slimy graven amulet
152137 | Zig:24   | Identified the amulet of Rationality {rF+ Regen+ Int-2
                  | Dex+4 SInv} (You found it on level 24 of a ziggurat)
152357 | Zig:25   | Entered Level 25 of a ziggurat
152372 | Zig:25   | Reached skill level 27 in Earth Magic
152372 | Zig:25   | Reached skill level 5 in Stealth
152403 | Zig:25   | Reached skill level 10 in Stealth
152471 | Zig:25   | Identified Uturu's Reference Book on Darkness and Boosts
152492 | Zig:25   | Identified Cumisaag's Compendium of Dark Rites and Good
                  | Luck
152706 | Zig:26   | Entered Level 26 of a ziggurat
152720 | Zig:26   | Reached skill level 15 in Stealth
152854 | Zig:26   | Identified the Catalogue of Dusty Stolen Souls
152880 | Zig:26   | Identified the Guide on Shifting Battle Magic
152900 | Zig:26   | Got a polished crystal plate armour
152901 | Zig:26   | Identified the +0 crystal plate armour of the Crypt {rF+
                  | Regen+ Str+5} (You acquired it on level 26 of a ziggurat)
152904 | Zig:26   | Got a slimy emerald amulet
152905 | Zig:26   | Identified the amulet "Fomellas" {Spirit rElec rF- rC++
                  | rN+} (You found it on level 26 of a ziggurat)
152920 | Zig:26   | Got a coiled silver ring
152922 | Zig:26   | Identified the ring "Otiw" {rN++ Str-5 Stlth-} (You found
                  | it on level 26 of a ziggurat)
153152 | Zig:27   | Entered Level 27 of a ziggurat
153251 | Zig:27   | Identified the Guide on Stolen Souls and Poison
153260 | Zig:27   | Identified the Disquisition on Feathery Enhancements
153284 | Zig:27   | Identified Sif Muna's Handbook of Beguiling
153300 | Zig:27   | Got a pair of crude boots
153311 | Zig:27   | Identified the +2 pair of boots of the Realm of Zot {Dex+4}
                  | (You acquired it on level 27 of a ziggurat)
153333 | Zig:27   | Identified the Grimoire of the Ageless Curses
153608 | Zig:1    | Entered Level 1 of a ziggurat
153635 | Zig:2    | Entered Level 2 of a ziggurat
153689 | Zig:3    | Entered Level 3 of a ziggurat
153730 | Zig:4    | Entered Level 4 of a ziggurat
153832 | Zig:5    | Entered Level 5 of a ziggurat
153945 | Zig:6    | Entered Level 6 of a ziggurat
154089 | Zig:6    | Got a glittering ivory ring
154109 | Zig:6    | Identified the cursed ring of Plog {rElec rC+ Str+4 Slay-2
                  | SInv} (You found it on level 6 of a ziggurat)
154153 | Zig:7    | Entered Level 7 of a ziggurat
154163 | Zig:7    | Noticed a juggernaut
154167 | Zig:7    | Killed a juggernaut
154324 | Zig:8    | Entered Level 8 of a ziggurat
154334 | Zig:8    | Reached skill level 27 in Necromancy
154474 | Zig:9    | Entered Level 9 of a ziggurat
154716 | Zig:10   | Entered Level 10 of a ziggurat
154722 | Zig:10   | Noticed an ancient lich
154725 | Zig:10   | Killed an ancient lich
154732 | Zig:10   | Reached skill level 15 in Polearms
154736 | Zig:10   | Noticed an ancient lich
154738 | Zig:10   | Killed an ancient lich
154738 | Zig:10   | Noticed an ancient lich
154740 | Zig:10   | Killed an ancient lich
154785 | Zig:10   | Got a pair of spiked boots
154796 | Zig:10   | Identified the +0 pair of boots of the Bulwark {rC- Str+9
                  | Dex-2 SInv} (You found it on level 10 of a ziggurat)
154914 | Zig:11   | Entered Level 11 of a ziggurat
154922 | Zig:11   | Noticed an ancient lich
154922 | Zig:11   | Noticed an ancient lich
154926 | Zig:11   | Killed an ancient lich
154927 | Zig:11   | Killed an ancient lich
154931 | Zig:11   | Noticed an ancient lich
154934 | Zig:11   | Killed an ancient lich
154934 | Zig:11   | Killed an ancient lich
154981 | Zig:11   | Identified the Tome of Sinister Calling
154992 | Zig:11   | Got a slimy jade amulet
154993 | Zig:11   | Identified the amulet of the Quahog {Spirit Str+3} (You
                  | found it on level 11 of a ziggurat)
155096 | Zig:12   | Entered Level 12 of a ziggurat
155112 | Zig:12   | Noticed Postre the pandemonium lord
155117 | Zig:12   | Killed Postre the pandemonium lord
155147 | Zig:12   | Found the +10 dark maul {crush}
155210 | Zig:12   | Identified the Collected Works on the Arsonist
155323 | Zig:13   | Entered Level 13 of a ziggurat
155344 | Zig:13   | Noticed an ancient lich
155349 | Zig:13   | Killed an ancient lich
155386 | Zig:13   | Got a smoking glass ring
155388 | Zig:13   | Identified the cursed ring "Kouqil" {+Blink rN+ Int-2
                  | Slay+2} (You found it on level 13 of a ziggurat)
155391 | Zig:13   | Identified Qosara's Intricacies of Sorcery
155585 | Zig:14   | Entered Level 14 of a ziggurat
155626 | Zig:14   | Found the +7 great mace "Firestarter" {inner flame, rF++}
155676 | Zig:14   | Identified the Disquisition on Confrontation
155680 | Zig:14   | Got a steaming golden ring
155682 | Zig:14   | Identified the ring of Itumiad {+Inv rN++ AC+4 Str-4 Dex+3}
                  | (You found it on level 14 of a ziggurat)
155700 | Zig:14   | Got a glittering turquoise ring
155701 | Zig:14   | Identified the ring "Nifefriq" {rPois SInv} (You found it
                  | on level 14 of a ziggurat)
155705 | Zig:14   | Got a bound lead ring
155707 | Zig:14   | Identified the ring of Iveissenn {rF+ rN+ Str+5} (You found
                  | it on level 14 of a ziggurat)
155869 | Zig:15   | Entered Level 15 of a ziggurat
155893 | Zig:15   | Reached skill level 27 in Translocations
155943 | Zig:15   | Identified the Guide on Arcane Weapons
155973 | Zig:15   | Identified the Volume of Flamy Evil
155982 | Zig:15   | Identified Sif Muna's Almanac of Mutagenic Lightness
156009 | Zig:15   | Got a clouded ivory amulet
156010 | Zig:15   | Identified the amulet "Mayl" {Reflect Slay+5 SH+2} (You
                  | found it on level 15 of a ziggurat)
156198 | Zig:16   | Entered Level 16 of a ziggurat
156210 | Zig:16   | Reached skill level 1 in Unarmed Combat
156210 | Zig:16   | Reached skill level 1 in Charms
156220 | Zig:16   | Reached skill level 5 in Unarmed Combat
156230 | Zig:16   | Reached skill level 27 in Stealth
156255 | Zig:16   | Reached skill level 5 in Charms
156278 | Zig:16   | Identified the Handbook of Earthen Cold
156576 | Zig:17   | Entered Level 17 of a ziggurat
156594 | Zig:17   | Learned a level 6 spell: Darkness
156603 | Zig:17   | Reached skill level 1 in Hexes
156603 | Zig:17   | Reached skill level 5 in Hexes
156605 | Zig:17   | Reached skill level 10 in Unarmed Combat
156619 | Zig:17   | Reached skill level 10 in Hexes
156678 | Zig:17   | Got a brightly glowing shield
156689 | Zig:17   | Identified the +0 shield of the Unseen Realm {rN+ Str+5
                  | Int+4 Dex-5} (You found it on level 17 of a ziggurat)
156928 | Zig:18   | Entered Level 18 of a ziggurat
156943 | Zig:18   | Noticed an ancient lich
156944 | Zig:18   | Noticed an ancient lich
156944 | Zig:18   | Noticed an ancient lich
156945 | Zig:18   | Killed an ancient lich
156947 | Zig:18   | Noticed an ancient lich
156948 | Zig:18   | Killed an ancient lich
156949 | Zig:18   | Killed an ancient lich
156950 | Zig:18   | Killed an ancient lich
156951 | Zig:18   | Noticed an ancient lich
156953 | Zig:18   | Killed an ancient lich
156955 | Zig:18   | Noticed an ancient lich
156958 | Zig:18   | Noticed an ancient lich
156958 | Zig:18   | Reached skill level 15 in Hexes
156958 | Zig:18   | Killed an ancient lich
156959 | Zig:18   | Killed an ancient lich
156959 | Zig:18   | Noticed an ancient lich
156961 | Zig:18   | Killed an ancient lich
157008 | Zig:18   | Found the amulet of the Air {Inacc +Fly rElec EV+5 RMsl}
157022 | Zig:18   | Got a scintillating jade ring
157090 | Zig:18   | Got a smoking bronze ring
157092 | Zig:18   | Identified the ring of Siocaif {*Tele rF++ Dex-4 Slay+5}
                  | (You found it on level 18 of a ziggurat)
157095 | Zig:18   | Identified the ring "Focsigif" {Int+4 SInv} (You found it
                  | on level 18 of a ziggurat)
157298 | Zig:19   | Entered Level 19 of a ziggurat
157323 | Zig:19   | Reached skill level 15 in Unarmed Combat
157369 | Zig:19   | Found the +2 pair of boots of the Assassin {Detection Stab+
                  | Stlth++}
157369 | Zig:19   | Found the +7 pair of quick blades "Gyre" and "Gimble"
                  | {protect}
157372 | Zig:19   | Got a heavily runed golden ring
157374 | Zig:19   | Identified the ring of Conwogy {Wiz *Corrode rN++ Int+7}
                  | (You found it on level 19 of a ziggurat)
157388 | Zig:19   | Identified the Papyrus of the Mountains
157402 | Zig:19   | Identified the Volume of the Valley of Death
157406 | Zig:19   | Identified Sif Muna's Collected Works on Flight
157805 | Zig:20   | Entered Level 20 of a ziggurat
157825 | Zig:20   | Noticed an ancient lich
157827 | Zig:20   | Noticed an ancient lich
157827 | Zig:20   | Noticed an ancient lich
157827 | Zig:20   | Noticed an ancient lich
157828 | Zig:20   | Killed an ancient lich
157828 | Zig:20   | Killed an ancient lich
157828 | Zig:20   | Killed an ancient lich
157828 | Zig:20   | Killed an ancient lich
157828 | Zig:20   | Noticed an ancient lich
157828 | Zig:20   | Noticed an ancient lich
157828 | Zig:20   | Noticed an ancient lich
157828 | Zig:20   | Noticed an ancient lich
157830 | Zig:20   | Noticed an ancient lich
157830 | Zig:20   | Killed an ancient lich
157830 | Zig:20   | Killed an ancient lich
157830 | Zig:20   | Killed an ancient lich
157830 | Zig:20   | Killed an ancient lich
157830 | Zig:20   | Killed an ancient lich
157833 | Zig:20   | Noticed an ancient lich
157835 | Zig:20   | Noticed an ancient lich
157836 | Zig:20   | Noticed an ancient lich
157836 | Zig:20   | Killed an ancient lich
157836 | Zig:20   | Noticed an ancient lich
157838 | Zig:20   | Killed an ancient lich
157838 | Zig:20   | Noticed an ancient lich
157839 | Zig:20   | Killed an ancient lich
157839 | Zig:20   | Killed an ancient lich
157839 | Zig:20   | Killed an ancient lich
157843 | Zig:20   | Noticed an ancient lich
157847 | Zig:20   | Killed an ancient lich
157889 | Zig:20   | Got a brightly glowing turquoise ring
157890 | Zig:20   | Identified the ring "Oletacoe" {+Fly rPois MR+ Dex+3} (You
                  | found it on level 20 of a ziggurat)
157917 | Zig:20   | Identified the Almanac of Egomania
158203 | Zig:21   | Entered Level 21 of a ziggurat
158221 | Zig:21   | Noticed a greater mummy
158222 | Zig:21   | Noticed a greater mummy
158222 | Zig:21   | Noticed a greater mummy
158223 | Zig:21   | Killed a greater mummy
158226 | Zig:21   | Killed a greater mummy
158230 | Zig:21   | Noticed a greater mummy
158232 | Zig:21   | Killed a greater mummy
158232 | Zig:21   | Noticed a greater mummy
158232 | Zig:21   | Noticed a greater mummy
158234 | Zig:21   | Killed a greater mummy
158234 | Zig:21   | Killed a greater mummy
158234 | Zig:21   | Noticed a greater mummy
158235 | Zig:21   | Noticed a greater mummy
158235 | Zig:21   | Noticed a greater mummy
158236 | Zig:21   | Noticed a greater mummy
158236 | Zig:21   | Noticed a greater mummy
158236 | Zig:21   | Noticed a greater mummy
158237 | Zig:21   | Killed a greater mummy
158237 | Zig:21   | Killed a greater mummy
158238 | Zig:21   | Killed a greater mummy
158238 | Zig:21   | Killed a greater mummy
158238 | Zig:21   | Killed a greater mummy
158238 | Zig:21   | Killed a greater mummy
158238 | Zig:21   | Noticed a greater mummy
158238 | Zig:21   | Noticed a greater mummy
158239 | Zig:21   | Killed a greater mummy
158240 | Zig:21   | Killed a greater mummy
158240 | Zig:21   | Noticed a greater mummy
158241 | Zig:21   | Killed a greater mummy
158241 | Zig:21   | Killed a greater mummy
158241 | Zig:21   | Noticed a greater mummy
158241 | Zig:21   | Killed a greater mummy
158242 | Zig:21   | Killed a greater mummy
158243 | Zig:21   | Noticed a greater mummy
158244 | Zig:21   | Killed a greater mummy
158244 | Zig:21   | Killed a greater mummy
158247 | Zig:21   | Noticed a greater mummy
158247 | Zig:21   | Noticed a greater mummy
158248 | Zig:21   | Killed a greater mummy
158249 | Zig:21   | Killed a greater mummy
158249 | Zig:21   | Reached skill level 27 in Hexes
158249 | Zig:21   | Noticed a greater mummy
158250 | Zig:21   | Noticed a greater mummy
158251 | Zig:21   | Killed a greater mummy
158251 | Zig:21   | Noticed a greater mummy
158252 | Zig:21   | Killed a greater mummy
158255 | Zig:21   | Killed a greater mummy
158308 | Zig:21   | Identified the Disquisition on Hexes and Air
158321 | Zig:21   | Got a pair of twisted gloves
158332 | Zig:21   | Identified the +0 pair of gloves "Dobav" {+Fly} (You found
                  | it on level 21 of a ziggurat)
158343 | Zig:21   | Identified the Papyrus of the Supportive Compass
158662 | Zig:22   | Entered Level 22 of a ziggurat
158674 | Zig:22   | Noticed an ancient lich
158676 | Zig:22   | Killed an ancient lich
158677 | Zig:22   | Noticed an ancient lich
158680 | Zig:22   | Reached skill level 10 in Charms
158680 | Zig:22   | Killed an ancient lich
158687 | Zig:22   | Noticed an ancient lich
158689 | Zig:22   | Noticed an ancient lich
158691 | Zig:22   | Noticed an ancient lich
158692 | Zig:22   | Noticed an ancient lich
158692 | Zig:22   | Noticed an ancient lich
158693 | Zig:22   | Killed an ancient lich
158693 | Zig:22   | Killed an ancient lich
158693 | Zig:22   | Killed an ancient lich
158694 | Zig:22   | Killed an ancient lich
158694 | Zig:22   | Noticed an ancient lich
158695 | Zig:22   | Killed an ancient lich
158695 | Zig:22   | Reached skill level 15 in Charms
158695 | Zig:22   | Noticed an ancient lich
158696 | Zig:22   | Noticed an ancient lich
158697 | Zig:22   | Killed an ancient lich
158697 | Zig:22   | Noticed an ancient lich
158698 | Zig:22   | Noticed an ancient lich
158698 | Zig:22   | Noticed an ancient lich
158700 | Zig:22   | Killed an ancient lich
158700 | Zig:22   | Killed an ancient lich
158700 | Zig:22   | Killed an ancient lich
158701 | Zig:22   | Noticed an ancient lich
158705 | Zig:22   | Killed an ancient lich
158705 | Zig:22   | Killed an ancient lich
158706 | Zig:22   | Killed an ancient lich
158706 | Zig:22   | Killed an ancient lich
158756 | Zig:22   | Got a smoking marble ring
158758 | Zig:22   | Identified the ring "Foguluq" {Wiz Stlth+} (You found it on
                  | level 22 of a ziggurat)
158768 | Zig:22   | Got an ancient ruby amulet
158769 | Zig:22   | Identified the amulet of Doubts {Spirit Int+4} (You found
                  | it on level 22 of a ziggurat)
158774 | Zig:22   | Identified the Tome of Beguiling and Conjuration
159052 | Zig:23   | Entered Level 23 of a ziggurat
159137 | Zig:23   | Got a fine steel ring
159141 | Zig:23   | Identified the ring of Pivaduk {Wiz rF+} (You found it on
                  | level 23 of a ziggurat)
159149 | Zig:23   | Identified the Grimoire of the Compass
159502 | Zig:24   | Entered Level 24 of a ziggurat
159569 | Zig:24   | Found the +8 mithril axe "Arga" {speed, MR+}
159573 | Zig:24   | Found the +5 scythe "Finisher" {speed, eviscerate}
159594 | Zig:24   | Identified Cuommo's Guide on Venom and Slavery
159603 | Zig:24   | Got a transparent large shield
159604 | Zig:24   | Identified the +6 large shield of Vaoliyf {rF+ rC+ Regen+}
                  | (You found it on level 24 of a ziggurat)
159634 | Zig:24   | Got a scorched brass ring
159635 | Zig:24   | Identified the ring "Boypnufe" {-Tele rC- rN+++ AC+1 Str+6}
                  | (You found it on level 24 of a ziggurat)
159910 | Zig:25   | Entered Level 25 of a ziggurat
159927 | Zig:25   | Reached skill level 1 in Axes
159930 | Zig:25   | Reached skill level 5 in Axes
159939 | Zig:25   | Reached skill level 27 in Charms
159947 | Zig:25   | Reached skill level 10 in Axes
159988 | Zig:25   | Identified the Volume of Evil Secrets and the Frostbite
160001 | Zig:25   | Got a pair of jewelled boots
160012 | Zig:25   | Identified the -5 pair of boots of the Sun {rC+ Regen+
                  | Str+9} (You acquired it on level 25 of a ziggurat)
160056 | Zig:25   | Got a scorched wooden ring
160058 | Zig:25   | Identified the ring of Yrchib {Str+4 Dex+7 Stlth-} (You
                  | found it on level 25 of a ziggurat)
160068 | Zig:25   | Got a steaming golden ring
160070 | Zig:25   | Identified the ring "Quhunn" {rF+ MP+9 Str+4} (You found it
                  | on level 25 of a ziggurat)
160087 | Zig:25   | Identified the Volume of Mutagenic Creation
160550 | Zig:26   | Entered Level 26 of a ziggurat
160564 | Zig:26   | Noticed Moacirr the pandemonium lord
160565 | Zig:26   | Noticed Tisaw the pandemonium lord
160570 | Zig:26   | Killed Moacirr the pandemonium lord
160572 | Zig:26   | Noticed Xytaidoc the pandemonium lord
160572 | Zig:26   | Noticed Nyocuudo the pandemonium lord
160572 | Zig:26   | Killed Tisaw the pandemonium lord
160573 | Zig:26   | Killed Bickeah the pandemonium lord
160573 | Zig:26   | Noticed Ireefame the pandemonium lord
160573 | Zig:26   | Noticed Visijod the pandemonium lord
160574 | Zig:26   | Killed Nyocuudo the pandemonium lord
160575 | Zig:26   | Killed Xytaidoc the pandemonium lord
160575 | Zig:26   | Killed Ireefame the pandemonium lord
160575 | Zig:26   | Noticed Licueh the pandemonium lord
160579 | Zig:26   | Killed Licueh the pandemonium lord
160579 | Zig:26   | Noticed Maexut the pandemonium lord
160587 | Zig:26   | Killed Visijod the pandemonium lord
160595 | Zig:26   | Killed Maexut the pandemonium lord
160601 | Zig:26   | Noticed Jakiqyf the pandemonium lord
160604 | Zig:26   | Noticed Belep the pandemonium lord
160605 | Zig:26   | Reached skill level 15 in Axes
160609 | Zig:26   | Killed Jakiqyf the pandemonium lord
160609 | Zig:26   | Noticed Qec Luwu the pandemonium lord
160610 | Zig:26   | Killed Belep the pandemonium lord
160611 | Zig:26   | Noticed Ybboug Jiupn the pandemonium lord
160613 | Zig:26   | Killed Qec Luwu the pandemonium lord
160613 | Zig:26   | Killed Ybboug Jiupn the pandemonium lord
160613 | Zig:26   | Noticed Ynokk the pandemonium lord
160613 | Zig:26   | Noticed Poepuoph the pandemonium lord
160616 | Zig:26   | Noticed Diurgh the pandemonium lord
160617 | Zig:26   | Noticed Lirgh the pandemonium lord
160617 | Zig:26   | Noticed Gurph the pandemonium lord
160617 | Zig:26   | Noticed Sachiham the pandemonium lord
160618 | Zig:26   | Noticed Yxzole Vefe the pandemonium lord
160620 | Zig:26   | Killed Yxzole Vefe the pandemonium lord
160626 | Zig:26   | Killed Ynokk the pandemonium lord
160626 | Zig:26   | Noticed Neoczan the pandemonium lord
160627 | Zig:26   | Noticed Toajer the pandemonium lord
160632 | Zig:26   | Noticed Happac the pandemonium lord
160633 | Zig:26   | Noticed Tiole the pandemonium lord
160635 | Zig:26   | Killed Happac the pandemonium lord
160635 | Zig:26   | Killed Neoczan the pandemonium lord
160635 | Zig:26   | Killed Ynaociq the pandemonium lord
160635 | Zig:26   | Killed Toajer the pandemonium lord
160635 | Zig:26   | Killed Lirgh the pandemonium lord
160635 | Zig:26   | Killed Poepuoph the pandemonium lord
160635 | Zig:26   | Killed Sachiham the pandemonium lord
160636 | Zig:26   | Noticed Nijuemyu the pandemonium lord
160637 | Zig:26   | Killed Diurgh the pandemonium lord
160637 | Zig:26   | Noticed Janaing the pandemonium lord
160637 | Zig:26   | Noticed Rouromuh the pandemonium lord
160638 | Zig:26   | Killed Gurph the pandemonium lord
160638 | Zig:26   | Noticed Usyfentu the pandemonium lord
160638 | Zig:26   | Noticed Osorphibi the pandemonium lord
160638 | Zig:26   | Noticed Nuutor the pandemonium lord
160639 | Zig:26   | Noticed Ynoemev the pandemonium lord
160640 | Zig:26   | Noticed Ajywibenle the pandemonium lord
160640 | Zig:26   | Noticed Bubygyqe the pandemonium lord
160641 | Zig:26   | Killed Osorphibi the pandemonium lord
160642 | Zig:26   | Paralysed by an eldritch tentacle for 5 turns
160644 | Zig:26   | Noticed Rethous the pandemonium lord
160645 | Zig:26   | Noticed Suuc the pandemonium lord
160645 | Zig:26   | Noticed Raxkifac the pandemonium lord
160646 | Zig:26   | Noticed Wephotz the pandemonium lord
160647 | Zig:26   | Noticed Niverph the pandemonium lord
160648 | Zig:26   | Killed Ajywibenle the pandemonium lord
160648 | Zig:26   | Killed Ynoemev the pandemonium lord
160656 | Zig:26   | Killed Tiole the pandemonium lord
160656 | Zig:26   | Killed Nuutor the pandemonium lord
160656 | Zig:26   | Killed Rouromuh the pandemonium lord
160657 | Zig:26   | Noticed Yreefigo the pandemonium lord
160658 | Zig:26   | Killed Rethous the pandemonium lord
160659 | Zig:26   | Noticed Fonalic the pandemonium lord
160661 | Zig:26   | Noticed Ipsuly the pandemonium lord
160662 | Zig:26   | Noticed Wyoqecofys the pandemonium lord
160664 | Zig:26   | Killed Janaing the pandemonium lord
160664 | Zig:26   | Killed Yreefigo the pandemonium lord
160665 | Zig:26   | Killed Wephotz the pandemonium lord
160665 | Zig:26   | Noticed Rusuz the pandemonium lord
160666 | Zig:26   | Killed Niverph the pandemonium lord
160666 | Zig:26   | Killed Usyfentu the pandemonium lord
160667 | Zig:26   | Noticed Ucazxaf the pandemonium lord
160667 | Zig:26   | Noticed Tudeff the pandemonium lord
160668 | Zig:26   | Killed Suuc the pandemonium lord
160668 | Zig:26   | Noticed Emeeqeokk the pandemonium lord
160669 | Zig:26   | Killed Wyoqecofys the pandemonium lord
160669 | Zig:26   | Killed Raxkifac the pandemonium lord
160670 | Zig:26   | Killed Nijuemyu the pandemonium lord
160670 | Zig:26   | Killed Bubygyqe the pandemonium lord
160670 | Zig:26   | Noticed Peruist the pandemonium lord
160670 | Zig:26   | Noticed Zotzabb the pandemonium lord
160671 | Zig:26   | Noticed Caog the pandemonium lord
160678 | Zig:26   | Killed Fonalic the pandemonium lord
160678 | Zig:26   | Killed Caog the pandemonium lord
160678 | Zig:26   | Killed Rusuz the pandemonium lord
160678 | Zig:26   | Killed Ucazxaf the pandemonium lord
160678 | Zig:26   | Noticed Ymuteapa the pandemonium lord
160679 | Zig:26   | Killed Emeeqeokk the pandemonium lord
160679 | Zig:26   | Killed Ipsuly the pandemonium lord
160679 | Zig:26   | Killed Tudeff the pandemonium lord
160680 | Zig:26   | Killed Zotzabb the pandemonium lord
160680 | Zig:26   | Cast into level 5 of the Abyss (you)
160680 | Abyss:5  | Entered Level 5 of the Abyss
160680 | Abyss:5  | Entered Level 5 of the Abyss
160921 | Zig:26   | Escaped the Abyss
160930 | Zig:26   | Killed Ymuteapa the pandemonium lord
160942 | Zig:26   | Killed Peruist the pandemonium lord
161022 | Zig:26   | Got a bound copper ring
161024 | Zig:26   | Identified the ring of the Queen {Ice Str+6 Dex-5 Stlth-}
                  | (You found it on level 26 of a ziggurat)
161030 | Zig:26   | Identified the Catalogue of Glamour and Fire
161428 | Zig:27   | Entered Level 27 of a ziggurat
161500 | Zig:27   | Found the +7 Kryia's mail coat {PotionHeal*2 rC+}
161502 | Zig:27   | Found the ring of Shadows {Umbra +Inv Stlth+}
161506 | Zig:27   | Found the amulet of the Four Winds {rN+ MR+++ Clar}
161511 | Zig:27   | Got a coiled graven amulet
161512 | Zig:27   | Identified the amulet "Piomez" {RegenMP Str-5 Dex+5} (You
                  | found it on level 27 of a ziggurat)
161516 | Zig:27   | Got a crude shield
161527 | Zig:27   | Identified the +1 shield of the Wilderness {-Cast MR++
                  | Str+5} (You found it on level 27 of a ziggurat)
161545 | Zig:27   | Identified the Incunabulum of Slavery and Stones
161556 | Zig:27   | Got a crude granite ring
161558 | Zig:27   | Identified the ring of Daffodils {Fire MR+ Int+4} (You
                  | found it on level 27 of a ziggurat)
161599 | Zig:27   | Identified Sif Muna's Handbook of Evil and Air
162129 | Depths:3 | Bought a scroll of identify for 56 gold pieces
162129 | Depths:3 | Bought a potion of mutation for 224 gold pieces
162138 | Depths:3 | Lost mutation: You can translocate small distances at will.
                  | [potion of mutation]
162138 | Depths:3 | Lost mutation: You are resistant to electric shocks.
                  | (rElec) [potion of mutation]
162138 | Depths:3 | Lost mutation: You are resistant to hostile enchantments.
                  | (MR+) [potion of mutation]
162138 | Depths:3 | Lost mutation: Your system is resistant to poisons. (rPois)
                  | [potion of mutation]
162138 | Depths:3 | Gained mutation: Your spells are a little easier to cast,
                  | but a little less powerful. [potion of mutation]
162138 | Depths:3 | Gained mutation: You are weak. (Str -2) [potion of
                  | mutation]
162138 | Depths:3 | Gained mutation: Your flesh is heat resistant. (rF+)
                  | [potion of mutation]
162139 | Depths:3 | Lost mutation: Your flesh is cold resistant. (rC+) [potion
                  | of mutation]
162139 | Depths:3 | Lost mutation: Your spells are a little easier to cast, but
                  | a little less powerful. [potion of mutation]
162139 | Depths:3 | Gained mutation: Armour fits poorly on your strangely
                  | shaped body. [potion of mutation]
162139 | Depths:3 | Gained mutation: You are agile. (Dex +2) [potion of
                  | mutation]
162140 | Depths:3 | Lost mutation: You are weak. (Str -2) [potion of mutation]
162140 | Depths:3 | Lost mutation: Armour fits poorly on your strangely shaped
                  | body. [potion of mutation]
162140 | Depths:3 | Lost mutation: Your skin changes colour to match your
                  | surroundings (Stealth+). [potion of mutation]
162140 | Depths:3 | Gained mutation: You are dopey. (Int -2) [potion of
                  | mutation]
162140 | Depths:3 | Gained mutation: You have sharp toenails. [potion of
                  | mutation]
162140 | Depths:3 | Gained mutation: You expend magic power (3 MP) to
                  | strengthen your wands. [potion of mutation]
162141 | Depths:3 | Lost mutation: You are dopey. (Int -2) [potion of mutation]
162141 | Depths:3 | Lost mutation: You expend magic power (3 MP) to strengthen
                  | your wands. [potion of mutation]
162141 | Depths:3 | Lost mutation: You are agile. (Dex +2) [potion of mutation]
162141 | Depths:3 | Gained mutation: You expend magic power (3 MP) to
                  | strengthen your wands. [potion of mutation]
162141 | Depths:3 | Gained mutation: Your magical capacity is low. (-10% MP)
                  | [potion of mutation]
162141 | Depths:3 | Gained mutation: You are agile. (Dex +2) [potion of
                  | mutation]
162142 | Depths:3 | Lost mutation: Your magical capacity is low. (-10% MP)
                  | [potion of mutation]
162142 | Depths:3 | Lost mutation: You expend magic power (3 MP) to strengthen
                  | your wands. [potion of mutation]
162142 | Depths:3 | Lost mutation: You are agile. (Dex +2) [potion of mutation]
162142 | Depths:3 | Lost mutation: Your flesh is heat resistant. (rF+) [potion
                  | of mutation]
162142 | Depths:3 | Gained mutation: You are clumsy. (Dex -2) [potion of
                  | mutation]
162142 | Depths:3 | Gained mutation: Your spells are a little harder to cast,
                  | but a little more powerful. [potion of mutation]
162143 | Depths:3 | Lost mutation: Your spells are a little harder to cast, but
                  | a little more powerful. [potion of mutation]
162143 | Depths:3 | Lost mutation: You are clumsy. (Dex -2) [potion of
                  | mutation]
162143 | Depths:3 | Lost mutation: You have sharp toenails. [potion of
                  | mutation]
162143 | Depths:3 | Gained mutation: You evolve. [potion of mutation]
162143 | Depths:3 | Gained mutation: Your flesh is cold resistant. (rC+)
                  | [potion of mutation]
162143 | Depths:3 | Gained mutation: You have large cloven feet. [potion of
                  | mutation]
162143 | Depths:3 | Gained mutation: Your spells are a little harder to cast,
                  | but a little more powerful. [potion of mutation]
162144 | Depths:3 | Lost mutation: You evolve. [potion of mutation]
162144 | Depths:3 | Lost mutation: Your flesh is cold resistant. (rC+) [potion
                  | of mutation]
162144 | Depths:3 | Lost mutation: You have large cloven feet. [potion of
                  | mutation]
162144 | Depths:3 | Lost mutation: Your spells are a little harder to cast, but
                  | a little more powerful. [potion of mutation]
162144 | Depths:3 | Gained mutation: Your flesh is heat resistant. (rF+)
                  | [potion of mutation]
162144 | Depths:3 | Gained mutation: You are agile. (Dex +2) [potion of
                  | mutation]
162144 | Depths:3 | Gained mutation: Your mind is acute. (Int +2) [potion of
                  | mutation]
162145 | Depths:3 | Lost mutation: Your mind is acute. (Int +2) [potion of
                  | mutation]
162145 | Depths:3 | Lost mutation: You are agile. (Dex +2) [potion of mutation]
162145 | Depths:3 | Gained mutation: You are dopey. (Int -2) [potion of
                  | mutation]
162145 | Depths:3 | Gained mutation: You are robust. (+10% HP) [potion of
                  | mutation]
162146 | Depths:3 | Lost mutation: You are dopey. (Int -2) [potion of mutation]
162146 | Depths:3 | Lost mutation: Your flesh is heat resistant. (rF+) [potion
                  | of mutation]
162146 | Depths:3 | Lost mutation: You are robust. (+10% HP) [potion of
                  | mutation]
162146 | Depths:3 | Gained mutation: You occasionally shout uncontrollably at
                  | your foes. [potion of mutation]
162146 | Depths:3 | Gained mutation: Your body sometimes deteriorates upon
                  | taking damage. [potion of mutation]
162146 | Depths:3 | Gained mutation: You do not regenerate when monsters are
                  | visible. [potion of mutation]
162146 | Depths:3 | Gained mutation: You have large cloven feet. [potion of
                  | mutation]
162147 | Depths:3 | Lost mutation: You do not regenerate when monsters are
                  | visible. [potion of mutation]
162147 | Depths:3 | Lost mutation: Your body sometimes deteriorates upon taking
                  | damage. [potion of mutation]
162147 | Depths:3 | Lost mutation: You occasionally shout uncontrollably at
                  | your foes. [potion of mutation]
162147 | Depths:3 | Lost mutation: You have large cloven feet. [potion of
                  | mutation]
162147 | Depths:3 | Gained mutation: You are somewhat resistant to further
                  | mutation. [potion of mutation]
162147 | Depths:3 | Lost mutation: You are somewhat resistant to further
                  | mutation. [potion of mutation]
162147 | Depths:3 | Gained mutation: You have sharp toenails. [potion of
                  | mutation]
162148 | Depths:3 | Lost mutation: You have sharp toenails. [potion of
                  | mutation]
162148 | Depths:3 | Gained mutation: You are weak. (Str -2) [potion of
                  | mutation]
162148 | Depths:3 | Gained mutation: You are somewhat resistant to further
                  | mutation. [potion of mutation]
162148 | Depths:3 | Lost mutation: You are weak. (Str -2) [potion of mutation]
162149 | Depths:3 | Lost mutation: You are somewhat resistant to further
                  | mutation. [potion of mutation]
162149 | Depths:3 | Gained mutation: You are agile. (Dex +2) [potion of
                  | mutation]
162149 | Depths:3 | Gained mutation: Your system is resistant to poisons.
                  | (rPois) [potion of mutation]
162150 | Depths:3 | Lost mutation: You are agile. (Dex +2) [potion of mutation]
162150 | Depths:3 | Lost mutation: Your system is resistant to poisons. (rPois)
                  | [potion of mutation]
162150 | Depths:3 | Gained mutation: Armour fits poorly on your strangely
                  | shaped body. [potion of mutation]
162150 | Depths:3 | Gained mutation: Your muscles are strong. (Str +2) [potion
                  | of mutation]
162150 | Depths:3 | Gained mutation: You possess an exceptional clarity of
                  | mind. [potion of mutation]
162150 | Depths:3 | Gained mutation: You have sharp fingernails. [potion of
                  | mutation]
162151 | Depths:3 | Lost mutation: You have sharp fingernails. [potion of
                  | mutation]
162151 | Depths:3 | Lost mutation: Armour fits poorly on your strangely shaped
                  | body. [potion of mutation]
162151 | Depths:3 | Lost mutation: You possess an exceptional clarity of mind.
                  | [potion of mutation]
162151 | Depths:3 | Gained mutation: You are agile. (Dex +2) [potion of
                  | mutation]
162151 | Depths:3 | Gained mutation: You are covered in fur. (AC +1) [potion of
                  | mutation]
162152 | Depths:3 | Lost mutation: Your muscles are strong. (Str +2) [potion of
                  | mutation]
162152 | Depths:3 | Lost mutation: You are agile. (Dex +2) [potion of mutation]
162152 | Depths:3 | Gained mutation: Your flesh is cold resistant. (rC+)
                  | [potion of mutation]
162152 | Depths:3 | Gained mutation: Your flesh is heat resistant. (rF+)
                  | [potion of mutation]
162152 | Depths:3 | Gained mutation: You are agile. (Dex +2) [potion of
                  | mutation]
162153 | Depths:3 | Lost mutation: You are agile. (Dex +2) [potion of mutation]
162153 | Depths:3 | Lost mutation: Your flesh is cold resistant. (rC+) [potion
                  | of mutation]
162153 | Depths:3 | Lost mutation: You are covered in fur. (AC +1) [potion of
                  | mutation]
162153 | Depths:3 | Gained mutation: You are agile. (Dex +2) [potion of
                  | mutation]
162153 | Depths:3 | Gained mutation: You expend magic power (3 MP) to
                  | strengthen your wands. [potion of mutation]
162154 | Depths:3 | Lost mutation: Your flesh is heat resistant. (rF+) [potion
                  | of mutation]
162154 | Depths:3 | Lost mutation: You expend magic power (3 MP) to strengthen
                  | your wands. [potion of mutation]
162154 | Depths:3 | Gained mutation: Your flesh is heat resistant. (rF+)
                  | [potion of mutation]
162154 | Depths:3 | Gained mutation: You do not regenerate when monsters are
                  | visible. [potion of mutation]
162154 | Depths:3 | Gained mutation: You are somewhat resistant to further
                  | mutation. [potion of mutation]
162154 | Depths:3 | Gained mutation: Your mind is acute. (Int +2) [potion of
                  | mutation]
162155 | Depths:3 | Lost mutation: Your flesh is heat resistant. (rF+) [potion
                  | of mutation]
162155 | Depths:3 | Lost mutation: You do not regenerate when monsters are
                  | visible. [potion of mutation]
162155 | Depths:3 | Lost mutation: Your mind is acute. (Int +2) [potion of
                  | mutation]
162155 | Depths:3 | Gained mutation: Your flesh is heat resistant. (rF+)
                  | [potion of mutation]
162156 | Depths:3 | Lost mutation: You are agile. (Dex +2) [potion of mutation]
162156 | Depths:3 | Lost mutation: Your flesh is heat resistant. (rF+) [potion
                  | of mutation]
162156 | Depths:3 | Gained mutation: You possess an exceptional clarity of
                  | mind. [potion of mutation]
162156 | Depths:3 | Gained mutation: Your muscles are strong. (Str +2) [potion
                  | of mutation]
162157 | Depths:3 | Lost mutation: Your muscles are strong. (Str +2) [potion of
                  | mutation]
162157 | Depths:3 | Lost mutation: You are somewhat resistant to further
                  | mutation. [potion of mutation]
162157 | Depths:3 | Gained mutation: Your spells are a little easier to cast,
                  | but a little less powerful. [potion of mutation]
162157 | Depths:3 | Gained mutation: You have large cloven feet. [potion of
                  | mutation]
162157 | Depths:3 | Gained mutation: You are somewhat resistant to further
                  | mutation. [potion of mutation]
162158 | Depths:3 | Lost mutation: You possess an exceptional clarity of mind.
                  | [potion of mutation]
162158 | Depths:3 | Lost mutation: You have large cloven feet. [potion of
                  | mutation]
162158 | Depths:3 | Lost mutation: Your spells are a little easier to cast, but
                  | a little less powerful. [potion of mutation]
162158 | Depths:3 | Lost mutation: You are somewhat resistant to further
                  | mutation. [potion of mutation]
162158 | Depths:3 | Gained mutation: Scrolls take you a little longer to read.
                  | [potion of mutation]
162158 | Depths:3 | Gained mutation: You tend to lose your temper in combat.
                  | [potion of mutation]
162158 | Depths:3 | Gained mutation: You are resistant to hostile enchantments.
                  | (MR+) [potion of mutation]
162159 | Depths:3 | Lost mutation: You are resistant to hostile enchantments.
                  | (MR+) [potion of mutation]
162159 | Depths:3 | Lost mutation: You tend to lose your temper in combat.
                  | [potion of mutation]
162159 | Depths:3 | Lost mutation: Scrolls take you a little longer to read.
                  | [potion of mutation]
162159 | Depths:3 | Gained mutation: Your spells are a little easier to cast,
                  | but a little less powerful. [potion of mutation]
162159 | Depths:3 | Gained mutation: You expend magic power (3 MP) to
                  | strengthen your wands. [potion of mutation]
162159 | Depths:3 | Lost mutation: Your spells are a little easier to cast, but
                  | a little less powerful. [potion of mutation]
162160 | Depths:3 | Lost mutation: You expend magic power (3 MP) to strengthen
                  | your wands. [potion of mutation]
162160 | Depths:3 | Gained mutation: Your mind is acute. (Int +2) [potion of
                  | mutation]
162160 | Depths:3 | Gained mutation: You are somewhat resistant to further
                  | mutation. [potion of mutation]
162161 | Depths:3 | Lost mutation: Your mind is acute. (Int +2) [potion of
                  | mutation]
162161 | Depths:3 | Lost mutation: You are somewhat resistant to further
                  | mutation. [potion of mutation]
162161 | Depths:3 | Gained mutation: Your natural rate of healing is unusually
                  | fast. [potion of mutation]
162161 | Depths:3 | Gained mutation: You are robust. (+10% HP) [potion of
                  | mutation]
162161 | Depths:3 | Gained mutation: You have sharp toenails. [potion of
                  | mutation]
162162 | Depths:3 | Lost mutation: Your natural rate of healing is unusually
                  | fast. [potion of mutation]
162162 | Depths:3 | Lost mutation: You are robust. (+10% HP) [potion of
                  | mutation]
162162 | Depths:3 | Gained mutation: You do not regenerate when monsters are
                  | visible. [potion of mutation]
162162 | Depths:3 | Gained mutation: Your muscles are strong. (Str +2) [potion
                  | of mutation]
162162 | Depths:3 | Gained mutation: You are agile. (Dex +2) [potion of
                  | mutation]
162163 | Depths:3 | Lost mutation: You have sharp toenails. [potion of
                  | mutation]
162163 | Depths:3 | Lost mutation: Your muscles are strong. (Str +2) [potion of
                  | mutation]
162163 | Depths:3 | Gained mutation: You are covered in fur. (AC +1) [potion of
                  | mutation]
162163 | Depths:3 | Gained mutation: Scrolls take you a little longer to read.
                  | [potion of mutation]
162163 | Depths:3 | Gained mutation: You are resistant to hostile enchantments.
                  | (MR+) [potion of mutation]
162164 | Depths:3 | Lost mutation: Scrolls take you a little longer to read.
                  | [potion of mutation]
162164 | Depths:3 | Lost mutation: You are resistant to hostile enchantments.
                  | (MR+) [potion of mutation]
162164 | Depths:3 | Gained mutation: Your body sometimes deteriorates upon
                  | taking damage. [potion of mutation]
162164 | Depths:3 | Gained mutation: You passively map a small area around you.
                  | [potion of mutation]
162165 | Depths:3 | Lost mutation: Your body sometimes deteriorates upon taking
                  | damage. [potion of mutation]
162165 | Depths:3 | Lost mutation: You are agile. (Dex +2) [potion of mutation]
162165 | Depths:3 | Lost mutation: You are covered in fur. (AC +1) [potion of
                  | mutation]
162165 | Depths:3 | Lost mutation: You passively map a small area around you.
                  | [potion of mutation]
162165 | Depths:3 | Gained mutation: You expend magic power (3 MP) to
                  | strengthen your wands. [potion of mutation]
162165 | Depths:3 | Gained mutation: You are somewhat resistant to further
                  | mutation. [potion of mutation]
162166 | Depths:3 | Lost mutation: You do not regenerate when monsters are
                  | visible. [potion of mutation]
162166 | Depths:3 | Lost mutation: You expend magic power (3 MP) to strengthen
                  | your wands. [potion of mutation]
162166 | Depths:3 | Lost mutation: You are somewhat resistant to further
                  | mutation. [potion of mutation]
162166 | Depths:3 | Gained mutation: Your flesh is heat resistant. (rF+)
                  | [potion of mutation]
162166 | Depths:3 | Gained mutation: Potions are less effective at restoring
                  | your health. [potion of mutation]
162166 | Depths:3 | Gained mutation: You occasionally shout uncontrollably at
                  | your foes. [potion of mutation]
162166 | Depths:3 | Gained mutation: You are robust. (+10% HP) [potion of
                  | mutation]
162167 | Depths:3 | Lost mutation: Your flesh is heat resistant. (rF+) [potion
                  | of mutation]
162167 | Depths:3 | Lost mutation: You are robust. (+10% HP) [potion of
                  | mutation]
162167 | Depths:3 | Gained mutation: You are agile. (Dex +2) [potion of
                  | mutation]
162167 | Depths:3 | Gained mutation: Your mind is acute. (Int +2) [potion of
                  | mutation]
162168 | Depths:3 | Lost mutation: You are agile. (Dex +2) [potion of mutation]
162168 | Depths:3 | Lost mutation: Your mind is acute. (Int +2) [potion of
                  | mutation]
162168 | Depths:3 | Gained mutation: Your body sometimes deteriorates upon
                  | taking damage. [potion of mutation]
162168 | Depths:3 | Gained mutation: Your mind is acute. (Int +2) [potion of
                  | mutation]
162168 | Depths:3 | Gained mutation: Your spells are a little harder to cast,
                  | but a little more powerful. [potion of mutation]
162169 | Depths:3 | Lost mutation: Your body sometimes deteriorates upon taking
                  | damage. [potion of mutation]
162169 | Depths:3 | Lost mutation: Potions are less effective at restoring your
                  | health. [potion of mutation]
162169 | Depths:3 | Gained mutation: Your mind is very acute. (Int +4) [potion
                  | of mutation]
162186 | Hell     | Learned a level 8 spell: Death's Door
162204 | Zig:1    | Entered Level 1 of a ziggurat
162236 | Zig:2    | Entered Level 2 of a ziggurat
162236 | Zig:2    | Noticed Bawaryat the pandemonium lord
162238 | Zig:2    | Killed Bawaryat the pandemonium lord
162282 | Zig:3    | Entered Level 3 of a ziggurat
162321 | Zig:3    | Identified the Almanac of Flying Ice
162383 | Zig:4    | Entered Level 4 of a ziggurat
162471 | Zig:5    | Entered Level 5 of a ziggurat
162475 | Zig:5    | Noticed a juggernaut
162477 | Zig:5    | Found the +12 glaive of Prune {chop}
162480 | Zig:5    | Killed a juggernaut
162542 | Zig:5    | Identified the Handbook of Protection and Shape Shifting
162620 | Zig:6    | Entered Level 6 of a ziggurat
162628 | Zig:6    | Reached skill level 27 in Axes
162743 | Zig:7    | Entered Level 7 of a ziggurat
162787 | Zig:7    | Identified the Guide on Unstable Shape Shifting
162799 | Zig:7    | Got a sparkling bone ring
162801 | Zig:7    | Identified the ring "Cecoryq" {*Slow rElec rPois MR+ rCorr
                  | Str+2} (You found it on level 7 of a ziggurat)
162897 | Zig:8    | Entered Level 8 of a ziggurat
162900 | Zig:8    | Noticed a greater mummy
162900 | Zig:8    | Noticed a greater mummy
162905 | Zig:8    | Killed a greater mummy
162905 | Zig:8    | Killed a greater mummy
162906 | Zig:8    | Noticed a greater mummy
162907 | Zig:8    | Killed a greater mummy
162907 | Zig:8    | Killed a greater mummy
162910 | Zig:8    | Noticed a greater mummy
162911 | Zig:8    | Noticed a greater mummy
162912 | Zig:8    | Killed a greater mummy
162912 | Zig:8    | Noticed a greater mummy
162916 | Zig:8    | Noticed a greater mummy
162918 | Zig:8    | Killed a greater mummy
162918 | Zig:8    | Killed a greater mummy
162925 | Zig:8    | Killed a greater mummy
163095 | Zig:9    | Entered Level 9 of a ziggurat
163108 | Zig:9    | Noticed Uclu Ecu the pandemonium lord
163118 | Zig:9    | Killed Uclu Ecu the pandemonium lord
163146 | Zig:9    | Got a warped brass ring
163168 | Zig:9    | Identified the ring of Equivalence {rPois Str-2 Int+8
                  | Dex+3} (You found it on level 9 of a ziggurat)
163303 | Zig:10   | Entered Level 10 of a ziggurat
163360 | Zig:10   | Got a brightly glowing bronze ring
163362 | Zig:10   | Identified the ring "Wuhoatse" {Int+5 Slay+5} (You found it
                  | on level 10 of a ziggurat)
163367 | Zig:10   | Got a sparkling tin ring
163369 | Zig:10   | Identified the ring of Hard Scrabble {rPois rF- Str+8 Int-4
                  | SInv} (You found it on level 10 of a ziggurat)
163385 | Zig:10   | Identified Sif Muna's Handbook of Blistering Beguiling
163563 | Zig:11   | Entered Level 11 of a ziggurat
163567 | Zig:11   | Noticed a greater mummy
163574 | Zig:11   | Noticed a greater mummy
163577 | Zig:11   | Killed a greater mummy
163580 | Zig:11   | Killed a greater mummy
163580 | Zig:11   | Killed a greater mummy
163582 | Zig:11   | Noticed a greater mummy
163584 | Zig:11   | Noticed a greater mummy
163585 | Zig:11   | Noticed a greater mummy
163586 | Zig:11   | Killed a greater mummy
163586 | Zig:11   | Killed a greater mummy
163587 | Zig:11   | Killed a greater mummy
163593 | Zig:11   | Noticed a greater mummy
163594 | Zig:11   | Killed a greater mummy
163594 | Zig:11   | Noticed a greater mummy
163600 | Zig:11   | Killed a greater mummy
163601 | Zig:11   | Killed a greater mummy
163604 | Zig:11   | Noticed a greater mummy
163606 | Zig:11   | Noticed a greater mummy
163610 | Zig:11   | Killed a greater mummy
163612 | Zig:11   | Noticed a greater mummy
163614 | Zig:11   | Killed a greater mummy
163616 | Zig:11   | Killed a greater mummy
163641 | Zig:11   | Found the +8 arc blade {discharge, rElec}
163649 | Zig:11   | Got a wavering bronze ring
163651 | Zig:11   | Identified the ring "Ocoture" {rElec MR+ EV+1 Str+2 Int-5}
                  | (You found it on level 11 of a ziggurat)
163831 | Zig:12   | Entered Level 12 of a ziggurat
164073 | Zig:13   | Entered Level 13 of a ziggurat
164156 | Zig:13   | Found the +5 robe of Night {Dark MR+ SInv}
164164 | Zig:13   | Identified the Guide on Displacement
164352 | Zig:14   | Entered Level 14 of a ziggurat
164365 | Zig:14   | Noticed an ancient lich
164365 | Zig:14   | Noticed an ancient lich
164365 | Zig:14   | Noticed an ancient lich
164367 | Zig:14   | Killed an ancient lich
164367 | Zig:14   | Killed an ancient lich
164369 | Zig:14   | Killed an ancient lich
164369 | Zig:14   | Killed an ancient lich
164377 | Zig:14   | Noticed an ancient lich
164377 | Zig:14   | Noticed an ancient lich
164379 | Zig:14   | Killed an ancient lich
164379 | Zig:14   | Killed an ancient lich
164379 | Zig:14   | Noticed an ancient lich
164380 | Zig:14   | Killed an ancient lich
164423 | Zig:14   | Found the ring of the Octopus King
164439 | Zig:14   | Got a crude copper ring
164441 | Zig:14   | Identified the ring "Ydwefopt" {rC+ Int-3 Dex+4 SInv} (You
                  | found it on level 14 of a ziggurat)
164476 | Zig:14   | Got a ring of the Octopus King
164478 | Zig:14   | Identified a ring of the Octopus King {MP+9 AC+1 EV+1 Str+1
                  | Int+1 Dex+1} (You found it on level 14 of a ziggurat)
164483 | Zig:14   | Got a vibrating brass ring
164485 | Zig:14   | Identified the ring of Dutau {rElec rF+ rC+ Dex-5} (You
                  | found it on level 14 of a ziggurat)
164493 | Zig:14   | Identified the Guide on Boosts and Enchantment
164606 | Zig:15   | Entered Level 15 of a ziggurat
164623 | Zig:15   | Reached skill level 27 in Polearms
164667 | Zig:15   | Got a bound jade ring
164669 | Zig:15   | Identified the ring "Jirphiath" {rC+ Dex+4} (You found it
                  | on level 15 of a ziggurat)
164899 | Zig:16   | Entered Level 16 of a ziggurat
164918 | Zig:16   | Reached skill level 27 in Unarmed Combat
164918 | Zig:16   | Reached skill level 1 in Staves
164934 | Zig:16   | Reached skill level 5 in Staves
164998 | Zig:16   | Identified Sif Muna's Guide on Contamination and Flames
165256 | Zig:17   | Entered Level 17 of a ziggurat
165336 | Zig:17   | Reached skill level 10 in Staves
165367 | Zig:17   | Found the ring of the Octopus King
165374 | Zig:17   | Got a twitching emerald amulet
165375 | Zig:17   | Identified the amulet of Kiqouhask {Faith rF++ Int-3 SInv
                  | Stlth+} (You found it on level 17 of a ziggurat)
165389 | Zig:17   | Got a ring of the Octopus King
165390 | Zig:17   | Identified a ring of the Octopus King {rC+ AC+1 EV+1 Str+1
                  | Int+1 Dex+1} (You found it on level 17 of a ziggurat)
165408 | Zig:17   | Got a steaming bone ring
165410 | Zig:17   | Identified the ring "Duro" {Wiz +Blink rF- Int+2} (You
                  | found it on level 17 of a ziggurat)
165625 | Zig:18   | Entered Level 18 of a ziggurat
165730 | Zig:18   | Got a distressingly furry large shield
165731 | Zig:18   | Identified the +7 large shield of Patterns {MR- Regen+
                  | Str+2 SInv} (You acquired it on level 18 of a ziggurat)
165743 | Zig:18   | Got a transparent tin ring
165745 | Zig:18   | Identified the ring "Iquvoss" {rPois MR+++ rCorr Str+3
                  | Int-4} (You found it on level 18 of a ziggurat)
165953 | Zig:19   | Entered Level 19 of a ziggurat
165983 | Zig:19   | Reached skill level 15 in Staves
165992 | Zig:19   | Reached skill level 27 in Transmutations
166412 | Zig:20   | Entered Level 20 of a ziggurat
166483 | Zig:20   | Found the ring of the Octopus King
166499 | Zig:20   | Got a ring of the Octopus King
166501 | Zig:20   | Identified a ring of the Octopus King {Wiz AC+1 EV+1 Str+1
                  | Int+1 Dex+1} (You found it on level 20 of a ziggurat)
166521 | Zig:20   | Got a heavily runed golden ring
166524 | Zig:20   | Identified the ring of Ekagg {+Inv +Fly rElec} (You found
                  | it on level 20 of a ziggurat)
166864 | Zig:21   | Entered Level 21 of a ziggurat
166886 | Zig:21   | Noticed an ancient lich
166887 | Zig:21   | Noticed an ancient lich
166887 | Zig:21   | Noticed an ancient lich
166887 | Zig:21   | Noticed an ancient lich
166891 | Zig:21   | Killed an ancient lich
166891 | Zig:21   | Killed an ancient lich
166891 | Zig:21   | Noticed an ancient lich
166892 | Zig:21   | Killed an ancient lich
166896 | Zig:21   | Killed an ancient lich
166896 | Zig:21   | Noticed an ancient lich
166896 | Zig:21   | Noticed an ancient lich
166897 | Zig:21   | Killed an ancient lich
166897 | Zig:21   | Killed an ancient lich
166897 | Zig:21   | Killed an ancient lich
166899 | Zig:21   | Noticed an ancient lich
166900 | Zig:21   | Noticed an ancient lich
166902 | Zig:21   | Noticed an ancient lich
166904 | Zig:21   | Noticed an ancient lich
166910 | Zig:21   | Noticed an ancient lich
166910 | Zig:21   | Killed an ancient lich
166911 | Zig:21   | Killed an ancient lich
166912 | Zig:21   | Killed an ancient lich
166912 | Zig:21   | Killed an ancient lich
166912 | Zig:21   | Noticed an ancient lich
166914 | Zig:21   | Killed an ancient lich
166914 | Zig:21   | Noticed an ancient lich
166914 | Zig:21   | Noticed an ancient lich
166915 | Zig:21   | Killed an ancient lich
166915 | Zig:21   | Killed an ancient lich
166916 | Zig:21   | Killed an ancient lich
166916 | Zig:21   | Noticed an ancient lich
166920 | Zig:21   | Noticed an ancient lich
166922 | Zig:21   | Noticed an ancient lich
166924 | Zig:21   | Killed an ancient lich
166927 | Zig:21   | Killed an ancient lich
166927 | Zig:21   | Killed an ancient lich
166935 | Zig:21   | Noticed an ancient lich
166936 | Zig:21   | Killed an ancient lich
166938 | Zig:21   | Reached skill level 27 in Staves
166947 | Zig:21   | Killed an ancient lich
166948 | Zig:21   | Found the ring of the Octopus King
166956 | Zig:21   | Found the -2 hat of the Alchemist {rElec rPois rF+ rC+ rN+
                  | MR+ rMut rCorr}
166973 | Zig:21   | Got a ring of the Octopus King
166975 | Zig:21   | Identified a ring of the Octopus King {AC+1 EV+1 Str+1
                  | Int+1 Dex+1 SInv} (You found it on level 21 of a ziggurat)
166981 | Zig:21   | Got a pair of pitted boots
166992 | Zig:21   | Identified the +2 pair of boots of Truth {Regen+ MP+9
                  | Stlth-} (You found it on level 21 of a ziggurat)
167036 | Zig:21   | Got a bound crystal amulet
167037 | Zig:21   | Identified the amulet of Knowledge {Inacc rC+ Str+2 Dex+3}
                  | (You found it on level 21 of a ziggurat)
167063 | Zig:21   | Identified the Almanac of Flamy Beguiling
167339 | Zig:22   | Entered Level 22 of a ziggurat
167461 | Zig:22   | Identified the Handbook of the Snowflakes and the Mountains
167482 | Zig:22   | Got a shimmering broad axe
167483 | Zig:22   | Identified the +12 broad axe of Blood {pain, MP+9 Str+3
                  | Dex+3} (You found it on level 22 of a ziggurat)
167497 | Zig:22   | Got a fine turquoise ring
167499 | Zig:22   | Identified the ring of Untruth {rF- rC+ MR+ Str+9 Dex-5}
                  | (You found it on level 22 of a ziggurat)
167553 | Zig:22   | Got a wavering turquoise ring
167555 | Zig:22   | Identified the ring of Duxonliv {rF- MP+9 Str+4 Stlth+}
                  | (You found it on level 22 of a ziggurat)
167561 | Zig:22   | Identified Huatioha's Catalogue of Glacial Feathers
167569 | Zig:22   | Got a coiled golden ring
167571 | Zig:22   | Identified the ring "Tokhloz" {Fire MR+ Str-5 Int+6 Dex+3}
                  | (You found it on level 22 of a ziggurat)
167833 | Zig:23   | Entered Level 23 of a ziggurat
167911 | Zig:23   | Found the +10 zealot's sword {holy, *Rage rN+ EV+3}
167940 | Zig:23   | Got a brightly glowing copper ring
167942 | Zig:23   | Identified the ring "Gaofrargh" {rCorr Int+9} (You found it
                  | on level 23 of a ziggurat)
167984 | Zig:23   | Got an ancient glass ring
167986 | Zig:23   | Identified the ring "Nebeob Noum" {+Inv rC+ MP+9 Str+6}
                  | (You found it on level 23 of a ziggurat)
167993 | Zig:23   | Identified the Almanac of Black Rituals and the Compass
168374 | Zig:24   | Entered Level 24 of a ziggurat
168397 | Zig:24   | Noticed an ancient lich
168402 | Zig:24   | Killed an ancient lich
168402 | Zig:24   | Noticed an ancient lich
168403 | Zig:24   | Noticed an ancient lich
168409 | Zig:24   | Noticed an ancient lich
168410 | Zig:24   | Killed an ancient lich
168411 | Zig:24   | Killed an ancient lich
168411 | Zig:24   | Killed an ancient lich
168415 | Zig:24   | Noticed an ancient lich
168418 | Zig:24   | Killed an ancient lich
168446 | Zig:24   | Found the +2 cloak of the Thief {+Fog Slay-2 SInv Stlth+}
168463 | Zig:24   | Got a fine wooden ring
168465 | Zig:24   | Identified the ring of Zaijuf {rElec rF- rC+ Str+3 Int+3}
                  | (You found it on level 24 of a ziggurat)
168475 | Zig:24   | Identified the Catalogue of Creation
168486 | Zig:24   | Got a vibrating brass ring
168488 | Zig:24   | Identified the ring of Satisfaction {rF+ SInv} (You found
                  | it on level 24 of a ziggurat)
168493 | Zig:24   | Identified the Tome of the Feathery Frostbite
168823 | Zig:25   | Entered Level 25 of a ziggurat
168915 | Zig:25   | Got a glittering amber ring
168917 | Zig:25   | Identified the ring of Zuec {+Fly rPois rC+} (You found it
                  | on level 25 of a ziggurat)
168956 | Zig:25   | Identified Ecsodal's Volume of Fiery Ice
168967 | Zig:25   | Identified the Reference Book on Battle Magic and Poison
168972 | Zig:25   | Identified the Grimoire of Earth
169359 | Zig:26   | Entered Level 26 of a ziggurat
169453 | Zig:26   | Identified the Collected Works on Spatial Darkness
169462 | Zig:26   | Reached skill level 27 in Maces & Flails
169471 | Zig:26   | Got a pitted broad axe
169472 | Zig:26   | Identified the +5 broad axe of Vojethrera {chop, +Rage}
                  | (You found it on level 26 of a ziggurat)
169483 | Zig:26   | Identified Keut's Volume of Sinister Transmigration
169948 | Zig:27   | Entered Level 27 of a ziggurat
169962 | Zig:27   | Noticed an ancient lich
169963 | Zig:27   | Noticed an ancient lich
169964 | Zig:27   | Noticed an ancient lich
169965 | Zig:27   | Killed an ancient lich
169969 | Zig:27   | Killed an ancient lich
169969 | Zig:27   | Noticed an ancient lich
169971 | Zig:27   | Killed an ancient lich
169973 | Zig:27   | Killed an ancient lich
169976 | Zig:27   | Noticed an ancient lich
169977 | Zig:27   | Noticed an ancient lich
169977 | Zig:27   | Noticed an ancient lich
169978 | Zig:27   | Noticed an ancient lich
169981 | Zig:27   | Killed an ancient lich
169981 | Zig:27   | Killed an ancient lich
169981 | Zig:27   | Killed an ancient lich
169981 | Zig:27   | Killed an ancient lich
169984 | Zig:27   | Noticed an ancient lich
169984 | Zig:27   | Noticed an ancient lich
169985 | Zig:27   | Noticed an ancient lich
169985 | Zig:27   | Noticed an ancient lich
169985 | Zig:27   | Noticed an ancient lich
169985 | Zig:27   | Noticed an ancient lich
169985 | Zig:27   | Noticed an ancient lich
169986 | Zig:27   | Killed an ancient lich
169986 | Zig:27   | Killed an ancient lich
169986 | Zig:27   | Killed an ancient lich
169986 | Zig:27   | Killed an ancient lich
169986 | Zig:27   | Noticed an ancient lich
169987 | Zig:27   | Noticed an ancient lich
169988 | Zig:27   | Killed an ancient lich
169988 | Zig:27   | Killed an ancient lich
169988 | Zig:27   | Killed an ancient lich
169988 | Zig:27   | Noticed an ancient lich
169989 | Zig:27   | Killed an ancient lich
169989 | Zig:27   | Noticed an ancient lich
169989 | Zig:27   | Noticed an ancient lich
169990 | Zig:27   | Noticed an ancient lich
169991 | Zig:27   | Killed an ancient lich
169991 | Zig:27   | Killed an ancient lich
169991 | Zig:27   | Killed an ancient lich
169991 | Zig:27   | Killed an ancient lich
169991 | Zig:27   | Killed an ancient lich
169991 | Zig:27   | Noticed an ancient lich
169992 | Zig:27   | Noticed an ancient lich
169994 | Zig:27   | Noticed an ancient lich
169997 | Zig:27   | Noticed an ancient lich
169999 | Zig:27   | Killed an ancient lich
170001 | Zig:27   | Noticed an ancient lich
170005 | Zig:27   | Killed an ancient lich
170005 | Zig:27   | Killed an ancient lich
170005 | Zig:27   | Killed an ancient lich
170005 | Zig:27   | Noticed an ancient lich
170005 | Zig:27   | Noticed an ancient lich
170007 | Zig:27   | Noticed an ancient lich
170010 | Zig:27   | Killed an ancient lich
170010 | Zig:27   | Killed an ancient lich
170011 | Zig:27   | Killed an ancient lich
170011 | Zig:27   | Killed an ancient lich
170011 | Zig:27   | Killed an ancient lich
170012 | Zig:27   | Noticed an ancient lich
170022 | Zig:27   | Killed an ancient lich
170102 | Zig:27   | Got a pair of warped boots
170113 | Zig:27   | Identified the +2 pair of boots of Pire {+Inv rF- rCorr}
                  | (You found it on level 27 of a ziggurat)
170148 | Zig:27   | Reached skill level 27 in Invocations
170499 | Depths:3 | Bought a pair of brightly glowing gloves for 503 gold
                  | pieces
170499 | Depths:3 | Identified the cursed -5 pair of gloves "Gutavour" {rF+
                  | Int+2 Dex+2 Stlth+} (You bought it in a shop on level 3 of
                  | the Depths)
170532 | Zig:1    | Entered Level 1 of a ziggurat
170564 | Zig:2    | Entered Level 2 of a ziggurat
170567 | Zig:2    | Noticed an ancient lich
170568 | Zig:2    | Killed an ancient lich
170671 | Zig:3    | Entered Level 3 of a ziggurat
170796 | Zig:4    | Entered Level 4 of a ziggurat
170797 | Zig:4    | Noticed a juggernaut
170799 | Zig:4    | Noticed a juggernaut
170799 | Zig:4    | Killed a juggernaut
170799 | Zig:4    | Killed a juggernaut
170919 | Zig:5    | Entered Level 5 of a ziggurat
170926 | Zig:5    | Noticed Pecerph the pandemonium lord
170928 | Zig:5    | Killed Pecerph the pandemonium lord
170964 | Zig:5    | Got a pair of warped boots
170975 | Zig:5    | Identified the +1 pair of boots of Distant Worlds {rC+
                  | Int+2} (You found it on level 5 of a ziggurat)
170990 | Zig:5    | Got a sparkling bronze ring
170992 | Zig:5    | Identified the ring of Xizerrex {Ice +Inv MR- Int+6} (You
                  | found it on level 5 of a ziggurat)
171077 | Zig:6    | Entered Level 6 of a ziggurat
171249 | Zig:7    | Entered Level 7 of a ziggurat
171292 | Zig:7    | Got an ichor-stained crystal plate armour
171293 | Zig:7    | Identified the +9 crystal plate armour of the Equator {MR+
                  | Dex+3} (You found it on level 7 of a ziggurat)
171310 | Zig:7    | Got a scorched glass ring
171312 | Zig:7    | Identified the ring "Rifigon" {rN+++ Int+4 SInv} (You found
                  | it on level 7 of a ziggurat)
171419 | Zig:8    | Entered Level 8 of a ziggurat
171609 | Zig:9    | Entered Level 9 of a ziggurat
171640 | Zig:9    | Noticed Wegoclaz the pandemonium lord
171643 | Zig:9    | Killed Wegoclaz the pandemonium lord
171817 | Zig:10   | Entered Level 10 of a ziggurat
172013 | Zig:11   | Entered Level 11 of a ziggurat
172020 | Zig:11   | Noticed an ancient lich
172021 | Zig:11   | Noticed an ancient lich
172023 | Zig:11   | Killed an ancient lich
172024 | Zig:11   | Killed an ancient lich
172039 | Zig:11   | Noticed an ancient lich
172041 | Zig:11   | Killed an ancient lich
172041 | Zig:11   | Noticed an ancient lich
172044 | Zig:11   | Killed an ancient lich
172105 | Zig:11   | Got a brightly glowing glass ring
172107 | Zig:11   | Identified the ring of Midsummer {rElec MR+ Str+5} (You
                  | found it on level 11 of a ziggurat)
172291 | Zig:12   | Entered Level 12 of a ziggurat
172299 | Zig:12   | Noticed Rohefeag the pandemonium lord
172299 | Zig:12   | Noticed Keniw the pandemonium lord
172300 | Zig:12   | Noticed Udir Ots the pandemonium lord
172300 | Zig:12   | Noticed Otwempov the pandemonium lord
172301 | Zig:12   | Noticed Eggid the pandemonium lord
172302 | Zig:12   | Killed Keniw the pandemonium lord
172302 | Zig:12   | Noticed Padali the pandemonium lord
172303 | Zig:12   | Killed Udir Ots the pandemonium lord
172303 | Zig:12   | Killed Rohefeag the pandemonium lord
172303 | Zig:12   | Killed Eggid the pandemonium lord
172303 | Zig:12   | Noticed Hereseelor the pandemonium lord
172304 | Zig:12   | Killed Otwempov the pandemonium lord
172304 | Zig:12   | Killed Padali the pandemonium lord
172304 | Zig:12   | Noticed Vydyen the pandemonium lord
172305 | Zig:12   | Noticed Dosmik the pandemonium lord
172305 | Zig:12   | Noticed Taemn the pandemonium lord
172309 | Zig:12   | Killed Vydyen the pandemonium lord
172309 | Zig:12   | Killed Hereseelor the pandemonium lord
172310 | Zig:12   | Noticed Fiarph the pandemonium lord
172311 | Zig:12   | Noticed Ewys the pandemonium lord
172311 | Zig:12   | Noticed Beidytar the pandemonium lord
172312 | Zig:12   | Killed Taemn the pandemonium lord
172312 | Zig:12   | Noticed Qeizubb the pandemonium lord
172313 | Zig:12   | Killed Qeizubb the pandemonium lord
172313 | Zig:12   | Killed Fiarph the pandemonium lord
172313 | Zig:12   | Killed Beidytar the pandemonium lord
172315 | Zig:12   | Noticed Myly the pandemonium lord
172318 | Zig:12   | Killed Ewys the pandemonium lord
172318 | Zig:12   | Noticed Famyiff the pandemonium lord
172326 | Zig:12   | Killed Dosmik the pandemonium lord
172327 | Zig:12   | Noticed Hiddonn the pandemonium lord
172330 | Zig:12   | Killed Famyiff the pandemonium lord
172331 | Zig:12   | Noticed Peliaz the pandemonium lord
172332 | Zig:12   | Noticed Umorchiuf the pandemonium lord
172333 | Zig:12   | Killed Myly the pandemonium lord
172333 | Zig:12   | Killed Hiddonn the pandemonium lord
172335 | Zig:12   | Noticed Oplikhlo the pandemonium lord
172343 | Zig:12   | Killed Umorchiuf the pandemonium lord
172344 | Zig:12   | Killed Peliaz the pandemonium lord
172347 | Zig:12   | Killed Oplikhlo the pandemonium lord
172527 | Zig:13   | Entered Level 13 of a ziggurat
172537 | Zig:13   | Noticed an ancient lich
172539 | Zig:13   | Noticed an ancient lich
172540 | Zig:13   | Killed an ancient lich
172543 | Zig:13   | Killed an ancient lich
172544 | Zig:13   | Noticed an ancient lich
172548 | Zig:13   | Killed an ancient lich
172584 | Zig:13   | Got a slimy lead ring
172586 | Zig:13   | Identified the ring "Xyimeps" {+Blink rC+ rCorr Slay+2}
                  | (You found it on level 13 of a ziggurat)
172593 | Zig:13   | Got a brightly glowing glass ring
172595 | Zig:13   | Identified the ring "Yzxoofea" {rElec rPois} (You found it
                  | on level 13 of a ziggurat)
172774 | Zig:14   | Entered Level 14 of a ziggurat
172817 | Zig:14   | Identified the Guide on the Evil Escort
172822 | Zig:14   | Identified Foopt's Catalogue of Toxic Darkness
172824 | Zig:14   | Identified Lidut's Papyrus of Translocation and
                  | Transformation
172833 | Zig:14   | Got a translucent copper ring
172835 | Zig:14   | Identified the ring of Saebus {Wiz Str+2} (You found it on
                  | level 14 of a ziggurat)
173074 | Zig:15   | Entered Level 15 of a ziggurat
173107 | Zig:15   | Noticed Ricat the pandemonium lord
173111 | Zig:15   | Killed Ricat the pandemonium lord
173153 | Zig:15   | Found the +8 frozen axe "Frostbite" {freezing cloud, *Noise
                  | +Fly rC+}
173169 | Zig:15   | Identified Tefeh's Handbook of the Lucky Mountains
173186 | Zig:15   | Got a brightly glowing platinum ring
173188 | Zig:15   | Identified the ring of Epitoh {+Blink MR+} (You found it on
                  | level 15 of a ziggurat)
173400 | Zig:16   | Entered Level 16 of a ziggurat
173428 | Zig:16   | Found the +8 whip "Snakebite" {curare, rPois}
173774 | Zig:17   | Entered Level 17 of a ziggurat
173889 | Zig:17   | Got a scorched lead ring
173891 | Zig:17   | Identified the ring "Ubaff" {rC- rN++ MR+} (You found it on
                  | level 17 of a ziggurat)
173917 | Zig:17   | Got tiger eye-encrusted pearl dragon scales
173918 | Zig:17   | Identified the +1 pearl dragon scales of Kemaycug {rN+
                  | Dex+4 Slay-2} (You found it on level 17 of a ziggurat)
173929 | Zig:17   | Identified the Disquisition on Calling and Cold
173940 | Zig:17   | Got a steaming shield
173941 | Zig:17   | Identified the +3 shield "Pyrgherasch" {Str+3 Stlth+} (You
                  | found it on level 17 of a ziggurat)
174145 | Zig:18   | Entered Level 18 of a ziggurat
174157 | Zig:18   | Noticed an ancient lich
174158 | Zig:18   | Noticed an ancient lich
174161 | Zig:18   | Killed an ancient lich
174162 | Zig:18   | Noticed an ancient lich
174163 | Zig:18   | Killed an ancient lich
174163 | Zig:18   | Killed an ancient lich
174165 | Zig:18   | Noticed an ancient lich
174166 | Zig:18   | Noticed an ancient lich
174167 | Zig:18   | Killed an ancient lich
174168 | Zig:18   | Killed an ancient lich
174168 | Zig:18   | Noticed an ancient lich
174169 | Zig:18   | Killed an ancient lich
174176 | Zig:18   | Noticed an ancient lich
174177 | Zig:18   | Noticed an ancient lich
174179 | Zig:18   | Noticed an ancient lich
174179 | Zig:18   | Killed an ancient lich
174180 | Zig:18   | Killed an ancient lich
174181 | Zig:18   | Killed an ancient lich
174199 | Zig:18   | Got a bound iron ring
174201 | Zig:18   | Identified the ring "Poupupta" {+Blink rElec Str+3} (You
                  | found it on level 18 of a ziggurat)
174211 | Zig:18   | Got a scintillating ivory ring
174213 | Zig:18   | Identified the ring "Riyseu" {*Slow rElec rN+ Str+4} (You
                  | found it on level 18 of a ziggurat)
174243 | Zig:18   | Identified Tuorobe's Easy Spellweaving
174525 | Zig:19   | Entered Level 19 of a ziggurat
174556 | Zig:19   | Found the +8 demon blade "Leech" {vamp, rN+ AC-3 EV-3}
174589 | Zig:19   | Got a crude bone ring
174591 | Zig:19   | Identified the ring "Lurrueff" {*Tele MR+} (You found it on
                  | level 19 of a ziggurat)
174969 | Zig:20   | Entered Level 20 of a ziggurat
175080 | Zig:20   | Got an ancient diamond amulet
175081 | Zig:20   | Identified the amulet "Wustuvih" {Faith rC+ Int+6} (You
                  | found it on level 20 of a ziggurat)
175092 | Zig:20   | Got a clouded silver ring
175094 | Zig:20   | Identified the ring "Naduzudy" {+Fly rF+ AC+5 Slay-6} (You
                  | found it on level 20 of a ziggurat)
175118 | Zig:20   | Identified Epharreq's Compendium of Creation
175427 | Zig:21   | Entered Level 21 of a ziggurat
175503 | Zig:21   | Identified the Papyrus of the Glacier and Clay
175512 | Zig:21   | Got a pair of dazzling boots
175523 | Zig:21   | Identified the -4 pair of boots "Jeur" {Dex+6} (You found
                  | it on level 21 of a ziggurat)
175567 | Zig:21   | Identified the Compendium of Transmutation
175570 | Zig:21   | Got a transparent ivory amulet
175571 | Zig:21   | Identified the amulet "Divui" {Faith rPois rF- MR+} (You
                  | found it on level 21 of a ziggurat)
175581 | Zig:21   | Got a faintly glowing shield
175592 | Zig:21   | Identified the +1 shield "Heosugra" {rElec rPois} (You
                  | found it on level 21 of a ziggurat)
175966 | Zig:22   | Entered Level 22 of a ziggurat
176006 | Zig:22   | Killed a starcursed mass
176040 | Zig:22   | Found the +9 staff of Wucad Mu {channel}
176064 | Zig:22   | Got a bound copper ring
176066 | Zig:22   | Identified the ring of Azomud {rN+ MP+9 AC+1 Int-5 Stlth+}
                  | (You found it on level 22 of a ziggurat)
176075 | Zig:22   | Got a flickering iron ring
176077 | Zig:22   | Identified the ring of Viropiat {rPois AC+3 Str+3} (You
                  | found it on level 22 of a ziggurat)
176113 | Zig:22   | Got a shimmering bone ring
176115 | Zig:22   | Identified the ring "Fown" {rN+ Slay+4} (You found it on
                  | level 22 of a ziggurat)
176120 | Zig:22   | Got a translucent jade ring
176122 | Zig:22   | Identified the ring of Saohes {Wiz rF+} (You found it on
                  | level 22 of a ziggurat)
176511 | Zig:23   | Entered Level 23 of a ziggurat
176521 | Zig:23   | Noticed a juggernaut
176521 | Zig:23   | Noticed a juggernaut
176523 | Zig:23   | Killed a juggernaut
176523 | Zig:23   | Killed a juggernaut
176524 | Zig:23   | Noticed a juggernaut
176524 | Zig:23   | Noticed a juggernaut
176524 | Zig:23   | Noticed a juggernaut
176525 | Zig:23   | Noticed a juggernaut
176526 | Zig:23   | Noticed a juggernaut
176526 | Zig:23   | Noticed a juggernaut
176526 | Zig:23   | Noticed a juggernaut
176527 | Zig:23   | Noticed a juggernaut
176528 | Zig:23   | Killed a juggernaut
176528 | Zig:23   | Killed a juggernaut
176528 | Zig:23   | Killed a juggernaut
176528 | Zig:23   | Killed a juggernaut
176528 | Zig:23   | Killed a juggernaut
176528 | Zig:23   | Killed a juggernaut
176528 | Zig:23   | Killed a juggernaut
176529 | Zig:23   | Noticed a juggernaut
176530 | Zig:23   | Noticed a juggernaut
176531 | Zig:23   | Killed a juggernaut
176533 | Zig:23   | Noticed a juggernaut
176534 | Zig:23   | Killed a juggernaut
176534 | Zig:23   | Killed a juggernaut
176534 | Zig:23   | Killed a juggernaut
176534 | Zig:23   | Noticed a juggernaut
176535 | Zig:23   | Noticed a juggernaut
176540 | Zig:23   | Killed a juggernaut
176541 | Zig:23   | Killed a juggernaut
176574 | Zig:23   | Found the +3 sling "Punk" {acid, rCorr}
176591 | Zig:23   | Got a smoking iron ring
176593 | Zig:23   | Identified the ring "Bawos" {rN+ Str+4 Dex-3 Slay+3} (You
                  | found it on level 23 of a ziggurat)
176611 | Zig:23   | Got a scorched large shield
176622 | Zig:23   | Identified the +4 large shield "Vosmirok" {MR+ Regen+
                  | Stlth+} (You acquired it on level 23 of a ziggurat)
176626 | Zig:23   | Got a shimmering platinum ring
176628 | Zig:23   | Identified the ring "Cuepega" {+Fly rPois rC+} (You found
                  | it on level 23 of a ziggurat)
176663 | Zig:23   | Got a brightly glowing golden ring
176665 | Zig:23   | Identified the ring of Qugaint {rElec rF+ rC+ SInv} (You
                  | found it on level 23 of a ziggurat)
177095 | Zig:24   | Entered Level 24 of a ziggurat
177107 | Zig:24   | Noticed a greater mummy
177109 | Zig:24   | Noticed a greater mummy
177110 | Zig:24   | Noticed a greater mummy
177112 | Zig:24   | Noticed a greater mummy
177112 | Zig:24   | Killed a greater mummy
177113 | Zig:24   | Killed a greater mummy
177113 | Zig:24   | Killed a greater mummy
177113 | Zig:24   | Killed a greater mummy
177113 | Zig:24   | Noticed a greater mummy
177113 | Zig:24   | Noticed a greater mummy
177113 | Zig:24   | Noticed a greater mummy
177114 | Zig:24   | Killed a greater mummy
177114 | Zig:24   | Killed a greater mummy
177115 | Zig:24   | Killed a greater mummy
177115 | Zig:24   | Noticed a greater mummy
177115 | Zig:24   | Noticed a greater mummy
177117 | Zig:24   | Noticed a greater mummy
177117 | Zig:24   | Noticed a greater mummy
177118 | Zig:24   | Killed a greater mummy
177119 | Zig:24   | Killed a greater mummy
177119 | Zig:24   | Killed a greater mummy
177119 | Zig:24   | Noticed a greater mummy
177119 | Zig:24   | Noticed a greater mummy
177120 | Zig:24   | Killed a greater mummy
177120 | Zig:24   | Noticed a greater mummy
177121 | Zig:24   | Noticed a greater mummy
177121 | Zig:24   | Noticed a greater mummy
177122 | Zig:24   | Killed a greater mummy
177122 | Zig:24   | Killed a greater mummy
177122 | Zig:24   | Noticed a greater mummy
177122 | Zig:24   | Noticed a greater mummy
177123 | Zig:24   | Noticed a greater mummy
177124 | Zig:24   | Killed a greater mummy
177124 | Zig:24   | Killed a greater mummy
177124 | Zig:24   | Killed a greater mummy
177124 | Zig:24   | Killed a greater mummy
177124 | Zig:24   | Noticed a greater mummy
177124 | Zig:24   | Noticed a greater mummy
177125 | Zig:24   | Noticed a greater mummy
177126 | Zig:24   | Noticed a greater mummy
177127 | Zig:24   | Noticed a greater mummy
177128 | Zig:24   | Noticed a greater mummy
177129 | Zig:24   | Killed a greater mummy
177129 | Zig:24   | Killed a greater mummy
177129 | Zig:24   | Killed a greater mummy
177129 | Zig:24   | Killed a greater mummy
177129 | Zig:24   | Killed a greater mummy
177130 | Zig:24   | Killed a greater mummy
177130 | Zig:24   | Killed a greater mummy
177131 | Zig:24   | Killed a greater mummy
177142 | Zig:24   | Noticed a greater mummy
177143 | Zig:24   | Noticed a greater mummy
177143 | Zig:24   | Noticed a greater mummy
177144 | Zig:24   | Killed a greater mummy
177145 | Zig:24   | Noticed a greater mummy
177147 | Zig:24   | Noticed a greater mummy
177148 | Zig:24   | Killed a greater mummy
177149 | Zig:24   | Killed a greater mummy
177149 | Zig:24   | Killed a greater mummy
177150 | Zig:24   | Noticed a greater mummy
177152 | Zig:24   | Killed a greater mummy
177152 | Zig:24   | Noticed a greater mummy
177152 | Zig:24   | Noticed a greater mummy
177152 | Zig:24   | Noticed a greater mummy
177153 | Zig:24   | Killed a greater mummy
177153 | Zig:24   | Noticed a greater mummy
177154 | Zig:24   | Killed a greater mummy
177155 | Zig:24   | Killed a greater mummy
177155 | Zig:24   | Killed a greater mummy
177155 | Zig:24   | Killed a greater mummy
177155 | Zig:24   | Noticed a greater mummy
177156 | Zig:24   | Noticed a greater mummy
177157 | Zig:24   | Noticed a greater mummy
177158 | Zig:24   | Killed a greater mummy
177158 | Zig:24   | Killed a greater mummy
177159 | Zig:24   | Killed a greater mummy
177161 | Zig:24   | Killed a greater mummy
177164 | Zig:24   | Noticed a greater mummy
177165 | Zig:24   | Killed a greater mummy
177238 | Zig:24   | Got a slimy turquoise ring
177240 | Zig:24   | Identified the ring of Vuvidgh {+Fly rElec AC+2} (You found
                  | it on level 24 of a ziggurat)
177693 | Zig:25   | Entered Level 25 of a ziggurat
177798 | Zig:25   | Got a translucent ivory ring
177800 | Zig:25   | Identified the ring "Yricu" {Slay+3 Stlth+} (You found it
                  | on level 25 of a ziggurat)
178234 | Zig:26   | Entered Level 26 of a ziggurat
178373 | Zig:26   | Identified Cyucab's Papyrus of Ashen Conjuration
178397 | Zig:26   | Got a clouded platinum ring
178421 | Zig:26   | Identified the ring of Uskayaw's Hope {+Fly MR+} (You found
                  | it on level 26 of a ziggurat)
178867 | Zig:27   | Entered Level 27 of a ziggurat
178990 | Zig:27   | Got a glittering tin amulet
178991 | Zig:27   | Identified the amulet of Maoplug {Faith +Inv rC+++ Str+3
                  | Dex-5} (You found it on level 27 of a ziggurat)
179520 | Depths:3 | Bought a scroll of acquirement for 2080 gold pieces
179520 | Depths:3 | Bought a pair of faintly glowing boots for 380 gold pieces
179521 | Depths:3 | Got a pair of dazzling boots
179532 | Depths:3 | Identified the +0 pair of boots of Fankaps {rC+ Str+4
                  | Stlth+} (You acquired it on level 3 of the Depths)
179542 | Depths:3 | Identified the +0 pair of boots of Denix {rElec rN+ rCorr}
                  | (You bought it in a shop on level 3 of the Depths)
179566 | Hell     | Reached skill level 27 in Crossbows
179567 | Hell     | Reached skill level 27 in Bows
179568 | Hell     | Reached skill level 27 in Long Blades
179569 | Hell     | Reached skill level 27 in Short Blades
179570 | Hell     | Reached skill level 27 in Slings
179581 | Zig:1    | Entered Level 1 of a ziggurat
179599 | Zig:2    | Entered Level 2 of a ziggurat
179656 | Zig:3    | Entered Level 3 of a ziggurat
179657 | Zig:3    | Noticed a greater mummy
179659 | Zig:3    | Killed a greater mummy
179660 | Zig:3    | Noticed a greater mummy
179666 | Zig:3    | Killed a greater mummy
179770 | Zig:4    | Entered Level 4 of a ziggurat
179772 | Zig:4    | Noticed an ancient lich
179773 | Zig:4    | Noticed an ancient lich
179774 | Zig:4    | Noticed an ancient lich
179775 | Zig:4    | Killed an ancient lich
179775 | Zig:4    | Killed an ancient lich
179775 | Zig:4    | Killed an ancient lich
179841 | Zig:5    | Entered Level 5 of a ziggurat
179900 | Zig:5    | Identified the Compendium of Warped Self-Improvement
179966 | Zig:6    | Entered Level 6 of a ziggurat
180115 | Zig:7    | Entered Level 7 of a ziggurat
180117 | Zig:7    | Noticed a greater mummy
180117 | Zig:7    | Noticed a greater mummy
180118 | Zig:7    | Noticed a greater mummy
180118 | Zig:7    | Noticed a greater mummy
180118 | Zig:7    | Noticed a greater mummy
180119 | Zig:7    | Killed a greater mummy
180119 | Zig:7    | Killed a greater mummy
180119 | Zig:7    | Killed a greater mummy
180119 | Zig:7    | Killed a greater mummy
180120 | Zig:7    | Killed a greater mummy
180120 | Zig:7    | Noticed a greater mummy
180121 | Zig:7    | Noticed a greater mummy
180122 | Zig:7    | Noticed a greater mummy
180122 | Zig:7    | Noticed a greater mummy
180122 | Zig:7    | Noticed a greater mummy
180123 | Zig:7    | Killed a greater mummy
180123 | Zig:7    | Killed a greater mummy
180124 | Zig:7    | Killed a greater mummy
180124 | Zig:7    | Killed a greater mummy
180124 | Zig:7    | Killed a greater mummy
180163 | Zig:7    | Got a fine wooden ring
180165 | Zig:7    | Identified the ring "Tats" {rN+ MP+9 Int+2} (You found it
                  | on level 7 of a ziggurat)
180292 | Zig:8    | Entered Level 8 of a ziggurat
180295 | Zig:8    | Noticed a greater mummy
180296 | Zig:8    | Noticed a greater mummy
180296 | Zig:8    | Noticed a greater mummy
180297 | Zig:8    | Killed a greater mummy
180297 | Zig:8    | Noticed a greater mummy
180298 | Zig:8    | Noticed a greater mummy
180300 | Zig:8    | Noticed a greater mummy
180301 | Zig:8    | Killed a greater mummy
180301 | Zig:8    | Killed a greater mummy
180301 | Zig:8    | Killed a greater mummy
180301 | Zig:8    | Noticed a greater mummy
180301 | Zig:8    | Noticed a greater mummy
180303 | Zig:8    | Noticed a greater mummy
180304 | Zig:8    | Noticed a greater mummy
180304 | Zig:8    | Noticed a greater mummy
180304 | Zig:8    | Killed a greater mummy
180305 | Zig:8    | Killed a greater mummy
180306 | Zig:8    | Killed a greater mummy
180306 | Zig:8    | Killed a greater mummy
180306 | Zig:8    | Killed a greater mummy
180307 | Zig:8    | Killed a greater mummy
180307 | Zig:8    | Killed a greater mummy
180308 | Zig:8    | Found the +11 plutonium sword {*Contam Stlth-}
180527 | Zig:9    | Entered Level 9 of a ziggurat
180585 | Zig:9    | Identified Qoquocut's Disquisition on Feathery Arcane
                  | Weapons
180598 | Zig:9    | Got a brightly glowing iron ring
180600 | Zig:9    | Identified the ring "Coad" {MP+9 Str+4} (You found it on
                  | level 9 of a ziggurat)
180607 | Zig:9    | Got an ancient iron ring
180609 | Zig:9    | Identified the ring "Sogu" {rF+ Str+3} (You found it on
                  | level 9 of a ziggurat)
180724 | Zig:10   | Entered Level 10 of a ziggurat
180750 | Zig:10   | Identified the Almanac of Dusty Unholy Arts
180902 | Zig:10   | Reached skill level 27 in Summonings
180903 | Zig:10   | Reached skill level 27 in Poison Magic
180907 | Zig:11   | Entered Level 11 of a ziggurat
180916 | Zig:11   | Noticed an ancient lich
180917 | Zig:11   | Noticed an ancient lich
180919 | Zig:11   | Noticed an ancient lich
180920 | Zig:11   | Noticed an ancient lich
180920 | Zig:11   | Noticed an ancient lich
180921 | Zig:11   | Killed an ancient lich
180921 | Zig:11   | Noticed an ancient lich
180922 | Zig:11   | Killed an ancient lich
180922 | Zig:11   | Killed an ancient lich
180923 | Zig:11   | Noticed an ancient lich
180924 | Zig:11   | Noticed an ancient lich
180924 | Zig:11   | Noticed an ancient lich
180924 | Zig:11   | Noticed an ancient lich
180925 | Zig:11   | Killed an ancient lich
180925 | Zig:11   | Killed an ancient lich
180925 | Zig:11   | Killed an ancient lich
180925 | Zig:11   | Killed an ancient lich
180925 | Zig:11   | Killed an ancient lich
180925 | Zig:11   | Killed an ancient lich
180925 | Zig:11   | Noticed an ancient lich
180926 | Zig:11   | Killed an ancient lich
180926 | Zig:11   | Noticed an ancient lich
180928 | Zig:11   | Killed an ancient lich
180928 | Zig:11   | Killed an ancient lich
180985 | Zig:11   | Identified the Catalogue of Contamination
181002 | Zig:11   | Identified the Guide on Gliding Attacks
181133 | Zig:12   | Entered Level 12 of a ziggurat
181154 | Zig:12   | Noticed Yvum the pandemonium lord
181174 | Zig:12   | Killed Yvum the pandemonium lord
181239 | Zig:12   | Identified the Disquisition on Poison and Evil
181243 | Zig:12   | Got a shimmering silver ring
181245 | Zig:12   | Identified the cursed ring "Furuor" {*Drain rC+ Str-6
                  | Int+3} (You found it on level 12 of a ziggurat)
181267 | Zig:12   | Got an ancient garnet amulet
181268 | Zig:12   | Identified the amulet of Uren {Acrobat -Tele Dex+7} (You
                  | found it on level 12 of a ziggurat)
181467 | Zig:13   | Entered Level 13 of a ziggurat
181477 | Zig:13   | Noticed an ancient lich
181478 | Zig:13   | Noticed an ancient lich
181479 | Zig:13   | Killed an ancient lich
181479 | Zig:13   | Noticed an ancient lich
181481 | Zig:13   | Noticed an ancient lich
181482 | Zig:13   | Killed an ancient lich
181482 | Zig:13   | Noticed an ancient lich
181482 | Zig:13   | Noticed an ancient lich
181483 | Zig:13   | Noticed an ancient lich
181484 | Zig:13   | Killed an ancient lich
181484 | Zig:13   | Killed an ancient lich
181484 | Zig:13   | Killed an ancient lich
181485 | Zig:13   | Killed an ancient lich
181486 | Zig:13   | Killed an ancient lich
181487 | Zig:13   | Noticed an ancient lich
181507 | Zig:13   | Identified the Incunabulum of Summoning
181523 | Zig:13   | Killed an ancient lich
181550 | Zig:13   | Got a flickering amber ring
181552 | Zig:13   | Identified the ring of a Million Spirits {rF+ MR+ Int+3}
                  | (You found it on level 13 of a ziggurat)
181776 | Zig:14   | Entered Level 14 of a ziggurat
181801 | Zig:14   | Found the +8 glaive of the Guard {elec, +Rage AC+5 SInv}
181813 | Zig:14   | Identified the Compendium of Blistering Displacement
181827 | Zig:14   | Identified Asexkalu's Grimoire of Ice and Creation
181839 | Zig:14   | Got a clouded lapis lazuli ring
181841 | Zig:14   | Identified the ring of Doeqel {rN++ MP+9} (You found it on
                  | level 14 of a ziggurat)
181845 | Zig:14   | Identified the Tome of Enchanting Cold
181852 | Zig:14   | Identified the Reference Book on Calling and Displacement
182088 | Zig:15   | Entered Level 15 of a ziggurat
182153 | Zig:15   | Found the +5 demon whip "Spellbinder" {antimagic, MR+}
182161 | Zig:15   | Got a pair of slimy gloves
182172 | Zig:15   | Identified the +2 pair of gloves "Tahyuh" {rC+ Dex+4} (You
                  | acquired it on level 15 of a ziggurat)
182184 | Zig:15   | Got a pair of dazzling boots
182195 | Zig:15   | Identified the +2 pair of boots of the Slightly Bent {MR+
                  | Int+4 Stlth+} (You acquired it on level 15 of a ziggurat)
182197 | Zig:15   | Got a pair of ancient boots
182208 | Zig:15   | Identified the -7 pair of boots "Dadwoed" {rC+ Int+2} (You
                  | acquired it on level 15 of a ziggurat)
182220 | Zig:15   | Got a transparent marble ring
182222 | Zig:15   | Identified the ring of Dadutt {*Drain rF++ MP+9 Dex+4} (You
                  | found it on level 15 of a ziggurat)
182264 | Zig:15   | Got a flickering silver ring
182266 | Zig:15   | Identified the ring of Wuwal {*Tele Stlth+} (You found it
                  | on level 15 of a ziggurat)
182548 | Zig:16   | Entered Level 16 of a ziggurat
182555 | Zig:16   | Noticed a greater mummy
182555 | Zig:16   | Noticed a greater mummy
182557 | Zig:16   | Noticed a greater mummy
182557 | Zig:16   | Noticed a greater mummy
182560 | Zig:16   | Killed a greater mummy
182560 | Zig:16   | Killed a greater mummy
182560 | Zig:16   | Killed a greater mummy
182560 | Zig:16   | Killed a greater mummy
182560 | Zig:16   | Noticed a greater mummy
182560 | Zig:16   | Noticed a greater mummy
182562 | Zig:16   | Noticed a greater mummy
182563 | Zig:16   | Killed a greater mummy
182563 | Zig:16   | Killed a greater mummy
182563 | Zig:16   | Noticed a greater mummy
182563 | Zig:16   | Noticed a greater mummy
182564 | Zig:16   | Noticed a greater mummy
182564 | Zig:16   | Noticed a greater mummy
182564 | Zig:16   | Killed a greater mummy
182564 | Zig:16   | Noticed a greater mummy
182564 | Zig:16   | Noticed a greater mummy
182564 | Zig:16   | Noticed a greater mummy
182565 | Zig:16   | Noticed a greater mummy
182565 | Zig:16   | Noticed a greater mummy
182566 | Zig:16   | Killed a greater mummy
182566 | Zig:16   | Killed a greater mummy
182566 | Zig:16   | Noticed a greater mummy
182566 | Zig:16   | Noticed a greater mummy
182567 | Zig:16   | Noticed a greater mummy
182567 | Zig:16   | Noticed a greater mummy
182568 | Zig:16   | Killed a greater mummy
182568 | Zig:16   | Killed a greater mummy
182568 | Zig:16   | Killed a greater mummy
182568 | Zig:16   | Killed a greater mummy
182568 | Zig:16   | Killed a greater mummy
182569 | Zig:16   | Killed a greater mummy
182569 | Zig:16   | Killed a greater mummy
182569 | Zig:16   | Killed a greater mummy
182569 | Zig:16   | Killed a greater mummy
182569 | Zig:16   | Killed a greater mummy
182569 | Zig:16   | Killed a greater mummy
182569 | Zig:16   | Noticed a greater mummy
182569 | Zig:16   | Noticed a greater mummy
182571 | Zig:16   | Killed a greater mummy
182571 | Zig:16   | Killed a greater mummy
182571 | Zig:16   | Killed a greater mummy
182571 | Zig:16   | Noticed a greater mummy
182573 | Zig:16   | Noticed a greater mummy
182573 | Zig:16   | Noticed a greater mummy
182575 | Zig:16   | Killed a greater mummy
182575 | Zig:16   | Killed a greater mummy
182575 | Zig:16   | Killed a greater mummy
182575 | Zig:16   | Noticed a greater mummy
182576 | Zig:16   | Noticed a greater mummy
182577 | Zig:16   | Noticed a greater mummy
182580 | Zig:16   | Killed a greater mummy
182581 | Zig:16   | Killed a greater mummy
182582 | Zig:16   | Killed a greater mummy
182615 | Zig:16   | Identified the Incunabulum of Damaging Translocation
182622 | Zig:16   | Got a steaming pewter amulet
182623 | Zig:16   | Identified the amulet "Xing" {+Rage Str+5} (You found it on
                  | level 16 of a ziggurat)
182648 | Zig:16   | Got a twitching golden ring
182650 | Zig:16   | Identified the ring of Devotion {Fire rN+ Dex+3} (You found
                  | it on level 16 of a ziggurat)
182932 | Zig:17   | Entered Level 17 of a ziggurat
182984 | Zig:17   | Found the +3 Elemental Staff {rElec rF++ rC++ MR++ AC+5}
182986 | Zig:17   | Got a brightly glowing amethyst amulet
182987 | Zig:17   | Identified the amulet "Tomy" {Acrobat rC- MR++ MP+9} (You
                  | found it on level 17 of a ziggurat)
183020 | Zig:17   | Got a slimy steel ring
183022 | Zig:17   | Identified the ring of Gitas {Ice rPois} (You found it on
                  | level 17 of a ziggurat)
183327 | Zig:18   | Entered Level 18 of a ziggurat
183397 | Zig:18   | Got a smoking turquoise ring
183398 | Zig:18   | Identified the ring of Conformity {+Blink rPois rN+ Int+4
                  | Stlth-} (You found it on level 18 of a ziggurat)
183689 | Zig:19   | Entered Level 19 of a ziggurat
183800 | Zig:19   | Got a vibrating turquoise ring
183802 | Zig:19   | Identified the ring "Edeakaucs" {+Inv rF++ Dex+5 Slay-2
                  | Stlth+} (You found it on level 19 of a ziggurat)
184188 | Zig:20   | Entered Level 20 of a ziggurat
184222 | Zig:20   | Identified the +5 large shield of Jyan {Int+3 Dex+4 Slay+3}
184222 | Zig:20   | Identified the +1 large shield of Jelium {Int-5 Dex-3
                  | Slay+4 Stlth+}
184287 | Zig:20   | Got a slimy marble ring
184289 | Zig:20   | Identified the ring "Xubrus" {*Tele Str-3 Dex+3 Stlth+}
                  | (You found it on level 20 of a ziggurat)
184300 | Zig:20   | Got a heavily runed bronze ring
184302 | Zig:20   | Identified the ring of Fiteif {rC+ rCorr Str+2 Int+3} (You
                  | found it on level 20 of a ziggurat)
184351 | Zig:20   | Got a serpentine pewter ring
184352 | Zig:20   | Identified the ring "Xine" {rC+ MR+ Int+5} (You found it on
                  | level 20 of a ziggurat)
184596 | Zig:21   | Entered Level 21 of a ziggurat
184681 | Zig:21   | Killed a starcursed mass
184691 | Zig:21   | Found the +9 sword of Zonguldrok {reap}
184697 | Zig:21   | Identified the Reference Book on Noxious Arcane Weapons
184770 | Zig:21   | Identified Morom's Compendium of the Gliding Compass
185088 | Zig:22   | Entered Level 22 of a ziggurat
185208 | Zig:22   | Identified the Reference Book on Flamy Evil Arts
185237 | Zig:22   | Got a coiled bone ring
185239 | Zig:22   | Identified the ring "Zafie" {rC+ MR+} (You found it on
                  | level 22 of a ziggurat)
185245 | Zig:22   | Identified Sif Muna's Papyrus of Frigorific Stones
185603 | Zig:22   | Paralysed by a floating eye for 4 turns
185608 | Zig:22   | Paralysed by a floating eye for 3 turns
185676 | Zig:23   | Entered Level 23 of a ziggurat
185726 | Zig:23   | Noticed Lexzenn the pandemonium lord
185730 | Zig:23   | Killed Lexzenn the pandemonium lord
185804 | Zig:23   | Got a vibrating granite ring
185808 | Zig:23   | Identified the ring "Egeudi" {rF+ rC+ Str+5 Int+4} (You
                  | found it on level 23 of a ziggurat)
185924 | Zig:23   | Got a jewelled large shield
185925 | Zig:23   | Identified the +7 large shield "Beetul" {rN+ rCorr} (You
                  | found it on level 23 of a ziggurat)
185929 | Zig:23   | Got a fine wooden ring
185930 | Zig:23   | Identified the ring "Zausuopti" {*Tele Dex+2} (You found it
                  | on level 23 of a ziggurat)
185932 | Zig:23   | Identified the Disquisition on Enhancements
185935 | Zig:23   | Identified the Guide on the Mutagenic Birds
185943 | Zig:23   | Identified Sif Muna's Compendium of Flight and Shape
                  | Shifting
186234 | Zig:24   | Entered Level 24 of a ziggurat
186326 | Zig:24   | Got a brightly glowing ruby amulet
186327 | Zig:24   | Identified the amulet "Cietrek" {Harm *Drain Dex+2} (You
                  | found it on level 24 of a ziggurat)
186335 | Zig:24   | Got a steaming jade ring
186337 | Zig:24   | Identified the ring "Udarhuaf" {+Inv rF+ rN+} (You found it
                  | on level 24 of a ziggurat)
186350 | Zig:24   | Got a vibrating turquoise ring
186351 | Zig:24   | Identified the ring of Xom's Righteous Anger {-Tele rN+
                  | Dex+4 SInv} (You found it on level 24 of a ziggurat)
186357 | Zig:24   | Identified Sif Muna's Disquisition on the Dusty Escort
186732 | Zig:25   | Entered Level 25 of a ziggurat
186776 | Zig:25   | Found the cursed +14 obsidian axe {chop, +Fly SInv *Curse}
186815 | Zig:25   | Got a steaming amber ring
186817 | Zig:25   | Identified the ring "Sywnuwk" {rF+ Stlth+} (You found it on
                  | level 25 of a ziggurat)
186829 | Zig:25   | Got a fine silver ring
186831 | Zig:25   | Identified the ring "Rietadwi" {*Slow rC+++ MR+++ AC+3
                  | Slay-2} (You found it on level 25 of a ziggurat)
186836 | Zig:25   | Got a translucent turquoise ring
186838 | Zig:25   | Identified the ring "Vacumef" {EV+6 Int+2} (You found it on
                  | level 25 of a ziggurat)
186845 | Zig:25   | Identified the Incunabulum of the Freezing Volcanoes
186850 | Zig:25   | Got a steaming glass ring
186851 | Zig:25   | Identified the ring "Huhialeidd" {rF+ rC+ SInv} (You found
                  | it on level 25 of a ziggurat)
186883 | Zig:25   | Got an ancient broad axe
186884 | Zig:25   | Identified the +10 broad axe of Forgiveness {pain, *Drain
                  | MR+ Int+2} (You found it on level 25 of a ziggurat)
187314 | Zig:26   | Entered Level 26 of a ziggurat
187329 | Zig:26   | Noticed Leubir the pandemonium lord
187329 | Zig:26   | Noticed Cunir the pandemonium lord
187331 | Zig:26   | Noticed Ubeovvad the pandemonium lord
187332 | Zig:26   | Killed Cunir the pandemonium lord
187332 | Zig:26   | Noticed Nyrudu the pandemonium lord
187333 | Zig:26   | Noticed Paudiq the pandemonium lord
187334 | Zig:26   | Noticed Hemonkat the pandemonium lord
187335 | Zig:26   | Killed Leubir the pandemonium lord
187335 | Zig:26   | Killed Nyrudu the pandemonium lord
187335 | Zig:26   | Noticed Aroth the pandemonium lord
187335 | Zig:26   | Noticed Papnar the pandemonium lord
187335 | Zig:26   | Noticed Noreplou the pandemonium lord
187335 | Zig:26   | Noticed Omixtam the pandemonium lord
187336 | Zig:26   | Killed Paudiq the pandemonium lord
187336 | Zig:26   | Noticed Boaggeba the pandemonium lord
187337 | Zig:26   | Killed Ubeovvad the pandemonium lord
187338 | Zig:26   | Noticed Vav Siwn the pandemonium lord
187338 | Zig:26   | Killed Aroth the pandemonium lord
187338 | Zig:26   | Killed Omixtam the pandemonium lord
187338 | Zig:26   | Noticed Kithorao the pandemonium lord
187338 | Zig:26   | Noticed Alatuy the pandemonium lord
187339 | Zig:26   | Noticed Ilupox the pandemonium lord
187339 | Zig:26   | Noticed Hait the pandemonium lord
187340 | Zig:26   | Killed Boaggeba the pandemonium lord
187341 | Zig:26   | Killed Hemonkat the pandemonium lord
187341 | Zig:26   | Killed Vav Siwn the pandemonium lord
187341 | Zig:26   | Killed Noreplou the pandemonium lord
187341 | Zig:26   | Noticed Ecauxtoh the pandemonium lord
187341 | Zig:26   | Noticed Foisiase the pandemonium lord
187342 | Zig:26   | Killed Foisiase the pandemonium lord
187342 | Zig:26   | Noticed Toesisoq the pandemonium lord
187342 | Zig:26   | Noticed Zeymoemi the pandemonium lord
187342 | Zig:26   | Noticed Xustroac the pandemonium lord
187343 | Zig:26   | Noticed Asoh Yhu the pandemonium lord
187343 | Zig:26   | Noticed Ruaj the pandemonium lord
187343 | Zig:26   | Noticed Joyquc the pandemonium lord
187344 | Zig:26   | Noticed Qequnioh the pandemonium lord
187344 | Zig:26   | Noticed Jetisuvo the pandemonium lord
187345 | Zig:26   | Killed Papnar the pandemonium lord
187345 | Zig:26   | Noticed Keofas Daib the pandemonium lord
187345 | Zig:26   | Noticed Unyneetu the pandemonium lord
187346 | Zig:26   | Noticed Byerphea the pandemonium lord
187349 | Zig:26   | Killed Kithorao the pandemonium lord
187349 | Zig:26   | Killed Alatuy the pandemonium lord
187349 | Zig:26   | Killed Hait the pandemonium lord
187349 | Zig:26   | Killed Zeymoemi the pandemonium lord
187349 | Zig:26   | Killed Toesisoq the pandemonium lord
187357 | Zig:26   | Killed Ilupox the pandemonium lord
187357 | Zig:26   | Killed Asoh Yhu the pandemonium lord
187359 | Zig:26   | Killed Byerphea the pandemonium lord
187359 | Zig:26   | Killed Xustroac the pandemonium lord
187359 | Zig:26   | Noticed Zame the pandemonium lord
187359 | Zig:26   | Noticed Ibbidoit the pandemonium lord
187360 | Zig:26   | Killed Joyquc the pandemonium lord
187360 | Zig:26   | Killed Qequnioh the pandemonium lord
187360 | Zig:26   | Noticed Vin Xure the pandemonium lord
187360 | Zig:26   | Noticed Guankiy the pandemonium lord
187361 | Zig:26   | Killed Ecauxtoh the pandemonium lord
187361 | Zig:26   | Killed Jetisuvo the pandemonium lord
187361 | Zig:26   | Killed Keofas Daib the pandemonium lord
187361 | Zig:26   | Killed Ibbidoit the pandemonium lord
187361 | Zig:26   | Noticed Poeqisk the pandemonium lord
187361 | Zig:26   | Noticed Viepnuth the pandemonium lord
187362 | Zig:26   | Noticed Reegav the pandemonium lord
187362 | Zig:26   | Noticed Neydil the pandemonium lord
187362 | Zig:26   | Noticed Soathroch the pandemonium lord
187363 | Zig:26   | Killed Poeqisk the pandemonium lord
187363 | Zig:26   | Killed Vin Xure the pandemonium lord
187363 | Zig:26   | Killed Zame the pandemonium lord
187363 | Zig:26   | Killed Soathroch the pandemonium lord
187363 | Zig:26   | Noticed Rumipyic the pandemonium lord
187363 | Zig:26   | Noticed Hesana the pandemonium lord
187366 | Zig:26   | Killed Viepnuth the pandemonium lord
187366 | Zig:26   | Noticed Hiolij the pandemonium lord
187367 | Zig:26   | Noticed Souloos the pandemonium lord
187367 | Zig:26   | Noticed Junudeschaw the pandemonium lord
187368 | Zig:26   | Noticed Ugoast the pandemonium lord
187368 | Zig:26   | Killed Unyneetu the pandemonium lord
187368 | Zig:26   | Noticed Xaesib the pandemonium lord
187369 | Zig:26   | Killed Guankiy the pandemonium lord
187369 | Zig:26   | Noticed Roprilela the pandemonium lord
187369 | Zig:26   | Noticed Tuih the pandemonium lord
187370 | Zig:26   | Noticed Aliry the pandemonium lord
187371 | Zig:26   | Noticed Tuupaytz the pandemonium lord
187371 | Zig:26   | Killed Reegav the pandemonium lord
187371 | Zig:26   | Killed Hesana the pandemonium lord
187371 | Zig:26   | Killed Neydil the pandemonium lord
187371 | Zig:26   | Killed Ruaj the pandemonium lord
187371 | Zig:26   | Noticed Qesao the pandemonium lord
187372 | Zig:26   | Killed Hiolij the pandemonium lord
187372 | Zig:26   | Killed Rumipyic the pandemonium lord
187372 | Zig:26   | Killed Junudeschaw the pandemonium lord
187372 | Zig:26   | Noticed Ilimad the pandemonium lord
187372 | Zig:26   | Noticed Gyoce the pandemonium lord
187373 | Zig:26   | Killed Xaesib the pandemonium lord
187374 | Zig:26   | Killed Gyoce the pandemonium lord
187374 | Zig:26   | Killed Aliry the pandemonium lord
187374 | Zig:26   | Noticed Iddeu the pandemonium lord
187374 | Zig:26   | Noticed Wueshrock the pandemonium lord
187374 | Zig:26   | Killed Qesao the pandemonium lord
187375 | Zig:26   | Killed Ugoast the pandemonium lord
187375 | Zig:26   | Killed Roprilela the pandemonium lord
187375 | Zig:26   | Noticed Jiaseodd the pandemonium lord
187376 | Zig:26   | Killed Ilimad the pandemonium lord
187376 | Zig:26   | Killed Tuupaytz the pandemonium lord
187376 | Zig:26   | Noticed Batutes the pandemonium lord
187377 | Zig:26   | Noticed Ampius the pandemonium lord
187378 | Zig:26   | Noticed Ebleul the pandemonium lord
187378 | Zig:26   | Noticed Plog the pandemonium lord
187379 | Zig:26   | Killed Ampius the pandemonium lord
187379 | Zig:26   | Noticed Syimatiu the pandemonium lord
187379 | Zig:26   | Noticed Hymiadel the pandemonium lord
187380 | Zig:26   | Killed Jiaseodd the pandemonium lord
187380 | Zig:26   | Killed Batutes the pandemonium lord
187382 | Zig:26   | Noticed Muttat the pandemonium lord
187383 | Zig:26   | Killed Iddeu the pandemonium lord
187385 | Zig:26   | Killed Wueshrock the pandemonium lord
187387 | Zig:26   | Killed Souloos the pandemonium lord
187387 | Zig:26   | Killed Tuih the pandemonium lord
187387 | Zig:26   | Killed Ebleul the pandemonium lord
187387 | Zig:26   | Killed Muttat the pandemonium lord
187387 | Zig:26   | Noticed Qetrusud the pandemonium lord
187387 | Zig:26   | Noticed Kicek the pandemonium lord
187387 | Zig:26   | Noticed Bisyasi the pandemonium lord
187388 | Zig:26   | Killed Plog the pandemonium lord
187389 | Zig:26   | Killed Syimatiu the pandemonium lord
187389 | Zig:26   | Killed Qetrusud the pandemonium lord
187389 | Zig:26   | Killed Hymiadel the pandemonium lord
187389 | Zig:26   | Killed Kicek the pandemonium lord
187389 | Zig:26   | Noticed Vuliqarr the pandemonium lord
187390 | Zig:26   | Killed Bisyasi the pandemonium lord
187390 | Zig:26   | Killed Vuliqarr the pandemonium lord
187390 | Zig:26   | Noticed Guschaath the pandemonium lord
187390 | Zig:26   | Noticed Wovips the pandemonium lord
187390 | Zig:26   | Noticed Mishulas the pandemonium lord
187391 | Zig:26   | Noticed Uprame the pandemonium lord
187391 | Zig:26   | Noticed Yfuank the pandemonium lord
187392 | Zig:26   | Killed Guschaath the pandemonium lord
187392 | Zig:26   | Noticed Hoqiz the pandemonium lord
187392 | Zig:26   | Noticed Teemaofeku the pandemonium lord
187394 | Zig:26   | Noticed Ynixzug the pandemonium lord
187395 | Zig:26   | Killed Uprame the pandemonium lord
187395 | Zig:26   | Noticed Amoblaf the pandemonium lord
187395 | Zig:26   | Noticed Nusakoda the pandemonium lord
187396 | Zig:26   | Noticed Ziuh the pandemonium lord
187397 | Zig:26   | Killed Wovips the pandemonium lord
187397 | Zig:26   | Killed Hoqiz the pandemonium lord
187397 | Zig:26   | Killed Ynixzug the pandemonium lord
187397 | Zig:26   | Killed Yfuank the pandemonium lord
187397 | Zig:26   | Noticed Heruinan the pandemonium lord
187397 | Zig:26   | Noticed Ewkeolat the pandemonium lord
187398 | Zig:26   | Noticed Vumomin the pandemonium lord
187399 | Zig:26   | Killed Nusakoda the pandemonium lord
187399 | Zig:26   | Killed Amoblaf the pandemonium lord
187399 | Zig:26   | Killed Teemaofeku the pandemonium lord
187400 | Zig:26   | Noticed Faxkimara the pandemonium lord
187400 | Zig:26   | Killed Ziuh the pandemonium lord
187401 | Zig:26   | Killed Ewkeolat the pandemonium lord
187401 | Zig:26   | Killed Mishulas the pandemonium lord
187401 | Zig:26   | Killed Heruinan the pandemonium lord
187401 | Zig:26   | Killed Vumomin the pandemonium lord
187401 | Zig:26   | Noticed Jofiroasch the pandemonium lord
187402 | Zig:26   | Killed Faxkimara the pandemonium lord
187402 | Zig:26   | Noticed Rahotaof the pandemonium lord
187402 | Zig:26   | Noticed Puqujots the pandemonium lord
187404 | Zig:26   | Noticed Ijubor the pandemonium lord
187405 | Zig:26   | Killed Jofiroasch the pandemonium lord
187406 | Zig:26   | Killed Rahotaof the pandemonium lord
187406 | Zig:26   | Killed Ijubor the pandemonium lord
187411 | Zig:26   | Noticed Xega the pandemonium lord
187414 | Zig:26   | Killed Puqujots the pandemonium lord
187418 | Zig:26   | Killed Xega the pandemonium lord
187461 | Zig:26   | Got a twitching lapis lazuli ring
187462 | Zig:26   | Identified the ring "Tiudy" {rF+ rN+ Stlth+} (You found it
                  | on level 26 of a ziggurat)
187483 | Zig:26   | Identified the Grimoire of Poisonous Good Luck
187496 | Zig:26   | Identified the Handbook of Calling
187500 | Zig:26   | Got an ancient platinum ring
187501 | Zig:26   | Identified the cursed ring "Afroefabb" {rPois rC+ Str+5
                  | Int-3 Dex-2} (You found it on level 26 of a ziggurat)
187513 | Zig:26   | Identified Sif Muna's Guide on Creation
187518 | Zig:26   | Identified Saxunted's Guide on Venom and the Voyage
187534 | Zig:26   | Got a flickering platinum ring
187535 | Zig:26   | Identified the ring "Hedypt" {rF+ rC+ Slay+2 Stlth-} (You
                  | found it on level 26 of a ziggurat)
187550 | Zig:26   | Got a smoking cloak
187561 | Zig:26   | Identified the +5 cloak of Weirdness {MR+} (You found it on
                  | level 26 of a ziggurat)
187569 | Zig:26   | Got a slimy silver amulet
187570 | Zig:26   | Identified the amulet "Geuqits" {Gourm rElec rC+ Str+3}
                  | (You found it on level 26 of a ziggurat)
187868 | Zig:27   | Entered Level 27 of a ziggurat
187966 | Zig:27   | Got a pair of pitted gloves
187977 | Zig:27   | Identified the +0 pair of gloves of Bebadonk {-Cast rC+++}
                  | (You acquired it on level 27 of a ziggurat)
188421 | Depths:3 | Bought a translucent cloak for 399 gold pieces
188426 | Depths:3 | Bought a crude cloak for 313 gold pieces
188440 | Depths:3 | Identified the +0 cloak "Telug" {rF- rCorr Dex+2} (You
                  | bought it in a shop on level 3 of the Depths)
188450 | Depths:3 | Identified the +0 cloak of Free Will {Str+4} (You bought it
                  | in a shop on level 3 of the Depths)
188472 | Zig:1    | Entered Level 1 of a ziggurat
188516 | Zig:2    | Entered Level 2 of a ziggurat
188569 | Zig:3    | Entered Level 3 of a ziggurat
188658 | Zig:3    | Got a pair of faintly humming gloves
188669 | Zig:3    | Identified the +0 pair of gloves of the Secret Queens
                  | {+Blink rF- Regen+} (You acquired it on level 3 of a
                  | ziggurat)
188681 | Zig:3    | Got a pair of encrusted gloves
188692 | Zig:3    | Identified the +0 pair of gloves of the Serpent {rC- rN+
                  | MR+} (You acquired it on level 3 of a ziggurat)
188704 | Zig:3    | Got a brightly glowing lead ring
188706 | Zig:3    | Identified the ring "Ydaan" {Ice MP-9 Str+2 Int+4} (You
                  | acquired it on level 3 of a ziggurat)
188737 | Zig:4    | Entered Level 4 of a ziggurat
188737 | Zig:4    | Noticed an ancient lich
188738 | Zig:4    | Noticed an ancient lich
188740 | Zig:4    | Killed an ancient lich
188740 | Zig:4    | Killed an ancient lich
188742 | Zig:4    | Noticed an ancient lich
188742 | Zig:4    | Noticed an ancient lich
188745 | Zig:4    | Killed an ancient lich
188745 | Zig:4    | Killed an ancient lich
188746 | Zig:4    | Noticed an ancient lich
188748 | Zig:4    | Killed an ancient lich
188925 | Zig:5    | Entered Level 5 of a ziggurat
188925 | Zig:5    | Noticed an ancient lich
188927 | Zig:5    | Noticed an ancient lich
188932 | Zig:5    | Killed an ancient lich
188936 | Zig:5    | Killed an ancient lich
188986 | Zig:5    | Got a translucent brass amulet
188987 | Zig:5    | Identified the amulet of Xom's Capriciousness {Faith rF+
                  | Dex+2} (You found it on level 5 of a ziggurat)
188996 | Zig:5    | Got a faintly glowing amber ring
188999 | Zig:5    | Identified the ring "Mem Wuac" {*Contam *Drain rPois rN++
                  | SInv} (You found it on level 5 of a ziggurat)
189060 | Zig:6    | Entered Level 6 of a ziggurat
189088 | Zig:6    | Identified Zyivaxee's Tome of Ashen Changing
189198 | Zig:7    | Entered Level 7 of a ziggurat
189233 | Zig:7    | Identified Further Progress in Magic
189256 | Zig:7    | Got a faintly glowing jade amulet
189257 | Zig:7    | Identified the amulet "Agurhid" {Acrobat rC- rN+++ Str+2
                  | SInv} (You found it on level 7 of a ziggurat)
189356 | Zig:8    | Entered Level 8 of a ziggurat
189544 | Zig:8    | Lost mutation: Your spells are a little harder to cast, but
                  | a little more powerful. [potion of mutation]
189544 | Zig:8    | Lost mutation: Your mind is very acute. (Int +4) [potion of
                  | mutation]
189544 | Zig:8    | Gained mutation: You evolve. [potion of mutation]
189545 | Zig:8    | Lost mutation: Your mind is acute. (Int +2) [potion of
                  | mutation]
189545 | Zig:8    | Lost mutation: You evolve. [potion of mutation]
189545 | Zig:8    | Lost mutation: You occasionally shout uncontrollably at
                  | your foes. [potion of mutation]
189545 | Zig:8    | Gained mutation: Armour fits poorly on your strangely
                  | shaped body. [potion of mutation]
189545 | Zig:8    | Gained mutation: Your magical capacity is low. (-10% MP)
                  | [potion of mutation]
189545 | Zig:8    | Gained mutation: You are agile. (Dex +2) [potion of
                  | mutation]
189545 | Zig:8    | Gained mutation: You are very agile. (Dex +4) [potion of
                  | mutation]
189546 | Zig:8    | Lost mutation: Your magical capacity is low. (-10% MP)
                  | [potion of mutation]
189546 | Zig:8    | Lost mutation: Armour fits poorly on your strangely shaped
                  | body. [potion of mutation]
189546 | Zig:8    | Lost mutation: You are very agile. (Dex +4) [potion of
                  | mutation]
189546 | Zig:8    | Gained mutation: You are weak. (Str -2) [potion of
                  | mutation]
189546 | Zig:8    | Gained mutation: Armour fits poorly on your strangely
                  | shaped body. [potion of mutation]
189546 | Zig:8    | Lost mutation: You are weak. (Str -2) [potion of mutation]
189546 | Zig:8    | Gained mutation: Your spells are a little harder to cast,
                  | but a little more powerful. [potion of mutation]
189547 | Zig:8    | Lost mutation: Your spells are a little harder to cast, but
                  | a little more powerful. [potion of mutation]
189547 | Zig:8    | Lost mutation: You are agile. (Dex +2) [potion of mutation]
189547 | Zig:8    | Lost mutation: Armour fits poorly on your strangely shaped
                  | body. [potion of mutation]
189547 | Zig:8    | Gained mutation: Your flesh is heat resistant. (rF+)
                  | [potion of mutation]
189547 | Zig:8    | Gained mutation: Your spells are a little harder to cast,
                  | but a little more powerful. [potion of mutation]
189548 | Zig:8    | Lost mutation: Your spells are a little harder to cast, but
                  | a little more powerful. [potion of mutation]
189548 | Zig:8    | Lost mutation: Your flesh is heat resistant. (rF+) [potion
                  | of mutation]
189548 | Zig:8    | Gained mutation: Your flesh is heat resistant. (rF+)
                  | [potion of mutation]
189548 | Zig:8    | Gained mutation: You are dopey. (Int -2) [potion of
                  | mutation]
189548 | Zig:8    | Gained mutation: You possess an exceptional clarity of
                  | mind. [potion of mutation]
189549 | Zig:8    | Lost mutation: You possess an exceptional clarity of mind.
                  | [potion of mutation]
189549 | Zig:8    | Lost mutation: You are dopey. (Int -2) [potion of mutation]
189549 | Zig:8    | Lost mutation: Your flesh is heat resistant. (rF+) [potion
                  | of mutation]
189549 | Zig:8    | Gained mutation: You are frail. (-10% HP) [potion of
                  | mutation]
189549 | Zig:8    | Gained mutation: Your skin changes colour to match your
                  | surroundings (Stealth+). [potion of mutation]
189549 | Zig:8    | Gained mutation: You have sharp toenails. [potion of
                  | mutation]
189549 | Zig:8    | Gained mutation: Your spells are a little harder to cast,
                  | but a little more powerful. [potion of mutation]
189550 | Zig:8    | Lost mutation: You are frail. (-10% HP) [potion of
                  | mutation]
189550 | Zig:8    | Lost mutation: Your spells are a little harder to cast, but
                  | a little more powerful. [potion of mutation]
189550 | Zig:8    | Lost mutation: You have sharp toenails. [potion of
                  | mutation]
189550 | Zig:8    | Gained mutation: Armour fits poorly on your strangely
                  | shaped body. [potion of mutation]
189550 | Zig:8    | Gained mutation: Your mind is acute. (Int +2) [potion of
                  | mutation]
189551 | Zig:8    | Lost mutation: Your mind is acute. (Int +2) [potion of
                  | mutation]
189551 | Zig:8    | Lost mutation: Armour fits poorly on your strangely shaped
                  | body. [potion of mutation]
189551 | Zig:8    | Gained mutation: You expend magic power (3 MP) to
                  | strengthen your wands. [potion of mutation]
189551 | Zig:8    | Gained mutation: You evolve. [potion of mutation]
189552 | Zig:8    | Lost mutation: You evolve. [potion of mutation]
189552 | Zig:8    | Lost mutation: You expend magic power (3 MP) to strengthen
                  | your wands. [potion of mutation]
189552 | Zig:8    | Gained mutation: Potions are less effective at restoring
                  | your health. [potion of mutation]
189552 | Zig:8    | Gained mutation: You expend magic power (3 MP) to
                  | strengthen your wands. [potion of mutation]
189553 | Zig:8    | Lost mutation: You expend magic power (3 MP) to strengthen
                  | your wands. [potion of mutation]
189553 | Zig:8    | Lost mutation: Your skin changes colour to match your
                  | surroundings (Stealth+). [potion of mutation]
189553 | Zig:8    | Lost mutation: Potions are less effective at restoring your
                  | health. [potion of mutation]
189553 | Zig:8    | Gained mutation: You are agile. (Dex +2) [potion of
                  | mutation]
189553 | Zig:8    | Gained mutation: You are somewhat resistant to further
                  | mutation. [potion of mutation]
189554 | Zig:8    | Lost mutation: You are agile. (Dex +2) [potion of mutation]
189554 | Zig:8    | Lost mutation: You are somewhat resistant to further
                  | mutation. [potion of mutation]
189554 | Zig:8    | Gained mutation: Your system is resistant to poisons.
                  | (rPois) [potion of mutation]
189554 | Zig:8    | Gained mutation: You passively map a small area around you.
                  | [potion of mutation]
189555 | Zig:8    | Lost mutation: You passively map a small area around you.
                  | [potion of mutation]
189555 | Zig:8    | Gained mutation: You are dopey. (Int -2) [potion of
                  | mutation]
189555 | Zig:8    | Gained mutation: You possess an exceptional clarity of
                  | mind. [potion of mutation]
189555 | Zig:8    | Lost mutation: You are dopey. (Int -2) [potion of mutation]
189555 | Zig:8    | Gained mutation: You have sharp toenails. [potion of
                  | mutation]
189556 | Zig:8    | Lost mutation: Your system is resistant to poisons. (rPois)
                  | [potion of mutation]
189556 | Zig:8    | Lost mutation: You have sharp toenails. [potion of
                  | mutation]
189556 | Zig:8    | Gained mutation: You passively map a small area around you.
                  | [potion of mutation]
189556 | Zig:8    | Gained mutation: You are agile. (Dex +2) [potion of
                  | mutation]
189556 | Zig:8    | Gained mutation: You are resistant to electric shocks.
                  | (rElec) [potion of mutation]
189556 | Zig:8    | Gained mutation: You are resistant to hostile enchantments.
                  | (MR+) [potion of mutation]
189557 | Zig:8    | Lost mutation: You are resistant to hostile enchantments.
                  | (MR+) [potion of mutation]
189557 | Zig:8    | Gained mutation: Your mind is acute. (Int +2) [potion of
                  | mutation]
189557 | Zig:8    | Gained mutation: You are resistant to hostile enchantments.
                  | (MR+) [potion of mutation]
189557 | Zig:8    | Gained mutation: Your spells are a little harder to cast,
                  | but a little more powerful. [potion of mutation]
189558 | Zig:8    | Lost mutation: You passively map a small area around you.
                  | [potion of mutation]
189558 | Zig:8    | Lost mutation: Your spells are a little harder to cast, but
                  | a little more powerful. [potion of mutation]
189558 | Zig:8    | Gained mutation: You passively map a small area around you.
                  | [potion of mutation]
189558 | Zig:8    | Gained mutation: You are somewhat resistant to further
                  | mutation. [potion of mutation]
189559 | Zig:8    | Lost mutation: You possess an exceptional clarity of mind.
                  | [potion of mutation]
189559 | Zig:8    | Gained mutation: You have sharp toenails. [potion of
                  | mutation]
189560 | Zig:8    | Lost mutation: You are resistant to electric shocks.
                  | (rElec) [potion of mutation]
189560 | Zig:8    | Lost mutation: You are somewhat resistant to further
                  | mutation. [potion of mutation]
189560 | Zig:8    | Lost mutation: You are agile. (Dex +2) [potion of mutation]
189560 | Zig:8    | Lost mutation: Your mind is acute. (Int +2) [potion of
                  | mutation]
189560 | Zig:8    | Gained mutation: You have supernaturally acute eyesight.
                  | (SInv) [potion of mutation]
189560 | Zig:8    | Gained mutation: You passively map the area around you.
                  | [potion of mutation]
189560 | Zig:8    | Gained mutation: You are weak. (Str -2) [potion of
                  | mutation]
189560 | Zig:8    | Gained mutation: You are agile. (Dex +2) [potion of
                  | mutation]
189561 | Zig:8    | Lost mutation: You are agile. (Dex +2) [potion of mutation]
189561 | Zig:8    | Lost mutation: You passively map the area around you.
                  | [potion of mutation]
189561 | Zig:8    | Gained mutation: Your natural rate of healing is unusually
                  | fast. [potion of mutation]
189561 | Zig:8    | Gained mutation: Your flesh is heat resistant. (rF+)
                  | [potion of mutation]
189562 | Zig:8    | Lost mutation: You have sharp toenails. [potion of
                  | mutation]
189562 | Zig:8    | Lost mutation: You are weak. (Str -2) [potion of mutation]
189562 | Zig:8    | Lost mutation: You passively map a small area around you.
                  | [potion of mutation]
189562 | Zig:8    | Gained mutation: Your muscles are strong. (Str +2) [potion
                  | of mutation]
189562 | Zig:8    | Gained mutation: You have sharp toenails. [potion of
                  | mutation]
189563 | Zig:8    | Lost mutation: You are resistant to hostile enchantments.
                  | (MR+) [potion of mutation]
189563 | Zig:8    | Lost mutation: You have supernaturally acute eyesight.
                  | (SInv) [potion of mutation]
189563 | Zig:8    | Lost mutation: Your flesh is heat resistant. (rF+) [potion
                  | of mutation]
189563 | Zig:8    | Lost mutation: You have sharp toenails. [potion of
                  | mutation]
189563 | Zig:8    | Gained mutation: You expend magic power (3 MP) to
                  | strengthen your wands. [potion of mutation]
189564 | Zig:8    | Lost mutation: Your muscles are strong. (Str +2) [potion of
                  | mutation]
189564 | Zig:8    | Lost mutation: You expend magic power (3 MP) to strengthen
                  | your wands. [potion of mutation]
189564 | Zig:8    | Lost mutation: Your natural rate of healing is unusually
                  | fast. [potion of mutation]
189564 | Zig:8    | Gained mutation: You have sharp toenails. [potion of
                  | mutation]
189564 | Zig:8    | Gained mutation: You are agile. (Dex +2) [potion of
                  | mutation]
189564 | Zig:8    | Gained mutation: You are weak. (Str -2) [potion of
                  | mutation]
189564 | Zig:8    | Gained mutation: You are robust. (+10% HP) [potion of
                  | mutation]
189565 | Zig:8    | Lost mutation: You have sharp toenails. [potion of
                  | mutation]
189565 | Zig:8    | Lost mutation: You are robust. (+10% HP) [potion of
                  | mutation]
189565 | Zig:8    | Gained mutation: You evolve. [potion of mutation]
189565 | Zig:8    | Gained mutation: Your system is resistant to poisons.
                  | (rPois) [potion of mutation]
189566 | Zig:8    | Lost mutation: You are weak. (Str -2) [potion of mutation]
189566 | Zig:8    | Lost mutation: You are agile. (Dex +2) [potion of mutation]
189566 | Zig:8    | Lost mutation: Your system is resistant to poisons. (rPois)
                  | [potion of mutation]
189566 | Zig:8    | Gained mutation: You are occasionally teleported next to
                  | monsters. [potion of mutation]
189566 | Zig:8    | Gained mutation: You tend to lose your temper in combat.
                  | [potion of mutation]
189566 | Zig:8    | Gained mutation: Your mind is acute. (Int +2) [potion of
                  | mutation]
189567 | Zig:8    | Lost mutation: You evolve. [potion of mutation]
189567 | Zig:8    | Lost mutation: You tend to lose your temper in combat.
                  | [potion of mutation]
189567 | Zig:8    | Lost mutation: You are occasionally teleported next to
                  | monsters. [potion of mutation]
189567 | Zig:8    | Gained mutation: You occasionally shout uncontrollably at
                  | your foes. [potion of mutation]
189567 | Zig:8    | Gained mutation: You have large cloven feet. [potion of
                  | mutation]
189568 | Zig:8    | Lost mutation: You have large cloven feet. [potion of
                  | mutation]
189568 | Zig:8    | Lost mutation: Your mind is acute. (Int +2) [potion of
                  | mutation]
189568 | Zig:8    | Gained mutation: You have sharp toenails. [potion of
                  | mutation]
189568 | Zig:8    | Gained mutation: You passively map a small area around you.
                  | [potion of mutation]
189569 | Zig:8    | Lost mutation: You have sharp toenails. [potion of
                  | mutation]
189569 | Zig:8    | Lost mutation: You occasionally shout uncontrollably at
                  | your foes. [potion of mutation]
189569 | Zig:8    | Gained mutation: Your flesh is cold resistant. (rC+)
                  | [potion of mutation]
189569 | Zig:8    | Gained mutation: Your flesh is very cold resistant. (rC++)
                  | [potion of mutation]
189570 | Zig:8    | Lost mutation: Your flesh is very cold resistant. (rC++)
                  | [potion of mutation]
189570 | Zig:8    | Gained mutation: You evolve. [potion of mutation]
189570 | Zig:8    | Gained mutation: Your magical capacity is low. (-10% MP)
                  | [potion of mutation]
189570 | Zig:8    | Gained mutation: Your body sometimes deteriorates upon
                  | taking damage. [potion of mutation]
189570 | Zig:8    | Gained mutation: You possess an exceptional clarity of
                  | mind. [potion of mutation]
189571 | Zig:8    | Lost mutation: Your flesh is cold resistant. (rC+) [potion
                  | of mutation]
189571 | Zig:8    | Lost mutation: Your body sometimes deteriorates upon taking
                  | damage. [potion of mutation]
189571 | Zig:8    | Gained mutation: You rapidly evolve. [potion of mutation]
189571 | Zig:8    | Gained mutation: Your flesh is heat resistant. (rF+)
                  | [potion of mutation]
189572 | Zig:8    | Lost mutation: You possess an exceptional clarity of mind.
                  | [potion of mutation]
189572 | Zig:8    | Lost mutation: You passively map a small area around you.
                  | [potion of mutation]
189572 | Zig:8    | Gained mutation: You have large cloven feet. [potion of
                  | mutation]
189572 | Zig:8    | Gained mutation: You are dopey. (Int -2) [potion of
                  | mutation]
189572 | Zig:8    | Lost mutation: You are dopey. (Int -2) [potion of mutation]
189573 | Zig:8    | Lost mutation: Your flesh is heat resistant. (rF+) [potion
                  | of mutation]
189573 | Zig:8    | Lost mutation: You rapidly evolve. [potion of mutation]
189573 | Zig:8    | Lost mutation: You have large cloven feet. [potion of
                  | mutation]
189573 | Zig:8    | Gained mutation: Your mind is acute. (Int +2) [potion of
                  | mutation]
189574 | Zig:8    | Lost mutation: Your magical capacity is low. (-10% MP)
                  | [potion of mutation]
189574 | Zig:8    | Lost mutation: Your mind is acute. (Int +2) [potion of
                  | mutation]
189574 | Zig:8    | Lost mutation: You evolve. [potion of mutation]
189574 | Zig:8    | Gained mutation: You have sharp toenails. [potion of
                  | mutation]
189574 | Zig:8    | Gained mutation: You are resistant to electric shocks.
                  | (rElec) [potion of mutation]
189575 | Zig:8    | Lost mutation: You have sharp toenails. [potion of
                  | mutation]
189575 | Zig:8    | Lost mutation: You are resistant to electric shocks.
                  | (rElec) [potion of mutation]
189575 | Zig:8    | Gained mutation: Your magical capacity is low. (-10% MP)
                  | [potion of mutation]
189575 | Zig:8    | Gained mutation: Your flesh is heat resistant. (rF+)
                  | [potion of mutation]
189576 | Zig:8    | Lost mutation: Your magical capacity is low. (-10% MP)
                  | [potion of mutation]
189576 | Zig:8    | Lost mutation: Your flesh is heat resistant. (rF+) [potion
                  | of mutation]
189576 | Zig:8    | Gained mutation: You evolve. [potion of mutation]
189576 | Zig:8    | Gained mutation: Your system is resistant to poisons.
                  | (rPois) [potion of mutation]
189576 | Zig:8    | Gained mutation: You are agile. (Dex +2) [potion of
                  | mutation]
189577 | Zig:8    | Lost mutation: You are agile. (Dex +2) [potion of mutation]
189577 | Zig:8    | Gained mutation: You rapidly evolve. [potion of mutation]
189577 | Zig:8    | Lost mutation: You rapidly evolve. [potion of mutation]
189577 | Zig:8    | Gained mutation: You are agile. (Dex +2) [potion of
                  | mutation]
189577 | Zig:8    | Gained mutation: You have sharp fingernails. [potion of
                  | mutation]
189578 | Zig:8    | Lost mutation: You are agile. (Dex +2) [potion of mutation]
189578 | Zig:8    | Lost mutation: You evolve. [potion of mutation]
189578 | Zig:8    | Lost mutation: You have sharp fingernails. [potion of
                  | mutation]
189578 | Zig:8    | Gained mutation: You are frail. (-10% HP) [potion of
                  | mutation]
189578 | Zig:8    | Lost mutation: You are frail. (-10% HP) [potion of
                  | mutation]
189578 | Zig:8    | Gained mutation: Scrolls take you a little longer to read.
                  | [potion of mutation]
189578 | Zig:8    | Gained mutation: You are resistant to hostile enchantments.
                  | (MR+) [potion of mutation]
189579 | Zig:8    | Lost mutation: You are resistant to hostile enchantments.
                  | (MR+) [potion of mutation]
189579 | Zig:8    | Gained mutation: Scrolls take you longer to read. [potion
                  | of mutation]
189579 | Zig:8    | Gained mutation: Your body sometimes deteriorates upon
                  | taking damage. [potion of mutation]
189579 | Zig:8    | Gained mutation: You are resistant to electric shocks.
                  | (rElec) [potion of mutation]
189580 | Zig:8    | Lost mutation: Scrolls take you longer to read. [potion of
                  | mutation]
189580 | Zig:8    | Lost mutation: Your system is resistant to poisons. (rPois)
                  | [potion of mutation]
189580 | Zig:8    | Lost mutation: Scrolls take you a little longer to read.
                  | [potion of mutation]
189580 | Zig:8    | Gained mutation: You are robust. (+10% HP) [potion of
                  | mutation]
189580 | Zig:8    | Gained mutation: You have an increased reservoir of magic.
                  | (+10% MP) [potion of mutation]
189580 | Zig:8    | Gained mutation: Your muscles are strong. (Str +2) [potion
                  | of mutation]
189581 | Zig:8    | Lost mutation: Your muscles are strong. (Str +2) [potion of
                  | mutation]
189581 | Zig:8    | Lost mutation: Your body sometimes deteriorates upon taking
                  | damage. [potion of mutation]
189581 | Zig:8    | Gained mutation: You possess an exceptional clarity of
                  | mind. [potion of mutation]
189581 | Zig:8    | Gained mutation: You passively map a small area around you.
                  | [potion of mutation]
189582 | Zig:8    | Lost mutation: You possess an exceptional clarity of mind.
                  | [potion of mutation]
189582 | Zig:8    | Lost mutation: You are robust. (+10% HP) [potion of
                  | mutation]
189582 | Zig:8    | Gained mutation: You are agile. (Dex +2) [potion of
                  | mutation]
189582 | Zig:8    | Gained mutation: Your flesh is heat resistant. (rF+)
                  | [potion of mutation]
189582 | Zig:8    | Gained mutation: Your spells are a little easier to cast,
                  | but a little less powerful. [potion of mutation]
189582 | Zig:8    | Gained mutation: You expend magic power (3 MP) to
                  | strengthen your wands. [potion of mutation]
189583 | Zig:8    | Lost mutation: Your spells are a little easier to cast, but
                  | a little less powerful. [potion of mutation]
189583 | Zig:8    | Lost mutation: You passively map a small area around you.
                  | [potion of mutation]
189583 | Zig:8    | Gained mutation: You tend to lose your temper in combat.
                  | [potion of mutation]
189583 | Zig:8    | Gained mutation: Your system is resistant to poisons.
                  | (rPois) [potion of mutation]
189584 | Zig:8    | Lost mutation: Your flesh is heat resistant. (rF+) [potion
                  | of mutation]
189584 | Zig:8    | Lost mutation: You tend to lose your temper in combat.
                  | [potion of mutation]
189584 | Zig:8    | Lost mutation: You have an increased reservoir of magic.
                  | (+10% MP) [potion of mutation]
189584 | Zig:8    | Lost mutation: You expend magic power (3 MP) to strengthen
                  | your wands. [potion of mutation]
189584 | Zig:8    | Gained mutation: Your mind is acute. (Int +2) [potion of
                  | mutation]
189584 | Zig:8    | Gained mutation: Your mind is very acute. (Int +4) [potion
                  | of mutation]
189585 | Zig:8    | Lost mutation: You are agile. (Dex +2) [potion of mutation]
189585 | Zig:8    | Lost mutation: Your mind is very acute. (Int +4) [potion of
                  | mutation]
189585 | Zig:8    | Gained mutation: Potions are less effective at restoring
                  | your health. [potion of mutation]
189585 | Zig:8    | Gained mutation: Your body sometimes deteriorates upon
                  | taking damage. [potion of mutation]
189585 | Zig:8    | Lost mutation: Your mind is acute. (Int +2) [potion of
                  | mutation]
189585 | Zig:8    | Gained mutation: You have a beak for a mouth. [potion of
                  | mutation]
189586 | Zig:8    | Lost mutation: You are resistant to electric shocks.
                  | (rElec) [potion of mutation]
189586 | Zig:8    | Lost mutation: Your system is resistant to poisons. (rPois)
                  | [potion of mutation]
189586 | Zig:8    | Gained mutation: You have large cloven feet. [potion of
                  | mutation]
189586 | Zig:8    | Gained mutation: You are somewhat resistant to further
                  | mutation. [potion of mutation]
189587 | Zig:8    | Lost mutation: You are somewhat resistant to further
                  | mutation. [potion of mutation]
189587 | Zig:8    | Lost mutation: Your body sometimes deteriorates upon taking
                  | damage. [potion of mutation]
189587 | Zig:8    | Lost mutation: You have large cloven feet. [potion of
                  | mutation]
189587 | Zig:8    | Gained mutation: You are agile. (Dex +2) [potion of
                  | mutation]
189587 | Zig:8    | Lost mutation: You are agile. (Dex +2) [potion of mutation]
189587 | Zig:8    | Gained mutation: Your muscles are strong. (Str +2) [potion
                  | of mutation]
189588 | Zig:8    | Lost mutation: Potions are less effective at restoring your
                  | health. [potion of mutation]
189588 | Zig:8    | Gained mutation: Your muscles are very strong. (Str +4)
                  | [potion of mutation]
189588 | Zig:8    | Gained mutation: Your system is resistant to poisons.
                  | (rPois) [potion of mutation]
189589 | Zig:8    | Lost mutation: Your muscles are very strong. (Str +4)
                  | [potion of mutation]
189589 | Zig:8    | Lost mutation: You have a beak for a mouth. [potion of
                  | mutation]
189589 | Zig:8    | Gained mutation: You are resistant to hostile enchantments.
                  | (MR+) [potion of mutation]
189589 | Zig:8    | Gained mutation: Your spells are a little harder to cast,
                  | but a little more powerful. [potion of mutation]
189590 | Zig:8    | Lost mutation: Your muscles are strong. (Str +2) [potion of
                  | mutation]
189590 | Zig:8    | Lost mutation: You are resistant to hostile enchantments.
                  | (MR+) [potion of mutation]
189590 | Zig:8    | Lost mutation: Your system is resistant to poisons. (rPois)
                  | [potion of mutation]
189590 | Zig:8    | Lost mutation: Your spells are a little harder to cast, but
                  | a little more powerful. [potion of mutation]
189590 | Zig:8    | Gained mutation: You tend to lose your temper in combat.
                  | [potion of mutation]
189590 | Zig:8    | Gained mutation: You occasionally shout uncontrollably at
                  | your foes. [potion of mutation]
189590 | Zig:8    | Gained mutation: You are agile. (Dex +2) [potion of
                  | mutation]
189590 | Zig:8    | Gained mutation: You have large cloven feet. [potion of
                  | mutation]
189591 | Zig:8    | Lost mutation: You have large cloven feet. [potion of
                  | mutation]
189591 | Zig:8    | Lost mutation: You tend to lose your temper in combat.
                  | [potion of mutation]
189591 | Zig:8    | Lost mutation: You are agile. (Dex +2) [potion of mutation]
189591 | Zig:8    | Lost mutation: You occasionally shout uncontrollably at
                  | your foes. [potion of mutation]
189591 | Zig:8    | Gained mutation: You expend magic power (3 MP) to
                  | strengthen your wands. [potion of mutation]
189591 | Zig:8    | Gained mutation: Your system is resistant to poisons.
                  | (rPois) [potion of mutation]
189591 | Zig:8    | Gained mutation: You possess an exceptional clarity of
                  | mind. [potion of mutation]
189592 | Zig:8    | Lost mutation: Your system is resistant to poisons. (rPois)
                  | [potion of mutation]
189592 | Zig:8    | Lost mutation: You expend magic power (3 MP) to strengthen
                  | your wands. [potion of mutation]
189592 | Zig:8    | Gained mutation: Armour fits poorly on your strangely
                  | shaped body. [potion of mutation]
189592 | Zig:8    | Lost mutation: You possess an exceptional clarity of mind.
                  | [potion of mutation]
189592 | Zig:8    | Gained mutation: You are weak. (Str -2) [potion of
                  | mutation]
189592 | Zig:8    | Gained mutation: You have sharp toenails. [potion of
                  | mutation]
189593 | Zig:8    | Lost mutation: You have sharp toenails. [potion of
                  | mutation]
189593 | Zig:8    | Lost mutation: You are weak. (Str -2) [potion of mutation]
189593 | Zig:8    | Gained mutation: Your magical capacity is low. (-10% MP)
                  | [potion of mutation]
189593 | Zig:8    | Gained mutation: Your flesh is cold resistant. (rC+)
                  | [potion of mutation]
189593 | Zig:8    | Gained mutation: Your flesh is heat resistant. (rF+)
                  | [potion of mutation]
189594 | Zig:8    | Lost mutation: Armour fits poorly on your strangely shaped
                  | body. [potion of mutation]
189594 | Zig:8    | Lost mutation: Your magical capacity is low. (-10% MP)
                  | [potion of mutation]
189594 | Zig:8    | Gained mutation: You have large cloven feet. [potion of
                  | mutation]
189594 | Zig:8    | Gained mutation: Your flesh is very cold resistant. (rC++)
                  | [potion of mutation]
189594 | Zig:8    | Gained mutation: You have hoof-like feet. [potion of
                  | mutation]
189594 | Zig:8    | Gained mutation: You are resistant to hostile enchantments.
                  | (MR+) [potion of mutation]
189595 | Zig:8    | Lost mutation: Your flesh is heat resistant. (rF+) [potion
                  | of mutation]
189595 | Zig:8    | Lost mutation: Your flesh is very cold resistant. (rC++)
                  | [potion of mutation]
189595 | Zig:8    | Lost mutation: You have hoof-like feet. [potion of
                  | mutation]
189595 | Zig:8    | Gained mutation: You are agile. (Dex +2) [potion of
                  | mutation]
189595 | Zig:8    | Gained mutation: You are highly resistant to hostile
                  | enchantments. (MR++) [potion of mutation]
189595 | Zig:8    | Lost mutation: You have large cloven feet. [potion of
                  | mutation]
189595 | Zig:8    | Gained mutation: Your skin changes colour to match your
                  | surroundings (Stealth+). [potion of mutation]
189597 | Zig:8    | Lost mutation: You are agile. (Dex +2) [potion of mutation]
189597 | Zig:8    | Lost mutation: You are highly resistant to hostile
                  | enchantments. (MR++) [potion of mutation]
189597 | Zig:8    | Gained mutation: You have large cloven feet. [potion of
                  | mutation]
189597 | Zig:8    | Gained mutation: Your spells are a little harder to cast,
                  | but a little more powerful. [potion of mutation]
189598 | Zig:8    | Lost mutation: You are resistant to hostile enchantments.
                  | (MR+) [potion of mutation]
189598 | Zig:8    | Lost mutation: Your skin changes colour to match your
                  | surroundings (Stealth+). [potion of mutation]
189598 | Zig:8    | Lost mutation: You have large cloven feet. [potion of
                  | mutation]
189598 | Zig:8    | Lost mutation: Your flesh is cold resistant. (rC+) [potion
                  | of mutation]
189598 | Zig:8    | Gained mutation: You have sharp toenails. [potion of
                  | mutation]
189599 | Zig:8    | Lost mutation: Your spells are a little harder to cast, but
                  | a little more powerful. [potion of mutation]
189599 | Zig:8    | Lost mutation: You have sharp toenails. [potion of
                  | mutation]
189599 | Zig:8    | Gained mutation: You are robust. (+10% HP) [potion of
                  | mutation]
189599 | Zig:8    | Gained mutation: You are agile. (Dex +2) [potion of
                  | mutation]
189599 | Zig:8    | Gained mutation: You have an increased reservoir of magic.
                  | (+10% MP) [potion of mutation]
189599 | Zig:8    | Gained mutation: Your flesh is heat resistant. (rF+)
                  | [potion of mutation]
189600 | Zig:8    | Lost mutation: You are robust. (+10% HP) [potion of
                  | mutation]
189600 | Zig:8    | Lost mutation: You are agile. (Dex +2) [potion of mutation]
189600 | Zig:8    | Lost mutation: Your flesh is heat resistant. (rF+) [potion
                  | of mutation]
189600 | Zig:8    | Gained mutation: Your body sometimes deteriorates upon
                  | taking damage. [potion of mutation]
189600 | Zig:8    | Gained mutation: You have sharp fingernails. [potion of
                  | mutation]
189600 | Zig:8    | Gained mutation: You are dopey. (Int -2) [potion of
                  | mutation]
189600 | Zig:8    | Lost mutation: You are dopey. (Int -2) [potion of mutation]
189601 | Zig:8    | Lost mutation: Your body sometimes deteriorates upon taking
                  | damage. [potion of mutation]
189601 | Zig:8    | Gained mutation: You are robust. (+10% HP) [potion of
                  | mutation]
189601 | Zig:8    | Gained mutation: You are clumsy. (Dex -2) [potion of
                  | mutation]
189601 | Zig:8    | Gained mutation: You have very sharp teeth. [potion of
                  | mutation]
189601 | Zig:8    | Gained mutation: Your muscles are strong. (Str +2) [potion
                  | of mutation]
189602 | Zig:8    | Lost mutation: You are clumsy. (Dex -2) [potion of
                  | mutation]
189602 | Zig:8    | Lost mutation: You are robust. (+10% HP) [potion of
                  | mutation]
189602 | Zig:8    | Gained mutation: You have very sharp fingernails. [potion
                  | of mutation]
189602 | Zig:8    | Gained mutation: You are somewhat resistant to further
                  | mutation. [potion of mutation]
189603 | Zig:8    | Lost mutation: You have an increased reservoir of magic.
                  | (+10% MP) [potion of mutation]
189603 | Zig:8    | Lost mutation: Your muscles are strong. (Str +2) [potion of
                  | mutation]
189603 | Zig:8    | Gained mutation: Your mind is acute. (Int +2) [potion of
                  | mutation]
189604 | Zig:8    | Lost mutation: You have very sharp fingernails. [potion of
                  | mutation]
189604 | Zig:8    | Lost mutation: Your mind is acute. (Int +2) [potion of
                  | mutation]
189604 | Zig:8    | Gained mutation: Your mind is acute. (Int +2) [potion of
                  | mutation]
189605 | Zig:8    | Lost mutation: Your mind is acute. (Int +2) [potion of
                  | mutation]
189605 | Zig:8    | Lost mutation: You are somewhat resistant to further
                  | mutation. [potion of mutation]
189605 | Zig:8    | Lost mutation: You have sharp fingernails. [potion of
                  | mutation]
189605 | Zig:8    | Gained mutation: You have sharp toenails. [potion of
                  | mutation]
189606 | Zig:8    | Lost mutation: You have sharp toenails. [potion of
                  | mutation]
189606 | Zig:8    | Lost mutation: You have very sharp teeth. [potion of
                  | mutation]
189606 | Zig:8    | Gained mutation: Potions are less effective at restoring
                  | your health. [potion of mutation]
189606 | Zig:8    | Gained mutation: You are frail. (-10% HP) [potion of
                  | mutation]
189606 | Zig:8    | Gained mutation: You have supernaturally acute eyesight.
                  | (SInv) [potion of mutation]
189607 | Zig:8    | Lost mutation: Potions are less effective at restoring your
                  | health. [potion of mutation]
189607 | Zig:8    | Lost mutation: You are frail. (-10% HP) [potion of
                  | mutation]
189607 | Zig:8    | Lost mutation: You have supernaturally acute eyesight.
                  | (SInv) [potion of mutation]
189607 | Zig:8    | Gained mutation: Your natural rate of healing is unusually
                  | fast. [potion of mutation]
189607 | Zig:8    | Gained mutation: You are agile. (Dex +2) [potion of
                  | mutation]
189607 | Zig:8    | Gained mutation: Your muscles are strong. (Str +2) [potion
                  | of mutation]
189608 | Zig:8    | Lost mutation: Your muscles are strong. (Str +2) [potion of
                  | mutation]
189608 | Zig:8    | Lost mutation: You are agile. (Dex +2) [potion of mutation]
189608 | Zig:8    | Lost mutation: Your natural rate of healing is unusually
                  | fast. [potion of mutation]
189608 | Zig:8    | Gained mutation: You are agile. (Dex +2) [potion of
                  | mutation]
189608 | Zig:8    | Gained mutation: Your muscles are strong. (Str +2) [potion
                  | of mutation]
189608 | Zig:8    | Gained mutation: You can translocate small distances at
                  | will. [potion of mutation]
189608 | Zig:8    | Gained mutation: Your natural rate of healing is unusually
                  | fast. [potion of mutation]
189609 | Zig:8    | Lost mutation: Your muscles are strong. (Str +2) [potion of
                  | mutation]
189609 | Zig:8    | Lost mutation: You are agile. (Dex +2) [potion of mutation]
189609 | Zig:8    | Gained mutation: Your muscles are strong. (Str +2) [potion
                  | of mutation]
189609 | Zig:8    | Gained mutation: Your spells are a little harder to cast,
                  | but a little more powerful. [potion of mutation]
189610 | Zig:8    | Lost mutation: Your muscles are strong. (Str +2) [potion of
                  | mutation]
189610 | Zig:8    | Lost mutation: Your spells are a little harder to cast, but
                  | a little more powerful. [potion of mutation]
189610 | Zig:8    | Gained mutation: You passively map a small area around you.
                  | [potion of mutation]
189610 | Zig:8    | Gained mutation: You expend magic power (3 MP) to
                  | strengthen your wands. [potion of mutation]
189610 | Zig:8    | Gained mutation: You have sharp toenails. [potion of
                  | mutation]
189611 | Zig:8    | Lost mutation: You expend magic power (3 MP) to strengthen
                  | your wands. [potion of mutation]
189611 | Zig:8    | Lost mutation: You can translocate small distances at will.
                  | [potion of mutation]
189611 | Zig:8    | Gained mutation: You have sharp fingernails. [potion of
                  | mutation]
189611 | Zig:8    | Gained mutation: You expend magic power (3 MP) to
                  | strengthen your wands. [potion of mutation]
189612 | Zig:8    | Lost mutation: Your natural rate of healing is unusually
                  | fast. [potion of mutation]
189612 | Zig:8    | Lost mutation: You have sharp toenails. [potion of
                  | mutation]
189612 | Zig:8    | Gained mutation: You have supernaturally acute eyesight.
                  | (SInv) [potion of mutation]
189612 | Zig:8    | Gained mutation: Your mind is acute. (Int +2) [potion of
                  | mutation]
189612 | Zig:8    | Gained mutation: Your system is resistant to poisons.
                  | (rPois) [potion of mutation]
189612 | Zig:8    | Gained mutation: Your spells are a little harder to cast,
                  | but a little more powerful. [potion of mutation]
189613 | Zig:8    | Lost mutation: You expend magic power (3 MP) to strengthen
                  | your wands. [potion of mutation]
189613 | Zig:8    | Lost mutation: Your system is resistant to poisons. (rPois)
                  | [potion of mutation]
189613 | Zig:8    | Lost mutation: Your mind is acute. (Int +2) [potion of
                  | mutation]
189613 | Zig:8    | Lost mutation: You passively map a small area around you.
                  | [potion of mutation]
189613 | Zig:8    | Lost mutation: Your spells are a little harder to cast, but
                  | a little more powerful. [potion of mutation]
189613 | Zig:8    | Gained mutation: Your magical capacity is low. (-10% MP)
                  | [potion of mutation]
189613 | Zig:8    | Gained mutation: You are resistant to hostile enchantments.
                  | (MR+) [potion of mutation]
189613 | Zig:8    | Gained mutation: You have large cloven feet. [potion of
                  | mutation]
189614 | Zig:8    | Lost mutation: Your magical capacity is low. (-10% MP)
                  | [potion of mutation]
189614 | Zig:8    | Lost mutation: You are resistant to hostile enchantments.
                  | (MR+) [potion of mutation]
189614 | Zig:8    | Lost mutation: You have large cloven feet. [potion of
                  | mutation]
189614 | Zig:8    | Gained mutation: Your spells are a little easier to cast,
                  | but a little less powerful. [potion of mutation]
189614 | Zig:8    | Gained mutation: Your system is resistant to poisons.
                  | (rPois) [potion of mutation]
189614 | Zig:8    | Gained mutation: Your mind is acute. (Int +2) [potion of
                  | mutation]
189615 | Zig:8    | Lost mutation: Your spells are a little easier to cast, but
                  | a little less powerful. [potion of mutation]
189615 | Zig:8    | Lost mutation: Your mind is acute. (Int +2) [potion of
                  | mutation]
189615 | Zig:8    | Lost mutation: You have supernaturally acute eyesight.
                  | (SInv) [potion of mutation]
189615 | Zig:8    | Gained mutation: Your magical capacity is low. (-10% MP)
                  | [potion of mutation]
189615 | Zig:8    | Gained mutation: Your mind is acute. (Int +2) [potion of
                  | mutation]
189616 | Zig:8    | Lost mutation: Your system is resistant to poisons. (rPois)
                  | [potion of mutation]
189616 | Zig:8    | Lost mutation: Your magical capacity is low. (-10% MP)
                  | [potion of mutation]
189616 | Zig:8    | Lost mutation: Your mind is acute. (Int +2) [potion of
                  | mutation]
189616 | Zig:8    | Gained mutation: You are dopey. (Int -2) [potion of
                  | mutation]
189616 | Zig:8    | Gained mutation: Your magical capacity is low. (-10% MP)
                  | [potion of mutation]
189616 | Zig:8    | Gained mutation: You evolve. [potion of mutation]
189616 | Zig:8    | Gained mutation: You are covered in fur. (AC +1) [potion of
                  | mutation]
189617 | Zig:8    | Lost mutation: You are dopey. (Int -2) [potion of mutation]
189617 | Zig:8    | Lost mutation: Your magical capacity is low. (-10% MP)
                  | [potion of mutation]
189617 | Zig:8    | Lost mutation: You are covered in fur. (AC +1) [potion of
                  | mutation]
189617 | Zig:8    | Gained mutation: Your spells are a little harder to cast,
                  | but a little more powerful. [potion of mutation]
189617 | Zig:8    | Gained mutation: Your mind is acute. (Int +2) [potion of
                  | mutation]
189617 | Zig:8    | Gained mutation: You rapidly evolve. [potion of mutation]
189618 | Zig:8    | Lost mutation: Your spells are a little harder to cast, but
                  | a little more powerful. [potion of mutation]
189618 | Zig:8    | Lost mutation: Your mind is acute. (Int +2) [potion of
                  | mutation]
189618 | Zig:8    | Lost mutation: You rapidly evolve. [potion of mutation]
189618 | Zig:8    | Lost mutation: You have sharp fingernails. [potion of
                  | mutation]
189618 | Zig:8    | Gained mutation: Your spells are a little easier to cast,
                  | but a little less powerful. [potion of mutation]
189618 | Zig:8    | Gained mutation: You possess an exceptional clarity of
                  | mind. [potion of mutation]
189618 | Zig:8    | Gained mutation: You rapidly evolve. [potion of mutation]
189619 | Zig:8    | Lost mutation: You possess an exceptional clarity of mind.
                  | [potion of mutation]
189619 | Zig:8    | Lost mutation: You rapidly evolve. [potion of mutation]
189619 | Zig:8    | Gained mutation: You are agile. (Dex +2) [potion of
                  | mutation]
189619 | Zig:8    | Gained mutation: You can translocate small distances at
                  | will. [potion of mutation]
189620 | Zig:8    | Lost mutation: You are agile. (Dex +2) [potion of mutation]
189620 | Zig:8    | Lost mutation: You can translocate small distances at will.
                  | [potion of mutation]
189620 | Zig:8    | Gained mutation: You are weak. (Str -2) [potion of
                  | mutation]
189620 | Zig:8    | Gained mutation: You expend magic power (3 MP) to
                  | strengthen your wands. [potion of mutation]
189620 | Zig:8    | Gained mutation: You are dopey. (Int -2) [potion of
                  | mutation]
189620 | Zig:8    | Gained mutation: You are agile. (Dex +2) [potion of
                  | mutation]
189621 | Zig:8    | Lost mutation: You are weak. (Str -2) [potion of mutation]
189621 | Zig:8    | Lost mutation: You expend magic power (3 MP) to strengthen
                  | your wands. [potion of mutation]
189621 | Zig:8    | Lost mutation: Your spells are a little easier to cast, but
                  | a little less powerful. [potion of mutation]
189621 | Zig:8    | Gained mutation: You rapidly evolve. [potion of mutation]
189621 | Zig:8    | Gained mutation: Armour fits poorly on your strangely
                  | shaped body. [potion of mutation]
189621 | Zig:8    | Gained mutation: You are very dopey. (Int -4) [potion of
                  | mutation]
189621 | Zig:8    | Gained mutation: You are very agile. (Dex +4) [potion of
                  | mutation]
189622 | Zig:8    | Lost mutation: Armour fits poorly on your strangely shaped
                  | body. [potion of mutation]
189622 | Zig:8    | Lost mutation: You rapidly evolve. [potion of mutation]
189622 | Zig:8    | Lost mutation: You are very dopey. (Int -4) [potion of
                  | mutation]
189622 | Zig:8    | Lost mutation: You are very agile. (Dex +4) [potion of
                  | mutation]
189622 | Zig:8    | Gained mutation: You occasionally shout uncontrollably at
                  | your foes. [potion of mutation]
189622 | Zig:8    | Gained mutation: You expend magic power (3 MP) to
                  | strengthen your wands. [potion of mutation]
189623 | Zig:8    | Lost mutation: You are agile. (Dex +2) [potion of mutation]
189623 | Zig:8    | Lost mutation: You expend magic power (3 MP) to strengthen
                  | your wands. [potion of mutation]
189623 | Zig:8    | Lost mutation: You evolve. [potion of mutation]
189623 | Zig:8    | Lost mutation: You are dopey. (Int -2) [potion of mutation]
189623 | Zig:8    | Gained mutation: You have large cloven feet. [potion of
                  | mutation]
189623 | Zig:8    | Gained mutation: Your flesh is cold resistant. (rC+)
                  | [potion of mutation]
189624 | Zig:8    | Lost mutation: You have large cloven feet. [potion of
                  | mutation]
189624 | Zig:8    | Lost mutation: You occasionally shout uncontrollably at
                  | your foes. [potion of mutation]
189624 | Zig:8    | Lost mutation: Your flesh is cold resistant. (rC+) [potion
                  | of mutation]
189624 | Zig:8    | Gained mutation: Armour fits poorly on your strangely
                  | shaped body. [potion of mutation]
189624 | Zig:8    | Gained mutation: You are robust. (+10% HP) [potion of
                  | mutation]
189624 | Zig:8    | Gained mutation: You passively map a small area around you.
                  | [potion of mutation]
189625 | Zig:8    | Lost mutation: Armour fits poorly on your strangely shaped
                  | body. [potion of mutation]
189625 | Zig:8    | Gained mutation: You are resistant to hostile enchantments.
                  | (MR+) [potion of mutation]
189625 | Zig:8    | Gained mutation: Your spells are a little harder to cast,
                  | but a little more powerful. [potion of mutation]
189697 | Zig:9    | Entered Level 9 of a ziggurat
189799 | Zig:9    | Identified the Handbook of Excruciating Weightlessness
189932 | Zig:10   | Entered Level 10 of a ziggurat
189933 | Zig:10   | Noticed a greater mummy
189933 | Zig:10   | Noticed a greater mummy
189936 | Zig:10   | Killed a greater mummy
189936 | Zig:10   | Killed a greater mummy
189938 | Zig:10   | Noticed a greater mummy
189938 | Zig:10   | Noticed a greater mummy
189938 | Zig:10   | Noticed a greater mummy
189940 | Zig:10   | Noticed a greater mummy
189940 | Zig:10   | Noticed a greater mummy
189941 | Zig:10   | Killed a greater mummy
189941 | Zig:10   | Killed a greater mummy
189941 | Zig:10   | Killed a greater mummy
189941 | Zig:10   | Killed a greater mummy
189942 | Zig:10   | Killed a greater mummy
189942 | Zig:10   | Noticed a greater mummy
189942 | Zig:10   | Noticed a greater mummy
189945 | Zig:10   | Noticed a greater mummy
189946 | Zig:10   | Noticed a greater mummy
189947 | Zig:10   | Noticed a greater mummy
189947 | Zig:10   | Noticed a greater mummy
189947 | Zig:10   | Killed a greater mummy
189948 | Zig:10   | Killed a greater mummy
189948 | Zig:10   | Killed a greater mummy
189948 | Zig:10   | Killed a greater mummy
189948 | Zig:10   | Killed a greater mummy
189948 | Zig:10   | Noticed a greater mummy
189949 | Zig:10   | Noticed a greater mummy
189952 | Zig:10   | Killed a greater mummy
189952 | Zig:10   | Killed a greater mummy
189955 | Zig:10   | Killed a greater mummy
189984 | Zig:10   | Identified the Almanac of the Fetching Volcanoes
190198 | Zig:11   | Entered Level 11 of a ziggurat
190293 | Zig:11   | Got a scintillating emerald amulet
190294 | Zig:11   | Identified the amulet of Liberty {Reflect rPois rF+ Str-4
                  | SH+5 SInv} (You found it on level 11 of a ziggurat)
190452 | Zig:12   | Entered Level 12 of a ziggurat
190773 | Zig:13   | Entered Level 13 of a ziggurat
190779 | Zig:13   | Noticed an ancient lich
190779 | Zig:13   | Noticed an ancient lich
190781 | Zig:13   | Noticed an ancient lich
190781 | Zig:13   | Noticed an ancient lich
190783 | Zig:13   | Killed an ancient lich
190783 | Zig:13   | Noticed an ancient lich
190784 | Zig:13   | Noticed an ancient lich
190784 | Zig:13   | Noticed an ancient lich
190784 | Zig:13   | Noticed an ancient lich
190784 | Zig:13   | Killed an ancient lich
190784 | Zig:13   | Noticed an ancient lich
190784 | Zig:13   | Noticed an ancient lich
190785 | Zig:13   | Noticed an ancient lich
190785 | Zig:13   | Noticed an ancient lich
190785 | Zig:13   | Killed an ancient lich
190786 | Zig:13   | Killed an ancient lich
190786 | Zig:13   | Killed an ancient lich
190786 | Zig:13   | Killed an ancient lich
190786 | Zig:13   | Killed an ancient lich
190786 | Zig:13   | Killed an ancient lich
190786 | Zig:13   | Killed an ancient lich
190786 | Zig:13   | Killed an ancient lich
190786 | Zig:13   | Killed an ancient lich
190786 | Zig:13   | Noticed an ancient lich
190787 | Zig:13   | Killed an ancient lich
190787 | Zig:13   | Noticed an ancient lich
190788 | Zig:13   | Noticed an ancient lich
190791 | Zig:13   | Killed an ancient lich
190792 | Zig:13   | Noticed an ancient lich
190792 | Zig:13   | Killed an ancient lich
190793 | Zig:13   | Noticed an ancient lich
190795 | Zig:13   | Killed an ancient lich
190797 | Zig:13   | Killed an ancient lich
190797 | Zig:13   | Killed an ancient lich
191090 | Zig:14   | Entered Level 14 of a ziggurat
191103 | Zig:14   | Noticed an ancient lich
191105 | Zig:14   | Killed an ancient lich
191138 | Zig:14   | Identified Pasulirgh's Reference Book on Icy Attacks
191142 | Zig:14   | Identified the Almanac of the Snowflakes and Earth
191420 | Zig:15   | Entered Level 15 of a ziggurat
191424 | Zig:15   | Noticed a juggernaut
191427 | Zig:15   | Noticed a juggernaut
191429 | Zig:15   | Noticed a juggernaut
191430 | Zig:15   | Killed a juggernaut
191430 | Zig:15   | Killed a juggernaut
191430 | Zig:15   | Noticed a juggernaut
191430 | Zig:15   | Noticed a juggernaut
191430 | Zig:15   | Noticed a juggernaut
191431 | Zig:15   | Noticed a juggernaut
191431 | Zig:15   | Noticed a juggernaut
191432 | Zig:15   | Noticed a juggernaut
191432 | Zig:15   | Noticed a juggernaut
191433 | Zig:15   | Killed a juggernaut
191433 | Zig:15   | Killed a juggernaut
191433 | Zig:15   | Killed a juggernaut
191434 | Zig:15   | Killed a juggernaut
191434 | Zig:15   | Killed a juggernaut
191434 | Zig:15   | Killed a juggernaut
191434 | Zig:15   | Killed a juggernaut
191434 | Zig:15   | Killed a juggernaut
191435 | Zig:15   | Noticed a juggernaut
191438 | Zig:15   | Noticed a juggernaut
191439 | Zig:15   | Killed a juggernaut
191443 | Zig:15   | Killed a juggernaut
191492 | Zig:15   | Identified the Reference Book on Augmentations
191497 | Zig:15   | Got a sparkling wooden ring
191498 | Zig:15   | Identified the ring of Oxzuibol {rC+ rN++ MR+ AC+3 Str+4}
                  | (You found it on level 15 of a ziggurat)
191818 | Zig:16   | Entered Level 16 of a ziggurat
191826 | Zig:16   | Noticed an ancient lich
191826 | Zig:16   | Noticed an ancient lich
191830 | Zig:16   | Killed an ancient lich
191830 | Zig:16   | Noticed an ancient lich
191832 | Zig:16   | Killed an ancient lich
191833 | Zig:16   | Killed an ancient lich
191833 | Zig:16   | Noticed an ancient lich
191835 | Zig:16   | Killed an ancient lich
191835 | Zig:16   | Noticed an ancient lich
191837 | Zig:16   | Noticed an ancient lich
191838 | Zig:16   | Noticed an ancient lich
191838 | Zig:16   | Noticed an ancient lich
191839 | Zig:16   | Noticed an ancient lich
191839 | Zig:16   | Killed an ancient lich
191839 | Zig:16   | Killed an ancient lich
191841 | Zig:16   | Noticed an ancient lich
191842 | Zig:16   | Killed an ancient lich
191843 | Zig:16   | Noticed an ancient lich
191843 | Zig:16   | Noticed an ancient lich
191843 | Zig:16   | Noticed an ancient lich
191843 | Zig:16   | Killed an ancient lich
191843 | Zig:16   | Killed an ancient lich
191844 | Zig:16   | Killed an ancient lich
191844 | Zig:16   | Killed an ancient lich
191844 | Zig:16   | Killed an ancient lich
191844 | Zig:16   | Killed an ancient lich
191844 | Zig:16   | Killed an ancient lich
191845 | Zig:16   | Noticed an ancient lich
191845 | Zig:16   | Noticed an ancient lich
191845 | Zig:16   | Killed an ancient lich
191849 | Zig:16   | Killed an ancient lich
191925 | Zig:16   | Identified the Reference Book on Talismans and Toxins
191931 | Zig:16   | Got a smoking graven amulet
191932 | Zig:16   | Identified the amulet of Pragmatism {Acrobat Int+2} (You
                  | found it on level 16 of a ziggurat)
191955 | Zig:16   | Identified the Tome of the Tundras
191959 | Zig:16   | Got a steaming bronze ring
191960 | Zig:16   | Identified the ring of Beogh's Benevolence {+Blink Dex+2
                  | Stlth-} (You found it on level 16 of a ziggurat)
192193 | Zig:17   | Entered Level 17 of a ziggurat
192300 | Zig:17   | Got a pitted granite ring
192301 | Zig:17   | Identified the ring of Dorchose {Wiz rN+++ Dex-5 SInv
                  | Stlth+} (You found it on level 17 of a ziggurat)
192326 | Zig:17   | Got a bound golden ring
192327 | Zig:17   | Identified the ring of Hedonism {rF- rC+ rN+ Int+3 SInv}
                  | (You found it on level 17 of a ziggurat)
192335 | Zig:17   | Identified Gathra's Incunabulum of the Igneous Traveller
192633 | Zig:18   | Entered Level 18 of a ziggurat
192765 | Zig:18   | Got a pair of ichor-stained gloves
192776 | Zig:18   | Identified the cursed +0 pair of gloves of Magic {Dex+5
                  | Slay-3} (You found it on level 18 of a ziggurat)
192789 | Zig:18   | Identified the Compendium of the Oath and Envenoming
192805 | Zig:18   | Got a steaming turquoise ring
192806 | Zig:18   | Identified the ring "Abizablo" {rElec rF+ rCorr Str+6} (You
                  | found it on level 18 of a ziggurat)
193133 | Zig:19   | Entered Level 19 of a ziggurat
193263 | Zig:19   | Got a pair of steaming boots
193274 | Zig:19   | Identified the +1 pair of boots of the Five Wonders
                  | {*Contam rPois rN+++ Int-2} (You acquired it on level 19 of
                  | a ziggurat)
193299 | Zig:19   | Got a pair of spiked boots
193300 | Zig:19   | Identified the +0 pair of boots "Faenejat" {Str+4 Int+2
                  | Slay+2 Stlth+} (You found it on level 19 of a ziggurat)
193332 | Zig:19   | Identified Sif Muna's Incunabulum of Fetching Air
193645 | Zig:20   | Entered Level 20 of a ziggurat
193741 | Zig:20   | Got a scorched demon trident
193742 | Zig:20   | Identified the +8 demon trident of War {drain, Dex+4} (You
                  | found it on level 20 of a ziggurat)
193756 | Zig:20   | Got a heavily runed steel ring
193758 | Zig:20   | Identified the ring of Xileeh {rF+ rC- Str+5 SInv} (You
                  | found it on level 20 of a ziggurat)
193783 | Zig:20   | Got a vibrating silver ring
193785 | Zig:20   | Identified the ring of Jealousy {+Fly SInv Stlth+} (You
                  | found it on level 20 of a ziggurat)
193799 | Zig:20   | Identified the Papyrus of Talismans and Translocation
193807 | Zig:20   | Got a crude bone ring
193809 | Zig:20   | Identified the ring of Uweqir {Wiz Int+4} (You found it on
                  | level 20 of a ziggurat)
193815 | Zig:20   | Got a glittering ivory ring
193817 | Zig:20   | Identified the ring of Ataipu {Int+3 SInv} (You found it on
                  | level 20 of a ziggurat)
193835 | Zig:20   | Got a vibrating iron ring
193836 | Zig:20   | Identified the ring of the Will of the Gods {rPois rF+ rC+
                  | Dex+4} (You found it on level 20 of a ziggurat)
194216 | Zig:21   | Entered Level 21 of a ziggurat
194360 | Zig:21   | Got a pair of faintly glowing gloves
194371 | Zig:21   | Identified the cursed +0 pair of gloves of Defiance {Str+2
                  | SInv Stlth+} (You found it on level 21 of a ziggurat)
194403 | Zig:21   | Got a brightly glowing broad axe
194404 | Zig:21   | Identified the cursed +0 broad axe "Riarph" {drain, *Contam
                  | +Fly Dex-4 Stlth+} (You found it on level 21 of a ziggurat)
194454 | Zig:21   | Got a heavily runed glass ring
194455 | Zig:21   | Identified the ring of Daeqoxza {rC++ Str+5} (You found it
                  | on level 21 of a ziggurat)
194814 | Zig:22   | Entered Level 22 of a ziggurat
194826 | Zig:22   | Noticed an ancient lich
194826 | Zig:22   | Noticed an ancient lich
194829 | Zig:22   | Killed an ancient lich
194830 | Zig:22   | Noticed an ancient lich
194831 | Zig:22   | Killed an ancient lich
194831 | Zig:22   | Noticed an ancient lich
194832 | Zig:22   | Killed an ancient lich
194832 | Zig:22   | Killed an ancient lich
194833 | Zig:22   | Noticed an ancient lich
194835 | Zig:22   | Noticed an ancient lich
194835 | Zig:22   | Noticed an ancient lich
194836 | Zig:22   | Noticed an ancient lich
194837 | Zig:22   | Noticed an ancient lich
194837 | Zig:22   | Noticed an ancient lich
194838 | Zig:22   | Killed an ancient lich
194838 | Zig:22   | Noticed an ancient lich
194838 | Zig:22   | Noticed an ancient lich
194839 | Zig:22   | Killed an ancient lich
194839 | Zig:22   | Killed an ancient lich
194839 | Zig:22   | Noticed an ancient lich
194841 | Zig:22   | Noticed an ancient lich
194841 | Zig:22   | Noticed an ancient lich
194841 | Zig:22   | Killed an ancient lich
194842 | Zig:22   | Killed an ancient lich
194842 | Zig:22   | Killed an ancient lich
194842 | Zig:22   | Noticed an ancient lich
194842 | Zig:22   | Noticed an ancient lich
194843 | Zig:22   | Killed an ancient lich
194843 | Zig:22   | Killed an ancient lich
194843 | Zig:22   | Killed an ancient lich
194843 | Zig:22   | Noticed an ancient lich
194844 | Zig:22   | Killed an ancient lich
194845 | Zig:22   | Killed an ancient lich
194845 | Zig:22   | Killed an ancient lich
194845 | Zig:22   | Killed an ancient lich
194845 | Zig:22   | Killed an ancient lich
194845 | Zig:22   | Killed an ancient lich
194845 | Zig:22   | Noticed an ancient lich
194846 | Zig:22   | Noticed an ancient lich
194846 | Zig:22   | Noticed an ancient lich
194847 | Zig:22   | Noticed an ancient lich
194849 | Zig:22   | Killed an ancient lich
194851 | Zig:22   | Killed an ancient lich
194852 | Zig:22   | Killed an ancient lich
194854 | Zig:22   | Killed an ancient lich
194934 | Zig:22   | Got a coiled wooden ring
194935 | Zig:22   | Identified the ring of Ucruqer {rN+ Int+4} (You found it on
                  | level 22 of a ziggurat)
195380 | Zig:23   | Entered Level 23 of a ziggurat
195476 | Zig:23   | Got a clouded ruby amulet
195477 | Zig:23   | Identified the amulet of Piacw {Spirit rN+ Str+6 Int-2
                  | Stlth+} (You found it on level 23 of a ziggurat)
195482 | Zig:23   | Got a crude ruby amulet
195483 | Zig:23   | Identified the amulet of Hoaqujaw {+Rage rElec rPois} (You
                  | found it on level 23 of a ziggurat)
195486 | Zig:23   | Got a sparkling bronze ring
195487 | Zig:23   | Identified the ring of Fioduik {Int+2 Dex+3 SInv} (You
                  | found it on level 23 of a ziggurat)
195513 | Zig:23   | Got a crude lead ring
195515 | Zig:23   | Identified the ring of Light {*Tele Int+5} (You found it on
                  | level 23 of a ziggurat)
195527 | Zig:23   | Got a shimmering lead ring
195529 | Zig:23   | Identified the ring of the Burgomaster {+Fly rN+ Int+2}
                  | (You found it on level 23 of a ziggurat)
195541 | Zig:23   | Identified Sif Muna's Compendium of the Compass
195916 | Zig:24   | Entered Level 24 of a ziggurat
195941 | Zig:24   | Noticed an ancient lich
195941 | Zig:24   | Noticed an ancient lich
195941 | Zig:24   | Noticed an ancient lich
195944 | Zig:24   | Noticed an ancient lich
195945 | Zig:24   | Killed an ancient lich
195945 | Zig:24   | Killed an ancient lich
195945 | Zig:24   | Noticed an ancient lich
195946 | Zig:24   | Noticed an ancient lich
195946 | Zig:24   | Noticed an ancient lich
195947 | Zig:24   | Killed an ancient lich
195948 | Zig:24   | Killed an ancient lich
195948 | Zig:24   | Killed an ancient lich
195948 | Zig:24   | Noticed an ancient lich
195949 | Zig:24   | Noticed an ancient lich
195949 | Zig:24   | Killed an ancient lich
195949 | Zig:24   | Killed an ancient lich
195949 | Zig:24   | Noticed an ancient lich
195950 | Zig:24   | Noticed an ancient lich
195954 | Zig:24   | Noticed an ancient lich
195957 | Zig:24   | Killed an ancient lich
195957 | Zig:24   | Killed an ancient lich
195957 | Zig:24   | Killed an ancient lich
195957 | Zig:24   | Noticed an ancient lich
195958 | Zig:24   | Noticed an ancient lich
195958 | Zig:24   | Noticed an ancient lich
195958 | Zig:24   | Noticed an ancient lich
195958 | Zig:24   | Killed an ancient lich
195959 | Zig:24   | Noticed an ancient lich
195959 | Zig:24   | Killed an ancient lich
195959 | Zig:24   | Noticed an ancient lich
195960 | Zig:24   | Killed an ancient lich
195960 | Zig:24   | Killed an ancient lich
195960 | Zig:24   | Killed an ancient lich
195960 | Zig:24   | Killed an ancient lich
195960 | Zig:24   | Killed an ancient lich
195960 | Zig:24   | Noticed an ancient lich
195961 | Zig:24   | Noticed an ancient lich
195961 | Zig:24   | Noticed an ancient lich
195961 | Zig:24   | Killed an ancient lich
195961 | Zig:24   | Noticed an ancient lich
195962 | Zig:24   | Killed an ancient lich
195962 | Zig:24   | Killed an ancient lich
195962 | Zig:24   | Killed an ancient lich
195962 | Zig:24   | Killed an ancient lich
195962 | Zig:24   | Noticed an ancient lich
195963 | Zig:24   | Noticed an ancient lich
195963 | Zig:24   | Killed an ancient lich
195964 | Zig:24   | Noticed an ancient lich
195967 | Zig:24   | Noticed an ancient lich
195968 | Zig:24   | Killed an ancient lich
195968 | Zig:24   | Killed an ancient lich
195969 | Zig:24   | Killed an ancient lich
195969 | Zig:24   | Killed an ancient lich
195972 | Zig:24   | Noticed an ancient lich
195978 | Zig:24   | Killed an ancient lich
196003 | Zig:24   | Got a crude broad axe
196004 | Zig:24   | Identified the +9 broad axe "Dragonslayer" {drain, *Drain
                  | Int+6 Dex+6} (You found it on level 24 of a ziggurat)
196229 | Zig:24   | Paralysed by a floating eye for 2 turns
196237 | Zig:24   | Paralysed by a floating eye for 3 turns
196244 | Zig:24   | Paralysed by a floating eye for 2 turns
196247 | Zig:24   | Paralysed by a floating eye for 4 turns
196258 | Zig:24   | Paralysed by a floating eye for 2 turns
196262 | Zig:24   | Paralysed by a floating eye for 4 turns
196350 | Zig:25   | Entered Level 25 of a ziggurat
197005 | Zig:26   | Entered Level 26 of a ziggurat
197197 | Zig:26   | Identified the Tome of the Traveller and the Rocks
197682 | Zig:27   | Entered Level 27 of a ziggurat
197805 | Zig:27   | Noticed Zolas the pandemonium lord
197819 | Zig:27   | Killed Zolas the pandemonium lord
197872 | Zig:27   | Got a faintly humming large shield
197883 | Zig:27   | Identified the +8 large shield of Responsibility {Dex+5}
                  | (You acquired it on level 27 of a ziggurat)
197898 | Zig:27   | Identified the Catalogue of Confrontation
197929 | Zig:27   | Identified Tigg's Grimoire of Harmful Feathers
197934 | Zig:27   | Identified Sif Muna's Collected Works on the Mutagenic
                  | Snowflakes
197937 | Zig:27   | Got a twitching ruby amulet
197938 | Zig:27   | Identified the amulet "Inonon" {RegenMP rC+ MR+++ Int-4
                  | Stlth+} (You found it on level 27 of a ziggurat)
197941 | Zig:27   | Got a spiked cloak
197952 | Zig:27   | Identified the +0 cloak "Tyxzux" {rPois rN+ Str-2} (You
                  | found it on level 27 of a ziggurat)
197975 | Zig:27   | Identified the Catalogue of Dislocated Poison
198400 | Depths:3 | Bought a fine golden ring for 110 gold pieces
198400 | Depths:3 | Identified the ring "Seozena" {+Blink rPois Dex+4} (You
                  | bought it in a shop on level 3 of the Depths)
198416 | Zig:1    | Entered Level 1 of a ziggurat
198474 | Zig:2    | Entered Level 2 of a ziggurat
198511 | Zig:2    | Got a brightly glowing bone amulet
198527 | Zig:2    | Got a fine ivory ring
198539 | Zig:2    | Identified the amulet of the Unkillable {+Rage +Inv Str+5}
                  | (You found it on level 2 of a ziggurat)
198541 | Zig:2    | Identified the ring of the Pariah {rC+ MP+9} (You found it
                  | on level 2 of a ziggurat)
198563 | Zig:3    | Entered Level 3 of a ziggurat
198664 | Zig:4    | Entered Level 4 of a ziggurat
198796 | Zig:5    | Entered Level 5 of a ziggurat
198810 | Zig:5    | Noticed Qaofugu the pandemonium lord
198815 | Zig:5    | Killed Qaofugu the pandemonium lord
198836 | Zig:5    | Got a bound glass ring
198840 | Zig:5    | Identified the ring "Huggusch" {Ice Stlth+} (You found it
                  | on level 5 of a ziggurat)
198935 | Zig:6    | Entered Level 6 of a ziggurat
199121 | Zig:7    | Entered Level 7 of a ziggurat
199122 | Zig:7    | Noticed Tigedon the pandemonium lord
199122 | Zig:7    | Noticed Mitoob the pandemonium lord
199123 | Zig:7    | Noticed Fuvu the pandemonium lord
199123 | Zig:7    | Noticed Neoty the pandemonium lord
199124 | Zig:7    | Noticed Nuarizus the pandemonium lord
199125 | Zig:7    | Killed Mitoob the pandemonium lord
199125 | Zig:7    | Noticed Nuoggir the pandemonium lord
199125 | Zig:7    | Killed Neoty the pandemonium lord
199126 | Zig:7    | Noticed Besycizu the pandemonium lord
199126 | Zig:7    | Killed Tigedon the pandemonium lord
199126 | Zig:7    | Killed Fuvu the pandemonium lord
199126 | Zig:7    | Noticed Jovvifo the pandemonium lord
199126 | Zig:7    | Noticed Risuceucze the pandemonium lord
199131 | Zig:7    | Noticed Unipn the pandemonium lord
199132 | Zig:7    | Killed Nuoggir the pandemonium lord
199132 | Zig:7    | Killed Risuceucze the pandemonium lord
199133 | Zig:7    | Noticed Enemnes the pandemonium lord
199133 | Zig:7    | Noticed Henomm the pandemonium lord
199133 | Zig:7    | Killed Jovvifo the pandemonium lord
199133 | Zig:7    | Noticed Etyxan the pandemonium lord
199133 | Zig:7    | Noticed Iqeaj the pandemonium lord
199134 | Zig:7    | Killed Nuarizus the pandemonium lord
199134 | Zig:7    | Killed Besycizu the pandemonium lord
199134 | Zig:7    | Killed Enemnes the pandemonium lord
199136 | Zig:7    | Killed Iqeaj the pandemonium lord
199136 | Zig:7    | Killed Unipn the pandemonium lord
199136 | Zig:7    | Noticed Osegol the pandemonium lord
199138 | Zig:7    | Noticed Huhegeem the pandemonium lord
199138 | Zig:7    | Killed Etyxan the pandemonium lord
199138 | Zig:7    | Killed Osegol the pandemonium lord
199138 | Zig:7    | Noticed Linnokk the pandemonium lord
199147 | Zig:7    | Killed Linnokk the pandemonium lord
199147 | Zig:7    | Killed Huhegeem the pandemonium lord
199149 | Zig:7    | Killed Henomm the pandemonium lord
199178 | Zig:7    | Identified the Volume of Freezing Confrontation
199291 | Zig:8    | Entered Level 8 of a ziggurat
199291 | Zig:8    | Noticed a juggernaut
199291 | Zig:8    | Noticed a juggernaut
199291 | Zig:8    | Noticed a juggernaut
199292 | Zig:8    | Killed a juggernaut
199292 | Zig:8    | Killed a juggernaut
199293 | Zig:8    | Noticed a juggernaut
199296 | Zig:8    | Killed a juggernaut
199307 | Zig:8    | Killed a juggernaut
199353 | Zig:8    | Got a heavily runed amber ring
199354 | Zig:8    | Identified the ring of Mutualism {Ice +Inv rN+ Int+3 Dex-2}
                  | (You found it on level 8 of a ziggurat)
199540 | Zig:9    | Entered Level 9 of a ziggurat
199577 | Zig:9    | Noticed Kunotz the pandemonium lord
199580 | Zig:9    | Killed Kunotz the pandemonium lord
199695 | Zig:10   | Entered Level 10 of a ziggurat
199830 | Zig:10   | Identified the Incunabulum of Hurtful Calling
199842 | Zig:10   | Identified the Papyrus of Aid and Ignition
199851 | Zig:10   | Got an ancient bronze ring
199852 | Zig:10   | Identified the ring of the Tarantula {rElec MR+ Str-2
                  | Dex+2} (You found it on level 10 of a ziggurat)
200026 | Zig:11   | Entered Level 11 of a ziggurat
200096 | Zig:11   | Got a dazzling shield
200097 | Zig:11   | Identified the +4 shield of Gail {*Contam rElec Str-5
                  | Int+8} (You found it on level 11 of a ziggurat)
200115 | Zig:11   | Got a pitted bone amulet
200116 | Zig:11   | Identified the amulet of the Unkillable {Faith rF++ MR+}
                  | (You found it on level 11 of a ziggurat)
200270 | Zig:12   | Entered Level 12 of a ziggurat
200273 | Zig:12   | Noticed an orb of fire
200273 | Zig:12   | Noticed an orb of fire
200275 | Zig:12   | Killed an orb of fire
200275 | Zig:12   | Noticed an orb of fire
200276 | Zig:12   | Noticed an orb of fire
200276 | Zig:12   | Noticed an orb of fire
200276 | Zig:12   | Noticed an orb of fire
200276 | Zig:12   | Noticed an orb of fire
200277 | Zig:12   | Noticed an orb of fire
200278 | Zig:12   | Killed an orb of fire
200278 | Zig:12   | Killed an orb of fire
200278 | Zig:12   | Killed an orb of fire
200278 | Zig:12   | Killed an orb of fire
200279 | Zig:12   | Noticed an orb of fire
200281 | Zig:12   | Killed an orb of fire
200281 | Zig:12   | Killed an orb of fire
200281 | Zig:12   | Killed an orb of fire
200283 | Zig:12   | Noticed an orb of fire
200285 | Zig:12   | Noticed an orb of fire
200285 | Zig:12   | Noticed an orb of fire
200286 | Zig:12   | Killed an orb of fire
200286 | Zig:12   | Killed an orb of fire
200287 | Zig:12   | Noticed an orb of fire
200287 | Zig:12   | Noticed an orb of fire
200288 | Zig:12   | Killed an orb of fire
200288 | Zig:12   | Killed an orb of fire
200288 | Zig:12   | Noticed an orb of fire
200288 | Zig:12   | Noticed an orb of fire
200290 | Zig:12   | Killed an orb of fire
200290 | Zig:12   | Noticed an orb of fire
200290 | Zig:12   | Noticed an orb of fire
200291 | Zig:12   | Killed an orb of fire
200291 | Zig:12   | Killed an orb of fire
200291 | Zig:12   | Killed an orb of fire
200293 | Zig:12   | Noticed an orb of fire
200294 | Zig:12   | Noticed an orb of fire
200294 | Zig:12   | Noticed an orb of fire
200294 | Zig:12   | Noticed an orb of fire
200294 | Zig:12   | Noticed an orb of fire
200295 | Zig:12   | Killed an orb of fire
200295 | Zig:12   | Killed an orb of fire
200297 | Zig:12   | Killed an orb of fire
200297 | Zig:12   | Killed an orb of fire
200297 | Zig:12   | Killed an orb of fire
200297 | Zig:12   | Killed an orb of fire
200298 | Zig:12   | Noticed an orb of fire
200298 | Zig:12   | Killed an orb of fire
200299 | Zig:12   | Noticed an orb of fire
200301 | Zig:12   | Killed an orb of fire
200304 | Zig:12   | Killed an orb of fire
200329 | Zig:12   | Got a sparkling glass ring
200331 | Zig:12   | Identified the ring "Caorud" {+Fly rPois} (You found it on
                  | level 12 of a ziggurat)
200342 | Zig:12   | Got a sparkling golden ring
200344 | Zig:12   | Identified the ring "Reelaireh" {rElec rCorr} (You found it
                  | on level 12 of a ziggurat)
200352 | Zig:12   | Identified the Grimoire of the Destructive Snowflakes
200360 | Zig:12   | Got a translucent pewter ring
200362 | Zig:12   | Identified the ring of the Shining Light {rPois rC+ MP+9
                  | Str+4} (You found it on level 12 of a ziggurat)
200459 | Zig:13   | Entered Level 13 of a ziggurat
200553 | Zig:13   | Got an ancient copper ring
200555 | Zig:13   | Identified the ring "Tucsad" {Ice Str-2 Dex+6 Slay+3} (You
                  | found it on level 13 of a ziggurat)
200711 | Zig:14   | Entered Level 14 of a ziggurat
200788 | Zig:14   | Identified the Guide on the Nocuous Traveller
200815 | Zig:14   | Got a pair of slimy gloves
200826 | Zig:14   | Identified the +1 pair of gloves "Kiqub" {rC+ Str+6 Int-5
                  | Dex+9} (You found it on level 14 of a ziggurat)
201069 | Zig:15   | Entered Level 15 of a ziggurat
201071 | Zig:15   | Noticed an ancient lich
201072 | Zig:15   | Noticed an ancient lich
201073 | Zig:15   | Noticed an ancient lich
201074 | Zig:15   | Killed an ancient lich
201074 | Zig:15   | Noticed an ancient lich
201075 | Zig:15   | Noticed an ancient lich
201076 | Zig:15   | Noticed an ancient lich
201076 | Zig:15   | Noticed an ancient lich
201076 | Zig:15   | Noticed an ancient lich
201077 | Zig:15   | Killed an ancient lich
201077 | Zig:15   | Noticed an ancient lich
201077 | Zig:15   | Noticed an ancient lich
201078 | Zig:15   | Killed an ancient lich
201078 | Zig:15   | Killed an ancient lich
201078 | Zig:15   | Killed an ancient lich
201080 | Zig:15   | Noticed an ancient lich
201080 | Zig:15   | Noticed an ancient lich
201081 | Zig:15   | Killed an ancient lich
201081 | Zig:15   | Killed an ancient lich
201081 | Zig:15   | Killed an ancient lich
201081 | Zig:15   | Killed an ancient lich
201081 | Zig:15   | Killed an ancient lich
201082 | Zig:15   | Noticed an ancient lich
201082 | Zig:15   | Killed an ancient lich
201082 | Zig:15   | Killed an ancient lich
201082 | Zig:15   | Noticed an ancient lich
201083 | Zig:15   | Killed an ancient lich
201083 | Zig:15   | Noticed an ancient lich
201085 | Zig:15   | Noticed an ancient lich
201085 | Zig:15   | Noticed an ancient lich
201085 | Zig:15   | Killed an ancient lich
201086 | Zig:15   | Killed an ancient lich
201087 | Zig:15   | Noticed an ancient lich
201087 | Zig:15   | Noticed an ancient lich
201088 | Zig:15   | Noticed an ancient lich
201091 | Zig:15   | Killed an ancient lich
201091 | Zig:15   | Killed an ancient lich
201091 | Zig:15   | Killed an ancient lich
201092 | Zig:15   | Killed an ancient lich
201097 | Zig:15   | Noticed an ancient lich
201099 | Zig:15   | Killed an ancient lich
201101 | Zig:15   | Killed an ancient lich
201203 | Zig:15   | Got a slimy granite ring
201205 | Zig:15   | Identified the ring "Rubbiluito" {rPois Str+5 SInv Stlth+}
                  | (You found it on level 15 of a ziggurat)
201214 | Zig:15   | Got a steaming steel ring
201216 | Zig:15   | Identified the ring "Cebaho" {+Fly rPois} (You found it on
                  | level 15 of a ziggurat)
201388 | Zig:16   | Entered Level 16 of a ziggurat
201390 | Zig:16   | Noticed an ancient lich
201391 | Zig:16   | Noticed an ancient lich
201391 | Zig:16   | Noticed an ancient lich
201392 | Zig:16   | Killed an ancient lich
201393 | Zig:16   | Noticed an ancient lich
201394 | Zig:16   | Noticed an ancient lich
201394 | Zig:16   | Killed an ancient lich
201394 | Zig:16   | Killed an ancient lich
201394 | Zig:16   | Killed an ancient lich
201394 | Zig:16   | Noticed an ancient lich
201397 | Zig:16   | Noticed an ancient lich
201398 | Zig:16   | Noticed an ancient lich
201399 | Zig:16   | Killed an ancient lich
201399 | Zig:16   | Killed an ancient lich
201399 | Zig:16   | Killed an ancient lich
201400 | Zig:16   | Noticed an ancient lich
201400 | Zig:16   | Noticed an ancient lich
201400 | Zig:16   | Killed an ancient lich
201401 | Zig:16   | Killed an ancient lich
201401 | Zig:16   | Killed an ancient lich
201402 | Zig:16   | Noticed an ancient lich
201403 | Zig:16   | Noticed an ancient lich
201403 | Zig:16   | Noticed an ancient lich
201404 | Zig:16   | Killed an ancient lich
201405 | Zig:16   | Killed an ancient lich
201405 | Zig:16   | Noticed an ancient lich
201413 | Zig:16   | Noticed an ancient lich
201414 | Zig:16   | Killed an ancient lich
201415 | Zig:16   | Killed an ancient lich
201417 | Zig:16   | Killed an ancient lich
201445 | Zig:16   | Identified the Guide on Torrid Evil Secrets
201464 | Zig:16   | Got a shimmering shield
201465 | Zig:16   | Identified the +2 shield of Leaves {+Blink rPois rN++
                  | Int-4} (You found it on level 16 of a ziggurat)
201688 | Zig:17   | Entered Level 17 of a ziggurat
201803 | Zig:17   | Got a scorched golden ring
201805 | Zig:17   | Identified the ring of the Mutiny {+Blink rN+ EV+1 SInv}
                  | (You found it on level 17 of a ziggurat)
201809 | Zig:17   | Identified the Guide on Weightlessness and Earth
202118 | Zig:18   | Entered Level 18 of a ziggurat
202256 | Zig:18   | Identified the Disquisition on Captivating Protection
202535 | Zig:19   | Entered Level 19 of a ziggurat
202535 | Zig:19   | Noticed a juggernaut
202535 | Zig:19   | Noticed a juggernaut
202536 | Zig:19   | Noticed a juggernaut
202536 | Zig:19   | Noticed a juggernaut
202536 | Zig:19   | Noticed a juggernaut
202537 | Zig:19   | Killed a juggernaut
202537 | Zig:19   | Noticed a juggernaut
202538 | Zig:19   | Killed a juggernaut
202538 | Zig:19   | Killed a juggernaut
202538 | Zig:19   | Killed a juggernaut
202539 | Zig:19   | Killed a juggernaut
202539 | Zig:19   | Noticed a juggernaut
202540 | Zig:19   | Killed a juggernaut
202540 | Zig:19   | Noticed a juggernaut
202542 | Zig:19   | Noticed a juggernaut
202542 | Zig:19   | Noticed a juggernaut
202543 | Zig:19   | Killed a juggernaut
202543 | Zig:19   | Noticed a juggernaut
202544 | Zig:19   | Noticed a juggernaut
202544 | Zig:19   | Noticed a juggernaut
202544 | Zig:19   | Noticed a juggernaut
202544 | Zig:19   | Noticed a juggernaut
202544 | Zig:19   | Noticed a juggernaut
202544 | Zig:19   | Noticed a juggernaut
202545 | Zig:19   | Noticed a juggernaut
202545 | Zig:19   | Killed a juggernaut
202545 | Zig:19   | Killed a juggernaut
202545 | Zig:19   | Killed a juggernaut
202545 | Zig:19   | Killed a juggernaut
202545 | Zig:19   | Killed a juggernaut
202545 | Zig:19   | Killed a juggernaut
202545 | Zig:19   | Killed a juggernaut
202545 | Zig:19   | Killed a juggernaut
202545 | Zig:19   | Killed a juggernaut
202545 | Zig:19   | Noticed a juggernaut
202545 | Zig:19   | Noticed a juggernaut
202545 | Zig:19   | Noticed a juggernaut
202546 | Zig:19   | Killed a juggernaut
202546 | Zig:19   | Killed a juggernaut
202546 | Zig:19   | Killed a juggernaut
202546 | Zig:19   | Killed a juggernaut
202546 | Zig:19   | Noticed a juggernaut
202546 | Zig:19   | Noticed a juggernaut
202547 | Zig:19   | Noticed a juggernaut
202549 | Zig:19   | Noticed a juggernaut
202549 | Zig:19   | Noticed a juggernaut
202549 | Zig:19   | Killed a juggernaut
202550 | Zig:19   | Killed a juggernaut
202550 | Zig:19   | Killed a juggernaut
202551 | Zig:19   | Killed a juggernaut
202551 | Zig:19   | Killed a juggernaut
202551 | Zig:19   | Killed a juggernaut
202551 | Zig:19   | Noticed a juggernaut
202551 | Zig:19   | Noticed a juggernaut
202553 | Zig:19   | Killed a juggernaut
202553 | Zig:19   | Killed a juggernaut
202555 | Zig:19   | Noticed a juggernaut
202559 | Zig:19   | Killed a juggernaut
202561 | Zig:19   | Noticed a juggernaut
202561 | Zig:19   | Noticed a juggernaut
202562 | Zig:19   | Noticed a juggernaut
202562 | Zig:19   | Noticed a juggernaut
202563 | Zig:19   | Noticed a juggernaut
202564 | Zig:19   | Killed a juggernaut
202566 | Zig:19   | Killed a juggernaut
202566 | Zig:19   | Killed a juggernaut
202566 | Zig:19   | Killed a juggernaut
202566 | Zig:19   | Killed a juggernaut
202575 | Zig:19   | Killed a juggernaut
202610 | Zig:19   | Got a brightly glowing shield
202611 | Zig:19   | Identified the +5 shield of Rim Hiru {rC+ Dex+2} (You found
                  | it on level 19 of a ziggurat)
202645 | Zig:19   | Identified the Grimoire of the Twisted Rocks
202880 | Zig:20   | Entered Level 20 of a ziggurat
202951 | Zig:20   | Got a fine platinum amulet
202952 | Zig:20   | Identified the amulet "Jigicufu" {rElec rF++ Regen+ Str-2}
                  | (You found it on level 20 of a ziggurat)
202993 | Zig:20   | Got a sparkling jade ring
202994 | Zig:20   | Identified the ring "Suunla" {Ice Int+3} (You found it on
                  | level 20 of a ziggurat)
203018 | Zig:20   | Got a heavily runed platinum ring
203020 | Zig:20   | Identified the ring "Foac" {rF+ rC+ Int+4} (You found it on
                  | level 20 of a ziggurat)
203331 | Zig:21   | Entered Level 21 of a ziggurat
203413 | Zig:21   | Identified Edohorog's Compendium of Hurtful Creation
203437 | Zig:21   | Got a faintly glowing diamond amulet
203438 | Zig:21   | Identified the amulet of Gurchim {Gourm Int+4} (You found
                  | it on level 21 of a ziggurat)
203450 | Zig:21   | Identified Koug's Tome of Displaced Arcane Weapons
203483 | Zig:21   | Got a flickering granite ring
203485 | Zig:21   | Identified the ring of the Foremost Lies {rN+ SInv} (You
                  | found it on level 21 of a ziggurat)
203495 | Zig:21   | Got a heavily runed crystal amulet
203496 | Zig:21   | Identified the amulet "Sothryj" {Acrobat +Fly Int+2} (You
                  | found it on level 21 of a ziggurat)
203870 | Zig:22   | Entered Level 22 of a ziggurat
203931 | Zig:22   | Identified Kystrog's Almanac of Creation and Fire
203998 | Zig:22   | Got a scorched platinum ring
204000 | Zig:22   | Identified the ring "Umoanuf" {Wiz rElec Slay+3} (You found
                  | it on level 22 of a ziggurat)
204018 | Zig:22   | Got transparent gold dragon scales
204019 | Zig:22   | Identified the +17 gold dragon scales of Viuceax {rPois rF+
                  | rC+ MR+} (You found it on level 22 of a ziggurat)
204395 | Zig:23   | Entered Level 23 of a ziggurat
204502 | Zig:23   | Got a sparkling tin ring
204504 | Zig:23   | Identified the ring "Ekkoceuv" {Fire rElec MP+9 Dex+3} (You
                  | found it on level 23 of a ziggurat)
204509 | Zig:23   | Got a coiled brass ring
204511 | Zig:23   | Identified the ring of Ubosm {+Fly rPois rC++ Dex+4 Slay-2}
                  | (You found it on level 23 of a ziggurat)
204546 | Zig:23   | Got a warped tin ring
204548 | Zig:23   | Identified the ring of Barev {EV+4 Dex+4} (You found it on
                  | level 23 of a ziggurat)
204573 | Zig:23   | Got a steaming brass amulet
204574 | Zig:23   | Identified the amulet "Keifu" {+Rage rF+} (You found it on
                  | level 23 of a ziggurat)
204579 | Zig:23   | Got a brightly glowing lead ring
204581 | Zig:23   | Identified the ring "Imeano" {rF+ rC+ rN+ Str+3} (You found
                  | it on level 23 of a ziggurat)
204933 | Zig:24   | Entered Level 24 of a ziggurat
204937 | Zig:24   | Noticed an ancient lich
204938 | Zig:24   | Noticed an ancient lich
204940 | Zig:24   | Killed an ancient lich
204940 | Zig:24   | Killed an ancient lich
204941 | Zig:24   | Noticed an ancient lich
204941 | Zig:24   | Noticed an ancient lich
204941 | Zig:24   | Noticed an ancient lich
204942 | Zig:24   | Killed an ancient lich
204942 | Zig:24   | Noticed an ancient lich
204943 | Zig:24   | Killed an ancient lich
204943 | Zig:24   | Noticed an ancient lich
204944 | Zig:24   | Noticed an ancient lich
204945 | Zig:24   | Noticed an ancient lich
204945 | Zig:24   | Noticed an ancient lich
204946 | Zig:24   | Noticed an ancient lich
204946 | Zig:24   | Noticed an ancient lich
204946 | Zig:24   | Killed an ancient lich
204946 | Zig:24   | Killed an ancient lich
204947 | Zig:24   | Killed an ancient lich
204947 | Zig:24   | Killed an ancient lich
204947 | Zig:24   | Killed an ancient lich
204947 | Zig:24   | Killed an ancient lich
204947 | Zig:24   | Noticed an ancient lich
204947 | Zig:24   | Noticed an ancient lich
204949 | Zig:24   | Killed an ancient lich
204949 | Zig:24   | Killed an ancient lich
204949 | Zig:24   | Killed an ancient lich
204949 | Zig:24   | Noticed an ancient lich
204950 | Zig:24   | Noticed an ancient lich
204950 | Zig:24   | Killed an ancient lich
204950 | Zig:24   | Noticed an ancient lich
204951 | Zig:24   | Noticed an ancient lich
204951 | Zig:24   | Killed an ancient lich
204951 | Zig:24   | Noticed an ancient lich
204951 | Zig:24   | Noticed an ancient lich
204951 | Zig:24   | Noticed an ancient lich
204952 | Zig:24   | Killed an ancient lich
204952 | Zig:24   | Killed an ancient lich
204952 | Zig:24   | Killed an ancient lich
204952 | Zig:24   | Killed an ancient lich
204952 | Zig:24   | Killed an ancient lich
204954 | Zig:24   | Noticed an ancient lich
204955 | Zig:24   | Noticed an ancient lich
204955 | Zig:24   | Noticed an ancient lich
204957 | Zig:24   | Killed an ancient lich
204958 | Zig:24   | Noticed an ancient lich
204959 | Zig:24   | Killed an ancient lich
204960 | Zig:24   | Noticed an ancient lich
204960 | Zig:24   | Killed an ancient lich
204960 | Zig:24   | Killed an ancient lich
204961 | Zig:24   | Noticed an ancient lich
204961 | Zig:24   | Noticed an ancient lich
204962 | Zig:24   | Killed an ancient lich
204962 | Zig:24   | Killed an ancient lich
204963 | Zig:24   | Killed an ancient lich
204964 | Zig:24   | Killed an ancient lich
204964 | Zig:24   | Noticed an ancient lich
204966 | Zig:24   | Killed an ancient lich
205034 | Zig:24   | Identified the Collected Works on Captivating Ice
205036 | Zig:24   | Identified Sif Muna's Handbook of Companions and Snow
205039 | Zig:24   | Got a coiled silver amulet
205040 | Zig:24   | Identified the amulet of Equivalence {Spirit rElec} (You
                  | found it on level 24 of a ziggurat)
205043 | Zig:24   | Got a scintillating marble ring
205045 | Zig:24   | Identified the ring of the Bruised Continents {MP+9 Dex+2}
                  | (You found it on level 24 of a ziggurat)
205059 | Zig:24   | Got a crude cloak
205070 | Zig:24   | Identified the +0 cloak of Crawling {+Inv} (You acquired it
                  | on level 24 of a ziggurat)
205098 | Zig:24   | Identified the Collected Works on Torrid Enchantment
205426 | Zig:25   | Entered Level 25 of a ziggurat
205430 | Zig:25   | Noticed an ancient lich
205433 | Zig:25   | Noticed an ancient lich
205434 | Zig:25   | Noticed an ancient lich
205434 | Zig:25   | Noticed an ancient lich
205435 | Zig:25   | Noticed an ancient lich
205435 | Zig:25   | Noticed an ancient lich
205435 | Zig:25   | Noticed an ancient lich
205435 | Zig:25   | Noticed an ancient lich
205436 | Zig:25   | Noticed an ancient lich
205437 | Zig:25   | Killed an ancient lich
205437 | Zig:25   | Killed an ancient lich
205437 | Zig:25   | Killed an ancient lich
205437 | Zig:25   | Killed an ancient lich
205437 | Zig:25   | Killed an ancient lich
205437 | Zig:25   | Killed an ancient lich
205438 | Zig:25   | Killed an ancient lich
205438 | Zig:25   | Killed an ancient lich
205439 | Zig:25   | Killed an ancient lich
205440 | Zig:25   | Noticed an ancient lich
205441 | Zig:25   | Noticed an ancient lich
205442 | Zig:25   | Killed an ancient lich
205442 | Zig:25   | Noticed an ancient lich
205443 | Zig:25   | Killed an ancient lich
205446 | Zig:25   | Noticed an ancient lich
205450 | Zig:25   | Noticed an ancient lich
205450 | Zig:25   | Noticed an ancient lich
205451 | Zig:25   | Noticed an ancient lich
205452 | Zig:25   | Noticed an ancient lich
205452 | Zig:25   | Noticed an ancient lich
205452 | Zig:25   | Killed an ancient lich
205454 | Zig:25   | Noticed an ancient lich
205456 | Zig:25   | Killed an ancient lich
205456 | Zig:25   | Killed an ancient lich
205456 | Zig:25   | Killed an ancient lich
205456 | Zig:25   | Killed an ancient lich
205456 | Zig:25   | Killed an ancient lich
205456 | Zig:25   | Killed an ancient lich
205456 | Zig:25   | Killed an ancient lich
205456 | Zig:25   | Noticed an ancient lich
205458 | Zig:25   | Killed an ancient lich
205460 | Zig:25   | Noticed an ancient lich
205463 | Zig:25   | Noticed an ancient lich
205470 | Zig:25   | Killed an ancient lich
205470 | Zig:25   | Killed an ancient lich
205533 | Zig:25   | Got a translucent broad axe
205534 | Zig:25   | Identified the +5 broad axe of an ossuary {elec, +Blink
                  | Str+4 Int+4} (You found it on level 25 of a ziggurat)
205566 | Zig:25   | Identified the Almanac of Mutagenic Feathers
205570 | Zig:25   | Got an ancient jade amulet
205571 | Zig:25   | Identified the amulet "Xeamethorcho" {rC+ Regen+ Dex+4}
                  | (You found it on level 25 of a ziggurat)
205574 | Zig:25   | Got a fine lead amulet
205575 | Zig:25   | Identified the amulet of the Princeling {RegenMP SInv} (You
                  | found it on level 25 of a ziggurat)
205906 | Zig:26   | Entered Level 26 of a ziggurat
205976 | Zig:26   | Identified the Reference Book on Cold and Black Arts
205986 | Zig:26   | Identified the Papyrus of Venomous Augmentations
206003 | Zig:26   | Got a warped steel ring
206005 | Zig:26   | Identified the ring of Ashenzari's Generosity {+Fly rPois
                  | MR+ Str+4 Stlth+} (You found it on level 26 of a ziggurat)
206379 | Zig:27   | Entered Level 27 of a ziggurat
206460 | Zig:27   | Got a bound ivory ring
206462 | Zig:27   | Identified the ring of Lycig {MR++ MP+9 Str-3 Dex+4 Stlth+}
                  | (You found it on level 27 of a ziggurat)
206512 | Zig:27   | Got an ancient brass ring
206514 | Zig:27   | Identified the ring "Pufuz" {rF+ rN+ Str+4 Stlth+} (You
                  | found it on level 27 of a ziggurat)
206558 | Zig:27   | Got a glittering brass ring
206559 | Zig:27   | Identified the ring "Ytwysar" {*Drain rElec rN++ Str-2
                  | Stlth-} (You found it on level 27 of a ziggurat)
206566 | Zig:27   | Got a polished broad axe
206567 | Zig:27   | Identified the +11 broad axe "Dyeb" {flame, rN+++ Str+4}
                  | (You found it on level 27 of a ziggurat)
206932 | Depths:3 | Bought a scroll of acquirement for 780 gold pieces
206933 | Depths:3 | Got a slimy crystal plate armour
206934 | Depths:3 | Identified the +11 crystal plate armour "Eceruf" {rC- MR+
                  | rCorr} (You acquired it on level 3 of the Depths)
206954 | Zig:1    | Entered Level 1 of a ziggurat
206954 | Zig:1    | Noticed a greater mummy
206958 | Zig:1    | Killed a greater mummy
207018 | Zig:2    | Entered Level 2 of a ziggurat
207023 | Zig:2    | Noticed Ytistryfo the pandemonium lord
207028 | Zig:2    | Killed Ytistryfo the pandemonium lord
207114 | Zig:3    | Entered Level 3 of a ziggurat
207181 | Zig:3    | Got a sparkling glass ring
207183 | Zig:3    | Identified the ring of the Jackalope {+Fly rElec rC+ MR+
                  | Str+3} (You found it on level 3 of a ziggurat)
207311 | Zig:4    | Entered Level 4 of a ziggurat
207439 | Zig:4    | Got a pair of faintly humming boots
207450 | Zig:4    | Identified the +2 pair of boots of Zaip {*Drain rElec MR+}
                  | (You found it on level 4 of a ziggurat)
207463 | Zig:4    | Got a shimmering copper ring
207464 | Zig:4    | Identified the ring "Biskowa" {rN+ Stlth+} (You found it on
                  | level 4 of a ziggurat)
207486 | Zig:5    | Entered Level 5 of a ziggurat
207486 | Zig:5    | Noticed a greater mummy
207489 | Zig:5    | Noticed a greater mummy
207489 | Zig:5    | Noticed a greater mummy
207492 | Zig:5    | Killed a greater mummy
207492 | Zig:5    | Killed a greater mummy
207492 | Zig:5    | Killed a greater mummy
207495 | Zig:5    | Noticed a greater mummy
207497 | Zig:5    | Noticed a greater mummy
207500 | Zig:5    | Killed a greater mummy
207506 | Zig:5    | Killed a greater mummy
207555 | Zig:5    | Identified the Volume of Curses
207700 | Zig:6    | Entered Level 6 of a ziggurat
207757 | Zig:6    | Got a slimy bone amulet
207758 | Zig:6    | Identified the amulet of Xywuoha {Gourm rF+} (You found it
                  | on level 6 of a ziggurat)
207890 | Zig:7    | Entered Level 7 of a ziggurat
208112 | Zig:8    | Entered Level 8 of a ziggurat
208168 | Zig:8    | Got a scintillating bone ring
208170 | Zig:8    | Identified the ring of Petupsy {rC+ Str+3} (You found it on
                  | level 8 of a ziggurat)
208206 | Zig:8    | Identified the Incunabulum of Aid and the Entourage
208336 | Zig:9    | Entered Level 9 of a ziggurat
208338 | Zig:9    | Noticed Nuemeov the pandemonium lord
208339 | Zig:9    | Noticed Illyrr the pandemonium lord
208339 | Zig:9    | Noticed Baompupt the pandemonium lord
208343 | Zig:9    | Killed Nuemeov the pandemonium lord
208343 | Zig:9    | Noticed Begium the pandemonium lord
208344 | Zig:9    | Killed Baompupt the pandemonium lord
208344 | Zig:9    | Noticed Zunk the pandemonium lord
208345 | Zig:9    | Killed Illyrr the pandemonium lord
208345 | Zig:9    | Noticed Nacsogh the pandemonium lord
208345 | Zig:9    | Noticed Ufehekhi the pandemonium lord
208346 | Zig:9    | Killed Begium the pandemonium lord
208346 | Zig:9    | Killed Zunk the pandemonium lord
208346 | Zig:9    | Killed Nacsogh the pandemonium lord
208346 | Zig:9    | Noticed Geunisew the pandemonium lord
208347 | Zig:9    | Noticed Myef Bya the pandemonium lord
208347 | Zig:9    | Noticed Lefyc the pandemonium lord
208347 | Zig:9    | Noticed Weon Butwarph the pandemonium lord
208347 | Zig:9    | Noticed Zeqaf the pandemonium lord
208347 | Zig:9    | Noticed Jannoutorch the pandemonium lord
208348 | Zig:9    | Killed Ufehekhi the pandemonium lord
208348 | Zig:9    | Noticed Wocemocu the pandemonium lord
208349 | Zig:9    | Killed Geunisew the pandemonium lord
208349 | Zig:9    | Killed Jannoutorch the pandemonium lord
208349 | Zig:9    | Killed Myef Bya the pandemonium lord
208349 | Zig:9    | Killed Weon Butwarph the pandemonium lord
208349 | Zig:9    | Noticed Zimp the pandemonium lord
208349 | Zig:9    | Noticed Duoxka the pandemonium lord
208350 | Zig:9    | Killed Lefyc the pandemonium lord
208350 | Zig:9    | Killed Zeqaf the pandemonium lord
208350 | Zig:9    | Killed Wocemocu the pandemonium lord
208350 | Zig:9    | Noticed Acextoc the pandemonium lord
208353 | Zig:9    | Killed Zimp the pandemonium lord
208354 | Zig:9    | Noticed Oshityow the pandemonium lord
208355 | Zig:9    | Killed Duoxka the pandemonium lord
208355 | Zig:9    | Killed Acextoc the pandemonium lord
208355 | Zig:9    | Noticed Xupeucwineo the pandemonium lord
208357 | Zig:9    | Noticed Xuyniop the pandemonium lord
208358 | Zig:9    | Noticed Ricul the pandemonium lord
208359 | Zig:9    | Noticed Irecsyopp the pandemonium lord
208360 | Zig:9    | Noticed Xizxoo the pandemonium lord
208363 | Zig:9    | Killed Irecsyopp the pandemonium lord
208363 | Zig:9    | Killed Ricul the pandemonium lord
208363 | Zig:9    | Noticed Diag the pandemonium lord
208366 | Zig:9    | Killed Diag the pandemonium lord
208366 | Zig:9    | Killed Xizxoo the pandemonium lord
208366 | Zig:9    | Noticed Uleoc the pandemonium lord
208366 | Zig:9    | Noticed Plog the pandemonium lord
208367 | Zig:9    | Killed Xupeucwineo the pandemonium lord
208367 | Zig:9    | Killed Oshityow the pandemonium lord
208367 | Zig:9    | Noticed Jakh the pandemonium lord
208368 | Zig:9    | Killed Plog the pandemonium lord
208368 | Zig:9    | Killed Xuyniop the pandemonium lord
208369 | Zig:9    | Noticed Wutus the pandemonium lord
208369 | Zig:9    | Noticed Igicoma the pandemonium lord
208370 | Zig:9    | Killed Uleoc the pandemonium lord
208370 | Zig:9    | Killed Wutus the pandemonium lord
208370 | Zig:9    | Noticed Qikenidd the pandemonium lord
208372 | Zig:9    | Killed Jakh the pandemonium lord
208375 | Zig:9    | Killed Qikenidd the pandemonium lord
208376 | Zig:9    | Noticed Yhankurgh the pandemonium lord
208385 | Zig:9    | Killed Yhankurgh the pandemonium lord
208385 | Zig:9    | Killed Igicoma the pandemonium lord
208534 | Zig:10   | Entered Level 10 of a ziggurat
208612 | Zig:10   | Got a scorched golden ring
208613 | Zig:10   | Identified the ring of Vuron {+Blink rF+ Int+4 SInv Stlth-}
                  | (You found it on level 10 of a ziggurat)
208618 | Zig:10   | Got a clouded lapis lazuli ring
208619 | Zig:10   | Identified the ring of Doubts {Wiz rF++ Dex+2 SInv} (You
                  | found it on level 10 of a ziggurat)
208845 | Zig:11   | Entered Level 11 of a ziggurat
208860 | Zig:11   | Noticed an ancient lich
208862 | Zig:11   | Killed an ancient lich
208915 | Zig:11   | Killed a starcursed mass
208976 | Zig:11   | Got a pitted jade ring
208977 | Zig:11   | Identified the ring of the Sky {*Slow rElec rF+ rC+ Str+5}
                  | (You found it on level 11 of a ziggurat)
208980 | Zig:11   | Got a brightly glowing platinum ring
208981 | Zig:11   | Identified the ring "Ebeehea" {rPois Dex+4 Stlth+} (You
                  | found it on level 11 of a ziggurat)
209205 | Zig:12   | Entered Level 12 of a ziggurat
209290 | Zig:12   | Identified the Disquisition on the Rocks
209317 | Zig:12   | Identified the Guide on Noxious Protection
209566 | Zig:13   | Entered Level 13 of a ziggurat
209579 | Zig:13   | Noticed an ancient lich
209580 | Zig:13   | Noticed an ancient lich
209580 | Zig:13   | Noticed an ancient lich
209580 | Zig:13   | Noticed an ancient lich
209580 | Zig:13   | Killed an ancient lich
209580 | Zig:13   | Killed an ancient lich
209580 | Zig:13   | Killed an ancient lich
209581 | Zig:13   | Killed an ancient lich
209581 | Zig:13   | Noticed an ancient lich
209583 | Zig:13   | Noticed an ancient lich
209583 | Zig:13   | Noticed an ancient lich
209583 | Zig:13   | Noticed an ancient lich
209584 | Zig:13   | Noticed an ancient lich
209584 | Zig:13   | Noticed an ancient lich
209586 | Zig:13   | Noticed an ancient lich
209586 | Zig:13   | Killed an ancient lich
209586 | Zig:13   | Killed an ancient lich
209586 | Zig:13   | Killed an ancient lich
209587 | Zig:13   | Killed an ancient lich
209587 | Zig:13   | Killed an ancient lich
209587 | Zig:13   | Killed an ancient lich
209587 | Zig:13   | Noticed an ancient lich
209588 | Zig:13   | Noticed an ancient lich
209588 | Zig:13   | Noticed an ancient lich
209588 | Zig:13   | Noticed an ancient lich
209589 | Zig:13   | Noticed an ancient lich
209592 | Zig:13   | Killed an ancient lich
209592 | Zig:13   | Killed an ancient lich
209594 | Zig:13   | Killed an ancient lich
209595 | Zig:13   | Killed an ancient lich
209595 | Zig:13   | Killed an ancient lich
209597 | Zig:13   | Killed an ancient lich
209662 | Zig:13   | Got a brightly glowing broad axe
209663 | Zig:13   | Identified the +8 broad axe "Uhyk" {flame, Str+2 Dex+4}
                  | (You found it on level 13 of a ziggurat)
209695 | Zig:13   | Identified the Volume of Helpful Earth
209700 | Zig:13   | Got a bound granite ring
209701 | Zig:13   | Identified the ring "Tiol" {+Fly rF+ Str+7} (You found it
                  | on level 13 of a ziggurat)
209927 | Zig:14   | Entered Level 14 of a ziggurat
210045 | Zig:14   | Identified the Collected Works on Earthen Augmentations
210052 | Zig:14   | Got a shimmering cloak
210063 | Zig:14   | Identified the +0 cloak of Plog {MR+ Int+5} (You found it
                  | on level 14 of a ziggurat)
210077 | Zig:14   | Got a wavering pewter ring
210078 | Zig:14   | Identified the ring of the Establishment {MR+ AC+1} (You
                  | found it on level 14 of a ziggurat)
210271 | Zig:15   | Entered Level 15 of a ziggurat
210351 | Zig:15   | Identified the Volume of Moulding
210359 | Zig:15   | Identified the Almanac of Attacks
210644 | Zig:16   | Entered Level 16 of a ziggurat
210693 | Zig:16   | Noticed an ancient lich
210694 | Zig:16   | Noticed an ancient lich
210697 | Zig:16   | Killed an ancient lich
210698 | Zig:16   | Killed an ancient lich
210716 | Zig:16   | Killed a starcursed mass
210747 | Zig:16   | Got a pitted pewter ring
210748 | Zig:16   | Identified the ring "Linaret" {Str+6 Stlth-} (You found it
                  | on level 16 of a ziggurat)
210752 | Zig:16   | Identified the Guide on Ashen Creation
210774 | Zig:16   | Got a scorched brass ring
210775 | Zig:16   | Identified the ring "Fiygi" {*Slow rPois Dex+5} (You found
                  | it on level 16 of a ziggurat)
211154 | Zig:17   | Entered Level 17 of a ziggurat
211297 | Zig:17   | Noticed Ciluy the pandemonium lord
211299 | Zig:17   | Killed Ciluy the pandemonium lord
211319 | Zig:17   | Got a pair of distressingly furry boots
211330 | Zig:17   | Identified the +1 pair of boots of Qeiq Lyc {rElec rPois
                  | rN+ rCorr} (You found it on level 17 of a ziggurat)
211392 | Zig:17   | Got a steaming silver ring
211393 | Zig:17   | Identified the cursed ring of Gauseyku {*Drain +Inv EV-2
                  | Slay+5 SInv} (You found it on level 17 of a ziggurat)
211679 | Zig:18   | Entered Level 18 of a ziggurat
211768 | Zig:18   | Got a brightly glowing silver amulet
211769 | Zig:18   | Identified the amulet "Vovu" {Acrobat rC+ Int+5} (You found
                  | it on level 18 of a ziggurat)
211791 | Zig:18   | Got a shimmering silver ring
211792 | Zig:18   | Identified the ring of Giar {rElec rF+ SInv} (You found it
                  | on level 18 of a ziggurat)
212167 | Zig:19   | Entered Level 19 of a ziggurat
212171 | Zig:19   | Noticed a juggernaut
212173 | Zig:19   | Noticed a juggernaut
212174 | Zig:19   | Noticed a juggernaut
212174 | Zig:19   | Noticed a juggernaut
212175 | Zig:19   | Killed a juggernaut
212175 | Zig:19   | Killed a juggernaut
212175 | Zig:19   | Killed a juggernaut
212175 | Zig:19   | Killed a juggernaut
212175 | Zig:19   | Noticed a juggernaut
212175 | Zig:19   | Noticed a juggernaut
212176 | Zig:19   | Noticed a juggernaut
212177 | Zig:19   | Noticed a juggernaut
212177 | Zig:19   | Noticed a juggernaut
212178 | Zig:19   | Noticed a juggernaut
212179 | Zig:19   | Noticed a juggernaut
212179 | Zig:19   | Noticed a juggernaut
212179 | Zig:19   | Noticed a juggernaut
212180 | Zig:19   | Killed a juggernaut
212180 | Zig:19   | Killed a juggernaut
212180 | Zig:19   | Killed a juggernaut
212180 | Zig:19   | Killed a juggernaut
212180 | Zig:19   | Killed a juggernaut
212180 | Zig:19   | Noticed a juggernaut
212180 | Zig:19   | Noticed a juggernaut
212181 | Zig:19   | Noticed a juggernaut
212181 | Zig:19   | Noticed a juggernaut
212182 | Zig:19   | Killed a juggernaut
212182 | Zig:19   | Killed a juggernaut
212182 | Zig:19   | Killed a juggernaut
212182 | Zig:19   | Killed a juggernaut
212182 | Zig:19   | Noticed a juggernaut
212182 | Zig:19   | Noticed a juggernaut
212184 | Zig:19   | Noticed a juggernaut
212184 | Zig:19   | Killed a juggernaut
212184 | Zig:19   | Killed a juggernaut
212184 | Zig:19   | Killed a juggernaut
212184 | Zig:19   | Killed a juggernaut
212184 | Zig:19   | Killed a juggernaut
212184 | Zig:19   | Killed a juggernaut
212184 | Zig:19   | Noticed a juggernaut
212185 | Zig:19   | Noticed a juggernaut
212186 | Zig:19   | Noticed a juggernaut
212186 | Zig:19   | Noticed a juggernaut
212187 | Zig:19   | Killed a juggernaut
212187 | Zig:19   | Killed a juggernaut
212189 | Zig:19   | Killed a juggernaut
212189 | Zig:19   | Killed a juggernaut
212189 | Zig:19   | Noticed a juggernaut
212189 | Zig:19   | Noticed a juggernaut
212190 | Zig:19   | Noticed a juggernaut
212191 | Zig:19   | Noticed a juggernaut
212192 | Zig:19   | Killed a juggernaut
212192 | Zig:19   | Killed a juggernaut
212192 | Zig:19   | Killed a juggernaut
212193 | Zig:19   | Killed a juggernaut
212194 | Zig:19   | Noticed a juggernaut
212195 | Zig:19   | Noticed a juggernaut
212198 | Zig:19   | Killed a juggernaut
212198 | Zig:19   | Killed a juggernaut
212199 | Zig:19   | Noticed a juggernaut
212200 | Zig:19   | Noticed a juggernaut
212203 | Zig:19   | Killed a juggernaut
212209 | Zig:19   | Killed a juggernaut
212230 | Zig:19   | Killed a juggernaut
212308 | Zig:19   | Got a shimmering tin ring
212309 | Zig:19   | Identified the ring of Happiness {Str+4 SInv} (You found it
                  | on level 19 of a ziggurat)
212314 | Zig:19   | Got a faintly glowing copper amulet
212315 | Zig:19   | Identified the amulet of Yzxyqeda {rC+ Regen+} (You found
                  | it on level 19 of a ziggurat)
212323 | Zig:19   | Got a wavering lead ring
212324 | Zig:19   | Identified the ring "Zodoiv" {rN+ Str+5} (You found it on
                  | level 19 of a ziggurat)
212328 | Zig:19   | Got a scorched jade ring
212329 | Zig:19   | Identified the ring "Tiugem" {*Tele Int+3 Slay+3 SInv} (You
                  | found it on level 19 of a ziggurat)
212331 | Zig:19   | Identified the Tome of the Escort
212349 | Zig:19   | Identified the Incunabulum of Hexes
212741 | Zig:20   | Entered Level 20 of a ziggurat
212837 | Zig:20   | Paralysed by accursed screaming for 2 turns
212849 | Zig:20   | Paralysed by accursed screaming for 2 turns
212861 | Zig:20   | Paralysed by accursed screaming for 2 turns
212873 | Zig:20   | Paralysed by accursed screaming for 2 turns
212876 | Zig:20   | Identified the Volume of Gliding Bewitchment
212904 | Zig:20   | Gained mutation: You are occasionally teleported next to
                  | monsters. [a cacodemon]
212904 | Zig:20   | Paralysed by accursed screaming for 1 turns
212956 | Zig:20   | Killed a starcursed mass
213012 | Zig:20   | Lost mutation: You are occasionally teleported next to
                  | monsters. [potion of mutation]
213012 | Zig:20   | Lost mutation: Your spells are a little harder to cast, but
                  | a little more powerful. [potion of mutation]
213012 | Zig:20   | Lost mutation: You passively map a small area around you.
                  | [potion of mutation]
213012 | Zig:20   | Lost mutation: You are robust. (+10% HP) [potion of
                  | mutation]
213012 | Zig:20   | Gained mutation: Your body sometimes deteriorates upon
                  | taking damage. [potion of mutation]
213012 | Zig:20   | Gained mutation: Your system is resistant to poisons.
                  | (rPois) [potion of mutation]
213012 | Zig:20   | Gained mutation: You are highly resistant to hostile
                  | enchantments. (MR++) [potion of mutation]
213012 | Zig:20   | Gained mutation: Your mind is acute. (Int +2) [potion of
                  | mutation]
213013 | Zig:20   | Lost mutation: Your body sometimes deteriorates upon taking
                  | damage. [potion of mutation]
213013 | Zig:20   | Lost mutation: You are highly resistant to hostile
                  | enchantments. (MR++) [potion of mutation]
213013 | Zig:20   | Lost mutation: Your mind is acute. (Int +2) [potion of
                  | mutation]
213013 | Zig:20   | Gained mutation: You do not regenerate when monsters are
                  | visible. [potion of mutation]
213013 | Zig:20   | Gained mutation: You have a beak for a mouth. [potion of
                  | mutation]
213014 | Zig:20   | Lost mutation: You do not regenerate when monsters are
                  | visible. [potion of mutation]
213014 | Zig:20   | Lost mutation: Your system is resistant to poisons. (rPois)
                  | [potion of mutation]
213014 | Zig:20   | Gained mutation: You are agile. (Dex +2) [potion of
                  | mutation]
213014 | Zig:20   | Gained mutation: You passively map a small area around you.
                  | [potion of mutation]
213015 | Zig:20   | Lost mutation: You are resistant to hostile enchantments.
                  | (MR+) [potion of mutation]
213015 | Zig:20   | Lost mutation: You are agile. (Dex +2) [potion of mutation]
213015 | Zig:20   | Gained mutation: You are clumsy. (Dex -2) [potion of
                  | mutation]
213015 | Zig:20   | Gained mutation: You have large cloven feet. [potion of
                  | mutation]
213015 | Zig:20   | Gained mutation: Your mind is acute. (Int +2) [potion of
                  | mutation]
213016 | Zig:20   | Lost mutation: Your mind is acute. (Int +2) [potion of
                  | mutation]
213016 | Zig:20   | Lost mutation: You are clumsy. (Dex -2) [potion of
                  | mutation]
213016 | Zig:20   | Lost mutation: You have large cloven feet. [potion of
                  | mutation]
213016 | Zig:20   | Lost mutation: You passively map a small area around you.
                  | [potion of mutation]
213016 | Zig:20   | Gained mutation: You are resistant to electric shocks.
                  | (rElec) [potion of mutation]
213016 | Zig:20   | Gained mutation: Your muscles are strong. (Str +2) [potion
                  | of mutation]
213016 | Zig:20   | Gained mutation: Armour fits poorly on your strangely
                  | shaped body. [potion of mutation]
213016 | Zig:20   | Gained mutation: Your spells are a little harder to cast,
                  | but a little more powerful. [potion of mutation]
213017 | Zig:20   | Lost mutation: Your muscles are strong. (Str +2) [potion of
                  | mutation]
213017 | Zig:20   | Lost mutation: Armour fits poorly on your strangely shaped
                  | body. [potion of mutation]
213017 | Zig:20   | Gained mutation: You are robust. (+10% HP) [potion of
                  | mutation]
213017 | Zig:20   | Gained mutation: You are agile. (Dex +2) [potion of
                  | mutation]
213018 | Zig:20   | Identified the Reference Book on the Helpful Arsonist
213045 | Zig:20   | Got a flickering silver ring
213048 | Zig:20   | Identified the ring "Zehudur" {Int+5 Dex+4 Stlth-} (You
                  | found it on level 20 of a ziggurat)
213057 | Zig:20   | Got a sparkling wooden ring
213058 | Zig:20   | Identified the ring "Tioluof" {Wiz *Corrode Int+4 SInv}
                  | (You found it on level 20 of a ziggurat)
213065 | Zig:20   | Identified the Papyrus of Helpful Lightness
213097 | Zig:20   | Identified the Almanac of the Hare
213104 | Zig:20   | Identified the Catalogue of Intuition
213466 | Zig:21   | Entered Level 21 of a ziggurat
214070 | Zig:21   | Got a transparent platinum ring
214071 | Zig:21   | Identified the ring of the Sturgeon {rElec rF+ SInv} (You
                  | found it on level 21 of a ziggurat)
214533 | Zig:22   | Entered Level 22 of a ziggurat
214646 | Zig:22   | Identified the Volume of Dusty Poisoning
214654 | Zig:22   | Got a scorched platinum amulet
214655 | Zig:22   | Identified the amulet of the Genius {Faith *Drain rF+++
                  | MR++ Int+4} (You found it on level 22 of a ziggurat)
214660 | Zig:22   | Got a warped diamond amulet
214661 | Zig:22   | Identified the amulet "Bytobber" {Gourm Int+6 Slay-6} (You
                  | found it on level 22 of a ziggurat)
214668 | Zig:22   | Identified the Catalogue of Cold
214688 | Zig:22   | Got a pair of faintly glowing boots
214699 | Zig:22   | Identified the +0 pair of boots of Circular Logic {rElec
                  | Dex+4} (You found it on level 22 of a ziggurat)
214715 | Zig:22   | Identified the Handbook of Dusty Enhancements
214754 | Zig:22   | Got a pitted steel ring
214755 | Zig:22   | Identified the ring "Uchufor" {-Tele rPois SInv Stlth+}
                  | (You found it on level 22 of a ziggurat)
214769 | Zig:22   | Got a faintly glowing ivory ring
214770 | Zig:22   | Identified the ring "Dideujo" {+Inv rCorr} (You found it on
                  | level 22 of a ziggurat)
215185 | Zig:23   | Entered Level 23 of a ziggurat
215304 | Zig:23   | Identified the Collected Works on the Helpful Glacier
215317 | Zig:23   | Got a brightly glowing ivory ring
215318 | Zig:23   | Identified the ring "Qotiow" {rN++ MR+ rCorr Str+4} (You
                  | found it on level 23 of a ziggurat)
215369 | Zig:23   | Got a steaming golden ring
215370 | Zig:23   | Identified the ring of Daduh {rElec rN+} (You found it on
                  | level 23 of a ziggurat)
215793 | Zig:24   | Entered Level 24 of a ziggurat
215822 | Zig:24   | Noticed an ancient lich
215858 | Zig:24   | Killed an ancient lich
215974 | Zig:24   | Got a scintillating jade ring
215975 | Zig:24   | Identified the ring "Kuofim" {rElec MP+9 Int+3 Slay-6 SInv}
                  | (You found it on level 24 of a ziggurat)
216007 | Zig:24   | Identified the Catalogue of Proximity
216015 | Zig:24   | Got a vibrating brass ring
216016 | Zig:24   | Identified the ring of Xaull {rPois rF+ Dex+2 Stlth-} (You
                  | found it on level 24 of a ziggurat)
216027 | Zig:24   | Got a wavering bone ring
216028 | Zig:24   | Identified the ring of Greed {Ice +Fly rElec Str+3 Slay+3}
                  | (You found it on level 24 of a ziggurat)
216042 | Zig:24   | Identified the Guide on Igneous Transmigration
216054 | Zig:24   | Got bloodstained gold dragon scales
216055 | Zig:24   | Identified the +11 gold dragon scales "Lalisa" {rPois rF+
                  | rC+ Dex+2} (You found it on level 24 of a ziggurat)
216058 | Zig:24   | Got an ancient ivory ring
216059 | Zig:24   | Identified the ring "Nitiatsija" {rPois rF+ Str+2 Int+2
                  | SInv} (You found it on level 24 of a ziggurat)
216465 | Zig:25   | Entered Level 25 of a ziggurat
216625 | Zig:25   | Got a crude tin ring
216626 | Zig:25   | Identified the ring of the Postmodern People {+Fly rPois
                  | rF- Str-2 Int+8} (You found it on level 25 of a ziggurat)
216638 | Zig:25   | Got a pitted lapis lazuli ring
216639 | Zig:25   | Identified the ring of the Ancient Moons {+Blink rC+} (You
                  | found it on level 25 of a ziggurat)
216670 | Zig:25   | Got a bound silver ring
216671 | Zig:25   | Identified the ring "Sigount" {Ice Str+2 Dex+2} (You found
                  | it on level 25 of a ziggurat)
216685 | Zig:25   | Identified Ritoag's Handbook of Arcane Weapons and
                  | Transmigration
216719 | Zig:25   | Got a dazzling crystal plate armour
216720 | Zig:25   | Identified the +7 crystal plate armour of Pekaah {Stlth+}
                  | (You found it on level 25 of a ziggurat)
217107 | Zig:26   | Entered Level 26 of a ziggurat
217217 | Zig:26   | Got a twisted cloak
217228 | Zig:26   | Identified the cursed +0 cloak "Simu" {MR+ Stlth+} (You
                  | found it on level 26 of a ziggurat)
217242 | Zig:26   | Identified Ephoem's Incunabulum of the Frostbite and Unholy
                  | Rites
217258 | Zig:26   | Got an ancient tin ring
217260 | Zig:26   | Identified the ring of the Briny Deep {Fire Int+4 Slay-4}
                  | (You found it on level 26 of a ziggurat)
217266 | Zig:26   | Identified the Papyrus of Envenoming
217272 | Zig:26   | Identified the Almanac of the Dislocated Volcanoes
217291 | Zig:26   | Identified the Volume of Nocuous Evil Magic
217843 | Zig:27   | Entered Level 27 of a ziggurat
217963 | Zig:27   | Identified Sif Muna's Incunabulum of Dusty Venom
218003 | Zig:27   | Identified the Disquisition on Freezing Moulding
218012 | Zig:27   | Got a flickering tin ring
218013 | Zig:27   | Identified the ring of Hysaicun {*Contam rF+ Str+3 Dex+4}
                  | (You found it on level 27 of a ziggurat)
218486 | Depths:3 | Bought a smoking shield for 475 gold pieces
218486 | Depths:3 | Identified the +4 shield of the King of the Hill {*Drain
                  | rElec rPois Str+8} (You bought it in a shop on level 3 of
                  | the Depths)
218494 | Depths:3 | Bought a pair of smoking gloves for 380 gold pieces
218494 | Depths:3 | Identified the cursed +0 pair of gloves "Joamim" {rN+ MR+
                  | Dex+3 Stlth-} (You bought it in a shop on level 3 of the
                  | Depths)
218514 | Zig:1    | Entered Level 1 of a ziggurat
218573 | Zig:2    | Entered Level 2 of a ziggurat
218591 | Zig:2    | Got an ancient granite ring
218592 | Zig:2    | Identified the ring of Torghor {Ice Str+4 Int+3} (You found
                  | it on level 2 of a ziggurat)
218651 | Zig:3    | Entered Level 3 of a ziggurat
218742 | Zig:4    | Entered Level 4 of a ziggurat
218742 | Zig:4    | Noticed a juggernaut
218743 | Zig:4    | Noticed a juggernaut
218749 | Zig:4    | Killed a juggernaut
218751 | Zig:4    | Killed a juggernaut
218892 | Zig:5    | Entered Level 5 of a ziggurat
219061 | Zig:6    | Entered Level 6 of a ziggurat
219238 | Zig:7    | Entered Level 7 of a ziggurat
219297 | Zig:7    | Got a fine bronze ring
219298 | Zig:7    | Identified the ring "Qara" {*Tele rC- rN+ SInv} (You found
                  | it on level 7 of a ziggurat)
219304 | Zig:7    | Got a dazzling large shield
219305 | Zig:7    | Identified the +4 large shield "Sawuirid" {rElec rC+
                  | Slay+3} (You acquired it on level 7 of a ziggurat)
219441 | Zig:8    | Entered Level 8 of a ziggurat
219504 | Zig:8    | Got a slimy pewter ring
219505 | Zig:8    | Identified the ring "Rezymmeo" {*Corrode rPois MR+ MP+9
                  | Stlth-} (You found it on level 8 of a ziggurat)
219529 | Zig:8    | Got a pitted cloak
219540 | Zig:8    | Identified the cursed +0 cloak of Loss {+Inv} (You found it
                  | on level 8 of a ziggurat)
219708 | Zig:9    | Entered Level 9 of a ziggurat
219710 | Zig:9    | Noticed an ancient lich
219711 | Zig:9    | Noticed an ancient lich
219711 | Zig:9    | Noticed an ancient lich
219711 | Zig:9    | Noticed an ancient lich
219711 | Zig:9    | Noticed an ancient lich
219713 | Zig:9    | Noticed an ancient lich
219714 | Zig:9    | Noticed an ancient lich
219714 | Zig:9    | Killed an ancient lich
219714 | Zig:9    | Killed an ancient lich
219714 | Zig:9    | Killed an ancient lich
219714 | Zig:9    | Killed an ancient lich
219714 | Zig:9    | Noticed an ancient lich
219716 | Zig:9    | Noticed an ancient lich
219717 | Zig:9    | Killed an ancient lich
219717 | Zig:9    | Killed an ancient lich
219717 | Zig:9    | Killed an ancient lich
219718 | Zig:9    | Killed an ancient lich
219718 | Zig:9    | Killed an ancient lich
219718 | Zig:9    | Noticed an ancient lich
219723 | Zig:9    | Noticed an ancient lich
219724 | Zig:9    | Killed an ancient lich
219725 | Zig:9    | Killed an ancient lich
219770 | Zig:9    | Got a coiled brass ring
219771 | Zig:9    | Identified the ring "Ubunon" {+Fly rF+} (You found it on
                  | level 9 of a ziggurat)
219979 | Zig:10   | Entered Level 10 of a ziggurat
219979 | Zig:10   | Noticed an orb of fire
219979 | Zig:10   | Noticed an orb of fire
219979 | Zig:10   | Noticed an orb of fire
219979 | Zig:10   | Noticed an orb of fire
219979 | Zig:10   | Noticed an orb of fire
219979 | Zig:10   | Noticed an orb of fire
219979 | Zig:10   | Noticed an orb of fire
219980 | Zig:10   | Noticed an orb of fire
219980 | Zig:10   | Noticed an orb of fire
219981 | Zig:10   | Killed an orb of fire
219981 | Zig:10   | Killed an orb of fire
219981 | Zig:10   | Killed an orb of fire
219981 | Zig:10   | Killed an orb of fire
219981 | Zig:10   | Killed an orb of fire
219981 | Zig:10   | Killed an orb of fire
219982 | Zig:10   | Killed an orb of fire
219982 | Zig:10   | Noticed an orb of fire
219982 | Zig:10   | Noticed an orb of fire
219983 | Zig:10   | Killed an orb of fire
219983 | Zig:10   | Killed an orb of fire
219983 | Zig:10   | Noticed an orb of fire
219985 | Zig:10   | Killed an orb of fire
219985 | Zig:10   | Killed an orb of fire
219992 | Zig:10   | Killed an orb of fire
219993 | Zig:10   | Noticed an orb of fire
219993 | Zig:10   | Noticed an orb of fire
219993 | Zig:10   | Noticed an orb of fire
219994 | Zig:10   | Noticed an orb of fire
219997 | Zig:10   | Killed an orb of fire
219997 | Zig:10   | Killed an orb of fire
219997 | Zig:10   | Killed an orb of fire
219997 | Zig:10   | Noticed an orb of fire
219999 | Zig:10   | Noticed an orb of fire
220000 | Zig:10   | Noticed an orb of fire
220001 | Zig:10   | Noticed an orb of fire
220004 | Zig:10   | Noticed an orb of fire
220004 | Zig:10   | Killed an orb of fire
220005 | Zig:10   | Noticed an orb of fire
220011 | Zig:10   | Noticed an orb of fire
220012 | Zig:10   | Killed an orb of fire
220012 | Zig:10   | Killed an orb of fire
220012 | Zig:10   | Killed an orb of fire
220012 | Zig:10   | Noticed an orb of fire
220012 | Zig:10   | Noticed an orb of fire
220014 | Zig:10   | Killed an orb of fire
220014 | Zig:10   | Killed an orb of fire
220014 | Zig:10   | Noticed an orb of fire
220015 | Zig:10   | Killed an orb of fire
220016 | Zig:10   | Noticed an orb of fire
220017 | Zig:10   | Noticed an orb of fire
220018 | Zig:10   | Killed an orb of fire
220018 | Zig:10   | Killed an orb of fire
220018 | Zig:10   | Killed an orb of fire
220020 | Zig:10   | Killed an orb of fire
220020 | Zig:10   | Killed an orb of fire
220022 | Zig:10   | Killed an orb of fire
220022 | Zig:10   | Noticed an orb of fire
220023 | Zig:10   | Noticed an orb of fire
220024 | Zig:10   | Killed an orb of fire
220024 | Zig:10   | Noticed an orb of fire
220026 | Zig:10   | Killed an orb of fire
220029 | Zig:10   | Killed an orb of fire
220038 | Zig:10   | Noticed an orb of fire
220039 | Zig:10   | Killed an orb of fire
220078 | Zig:10   | Got a brightly glowing bronze ring
220079 | Zig:10   | Identified the ring of Nawuc {+Blink MP+9 Str+3 SInv} (You
                  | found it on level 10 of a ziggurat)
220081 | Zig:10   | Identified the Incunabulum of Flying Talismans
220184 | Zig:11   | Entered Level 11 of a ziggurat
220271 | Zig:11   | Got a pitted glass ring
220272 | Zig:11   | Identified the ring of Juschayto {*Tele +Fly rElec rPois
                  | Str+3} (You found it on level 11 of a ziggurat)
220286 | Zig:11   | Got a glittering amethyst amulet
220287 | Zig:11   | Identified the amulet of Rati Weu {Inacc +Inv Int+4 SInv
                  | Stlth+} (You found it on level 11 of a ziggurat)
220512 | Zig:12   | Entered Level 12 of a ziggurat
220512 | Zig:12   | Noticed a juggernaut
220515 | Zig:12   | Killed a juggernaut
220519 | Zig:12   | Noticed a juggernaut
220519 | Zig:12   | Noticed a juggernaut
220520 | Zig:12   | Killed a juggernaut
220525 | Zig:12   | Noticed a juggernaut
220525 | Zig:12   | Noticed a juggernaut
220531 | Zig:12   | Killed a juggernaut
220531 | Zig:12   | Killed a juggernaut
220531 | Zig:12   | Killed a juggernaut
220583 | Zig:12   | Identified the Almanac of Earth and Ice
220814 | Zig:13   | Entered Level 13 of a ziggurat
220862 | Zig:13   | Noticed Xopod the pandemonium lord
220867 | Zig:13   | Killed Xopod the pandemonium lord
220899 | Zig:13   | Got a pitted jade ring
220900 | Zig:13   | Identified the ring "Noer" {+Fly Str+7 Int+2} (You found it
                  | on level 13 of a ziggurat)
220913 | Zig:13   | Got a pair of faintly humming boots
220924 | Zig:13   | Identified the +5 pair of boots of Hangman {+Blink} (You
                  | found it on level 13 of a ziggurat)
220945 | Zig:13   | Got a coiled jade ring
220946 | Zig:13   | Identified the ring of Past Mistakes {rF+ Int+6 Stlth+}
                  | (You found it on level 13 of a ziggurat)
220958 | Zig:13   | Identified the Collected Works on Changing and Aid
220971 | Zig:13   | Got a flickering glass ring
220973 | Zig:13   | Identified the ring "Erusir" {rF+ Dex+4} (You found it on
                  | level 13 of a ziggurat)
221130 | Zig:14   | Entered Level 14 of a ziggurat
221215 | Zig:14   | Got a transparent lead ring
221216 | Zig:14   | Identified the ring "Fureos" {Fire *Drain Int+5 Stlth+}
                  | (You found it on level 14 of a ziggurat)
221491 | Zig:15   | Entered Level 15 of a ziggurat
221589 | Zig:15   | Got a crystal demon trident
221590 | Zig:15   | Identified the +3 demon trident of the Fool {drain, Int+4}
                  | (You found it on level 15 of a ziggurat)
221606 | Zig:15   | Identified Sif Muna's Catalogue of Burning Intoxication
221882 | Zig:16   | Entered Level 16 of a ziggurat
221914 | Zig:16   | Noticed Emamp the pandemonium lord
221918 | Zig:16   | Killed Emamp the pandemonium lord
221979 | Zig:16   | Got an ancient bone ring
221980 | Zig:16   | Identified the ring of Sinlauz {rElec rPois rC+ EV+3} (You
                  | found it on level 16 of a ziggurat)
222028 | Zig:16   | Identified the Handbook of the Voyage
222037 | Zig:16   | Got a steaming brass ring
222038 | Zig:16   | Identified the ring "Wusakudu" {rC- MP+9 Str-2 Int+8 Dex+3}
                  | (You found it on level 16 of a ziggurat)
222230 | Zig:17   | Entered Level 17 of a ziggurat
222611 | Zig:18   | Entered Level 18 of a ziggurat
222611 | Zig:18   | Noticed an ancient lich
222612 | Zig:18   | Noticed an ancient lich
222613 | Zig:18   | Killed an ancient lich
222613 | Zig:18   | Killed an ancient lich
222613 | Zig:18   | Noticed an ancient lich
222615 | Zig:18   | Killed an ancient lich
222616 | Zig:18   | Noticed an ancient lich
222616 | Zig:18   | Noticed an ancient lich
222617 | Zig:18   | Noticed an ancient lich
222617 | Zig:18   | Noticed an ancient lich
222619 | Zig:18   | Noticed an ancient lich
222620 | Zig:18   | Noticed an ancient lich
222620 | Zig:18   | Noticed an ancient lich
222620 | Zig:18   | Noticed an ancient lich
222620 | Zig:18   | Killed an ancient lich
222620 | Zig:18   | Noticed an ancient lich
222620 | Zig:18   | Noticed an ancient lich
222621 | Zig:18   | Noticed an ancient lich
222621 | Zig:18   | Killed an ancient lich
222621 | Zig:18   | Killed an ancient lich
222621 | Zig:18   | Killed an ancient lich
222621 | Zig:18   | Killed an ancient lich
222621 | Zig:18   | Killed an ancient lich
222622 | Zig:18   | Killed an ancient lich
222622 | Zig:18   | Killed an ancient lich
222622 | Zig:18   | Killed an ancient lich
222622 | Zig:18   | Killed an ancient lich
222622 | Zig:18   | Killed an ancient lich
222622 | Zig:18   | Noticed an ancient lich
222622 | Zig:18   | Noticed an ancient lich
222623 | Zig:18   | Killed an ancient lich
222624 | Zig:18   | Killed an ancient lich
222625 | Zig:18   | Noticed an ancient lich
222625 | Zig:18   | Noticed an ancient lich
222626 | Zig:18   | Noticed an ancient lich
222628 | Zig:18   | Noticed an ancient lich
222629 | Zig:18   | Noticed an ancient lich
222629 | Zig:18   | Noticed an ancient lich
222630 | Zig:18   | Noticed an ancient lich
222631 | Zig:18   | Killed an ancient lich
222631 | Zig:18   | Killed an ancient lich
222631 | Zig:18   | Killed an ancient lich
222634 | Zig:18   | Killed an ancient lich
222636 | Zig:18   | Killed an ancient lich
222637 | Zig:18   | Killed an ancient lich
222637 | Zig:18   | Killed an ancient lich
222787 | Zig:18   | Got a scintillating golden ring
222788 | Zig:18   | Identified the ring "Erium" {rC+ rN+ Str+3 Int+4 Dex-5}
                  | (You found it on level 18 of a ziggurat)
222802 | Zig:18   | Got a transparent marble ring
222803 | Zig:18   | Identified the ring "Ylosed" {Fire MR+ Int+4} (You found it
                  | on level 18 of a ziggurat)
222830 | Zig:18   | Identified the Catalogue of Conjuration
223065 | Zig:19   | Entered Level 19 of a ziggurat
223133 | Zig:19   | Killed a starcursed mass
223133 | Zig:19   | Killed a starcursed mass
223210 | Zig:19   | Got a steaming large shield
223211 | Zig:19   | Identified the -13 large shield of Guzousm {Dex+3} (You
                  | found it on level 19 of a ziggurat)
223216 | Zig:19   | Identified the Reference Book on Attacks and the Mountains
223219 | Zig:19   | Got a coiled marble ring
223220 | Zig:19   | Identified the ring "Notsocs" {+Inv rPois rF- rN+ Slay-2
                  | SInv} (You found it on level 19 of a ziggurat)
223223 | Zig:19   | Got a bound lead ring
223224 | Zig:19   | Identified the ring "Kecum" {MP+9 Int+2 Stlth-} (You found
                  | it on level 19 of a ziggurat)
223488 | Zig:20   | Entered Level 20 of a ziggurat
223585 | Zig:20   | Got a pair of transparent gloves
223596 | Zig:20   | Identified the +2 pair of gloves of Boreote {Str+2 SInv}
                  | (You found it on level 20 of a ziggurat)
223626 | Zig:20   | Identified the Volume of Dusty Heat
223982 | Zig:21   | Entered Level 21 of a ziggurat
224073 | Zig:21   | Identified the Papyrus of Captivating Confrontation
224529 | Zig:21   | Upgraded the game from 0.24-a0-537-g2d01d4ab0a to
                  | 0.24-a0-539-g6aae15eeb0
224532 | Zig:22   | Entered Level 22 of a ziggurat
224630 | Zig:22   | Got a clouded ruby amulet
224631 | Zig:22   | Identified the amulet "Xaocorpha" {Acrobat rElec Int-3
                  | Dex+9 Stlth-} (You found it on level 22 of a ziggurat)
224634 | Zig:22   | Identified the Almanac of the Destructive Birds
224659 | Zig:22   | Identified the Disquisition on Poisoning and Snow
224746 | Zig:22   | Identified the Almanac of the Snowflakes and the Arsonist
224749 | Zig:22   | Got a clouded ruby amulet
224750 | Zig:22   | Identified the amulet of Ucham {Reflect +Blink rC- Dex+6
                  | SH+5} (You found it on level 22 of a ziggurat)
225000 | Zig:23   | Entered Level 23 of a ziggurat
225084 | Zig:23   | Identified the Catalogue of the Traveller and the Rocks
225103 | Zig:23   | Identified the Volume of Toxic Evil
225126 | Zig:23   | Got a fine lapis lazuli ring
225127 | Zig:23   | Identified the ring "Ticairgh" {Fire +Inv Str+3 Int+2} (You
                  | found it on level 23 of a ziggurat)
225134 | Zig:23   | Got a brightly glowing jade ring
225135 | Zig:23   | Identified the ring of Yendor {Ice Str+3} (You found it on
                  | level 23 of a ziggurat)
225140 | Zig:23   | Got a twitching golden amulet
225141 | Zig:23   | Identified the amulet "Xexkol" {Faith Dex+4} (You found it
                  | on level 23 of a ziggurat)
225148 | Zig:23   | Got a scintillating jade ring
225149 | Zig:23   | Identified the ring "Ziovvot" {EV+2 Dex+4} (You found it on
                  | level 23 of a ziggurat)
225166 | Zig:23   | Got a translucent platinum ring
225167 | Zig:23   | Identified the ring "Ysaic" {Wiz *Corrode rElec rPois
                  | Int+3} (You found it on level 23 of a ziggurat)
225170 | Zig:23   | Got a brightly glowing jade ring
225171 | Zig:23   | Identified the ring "Celexiet" {rPois rCorr} (You found it
                  | on level 23 of a ziggurat)
225173 | Zig:23   | Identified the Catalogue of Shape Shifting
225515 | Zig:24   | Entered Level 24 of a ziggurat
225517 | Zig:24   | Noticed Cef Emy the pandemonium lord
225517 | Zig:24   | Noticed Bostepp the pandemonium lord
225517 | Zig:24   | Noticed Ageodeob the pandemonium lord
225518 | Zig:24   | Noticed Ahoirreusop the pandemonium lord
225519 | Zig:24   | Noticed Wuakhlom the pandemonium lord
225520 | Zig:24   | Noticed Quem the pandemonium lord
225520 | Zig:24   | Noticed Efraq the pandemonium lord
225520 | Zig:24   | Noticed Xiwoank the pandemonium lord
225521 | Zig:24   | Killed Bostepp the pandemonium lord
225521 | Zig:24   | Killed Cef Emy the pandemonium lord
225521 | Zig:24   | Noticed Owkaac the pandemonium lord
225521 | Zig:24   | Noticed Lifoh the pandemonium lord
225521 | Zig:24   | Noticed Anocuqef the pandemonium lord
225522 | Zig:24   | Killed Ahoirreusop the pandemonium lord
225522 | Zig:24   | Killed Xiwoank the pandemonium lord
225522 | Zig:24   | Killed Efraq the pandemonium lord
225522 | Zig:24   | Noticed Liteucsu the pandemonium lord
225522 | Zig:24   | Noticed Waigeiso the pandemonium lord
225522 | Zig:24   | Noticed Ybenk the pandemonium lord
225523 | Zig:24   | Killed Wuakhlom the pandemonium lord
225523 | Zig:24   | Killed Quem the pandemonium lord
225523 | Zig:24   | Killed Anocuqef the pandemonium lord
225524 | Zig:24   | Killed Lifoh the pandemonium lord
225524 | Zig:24   | Killed Ageodeob the pandemonium lord
225524 | Zig:24   | Noticed Wimpalaz the pandemonium lord
225525 | Zig:24   | Noticed Opsusk the pandemonium lord
225525 | Zig:24   | Noticed Kiwkal the pandemonium lord
225526 | Zig:24   | Killed Owkaac the pandemonium lord
225526 | Zig:24   | Killed Ybenk the pandemonium lord
225526 | Zig:24   | Killed Waigeiso the pandemonium lord
225526 | Zig:24   | Killed Liteucsu the pandemonium lord
225526 | Zig:24   | Noticed Pijyny the pandemonium lord
225526 | Zig:24   | Noticed Omnabb the pandemonium lord
225526 | Zig:24   | Noticed Piylof the pandemonium lord
225529 | Zig:24   | Noticed Gezecuw the pandemonium lord
225529 | Zig:24   | Killed Piylof the pandemonium lord
225529 | Zig:24   | Noticed Moekosof the pandemonium lord
225530 | Zig:24   | Noticed Bil Wopn the pandemonium lord
225530 | Zig:24   | Noticed Yrhi the pandemonium lord
225530 | Zig:24   | Killed Gezecuw the pandemonium lord
225530 | Zig:24   | Noticed Nuecuump the pandemonium lord
225530 | Zig:24   | Noticed Gefupoapo the pandemonium lord
225530 | Zig:24   | Noticed Meveef the pandemonium lord
225531 | Zig:24   | Killed Omnabb the pandemonium lord
225531 | Zig:24   | Killed Yrhi the pandemonium lord
225531 | Zig:24   | Killed Wimpalaz the pandemonium lord
225531 | Zig:24   | Noticed Mihaced the pandemonium lord
225532 | Zig:24   | Killed Moekosof the pandemonium lord
225533 | Zig:24   | Noticed Juteb the pandemonium lord
225534 | Zig:24   | Noticed Pedoim the pandemonium lord
225535 | Zig:24   | Killed Opsusk the pandemonium lord
225535 | Zig:24   | Killed Bil Wopn the pandemonium lord
225535 | Zig:24   | Killed Gefupoapo the pandemonium lord
225535 | Zig:24   | Noticed Upyfuu the pandemonium lord
225535 | Zig:24   | Noticed Ibapnoh the pandemonium lord
225536 | Zig:24   | Noticed Neiz the pandemonium lord
225536 | Zig:24   | Noticed Uleudd the pandemonium lord
225537 | Zig:24   | Killed Meveef the pandemonium lord
225537 | Zig:24   | Noticed Neeclio the pandemonium lord
225538 | Zig:24   | Noticed Irotixtu the pandemonium lord
225538 | Zig:24   | Noticed Xiusem the pandemonium lord
225538 | Zig:24   | Noticed Enluol the pandemonium lord
225538 | Zig:24   | Noticed Jusox the pandemonium lord
225538 | Zig:24   | Noticed Baagodemipn the pandemonium lord
225538 | Zig:24   | Noticed Geocumiss the pandemonium lord
225539 | Zig:24   | Killed Nuecuump the pandemonium lord
225539 | Zig:24   | Killed Baagodemipn the pandemonium lord
225539 | Zig:24   | Killed Ibapnoh the pandemonium lord
225539 | Zig:24   | Noticed Kimeuczu the pandemonium lord
225539 | Zig:24   | Noticed Cuahaypn the pandemonium lord
225539 | Zig:24   | Noticed Ridoum the pandemonium lord
225540 | Zig:24   | Killed Kiwkal the pandemonium lord
225540 | Zig:24   | Noticed Istun the pandemonium lord
225541 | Zig:24   | Killed Geocumiss the pandemonium lord
225542 | Zig:24   | Killed Juteb the pandemonium lord
225542 | Zig:24   | Killed Xiusem the pandemonium lord
225542 | Zig:24   | Killed Mihaced the pandemonium lord
225542 | Zig:24   | Noticed Ninu the pandemonium lord
225542 | Zig:24   | Noticed Uschism the pandemonium lord
225543 | Zig:24   | Killed Jusox the pandemonium lord
225544 | Zig:24   | Killed Irotixtu the pandemonium lord
225544 | Zig:24   | Killed Neeclio the pandemonium lord
225544 | Zig:24   | Killed Enluol the pandemonium lord
225544 | Zig:24   | Noticed Xerghaguj the pandemonium lord
225544 | Zig:24   | Noticed Ahod the pandemonium lord
225544 | Zig:24   | Noticed Muptuge the pandemonium lord
225545 | Zig:24   | Noticed Teilouh the pandemonium lord
225545 | Zig:24   | Noticed Jousoduf the pandemonium lord
225545 | Zig:24   | Killed Neiz the pandemonium lord
225545 | Zig:24   | Killed Uleudd the pandemonium lord
225545 | Zig:24   | Killed Pedoim the pandemonium lord
225545 | Zig:24   | Noticed Jotziunt the pandemonium lord
225545 | Zig:24   | Noticed Gintauqi the pandemonium lord
225545 | Zig:24   | Noticed Qossac the pandemonium lord
225546 | Zig:24   | Noticed Tinom the pandemonium lord
225546 | Zig:24   | Noticed Rucwial the pandemonium lord
225547 | Zig:24   | Noticed Wutuo the pandemonium lord
225547 | Zig:24   | Noticed Tazis the pandemonium lord
225547 | Zig:24   | Killed Ridoum the pandemonium lord
225547 | Zig:24   | Killed Ninu the pandemonium lord
225547 | Zig:24   | Killed Istun the pandemonium lord
225547 | Zig:24   | Killed Pijyny the pandemonium lord
225548 | Zig:24   | Noticed Tudghuti the pandemonium lord
225548 | Zig:24   | Noticed Cuanodgh the pandemonium lord
225548 | Zig:24   | Noticed Eqorghi the pandemonium lord
225548 | Zig:24   | Noticed Benejiuz the pandemonium lord
225549 | Zig:24   | Noticed Kajiw the pandemonium lord
225549 | Zig:24   | Killed Cuahaypn the pandemonium lord
225549 | Zig:24   | Killed Tazis the pandemonium lord
225549 | Zig:24   | Killed Jousoduf the pandemonium lord
225551 | Zig:24   | Noticed Xoha the pandemonium lord
225551 | Zig:24   | Noticed Had Emy the pandemonium lord
225551 | Zig:24   | Noticed Poedit the pandemonium lord
225551 | Zig:24   | Noticed Tetups the pandemonium lord
225551 | Zig:24   | Noticed Jatoit the pandemonium lord
225552 | Zig:24   | Noticed Ubram the pandemonium lord
225553 | Zig:24   | Killed Kimeuczu the pandemonium lord
225553 | Zig:24   | Killed Uschism the pandemonium lord
225553 | Zig:24   | Killed Eqorghi the pandemonium lord
225553 | Zig:24   | Killed Benejiuz the pandemonium lord
225553 | Zig:24   | Killed Wutuo the pandemonium lord
225553 | Zig:24   | Killed Tudghuti the pandemonium lord
225553 | Zig:24   | Killed Xerghaguj the pandemonium lord
225553 | Zig:24   | Killed Ahod the pandemonium lord
225553 | Zig:24   | Noticed Foyg the pandemonium lord
225553 | Zig:24   | Noticed Heabbot the pandemonium lord
225554 | Zig:24   | Killed Kajiw the pandemonium lord
225554 | Zig:24   | Noticed Catikk the pandemonium lord
225554 | Zig:24   | Noticed Saym the pandemonium lord
225555 | Zig:24   | Noticed Oleej the pandemonium lord
225555 | Zig:24   | Noticed Iprinla the pandemonium lord
225555 | Zig:24   | Killed Cuanodgh the pandemonium lord
225555 | Zig:24   | Killed Xoha the pandemonium lord
225555 | Zig:24   | Killed Jatoit the pandemonium lord
225555 | Zig:24   | Killed Tetups the pandemonium lord
225556 | Zig:24   | Killed Teilouh the pandemonium lord
225556 | Zig:24   | Killed Foyg the pandemonium lord
225556 | Zig:24   | Killed Ubram the pandemonium lord
225556 | Zig:24   | Killed Saym the pandemonium lord
225556 | Zig:24   | Killed Qossac the pandemonium lord
225556 | Zig:24   | Noticed Axilo the pandemonium lord
225557 | Zig:24   | Killed Rucwial the pandemonium lord
225557 | Zig:24   | Killed Upyfuu the pandemonium lord
225557 | Zig:24   | Noticed Jaxoga the pandemonium lord
225557 | Zig:24   | Noticed Nad Fomo the pandemonium lord
225557 | Zig:24   | Noticed Patoh the pandemonium lord
225558 | Zig:24   | Noticed Daop the pandemonium lord
225558 | Zig:24   | Killed Muptuge the pandemonium lord
225558 | Zig:24   | Killed Oleej the pandemonium lord
225558 | Zig:24   | Killed Jotziunt the pandemonium lord
225558 | Zig:24   | Killed Axilo the pandemonium lord
225558 | Zig:24   | Killed Poedit the pandemonium lord
225558 | Zig:24   | Killed Had Emy the pandemonium lord
225558 | Zig:24   | Noticed Xyta the pandemonium lord
225558 | Zig:24   | Noticed Lusoozic the pandemonium lord
225559 | Zig:24   | Killed Tinom the pandemonium lord
225559 | Zig:24   | Killed Iprinla the pandemonium lord
225559 | Zig:24   | Noticed Ysucs the pandemonium lord
225559 | Zig:24   | Noticed Minel the pandemonium lord
225559 | Zig:24   | Noticed Pannab the pandemonium lord
225560 | Zig:24   | Noticed Gyqoesh the pandemonium lord
225560 | Zig:24   | Noticed Langerim the pandemonium lord
225561 | Zig:24   | Killed Patoh the pandemonium lord
225561 | Zig:24   | Killed Catikk the pandemonium lord
225561 | Zig:24   | Killed Daop the pandemonium lord
225563 | Zig:24   | Killed Minel the pandemonium lord
225563 | Zig:24   | Killed Gyqoesh the pandemonium lord
225564 | Zig:24   | Noticed Jeopes the pandemonium lord
225564 | Zig:24   | Noticed Witzad the pandemonium lord
225565 | Zig:24   | Noticed Jigyhizu the pandemonium lord
225565 | Zig:24   | Killed Heabbot the pandemonium lord
225565 | Zig:24   | Noticed Anit the pandemonium lord
225566 | Zig:24   | Killed Lusoozic the pandemonium lord
225567 | Zig:24   | Noticed Nopanadu the pandemonium lord
225567 | Zig:24   | Noticed Votuff the pandemonium lord
225567 | Zig:24   | Noticed Nicur the pandemonium lord
225568 | Zig:24   | Killed Nad Fomo the pandemonium lord
225568 | Zig:24   | Killed Ysucs the pandemonium lord
225568 | Zig:24   | Killed Votuff the pandemonium lord
225568 | Zig:24   | Killed Jaxoga the pandemonium lord
225568 | Zig:24   | Noticed Anodoc the pandemonium lord
225569 | Zig:24   | Noticed Otheconk the pandemonium lord
225569 | Zig:24   | Killed Jigyhizu the pandemonium lord
225569 | Zig:24   | Killed Nicur the pandemonium lord
225569 | Zig:24   | Killed Gintauqi the pandemonium lord
225569 | Zig:24   | Killed Jeopes the pandemonium lord
225569 | Zig:24   | Noticed Cimuh the pandemonium lord
225569 | Zig:24   | Noticed Deoz the pandemonium lord
225569 | Zig:24   | Noticed Gamecat the pandemonium lord
225569 | Zig:24   | Noticed Hotwe the pandemonium lord
225570 | Zig:24   | Killed Xyta the pandemonium lord
225570 | Zig:24   | Killed Nopanadu the pandemonium lord
225570 | Zig:24   | Killed Anit the pandemonium lord
225570 | Zig:24   | Killed Gamecat the pandemonium lord
225570 | Zig:24   | Noticed Vebluduw the pandemonium lord
225570 | Zig:24   | Noticed Cetaugo the pandemonium lord
225571 | Zig:24   | Noticed Rosy the pandemonium lord
225571 | Zig:24   | Noticed Bixiyl the pandemonium lord
225571 | Zig:24   | Noticed Toarid the pandemonium lord
225571 | Zig:24   | Noticed Syikiy the pandemonium lord
225572 | Zig:24   | Noticed Qool the pandemonium lord
225573 | Zig:24   | Killed Deoz the pandemonium lord
225573 | Zig:24   | Killed Langerim the pandemonium lord
225573 | Zig:24   | Noticed Hozuotio the pandemonium lord
225576 | Zig:24   | Noticed Xalaorukh the pandemonium lord
225576 | Zig:24   | Killed Hotwe the pandemonium lord
225576 | Zig:24   | Killed Cetaugo the pandemonium lord
225576 | Zig:24   | Killed Vebluduw the pandemonium lord
225576 | Zig:24   | Killed Anodoc the pandemonium lord
225577 | Zig:24   | Killed Otheconk the pandemonium lord
225577 | Zig:24   | Killed Cimuh the pandemonium lord
225577 | Zig:24   | Noticed Ymoaso the pandemonium lord
225577 | Zig:24   | Noticed Ownuom the pandemonium lord
225578 | Zig:24   | Noticed Jemicam the pandemonium lord
225579 | Zig:24   | Noticed Senenewk the pandemonium lord
225579 | Zig:24   | Noticed Wamuytimn the pandemonium lord
225580 | Zig:24   | Noticed Cyc Duna the pandemonium lord
225580 | Zig:24   | Killed Rosy the pandemonium lord
225581 | Zig:24   | Killed Hozuotio the pandemonium lord
225581 | Zig:24   | Killed Jemicam the pandemonium lord
225581 | Zig:24   | Killed Syikiy the pandemonium lord
225581 | Zig:24   | Noticed Deriad the pandemonium lord
225582 | Zig:24   | Killed Witzad the pandemonium lord
225582 | Zig:24   | Killed Xalaorukh the pandemonium lord
225582 | Zig:24   | Killed Qool the pandemonium lord
225582 | Zig:24   | Killed Wamuytimn the pandemonium lord
225582 | Zig:24   | Killed Toarid the pandemonium lord
225582 | Zig:24   | Killed Cyc Duna the pandemonium lord
225582 | Zig:24   | Noticed Gutai the pandemonium lord
225583 | Zig:24   | Killed Ymoaso the pandemonium lord
225583 | Zig:24   | Killed Deriad the pandemonium lord
225583 | Zig:24   | Killed Senenewk the pandemonium lord
225583 | Zig:24   | Noticed Soemewn the pandemonium lord
225584 | Zig:24   | Killed Gutai the pandemonium lord
225584 | Zig:24   | Killed Pannab the pandemonium lord
225584 | Zig:24   | Killed Bixiyl the pandemonium lord
225584 | Zig:24   | Noticed Zyiqag the pandemonium lord
225584 | Zig:24   | Noticed Ycezai the pandemonium lord
225584 | Zig:24   | Noticed Woac the pandemonium lord
225585 | Zig:24   | Noticed Emeley the pandemonium lord
225585 | Zig:24   | Killed Ycezai the pandemonium lord
225585 | Zig:24   | Killed Ownuom the pandemonium lord
225585 | Zig:24   | Noticed Ebiutuz the pandemonium lord
225585 | Zig:24   | Noticed Tuzoisuxt the pandemonium lord
225586 | Zig:24   | Noticed Nocsu the pandemonium lord
225587 | Zig:24   | Killed Emeley the pandemonium lord
225588 | Zig:24   | Killed Tuzoisuxt the pandemonium lord
225588 | Zig:24   | Killed Woac the pandemonium lord
225588 | Zig:24   | Killed Ebiutuz the pandemonium lord
225588 | Zig:24   | Killed Zyiqag the pandemonium lord
225588 | Zig:24   | Killed Soemewn the pandemonium lord
225591 | Zig:24   | Noticed Bumu the pandemonium lord
225592 | Zig:24   | Noticed Roalahiw the pandemonium lord
225593 | Zig:24   | Killed Nocsu the pandemonium lord
225593 | Zig:24   | Noticed Anotis the pandemonium lord
225593 | Zig:24   | Noticed Ikucif the pandemonium lord
225594 | Zig:24   | Killed Roalahiw the pandemonium lord
225594 | Zig:24   | Noticed Tathoid the pandemonium lord
225594 | Zig:24   | Noticed Gizoben the pandemonium lord
225595 | Zig:24   | Killed Bumu the pandemonium lord
225595 | Zig:24   | Noticed Fushylak the pandemonium lord
225595 | Zig:24   | Noticed Jiunad the pandemonium lord
225596 | Zig:24   | Noticed Plog the pandemonium lord
225597 | Zig:24   | Noticed Daihyoch the pandemonium lord
225599 | Zig:24   | Killed Gizoben the pandemonium lord
225599 | Zig:24   | Killed Anotis the pandemonium lord
225599 | Zig:24   | Noticed Mighoep the pandemonium lord
225599 | Zig:24   | Noticed Ydadgh the pandemonium lord
225599 | Zig:24   | Noticed Qaiptaq the pandemonium lord
225603 | Zig:24   | Killed Fushylak the pandemonium lord
225603 | Zig:24   | Killed Daihyoch the pandemonium lord
225603 | Zig:24   | Killed Mighoep the pandemonium lord
225603 | Zig:24   | Noticed Syobua the pandemonium lord
225607 | Zig:24   | Killed Plog the pandemonium lord
225607 | Zig:24   | Killed Ikucif the pandemonium lord
225607 | Zig:24   | Killed Qaiptaq the pandemonium lord
225607 | Zig:24   | Killed Jiunad the pandemonium lord
225608 | Zig:24   | Noticed Eddut the pandemonium lord
225612 | Zig:24   | Killed Syobua the pandemonium lord
225612 | Zig:24   | Killed Ydadgh the pandemonium lord
225612 | Zig:24   | Killed Tathoid the pandemonium lord
225613 | Zig:24   | Noticed Qeetori the pandemonium lord
225615 | Zig:24   | Killed Eddut the pandemonium lord
225615 | Zig:24   | Noticed Zoohofi the pandemonium lord
225616 | Zig:24   | Noticed Jicvub the pandemonium lord
225617 | Zig:24   | Killed Qeetori the pandemonium lord
225618 | Zig:24   | Killed Jicvub the pandemonium lord
225618 | Zig:24   | Killed Zoohofi the pandemonium lord
225675 | Zig:24   | Got a smoking bone amulet
225676 | Zig:24   | Identified the amulet of Apoveic {RegenMP MP+9 Slay+6} (You
                  | found it on level 24 of a ziggurat)
225682 | Zig:24   | Got a warped silver ring
225683 | Zig:24   | Identified the ring of Wishful Thinking {Wiz MR+ Stlth+}
                  | (You found it on level 24 of a ziggurat)
225761 | Zig:24   | Identified the Collected Works on Bewitching Stones
225964 | Zig:25   | Entered Level 25 of a ziggurat
225981 | Zig:25   | Killed a starcursed mass
225986 | Zig:25   | Noticed an ancient lich
225990 | Zig:25   | Killed an ancient lich
226097 | Zig:25   | Killed a starcursed mass
226142 | Zig:25   | Got a fine pewter amulet
226143 | Zig:25   | Identified the amulet "Zuibromm" {Spirit rN+ Str+3} (You
                  | found it on level 25 of a ziggurat)
226159 | Zig:25   | Identified Qumaineu's Compendium of the Dislocated
                  | Mountains
226171 | Zig:25   | Got a pair of encrusted gloves
226182 | Zig:25   | Identified the +1 pair of gloves of Weheseas {rElec rN+
                  | Dex-4} (You found it on level 25 of a ziggurat)
226219 | Zig:25   | Identified Sat Uqusk's Catalogue of Venomous Battle Magic
226295 | Zig:25   | Got a clouded iron amulet
226296 | Zig:25   | Identified the amulet of Mozxon {Acrobat *Slow rPois Dex+4}
                  | (You found it on level 25 of a ziggurat)
226299 | Zig:25   | Got a crude steel ring
226300 | Zig:25   | Identified the ring of Internal Strife {rC- MR+ Int+4
                  | Dex+2} (You found it on level 25 of a ziggurat)
226639 | Zig:26   | Entered Level 26 of a ziggurat
226639 | Zig:26   | Noticed a greater mummy
226640 | Zig:26   | Killed a greater mummy
226641 | Zig:26   | Noticed a greater mummy
226641 | Zig:26   | Noticed a greater mummy
226641 | Zig:26   | Noticed a greater mummy
226641 | Zig:26   | Noticed a greater mummy
226642 | Zig:26   | Noticed a greater mummy
226644 | Zig:26   | Noticed a greater mummy
226644 | Zig:26   | Noticed a greater mummy
226645 | Zig:26   | Killed a greater mummy
226645 | Zig:26   | Killed a greater mummy
226645 | Zig:26   | Killed a greater mummy
226645 | Zig:26   | Killed a greater mummy
226645 | Zig:26   | Killed a greater mummy
226645 | Zig:26   | Killed a greater mummy
226645 | Zig:26   | Noticed a greater mummy
226645 | Zig:26   | Noticed a greater mummy
226645 | Zig:26   | Noticed a greater mummy
226645 | Zig:26   | Noticed a greater mummy
226645 | Zig:26   | Noticed a greater mummy
226646 | Zig:26   | Noticed a greater mummy
226646 | Zig:26   | Killed a greater mummy
226646 | Zig:26   | Noticed a greater mummy
226646 | Zig:26   | Noticed a greater mummy
226647 | Zig:26   | Killed a greater mummy
226648 | Zig:26   | Killed a greater mummy
226648 | Zig:26   | Killed a greater mummy
226648 | Zig:26   | Killed a greater mummy
226648 | Zig:26   | Killed a greater mummy
226648 | Zig:26   | Killed a greater mummy
226648 | Zig:26   | Killed a greater mummy
226649 | Zig:26   | Noticed a greater mummy
226649 | Zig:26   | Noticed a greater mummy
226649 | Zig:26   | Noticed a greater mummy
226650 | Zig:26   | Noticed a greater mummy
226651 | Zig:26   | Noticed a greater mummy
226652 | Zig:26   | Killed a greater mummy
226652 | Zig:26   | Killed a greater mummy
226652 | Zig:26   | Killed a greater mummy
226652 | Zig:26   | Killed a greater mummy
226652 | Zig:26   | Noticed a greater mummy
226652 | Zig:26   | Noticed a greater mummy
226654 | Zig:26   | Noticed a greater mummy
226654 | Zig:26   | Noticed a greater mummy
226654 | Zig:26   | Noticed a greater mummy
226654 | Zig:26   | Noticed a greater mummy
226655 | Zig:26   | Noticed a greater mummy
226655 | Zig:26   | Killed a greater mummy
226655 | Zig:26   | Noticed a greater mummy
226656 | Zig:26   | Killed a greater mummy
226656 | Zig:26   | Noticed a greater mummy
226657 | Zig:26   | Killed a greater mummy
226657 | Zig:26   | Noticed a greater mummy
226657 | Zig:26   | Noticed a greater mummy
226657 | Zig:26   | Noticed a greater mummy
226658 | Zig:26   | Killed a greater mummy
226658 | Zig:26   | Killed a greater mummy
226658 | Zig:26   | Killed a greater mummy
226658 | Zig:26   | Killed a greater mummy
226658 | Zig:26   | Killed a greater mummy
226658 | Zig:26   | Killed a greater mummy
226658 | Zig:26   | Killed a greater mummy
226658 | Zig:26   | Noticed a greater mummy
226659 | Zig:26   | Noticed a greater mummy
226659 | Zig:26   | Noticed a greater mummy
226659 | Zig:26   | Killed a greater mummy
226659 | Zig:26   | Killed a greater mummy
226659 | Zig:26   | Noticed a greater mummy
226660 | Zig:26   | Killed a greater mummy
226660 | Zig:26   | Killed a greater mummy
226660 | Zig:26   | Killed a greater mummy
226661 | Zig:26   | Noticed a greater mummy
226661 | Zig:26   | Noticed a greater mummy
226662 | Zig:26   | Killed a greater mummy
226662 | Zig:26   | Killed a greater mummy
226662 | Zig:26   | Killed a greater mummy
226662 | Zig:26   | Noticed a greater mummy
226663 | Zig:26   | Killed a greater mummy
226663 | Zig:26   | Killed a greater mummy
226663 | Zig:26   | Killed a greater mummy
226666 | Zig:26   | Noticed a greater mummy
226666 | Zig:26   | Noticed a greater mummy
226667 | Zig:26   | Noticed a greater mummy
226667 | Zig:26   | Killed a greater mummy
226668 | Zig:26   | Noticed a greater mummy
226668 | Zig:26   | Noticed a greater mummy
226668 | Zig:26   | Noticed a greater mummy
226668 | Zig:26   | Noticed a greater mummy
226668 | Zig:26   | Noticed a greater mummy
226668 | Zig:26   | Noticed a greater mummy
226669 | Zig:26   | Killed a greater mummy
226669 | Zig:26   | Killed a greater mummy
226669 | Zig:26   | Killed a greater mummy
226669 | Zig:26   | Killed a greater mummy
226669 | Zig:26   | Killed a greater mummy
226669 | Zig:26   | Killed a greater mummy
226669 | Zig:26   | Killed a greater mummy
226670 | Zig:26   | Killed a greater mummy
226670 | Zig:26   | Killed a greater mummy
226670 | Zig:26   | Noticed a greater mummy
226671 | Zig:26   | Killed a greater mummy
226671 | Zig:26   | Noticed a greater mummy
226675 | Zig:26   | Killed a greater mummy
226677 | Zig:26   | Killed a greater mummy
226734 | Zig:26   | Identified Sif Muna's Incunabulum of Enchantment and Flames
226743 | Zig:26   | Identified the Volume of Earthen Contamination
226765 | Zig:26   | Got a glittering tin ring
226766 | Zig:26   | Identified the ring "Finuquesa" {rElec MR+ Str+4 Int+4}
                  | (You found it on level 26 of a ziggurat)
226815 | Zig:26   | Identified the Tome of Confrontation
226819 | Zig:26   | Identified the Catalogue of the Arsonist and Contamination
227226 | Zig:27   | Entered Level 27 of a ziggurat
227289 | Zig:27   | Identified the Collected Works on Transmigration
227320 | Zig:27   | Got a pitted marble ring
227321 | Zig:27   | Identified the ring of Xom's Ringing Laughter {rF+ Str-3
                  | Int+4 Dex+2 Slay+6} (You found it on level 27 of a
                  | ziggurat)
227368 | Zig:27   | Identified the Papyrus of Lucky Ice
227818 | Depths:3 | Bought a pair of faintly glowing gloves for 218 gold pieces
227821 | Depths:3 | Identified the cursed +0 pair of gloves "Byecso" {rN++
                  | Int+3} (You bought it in a shop on level 3 of the Depths)
227842 | Zig:1    | Entered Level 1 of a ziggurat
227842 | Zig:1    | Noticed an ancient lich
227847 | Zig:1    | Killed an ancient lich
227937 | Zig:2    | Entered Level 2 of a ziggurat
227937 | Zig:2    | Noticed a greater mummy
227939 | Zig:2    | Noticed a greater mummy
227939 | Zig:2    | Noticed a greater mummy
227941 | Zig:2    | Noticed a greater mummy
227942 | Zig:2    | Killed a greater mummy
227942 | Zig:2    | Killed a greater mummy
227942 | Zig:2    | Killed a greater mummy
227945 | Zig:2    | Killed a greater mummy
228073 | Zig:3    | Entered Level 3 of a ziggurat
228226 | Zig:4    | Entered Level 4 of a ziggurat
228391 | Zig:5    | Entered Level 5 of a ziggurat
228473 | Zig:5    | Got a warped iron ring
228503 | Zig:5    | Identified the ring "Wipriliy" {rPois rC+ MP+9 Int-5 Dex+3}
                  | (You found it on level 5 of a ziggurat)
228590 | Zig:6    | Entered Level 6 of a ziggurat
228813 | Zig:7    | Entered Level 7 of a ziggurat
228814 | Zig:7    | Noticed an ancient lich
228815 | Zig:7    | Noticed an ancient lich
228815 | Zig:7    | Noticed an ancient lich
228815 | Zig:7    | Noticed an ancient lich
228815 | Zig:7    | Noticed an ancient lich
228817 | Zig:7    | Killed an ancient lich
228817 | Zig:7    | Killed an ancient lich
228818 | Zig:7    | Killed an ancient lich
228818 | Zig:7    | Killed an ancient lich
228818 | Zig:7    | Killed an ancient lich
228819 | Zig:7    | Noticed an ancient lich
228819 | Zig:7    | Noticed an ancient lich
228822 | Zig:7    | Noticed an ancient lich
228823 | Zig:7    | Noticed an ancient lich
228824 | Zig:7    | Killed an ancient lich
228825 | Zig:7    | Noticed an ancient lich
228825 | Zig:7    | Noticed an ancient lich
228826 | Zig:7    | Noticed an ancient lich
228826 | Zig:7    | Killed an ancient lich
228827 | Zig:7    | Killed an ancient lich
228827 | Zig:7    | Killed an ancient lich
228827 | Zig:7    | Killed an ancient lich
228827 | Zig:7    | Killed an ancient lich
228827 | Zig:7    | Killed an ancient lich
228827 | Zig:7    | Noticed an ancient lich
228829 | Zig:7    | Killed an ancient lich
229015 | Zig:8    | Entered Level 8 of a ziggurat
229019 | Zig:8    | Noticed an ancient lich
229019 | Zig:8    | Noticed an ancient lich
229019 | Zig:8    | Noticed an ancient lich
229020 | Zig:8    | Noticed an ancient lich
229020 | Zig:8    | Noticed an ancient lich
229020 | Zig:8    | Noticed an ancient lich
229021 | Zig:8    | Noticed an ancient lich
229021 | Zig:8    | Noticed an ancient lich
229021 | Zig:8    | Noticed an ancient lich
229022 | Zig:8    | Killed an ancient lich
229022 | Zig:8    | Killed an ancient lich
229022 | Zig:8    | Killed an ancient lich
229022 | Zig:8    | Killed an ancient lich
229024 | Zig:8    | Killed an ancient lich
229025 | Zig:8    | Killed an ancient lich
229025 | Zig:8    | Killed an ancient lich
229026 | Zig:8    | Noticed an ancient lich
229026 | Zig:8    | Noticed an ancient lich
229026 | Zig:8    | Noticed an ancient lich
229027 | Zig:8    | Noticed an ancient lich
229028 | Zig:8    | Killed an ancient lich
229028 | Zig:8    | Killed an ancient lich
229028 | Zig:8    | Killed an ancient lich
229028 | Zig:8    | Killed an ancient lich
229029 | Zig:8    | Noticed an ancient lich
229029 | Zig:8    | Noticed an ancient lich
229032 | Zig:8    | Killed an ancient lich
229032 | Zig:8    | Killed an ancient lich
229033 | Zig:8    | Killed an ancient lich
229033 | Zig:8    | Killed an ancient lich
229101 | Zig:8    | Got a slimy iron ring
229102 | Zig:8    | Identified the cursed ring "Ceopywah" {rN++ AC-2 Int-4}
                  | (You found it on level 8 of a ziggurat)
229250 | Zig:9    | Entered Level 9 of a ziggurat
229298 | Zig:9    | Got a sparkling lead ring
229307 | Zig:9    | Got a pitted bone ring
229310 | Zig:9    | Identified the ring "Lytue" {rN+ Dex+2 SInv} (You found it
                  | on level 9 of a ziggurat)
229348 | Zig:9    | Got a steaming cloak
229359 | Zig:9    | Identified the +2 cloak "Pippaur" {rElec Str+3 Dex-3} (You
                  | found it on level 9 of a ziggurat)
229372 | Zig:9    | Got a clouded golden ring
229373 | Zig:9    | Identified the ring "Felub" {rN+ Int+6 Stlth-} (You found
                  | it on level 9 of a ziggurat)
229381 | Zig:9    | Got a sparkling tin amulet
229382 | Zig:9    | Identified the amulet of Toserost {Spirit rPois rF- SInv}
                  | (You acquired it on level 9 of a ziggurat)
229383 | Zig:9    | Identified the ring "Bimul" {Wiz Str-4 Int+5} (You found it
                  | on level 9 of a ziggurat)
229395 | Zig:9    | Got a clouded crystal amulet
229396 | Zig:9    | Identified the amulet of Mukkania {Faith rF+} (You found it
                  | on level 9 of a ziggurat)
229408 | Zig:9    | Identified the Reference Book on the Shifting Volcanoes
229620 | Zig:10   | Entered Level 10 of a ziggurat
229965 | Zig:11   | Entered Level 11 of a ziggurat
229970 | Zig:11   | Noticed an orb of fire
229971 | Zig:11   | Noticed an orb of fire
229971 | Zig:11   | Noticed an orb of fire
229971 | Zig:11   | Noticed an orb of fire
229971 | Zig:11   | Noticed an orb of fire
229972 | Zig:11   | Noticed an orb of fire
229972 | Zig:11   | Noticed an orb of fire
229972 | Zig:11   | Noticed an orb of fire
229973 | Zig:11   | Killed an orb of fire
229973 | Zig:11   | Killed an orb of fire
229973 | Zig:11   | Killed an orb of fire
229973 | Zig:11   | Killed an orb of fire
229973 | Zig:11   | Killed an orb of fire
229975 | Zig:11   | Killed an orb of fire
229975 | Zig:11   | Killed an orb of fire
229975 | Zig:11   | Killed an orb of fire
229975 | Zig:11   | Noticed an orb of fire
229975 | Zig:11   | Noticed an orb of fire
229976 | Zig:11   | Noticed an orb of fire
229977 | Zig:11   | Noticed an orb of fire
229977 | Zig:11   | Noticed an orb of fire
229978 | Zig:11   | Noticed an orb of fire
229978 | Zig:11   | Killed an orb of fire
229978 | Zig:11   | Killed an orb of fire
229978 | Zig:11   | Noticed an orb of fire
229978 | Zig:11   | Killed an orb of fire
229980 | Zig:11   | Noticed an orb of fire
229981 | Zig:11   | Killed an orb of fire
229981 | Zig:11   | Killed an orb of fire
229981 | Zig:11   | Noticed an orb of fire
229981 | Zig:11   | Noticed an orb of fire
229982 | Zig:11   | Killed an orb of fire
229982 | Zig:11   | Killed an orb of fire
229982 | Zig:11   | Noticed an orb of fire
229982 | Zig:11   | Noticed an orb of fire
229982 | Zig:11   | Noticed an orb of fire
229983 | Zig:11   | Noticed an orb of fire
229987 | Zig:11   | Killed an orb of fire
229987 | Zig:11   | Killed an orb of fire
229987 | Zig:11   | Noticed an orb of fire
229988 | Zig:11   | Killed an orb of fire
229988 | Zig:11   | Killed an orb of fire
229988 | Zig:11   | Killed an orb of fire
229988 | Zig:11   | Killed an orb of fire
229989 | Zig:11   | Killed an orb of fire
229989 | Zig:11   | Killed an orb of fire
229989 | Zig:11   | Noticed an orb of fire
229989 | Zig:11   | Noticed an orb of fire
229991 | Zig:11   | Noticed an orb of fire
229991 | Zig:11   | Noticed an orb of fire
229992 | Zig:11   | Noticed an orb of fire
229993 | Zig:11   | Killed an orb of fire
229993 | Zig:11   | Killed an orb of fire
229993 | Zig:11   | Noticed an orb of fire
229994 | Zig:11   | Killed an orb of fire
229994 | Zig:11   | Killed an orb of fire
229994 | Zig:11   | Noticed an orb of fire
229994 | Zig:11   | Noticed an orb of fire
229994 | Zig:11   | Noticed an orb of fire
229994 | Zig:11   | Noticed an orb of fire
229995 | Zig:11   | Killed an orb of fire
229995 | Zig:11   | Noticed an orb of fire
229995 | Zig:11   | Noticed an orb of fire
229998 | Zig:11   | Noticed an orb of fire
230001 | Zig:11   | Killed an orb of fire
230001 | Zig:11   | Killed an orb of fire
230001 | Zig:11   | Noticed an orb of fire
230002 | Zig:11   | Killed an orb of fire
230002 | Zig:11   | Killed an orb of fire
230002 | Zig:11   | Killed an orb of fire
230003 | Zig:11   | Killed an orb of fire
230003 | Zig:11   | Killed an orb of fire
230003 | Zig:11   | Killed an orb of fire
230003 | Zig:11   | Noticed an orb of fire
230004 | Zig:11   | Noticed an orb of fire
230008 | Zig:11   | Killed an orb of fire
230008 | Zig:11   | Killed an orb of fire
230008 | Zig:11   | Killed an orb of fire
230011 | Zig:11   | Noticed an orb of fire
230014 | Zig:11   | Noticed an orb of fire
230016 | Zig:11   | Noticed an orb of fire
230017 | Zig:11   | Killed an orb of fire
230018 | Zig:11   | Killed an orb of fire
230018 | Zig:11   | Killed an orb of fire
230019 | Zig:11   | Noticed an orb of fire
230023 | Zig:11   | Killed an orb of fire
230023 | Zig:11   | Noticed an orb of fire
230026 | Zig:11   | Noticed an orb of fire
230026 | Zig:11   | Noticed an orb of fire
230026 | Zig:11   | Noticed an orb of fire
230028 | Zig:11   | Killed an orb of fire
230028 | Zig:11   | Killed an orb of fire
230028 | Zig:11   | Killed an orb of fire
230031 | Zig:11   | Killed an orb of fire
230071 | Zig:11   | Identified the Reference Book on Conjuration and Evil
230235 | Zig:12   | Entered Level 12 of a ziggurat
230239 | Zig:12   | Noticed a juggernaut
230239 | Zig:12   | Noticed a juggernaut
230240 | Zig:12   | Noticed a juggernaut
230240 | Zig:12   | Noticed a juggernaut
230241 | Zig:12   | Noticed a juggernaut
230241 | Zig:12   | Noticed a juggernaut
230241 | Zig:12   | Noticed a juggernaut
230242 | Zig:12   | Noticed a juggernaut
230242 | Zig:12   | Killed a juggernaut
230242 | Zig:12   | Killed a juggernaut
230242 | Zig:12   | Noticed a juggernaut
230242 | Zig:12   | Noticed a juggernaut
230243 | Zig:12   | Noticed a juggernaut
230243 | Zig:12   | Noticed a juggernaut
230244 | Zig:12   | Killed a juggernaut
230244 | Zig:12   | Killed a juggernaut
230244 | Zig:12   | Killed a juggernaut
230244 | Zig:12   | Killed a juggernaut
230244 | Zig:12   | Killed a juggernaut
230244 | Zig:12   | Killed a juggernaut
230245 | Zig:12   | Noticed a juggernaut
230246 | Zig:12   | Killed a juggernaut
230246 | Zig:12   | Noticed a juggernaut
230247 | Zig:12   | Noticed a juggernaut
230249 | Zig:12   | Noticed a juggernaut
230249 | Zig:12   | Killed a juggernaut
230249 | Zig:12   | Killed a juggernaut
230251 | Zig:12   | Killed a juggernaut
230251 | Zig:12   | Killed a juggernaut
230251 | Zig:12   | Killed a juggernaut
230251 | Zig:12   | Killed a juggernaut
230251 | Zig:12   | Noticed a juggernaut
230251 | Zig:12   | Noticed a juggernaut
230252 | Zig:12   | Noticed a juggernaut
230252 | Zig:12   | Killed a juggernaut
230253 | Zig:12   | Noticed a juggernaut
230254 | Zig:12   | Killed a juggernaut
230254 | Zig:12   | Killed a juggernaut
230254 | Zig:12   | Killed a juggernaut
230254 | Zig:12   | Killed a juggernaut
230254 | Zig:12   | Noticed a juggernaut
230254 | Zig:12   | Noticed a juggernaut
230254 | Zig:12   | Noticed a juggernaut
230255 | Zig:12   | Noticed a juggernaut
230258 | Zig:12   | Killed a juggernaut
230258 | Zig:12   | Killed a juggernaut
230260 | Zig:12   | Killed a juggernaut
230260 | Zig:12   | Killed a juggernaut
230323 | Zig:12   | Identified the Catalogue of Execration and Cold
230341 | Zig:12   | Identified Tesumub's Handbook of Ashen Black Magic
230350 | Zig:12   | Got a glittering lead amulet
230351 | Zig:12   | Identified the amulet "Qidd" {Acrobat Str+4 Int+3} (You
                  | found it on level 12 of a ziggurat)
230591 | Zig:13   | Entered Level 13 of a ziggurat
230591 | Zig:13   | Noticed a juggernaut
230591 | Zig:13   | Noticed a juggernaut
230591 | Zig:13   | Noticed a juggernaut
230591 | Zig:13   | Noticed a juggernaut
230591 | Zig:13   | Noticed a juggernaut
230591 | Zig:13   | Noticed a juggernaut
230592 | Zig:13   | Killed a juggernaut
230592 | Zig:13   | Killed a juggernaut
230592 | Zig:13   | Killed a juggernaut
230592 | Zig:13   | Killed a juggernaut
230592 | Zig:13   | Noticed a juggernaut
230594 | Zig:13   | Noticed a juggernaut
230597 | Zig:13   | Killed a juggernaut
230597 | Zig:13   | Killed a juggernaut
230597 | Zig:13   | Killed a juggernaut
230598 | Zig:13   | Killed a juggernaut
230600 | Zig:13   | Noticed a juggernaut
230601 | Zig:13   | Noticed a juggernaut
230601 | Zig:13   | Noticed a juggernaut
230601 | Zig:13   | Noticed a juggernaut
230602 | Zig:13   | Noticed a juggernaut
230602 | Zig:13   | Killed a juggernaut
230602 | Zig:13   | Killed a juggernaut
230602 | Zig:13   | Killed a juggernaut
230603 | Zig:13   | Noticed a juggernaut
230603 | Zig:13   | Noticed a juggernaut
230605 | Zig:13   | Noticed a juggernaut
230605 | Zig:13   | Noticed a juggernaut
230606 | Zig:13   | Noticed a juggernaut
230606 | Zig:13   | Noticed a juggernaut
230606 | Zig:13   | Noticed a juggernaut
230607 | Zig:13   | Killed a juggernaut
230607 | Zig:13   | Killed a juggernaut
230607 | Zig:13   | Noticed a juggernaut
230611 | Zig:13   | Killed a juggernaut
230612 | Zig:13   | Killed a juggernaut
230612 | Zig:13   | Noticed a juggernaut
230612 | Zig:13   | Noticed a juggernaut
230613 | Zig:13   | Killed a juggernaut
230615 | Zig:13   | Killed a juggernaut
230616 | Zig:13   | Killed a juggernaut
230616 | Zig:13   | Killed a juggernaut
230617 | Zig:13   | Killed a juggernaut
230617 | Zig:13   | Noticed a juggernaut
230617 | Zig:13   | Noticed a juggernaut
230617 | Zig:13   | Noticed a juggernaut
230619 | Zig:13   | Killed a juggernaut
230625 | Zig:13   | Noticed a juggernaut
230628 | Zig:13   | Killed a juggernaut
230628 | Zig:13   | Killed a juggernaut
230628 | Zig:13   | Killed a juggernaut
230628 | Zig:13   | Killed a juggernaut
230637 | Zig:13   | Killed a juggernaut
230637 | Zig:13   | Killed a juggernaut
230679 | Zig:13   | Identified the Tome of Doomed Clay
230693 | Zig:13   | Got a heavily runed lapis lazuli ring
230694 | Zig:13   | Identified the ring "Azxeent" {EV+3 Dex+2} (You found it on
                  | level 13 of a ziggurat)
230707 | Zig:13   | Got a scorched steel amulet
230708 | Zig:13   | Identified the amulet "Cunuwith" {Spirit *Drain MR++} (You
                  | found it on level 13 of a ziggurat)
230723 | Zig:13   | Got a brightly glowing marble ring
230724 | Zig:13   | Identified the ring "Qoaff" {+Fly Stlth+} (You found it on
                  | level 13 of a ziggurat)
230762 | Zig:13   | Got a shimmering marble ring
230763 | Zig:13   | Identified the ring "Esent" {Str+5 Dex+2 Slay+2} (You found
                  | it on level 13 of a ziggurat)
231107 | Zig:14   | Entered Level 14 of a ziggurat
231210 | Zig:14   | Identified the Handbook of Might
231213 | Zig:14   | Got a flickering garnet amulet
231214 | Zig:14   | Identified the amulet of Freedom {Spirit rElec Int+4} (You
                  | found it on level 14 of a ziggurat)
231243 | Zig:14   | Got a scintillating glass ring
231244 | Zig:14   | Identified the ring "Xehamiri" {Int+2 Stlth+} (You found it
                  | on level 14 of a ziggurat)
231593 | Zig:15   | Entered Level 15 of a ziggurat
231669 | Zig:15   | Noticed Naer the pandemonium lord
231683 | Zig:15   | Killed Naer the pandemonium lord
231789 | Zig:15   | Got a coiled turquoise ring
231790 | Zig:15   | Identified the ring "Ezejir Feim" {-Tele +Fly rN++ Int+3
                  | Stlth-} (You found it on level 15 of a ziggurat)
232047 | Zig:16   | Entered Level 16 of a ziggurat
232091 | Zig:16   | Paralysed by accursed screaming for 1 turns
232227 | Zig:16   | Got a heavily runed bone ring
232228 | Zig:16   | Identified the ring "Nackyoqi" {rPois MP+9 Dex+3} (You
                  | found it on level 16 of a ziggurat)
232253 | Zig:16   | Got a translucent zirconium amulet
232254 | Zig:16   | Identified the amulet "Wiod" {rPois rF+ Regen+ MP+9 Slay+2}
                  | (You found it on level 16 of a ziggurat)
232574 | Zig:17   | Entered Level 17 of a ziggurat
232578 | Zig:17   | Noticed an ancient lich
232579 | Zig:17   | Noticed an ancient lich
232580 | Zig:17   | Noticed an ancient lich
232582 | Zig:17   | Killed an ancient lich
232582 | Zig:17   | Killed an ancient lich
232583 | Zig:17   | Noticed an ancient lich
232583 | Zig:17   | Noticed an ancient lich
232585 | Zig:17   | Noticed an ancient lich
232585 | Zig:17   | Noticed an ancient lich
232585 | Zig:17   | Noticed an ancient lich
232585 | Zig:17   | Noticed an ancient lich
232585 | Zig:17   | Killed an ancient lich
232585 | Zig:17   | Killed an ancient lich
232587 | Zig:17   | Noticed an ancient lich
232587 | Zig:17   | Killed an ancient lich
232588 | Zig:17   | Noticed an ancient lich
232588 | Zig:17   | Killed an ancient lich
232588 | Zig:17   | Killed an ancient lich
232588 | Zig:17   | Noticed an ancient lich
232589 | Zig:17   | Noticed an ancient lich
232589 | Zig:17   | Killed an ancient lich
232589 | Zig:17   | Killed an ancient lich
232590 | Zig:17   | Killed an ancient lich
232590 | Zig:17   | Killed an ancient lich
232590 | Zig:17   | Killed an ancient lich
232590 | Zig:17   | Killed an ancient lich
232590 | Zig:17   | Killed an ancient lich
232590 | Zig:17   | Noticed an ancient lich
232591 | Zig:17   | Noticed an ancient lich
232592 | Zig:17   | Noticed an ancient lich
232593 | Zig:17   | Killed an ancient lich
232593 | Zig:17   | Noticed an ancient lich
232593 | Zig:17   | Noticed an ancient lich
232594 | Zig:17   | Noticed an ancient lich
232594 | Zig:17   | Noticed an ancient lich
232595 | Zig:17   | Noticed an ancient lich
232595 | Zig:17   | Noticed an ancient lich
232595 | Zig:17   | Noticed an ancient lich
232595 | Zig:17   | Noticed an ancient lich
232597 | Zig:17   | Killed an ancient lich
232597 | Zig:17   | Killed an ancient lich
232598 | Zig:17   | Killed an ancient lich
232598 | Zig:17   | Killed an ancient lich
232598 | Zig:17   | Killed an ancient lich
232599 | Zig:17   | Killed an ancient lich
232600 | Zig:17   | Noticed an ancient lich
232600 | Zig:17   | Killed an ancient lich
232600 | Zig:17   | Noticed an ancient lich
232601 | Zig:17   | Noticed an ancient lich
232601 | Zig:17   | Noticed an ancient lich
232601 | Zig:17   | Noticed an ancient lich
232601 | Zig:17   | Killed an ancient lich
232602 | Zig:17   | Noticed an ancient lich
232602 | Zig:17   | Killed an ancient lich
232603 | Zig:17   | Killed an ancient lich
232603 | Zig:17   | Killed an ancient lich
232603 | Zig:17   | Killed an ancient lich
232603 | Zig:17   | Killed an ancient lich
232603 | Zig:17   | Killed an ancient lich
232603 | Zig:17   | Killed an ancient lich
232603 | Zig:17   | Killed an ancient lich
232604 | Zig:17   | Killed an ancient lich
232604 | Zig:17   | Noticed an ancient lich
232604 | Zig:17   | Noticed an ancient lich
232606 | Zig:17   | Noticed an ancient lich
232608 | Zig:17   | Noticed an ancient lich
232610 | Zig:17   | Killed an ancient lich
232615 | Zig:17   | Killed an ancient lich
232616 | Zig:17   | Killed an ancient lich
232618 | Zig:17   | Killed an ancient lich
232689 | Zig:17   | Identified the Volume of Spatial Clay
232700 | Zig:17   | Got a scintillating turquoise ring
232701 | Zig:17   | Identified the ring of Nokayfoyre {Wiz rN+ Int+6} (You
                  | found it on level 17 of a ziggurat)
233023 | Zig:18   | Entered Level 18 of a ziggurat
233029 | Zig:18   | Noticed Keikk the pandemonium lord
233029 | Zig:18   | Noticed Yqevatic the pandemonium lord
233030 | Zig:18   | Noticed Foul the pandemonium lord
233030 | Zig:18   | Noticed Yroac the pandemonium lord
233031 | Zig:18   | Noticed Vabruan the pandemonium lord
233032 | Zig:18   | Killed Keikk the pandemonium lord
233032 | Zig:18   | Killed Yqevatic the pandemonium lord
233032 | Zig:18   | Killed Yroac the pandemonium lord
233032 | Zig:18   | Killed Foul the pandemonium lord
233032 | Zig:18   | Noticed Iriveq Uhi the pandemonium lord
233032 | Zig:18   | Noticed Tunlor the pandemonium lord
233032 | Zig:18   | Noticed Lohe the pandemonium lord
233032 | Zig:18   | Noticed Yppihigg the pandemonium lord
233033 | Zig:18   | Killed Vabruan the pandemonium lord
233033 | Zig:18   | Noticed Anofit the pandemonium lord
233033 | Zig:18   | Noticed Fobush Ziur the pandemonium lord
233034 | Zig:18   | Killed Iriveq Uhi the pandemonium lord
233034 | Zig:18   | Killed Yppihigg the pandemonium lord
233034 | Zig:18   | Killed Lohe the pandemonium lord
233034 | Zig:18   | Killed Tunlor the pandemonium lord
233034 | Zig:18   | Noticed Zeuchitu the pandemonium lord
233034 | Zig:18   | Noticed Cibbucwi the pandemonium lord
233035 | Zig:18   | Killed Fobush Ziur the pandemonium lord
233035 | Zig:18   | Noticed Fanemn the pandemonium lord
233035 | Zig:18   | Noticed Somamyiw the pandemonium lord
233035 | Zig:18   | Noticed Wephucui the pandemonium lord
233035 | Zig:18   | Noticed Zyjoyp the pandemonium lord
233036 | Zig:18   | Noticed Rast the pandemonium lord
233038 | Zig:18   | Killed Cibbucwi the pandemonium lord
233041 | Zig:18   | Killed Omeor the pandemonium lord
233041 | Zig:18   | Killed Gas Woph the pandemonium lord
233041 | Zig:18   | Killed Fanemn the pandemonium lord
233042 | Zig:18   | Killed Exui the pandemonium lord
233042 | Zig:18   | Killed Zyjoyp the pandemonium lord
233042 | Zig:18   | Killed Wephucui the pandemonium lord
233042 | Zig:18   | Killed Anofit the pandemonium lord
233042 | Zig:18   | Killed Somamyiw the pandemonium lord
233042 | Zig:18   | Noticed Tuutaupt the pandemonium lord
233043 | Zig:18   | Noticed Riunnuce the pandemonium lord
233043 | Zig:18   | Noticed Usiow the pandemonium lord
233043 | Zig:18   | Noticed Asim the pandemonium lord
233043 | Zig:18   | Noticed Nuepn the pandemonium lord
233043 | Zig:18   | Noticed Dion the pandemonium lord
233044 | Zig:18   | Noticed Mosu Kyi the pandemonium lord
233047 | Zig:18   | Noticed Xonar the pandemonium lord
233048 | Zig:18   | Noticed Moucw the pandemonium lord
233048 | Zig:18   | Noticed Seoth the pandemonium lord
233050 | Zig:18   | Killed Rast the pandemonium lord
233050 | Zig:18   | Killed Asim the pandemonium lord
233050 | Zig:18   | Killed Dion the pandemonium lord
233050 | Zig:18   | Killed Usiow the pandemonium lord
233050 | Zig:18   | Noticed Qonaomol the pandemonium lord
233050 | Zig:18   | Noticed Koedghe the pandemonium lord
233050 | Zig:18   | Noticed Ihapsewn the pandemonium lord
233050 | Zig:18   | Noticed Tesulec the pandemonium lord
233051 | Zig:18   | Killed Xonar the pandemonium lord
233051 | Zig:18   | Killed Zeuchitu the pandemonium lord
233051 | Zig:18   | Noticed Ciysch the pandemonium lord
233051 | Zig:18   | Noticed Bomugur the pandemonium lord
233051 | Zig:18   | Noticed Eshriesko the pandemonium lord
233052 | Zig:18   | Noticed Kaqir the pandemonium lord
233052 | Zig:18   | Killed Tuutaupt the pandemonium lord
233052 | Zig:18   | Killed Moucw the pandemonium lord
233052 | Zig:18   | Killed Qonaomol the pandemonium lord
233052 | Zig:18   | Killed Seoth the pandemonium lord
233052 | Zig:18   | Noticed Yduethradwo the pandemonium lord
233052 | Zig:18   | Noticed Qoel the pandemonium lord
233052 | Zig:18   | Noticed Hyashre the pandemonium lord
233052 | Zig:18   | Noticed Akone the pandemonium lord
233052 | Zig:18   | Noticed Peffemag the pandemonium lord
233052 | Zig:18   | Noticed Junwuk the pandemonium lord
233053 | Zig:18   | Killed Nuepn the pandemonium lord
233053 | Zig:18   | Noticed Xeats the pandemonium lord
233053 | Zig:18   | Noticed Wohy the pandemonium lord
233053 | Zig:18   | Noticed Gutuq the pandemonium lord
233054 | Zig:18   | Killed Mosu Kyi the pandemonium lord
233054 | Zig:18   | Killed Koedghe the pandemonium lord
233054 | Zig:18   | Killed Hyashre the pandemonium lord
233054 | Zig:18   | Noticed Najio the pandemonium lord
233054 | Zig:18   | Noticed Johunwis the pandemonium lord
233054 | Zig:18   | Noticed Plog the pandemonium lord
233055 | Zig:18   | Killed Tesulec the pandemonium lord
233055 | Zig:18   | Killed Peffemag the pandemonium lord
233055 | Zig:18   | Killed Junwuk the pandemonium lord
233055 | Zig:18   | Killed Yduethradwo the pandemonium lord
233055 | Zig:18   | Killed Riunnuce the pandemonium lord
233055 | Zig:18   | Noticed Virul the pandemonium lord
233055 | Zig:18   | Noticed Zolak the pandemonium lord
233056 | Zig:18   | Noticed Quvesen the pandemonium lord
233056 | Zig:18   | Killed Xeats the pandemonium lord
233056 | Zig:18   | Killed Kaqir the pandemonium lord
233056 | Zig:18   | Killed Akone the pandemonium lord
233056 | Zig:18   | Killed Eshriesko the pandemonium lord
233056 | Zig:18   | Killed Plog the pandemonium lord
233056 | Zig:18   | Noticed Xugadeaj the pandemonium lord
233056 | Zig:18   | Noticed Ejisytupp the pandemonium lord
233056 | Zig:18   | Noticed Xyaronu the pandemonium lord
233056 | Zig:18   | Noticed Texav the pandemonium lord
233058 | Zig:18   | Noticed Baniodupp the pandemonium lord
233058 | Zig:18   | Noticed Izurch the pandemonium lord
233060 | Zig:18   | Killed Bomugur the pandemonium lord
233060 | Zig:18   | Killed Ihapsewn the pandemonium lord
233064 | Zig:18   | Killed Ciysch the pandemonium lord
233065 | Zig:18   | Killed Qoel the pandemonium lord
233065 | Zig:18   | Killed Virul the pandemonium lord
233065 | Zig:18   | Killed Gutuq the pandemonium lord
233065 | Zig:18   | Killed Najio the pandemonium lord
233065 | Zig:18   | Noticed Jeutoin the pandemonium lord
233066 | Zig:18   | Noticed Adant the pandemonium lord
233066 | Zig:18   | Killed Xyaronu the pandemonium lord
233067 | Zig:18   | Noticed Jeprisch the pandemonium lord
233067 | Zig:18   | Noticed Tutun the pandemonium lord
233069 | Zig:18   | Noticed Qysoypur the pandemonium lord
233069 | Zig:18   | Killed Quvesen the pandemonium lord
233069 | Zig:18   | Killed Johunwis the pandemonium lord
233069 | Zig:18   | Killed Texav the pandemonium lord
233069 | Zig:18   | Killed Adant the pandemonium lord
233069 | Zig:18   | Killed Xugadeaj the pandemonium lord
233069 | Zig:18   | Killed Zolak the pandemonium lord
233069 | Zig:18   | Noticed Plog the pandemonium lord
233069 | Zig:18   | Noticed Demueppa the pandemonium lord
233070 | Zig:18   | Killed Jeprisch the pandemonium lord
233070 | Zig:18   | Killed Baniodupp the pandemonium lord
233070 | Zig:18   | Killed Izurch the pandemonium lord
233070 | Zig:18   | Killed Demueppa the pandemonium lord
233070 | Zig:18   | Noticed Suesmamn the pandemonium lord
233071 | Zig:18   | Killed Wohy the pandemonium lord
233071 | Zig:18   | Noticed Qipizara the pandemonium lord
233073 | Zig:18   | Noticed Puigiok the pandemonium lord
233073 | Zig:18   | Killed Qysoypur the pandemonium lord
233073 | Zig:18   | Killed Plog the pandemonium lord
233073 | Zig:18   | Killed Suesmamn the pandemonium lord
233073 | Zig:18   | Killed Tutun the pandemonium lord
233073 | Zig:18   | Noticed Taqum the pandemonium lord
233074 | Zig:18   | Killed Ejisytupp the pandemonium lord
233074 | Zig:18   | Noticed Ahuom the pandemonium lord
233075 | Zig:18   | Noticed Fubogel the pandemonium lord
233077 | Zig:18   | Noticed Haboges the pandemonium lord
233077 | Zig:18   | Noticed Anefoeba the pandemonium lord
233079 | Zig:18   | Noticed Tougak the pandemonium lord
233079 | Zig:18   | Killed Jeutoin the pandemonium lord
233079 | Zig:18   | Noticed Kuecuena the pandemonium lord
233080 | Zig:18   | Killed Puigiok the pandemonium lord
233080 | Zig:18   | Killed Qipizara the pandemonium lord
233080 | Zig:18   | Killed Taqum the pandemonium lord
233080 | Zig:18   | Killed Ahuom the pandemonium lord
233080 | Zig:18   | Killed Fubogel the pandemonium lord
233080 | Zig:18   | Killed Tougak the pandemonium lord
233081 | Zig:18   | Noticed a juggernaut
233081 | Zig:18   | Noticed Wirij the pandemonium lord
233081 | Zig:18   | Noticed Utyannew the pandemonium lord
233082 | Zig:18   | Noticed Ymium the pandemonium lord
233082 | Zig:18   | Noticed Ogimacso the pandemonium lord
233083 | Zig:18   | Killed Haboges the pandemonium lord
233083 | Zig:18   | Killed Anefoeba the pandemonium lord
233083 | Zig:18   | Killed Kuecuena the pandemonium lord
233083 | Zig:18   | Noticed Kapn the pandemonium lord
233083 | Zig:18   | Noticed Suics the pandemonium lord
233084 | Zig:18   | Killed a juggernaut
233084 | Zig:18   | Killed Utyannew the pandemonium lord
233084 | Zig:18   | Killed Kapn the pandemonium lord
233084 | Zig:18   | Noticed Gyic the pandemonium lord
233085 | Zig:18   | Killed Wirij the pandemonium lord
233085 | Zig:18   | Killed Ymium the pandemonium lord
233085 | Zig:18   | Killed Suics the pandemonium lord
233085 | Zig:18   | Noticed Cemohy the pandemonium lord
233085 | Zig:18   | Noticed Plog the pandemonium lord
233085 | Zig:18   | Noticed Pessonem the pandemonium lord
233087 | Zig:18   | Noticed Xuer Wao the pandemonium lord
233087 | Zig:18   | Noticed Luponlism the pandemonium lord
233088 | Zig:18   | Killed Feprodew the pandemonium lord
233088 | Zig:18   | Killed Pessonem the pandemonium lord
233088 | Zig:18   | Killed Gyic the pandemonium lord
233088 | Zig:18   | Killed Xuer Wao the pandemonium lord
233088 | Zig:18   | Noticed Xoxujiy the pandemonium lord
233088 | Zig:18   | Noticed Iprula the pandemonium lord
233089 | Zig:18   | Noticed Nodghasi the pandemonium lord
233089 | Zig:18   | Noticed Ygugey the pandemonium lord
233091 | Zig:18   | Noticed Ryrghawk the pandemonium lord
233092 | Zig:18   | Killed Ygugey the pandemonium lord
233093 | Zig:18   | Killed Xoxujiy the pandemonium lord
233093 | Zig:18   | Killed Emoal the pandemonium lord
233093 | Zig:18   | Killed Plog the pandemonium lord
233094 | Zig:18   | Noticed Yqipsos the pandemonium lord
233095 | Zig:18   | Killed Iprula the pandemonium lord
233095 | Zig:18   | Noticed Berij the pandemonium lord
233095 | Zig:18   | Noticed Wischuesh the pandemonium lord
233096 | Zig:18   | Killed Cemohy the pandemonium lord
233096 | Zig:18   | Killed Luponlism the pandemonium lord
233096 | Zig:18   | Killed Berij the pandemonium lord
233096 | Zig:18   | Killed Yqipsos the pandemonium lord
233096 | Zig:18   | Killed Nodghasi the pandemonium lord
233096 | Zig:18   | Noticed Mesev the pandemonium lord
233097 | Zig:18   | Noticed Vowkeo Ugeri the pandemonium lord
233097 | Zig:18   | Noticed Ahuf the pandemonium lord
233099 | Zig:18   | Killed Ryrghawk the pandemonium lord
233099 | Zig:18   | Killed Wischuesh the pandemonium lord
233099 | Zig:18   | Killed Ogimacso the pandemonium lord
233100 | Zig:18   | Noticed Fikoatygg the pandemonium lord
233100 | Zig:18   | Noticed Iddusm the pandemonium lord
233100 | Zig:18   | Noticed Wootan the pandemonium lord
233100 | Zig:18   | Killed Fikoatygg the pandemonium lord
233101 | Zig:18   | Killed Ahuf the pandemonium lord
233101 | Zig:18   | Killed Mesev the pandemonium lord
233101 | Zig:18   | Noticed Guth the pandemonium lord
233102 | Zig:18   | Killed Wootan the pandemonium lord
233103 | Zig:18   | Killed Iddusm the pandemonium lord
233103 | Zig:18   | Killed Vowkeo Ugeri the pandemonium lord
233103 | Zig:18   | Killed Guth the pandemonium lord
233104 | Zig:18   | Noticed Kesos the pandemonium lord
233104 | Zig:18   | Noticed Voegempu the pandemonium lord
233111 | Zig:18   | Killed Kesos the pandemonium lord
233111 | Zig:18   | Killed Voegempu the pandemonium lord
233114 | Zig:18   | Noticed Liemyostruh the pandemonium lord
233118 | Zig:18   | Killed Liemyostruh the pandemonium lord
233185 | Zig:18   | Identified the Collected Works on Ignition and Protection
233209 | Zig:18   | Got a bound garnet amulet
233210 | Zig:18   | Identified the amulet "Wibom" {RegenMP rN+ Dex+5 Slay-6
                  | SInv} (You found it on level 18 of a ziggurat)
233231 | Zig:18   | Got a clouded granite ring
233232 | Zig:18   | Identified the ring of Routhraru {rF+ Str+6} (You found it
                  | on level 18 of a ziggurat)
233252 | Zig:18   | Identified the Volume of the Damaging Compass
233463 | Zig:19   | Entered Level 19 of a ziggurat
233553 | Zig:19   | Got a shimmering platinum ring
233554 | Zig:19   | Identified the ring "Icif Tui" {Ice rN+ Int+4} (You found
                  | it on level 19 of a ziggurat)
233573 | Zig:19   | Got a crude brass ring
233574 | Zig:19   | Identified the ring "Qad Haam" {rC+ Stlth+} (You found it
                  | on level 19 of a ziggurat)
233580 | Zig:19   | Identified the Volume of the Mutagenic Birds
234022 | Zig:20   | Entered Level 20 of a ziggurat
234165 | Zig:20   | Got a twitching jade ring
234166 | Zig:20   | Identified the ring of Feody {+Blink rPois MR+ Str-4 Dex+3}
                  | (You found it on level 20 of a ziggurat)
234168 | Zig:20   | Identified the Tome of Talismans
234180 | Zig:20   | Identified Sixawn's Almanac of the Rocks and Bewitchment
234636 | Zig:21   | Entered Level 21 of a ziggurat
234649 | Zig:21   | Noticed a juggernaut
234650 | Zig:21   | Noticed a juggernaut
234651 | Zig:21   | Noticed a juggernaut
234651 | Zig:21   | Noticed a juggernaut
234652 | Zig:21   | Noticed a juggernaut
234652 | Zig:21   | Noticed a juggernaut
234652 | Zig:21   | Noticed a juggernaut
234652 | Zig:21   | Noticed a juggernaut
234652 | Zig:21   | Noticed a juggernaut
234653 | Zig:21   | Killed a juggernaut
234653 | Zig:21   | Killed a juggernaut
234653 | Zig:21   | Killed a juggernaut
234653 | Zig:21   | Killed a juggernaut
234653 | Zig:21   | Killed a juggernaut
234653 | Zig:21   | Killed a juggernaut
234653 | Zig:21   | Noticed a juggernaut
234654 | Zig:21   | Killed a juggernaut
234654 | Zig:21   | Killed a juggernaut
234654 | Zig:21   | Noticed a juggernaut
234655 | Zig:21   | Noticed a juggernaut
234655 | Zig:21   | Noticed a juggernaut
234655 | Zig:21   | Noticed a juggernaut
234655 | Zig:21   | Noticed a juggernaut
234656 | Zig:21   | Noticed a juggernaut
234656 | Zig:21   | Killed a juggernaut
234656 | Zig:21   | Killed a juggernaut
234656 | Zig:21   | Killed a juggernaut
234657 | Zig:21   | Noticed a juggernaut
234657 | Zig:21   | Noticed a juggernaut
234657 | Zig:21   | Noticed a juggernaut
234657 | Zig:21   | Noticed a juggernaut
234658 | Zig:21   | Noticed a juggernaut
234658 | Zig:21   | Noticed a juggernaut
234658 | Zig:21   | Noticed a juggernaut
234659 | Zig:21   | Noticed a juggernaut
234660 | Zig:21   | Killed a juggernaut
234660 | Zig:21   | Killed a juggernaut
234660 | Zig:21   | Killed a juggernaut
234660 | Zig:21   | Killed a juggernaut
234660 | Zig:21   | Killed a juggernaut
234660 | Zig:21   | Killed a juggernaut
234660 | Zig:21   | Killed a juggernaut
234660 | Zig:21   | Noticed a juggernaut
234661 | Zig:21   | Killed a juggernaut
234661 | Zig:21   | Killed a juggernaut
234661 | Zig:21   | Killed a juggernaut
234661 | Zig:21   | Killed a juggernaut
234661 | Zig:21   | Killed a juggernaut
234661 | Zig:21   | Killed a juggernaut
234663 | Zig:21   | Noticed a juggernaut
234663 | Zig:21   | Noticed a juggernaut
234663 | Zig:21   | Noticed a juggernaut
234663 | Zig:21   | Noticed a juggernaut
234664 | Zig:21   | Noticed a juggernaut
234665 | Zig:21   | Noticed a juggernaut
234667 | Zig:21   | Killed a juggernaut
234667 | Zig:21   | Killed a juggernaut
234667 | Zig:21   | Killed a juggernaut
234667 | Zig:21   | Killed a juggernaut
234667 | Zig:21   | Killed a juggernaut
234667 | Zig:21   | Killed a juggernaut
234668 | Zig:21   | Noticed a juggernaut
234668 | Zig:21   | Noticed a juggernaut
234668 | Zig:21   | Killed a juggernaut
234668 | Zig:21   | Killed a juggernaut
234668 | Zig:21   | Killed a juggernaut
234668 | Zig:21   | Killed a juggernaut
234668 | Zig:21   | Noticed a juggernaut
234668 | Zig:21   | Noticed a juggernaut
234669 | Zig:21   | Noticed a juggernaut
234669 | Zig:21   | Noticed a juggernaut
234669 | Zig:21   | Noticed a juggernaut
234670 | Zig:21   | Killed a juggernaut
234670 | Zig:21   | Killed a juggernaut
234670 | Zig:21   | Killed a juggernaut
234672 | Zig:21   | Noticed a juggernaut
234672 | Zig:21   | Noticed a juggernaut
234673 | Zig:21   | Noticed a juggernaut
234673 | Zig:21   | Noticed a juggernaut
234673 | Zig:21   | Noticed a juggernaut
234673 | Zig:21   | Killed a juggernaut
234673 | Zig:21   | Killed a juggernaut
234674 | Zig:21   | Noticed a juggernaut
234675 | Zig:21   | Noticed a juggernaut
234675 | Zig:21   | Noticed a juggernaut
234675 | Zig:21   | Killed a juggernaut
234676 | Zig:21   | Noticed a juggernaut
234677 | Zig:21   | Noticed a juggernaut
234677 | Zig:21   | Killed a juggernaut
234677 | Zig:21   | Killed a juggernaut
234677 | Zig:21   | Killed a juggernaut
234677 | Zig:21   | Killed a juggernaut
234677 | Zig:21   | Killed a juggernaut
234677 | Zig:21   | Killed a juggernaut
234678 | Zig:21   | Killed a juggernaut
234678 | Zig:21   | Killed a juggernaut
234678 | Zig:21   | Killed a juggernaut
234678 | Zig:21   | Killed a juggernaut
234678 | Zig:21   | Noticed a juggernaut
234679 | Zig:21   | Killed a juggernaut
234763 | Zig:21   | Got a wavering wooden ring
234764 | Zig:21   | Identified the ring of the Demon Prince {Ice MR+ Str-3
                  | Int+6} (You found it on level 21 of a ziggurat)
235143 | Zig:21   | Upgraded the game from 0.24-a0-539-g6aae15eeb0 to
                  | 0.24-a0-545-gd1b266bae6
235144 | Zig:22   | Entered Level 22 of a ziggurat
235230 | Zig:22   | Identified Sif Muna's Reference Book on Excruciating
                  | Malediction
235307 | Zig:22   | Got a faintly glowing golden amulet
235308 | Zig:22   | Identified the amulet of Didemu {Faith Str+2} (You found it
                  | on level 22 of a ziggurat)
235327 | Zig:22   | Identified Fegel's Tome of Lightness and Clay
235781 | Zig:23   | Entered Level 23 of a ziggurat
235787 | Zig:23   | Noticed a juggernaut
235788 | Zig:23   | Noticed a juggernaut
235789 | Zig:23   | Killed a juggernaut
235789 | Zig:23   | Noticed a juggernaut
235789 | Zig:23   | Noticed a juggernaut
235790 | Zig:23   | Noticed a juggernaut
235792 | Zig:23   | Killed a juggernaut
235792 | Zig:23   | Noticed a juggernaut
235792 | Zig:23   | Noticed a juggernaut
235793 | Zig:23   | Noticed a juggernaut
235793 | Zig:23   | Noticed a juggernaut
235793 | Zig:23   | Noticed a juggernaut
235793 | Zig:23   | Noticed a juggernaut
235794 | Zig:23   | Killed a juggernaut
235794 | Zig:23   | Killed a juggernaut
235794 | Zig:23   | Killed a juggernaut
235795 | Zig:23   | Noticed a juggernaut
235795 | Zig:23   | Noticed a juggernaut
235796 | Zig:23   | Noticed a juggernaut
235797 | Zig:23   | Noticed a juggernaut
235797 | Zig:23   | Noticed a juggernaut
235797 | Zig:23   | Noticed a juggernaut
235798 | Zig:23   | Killed a juggernaut
235798 | Zig:23   | Killed a juggernaut
235798 | Zig:23   | Killed a juggernaut
235798 | Zig:23   | Killed a juggernaut
235798 | Zig:23   | Killed a juggernaut
235798 | Zig:23   | Killed a juggernaut
235798 | Zig:23   | Killed a juggernaut
235798 | Zig:23   | Noticed a juggernaut
235799 | Zig:23   | Noticed a juggernaut
235800 | Zig:23   | Noticed a juggernaut
235801 | Zig:23   | Noticed a juggernaut
235801 | Zig:23   | Noticed a juggernaut
235803 | Zig:23   | Noticed a juggernaut
235803 | Zig:23   | Noticed a juggernaut
235803 | Zig:23   | Killed a juggernaut
235803 | Zig:23   | Killed a juggernaut
235803 | Zig:23   | Killed a juggernaut
235803 | Zig:23   | Noticed a juggernaut
235803 | Zig:23   | Noticed a juggernaut
235804 | Zig:23   | Noticed a juggernaut
235807 | Zig:23   | Noticed a juggernaut
235807 | Zig:23   | Noticed a juggernaut
235807 | Zig:23   | Noticed a juggernaut
235809 | Zig:23   | Killed a juggernaut
235809 | Zig:23   | Killed a juggernaut
235809 | Zig:23   | Killed a juggernaut
235809 | Zig:23   | Killed a juggernaut
235809 | Zig:23   | Killed a juggernaut
235809 | Zig:23   | Killed a juggernaut
235809 | Zig:23   | Killed a juggernaut
235809 | Zig:23   | Killed a juggernaut
235809 | Zig:23   | Killed a juggernaut
235811 | Zig:23   | Killed a juggernaut
235811 | Zig:23   | Killed a juggernaut
235811 | Zig:23   | Killed a juggernaut
235811 | Zig:23   | Noticed a juggernaut
235811 | Zig:23   | Noticed a juggernaut
235811 | Zig:23   | Noticed a juggernaut
235811 | Zig:23   | Noticed a juggernaut
235811 | Zig:23   | Noticed a juggernaut
235811 | Zig:23   | Noticed a juggernaut
235811 | Zig:23   | Noticed a juggernaut
235812 | Zig:23   | Noticed a juggernaut
235812 | Zig:23   | Noticed a juggernaut
235813 | Zig:23   | Noticed a juggernaut
235813 | Zig:23   | Noticed a juggernaut
235814 | Zig:23   | Killed a juggernaut
235814 | Zig:23   | Killed a juggernaut
235814 | Zig:23   | Killed a juggernaut
235814 | Zig:23   | Killed a juggernaut
235814 | Zig:23   | Killed a juggernaut
235814 | Zig:23   | Killed a juggernaut
235814 | Zig:23   | Killed a juggernaut
235814 | Zig:23   | Killed a juggernaut
235814 | Zig:23   | Noticed a juggernaut
235815 | Zig:23   | Killed a juggernaut
235815 | Zig:23   | Killed a juggernaut
235815 | Zig:23   | Killed a juggernaut
235815 | Zig:23   | Killed a juggernaut
235815 | Zig:23   | Killed a juggernaut
235815 | Zig:23   | Noticed a juggernaut
235815 | Zig:23   | Noticed a juggernaut
235817 | Zig:23   | Noticed a juggernaut
235817 | Zig:23   | Noticed a juggernaut
235819 | Zig:23   | Killed a juggernaut
235821 | Zig:23   | Killed a juggernaut
235821 | Zig:23   | Killed a juggernaut
235823 | Zig:23   | Killed a juggernaut
235823 | Zig:23   | Killed a juggernaut
235827 | Zig:23   | Noticed a juggernaut
235827 | Zig:23   | Noticed a juggernaut
235829 | Zig:23   | Killed a juggernaut
235836 | Zig:23   | Killed a juggernaut
235836 | Zig:23   | Killed a juggernaut
235899 | Zig:23   | Got an iridescent broad axe
235900 | Zig:23   | Identified the +4 broad axe "Ireucaj" {flame, Str+3} (You
                  | found it on level 23 of a ziggurat)
235928 | Zig:23   | Got a pair of steaming boots
235929 | Zig:23   | Identified the -2 pair of boots of Impressiveness {rF+
                  | Slay+2} (You found it on level 23 of a ziggurat)
235931 | Zig:23   | Identified the Compendium of the Lucky Birds
236426 | Zig:24   | Entered Level 24 of a ziggurat
236609 | Zig:24   | Identified the Guide on Contamination and Aid
237097 | Zig:25   | Entered Level 25 of a ziggurat
237195 | Zig:25   | Got a crude shield
237196 | Zig:25   | Identified the cursed +0 shield of Rociph {rPois rF+} (You
                  | found it on level 25 of a ziggurat)
237204 | Zig:25   | Identified Niowkyxta's Catalogue of the Supportive Voyage
237210 | Zig:25   | Identified the Tome of Self-Improvement
237696 | Zig:26   | Entered Level 26 of a ziggurat
237793 | Zig:26   | Noticed Siel the pandemonium lord
237796 | Zig:26   | Killed Siel the pandemonium lord
237861 | Zig:26   | Got a coiled steel ring
237862 | Zig:26   | Identified the ring "Miegoc" {rElec rPois MR+ Str+4} (You
                  | found it on level 26 of a ziggurat)
237877 | Zig:26   | Got a scintillating pewter ring
237878 | Zig:26   | Identified the ring "Geomm" {rElec rN+} (You found it on
                  | level 26 of a ziggurat)
237899 | Zig:26   | Got a pair of ichor-stained gloves
237900 | Zig:26   | Identified the cursed +0 pair of gloves of Contentment {rF-
                  | rN+++ Dex-5 SInv} (You found it on level 26 of a ziggurat)
237906 | Zig:26   | Got an ebony broad axe
237907 | Zig:26   | Identified the cursed +0 broad axe of Dullness {chop,
                  | Str+2} (You found it on level 26 of a ziggurat)
237911 | Zig:26   | Got a pair of jewelled boots
237912 | Zig:26   | Identified the cursed -6 pair of boots of Quilomm {SInv}
                  | (You found it on level 26 of a ziggurat)
237946 | Zig:26   | Got a twitching emerald amulet
237947 | Zig:26   | Identified the amulet of Jiehie Bopo {Faith rN+ Int+9} (You
                  | found it on level 26 of a ziggurat)
238397 | Zig:27   | Entered Level 27 of a ziggurat
238406 | Zig:27   | Noticed a juggernaut
238408 | Zig:27   | Noticed a juggernaut
238414 | Zig:27   | Killed a juggernaut
238415 | Zig:27   | Killed a juggernaut
238416 | Zig:27   | Noticed a juggernaut
238417 | Zig:27   | Noticed a juggernaut
238417 | Zig:27   | Noticed a juggernaut
238419 | Zig:27   | Noticed a juggernaut
238419 | Zig:27   | Noticed a juggernaut
238419 | Zig:27   | Noticed a juggernaut
238419 | Zig:27   | Noticed a juggernaut
238419 | Zig:27   | Noticed a juggernaut
238420 | Zig:27   | Noticed a juggernaut
238420 | Zig:27   | Noticed a juggernaut
238421 | Zig:27   | Noticed a juggernaut
238421 | Zig:27   | Noticed a juggernaut
238421 | Zig:27   | Noticed a juggernaut
238421 | Zig:27   | Noticed a juggernaut
238421 | Zig:27   | Noticed a juggernaut
238422 | Zig:27   | Noticed a juggernaut
238422 | Zig:27   | Killed a juggernaut
238422 | Zig:27   | Killed a juggernaut
238422 | Zig:27   | Killed a juggernaut
238422 | Zig:27   | Killed a juggernaut
238422 | Zig:27   | Killed a juggernaut
238422 | Zig:27   | Killed a juggernaut
238422 | Zig:27   | Killed a juggernaut
238422 | Zig:27   | Noticed a juggernaut
238422 | Zig:27   | Noticed a juggernaut
238422 | Zig:27   | Noticed a juggernaut
238422 | Zig:27   | Noticed a juggernaut
238422 | Zig:27   | Noticed a juggernaut
238423 | Zig:27   | Noticed a juggernaut
238423 | Zig:27   | Noticed a juggernaut
238423 | Zig:27   | Noticed a juggernaut
238423 | Zig:27   | Noticed a juggernaut
238423 | Zig:27   | Noticed a juggernaut
238423 | Zig:27   | Noticed a juggernaut
238424 | Zig:27   | Noticed a juggernaut
238424 | Zig:27   | Noticed a juggernaut
238425 | Zig:27   | Noticed a juggernaut
238425 | Zig:27   | Noticed a juggernaut
238425 | Zig:27   | Noticed a juggernaut
238426 | Zig:27   | Killed a juggernaut
238426 | Zig:27   | Killed a juggernaut
238426 | Zig:27   | Killed a juggernaut
238426 | Zig:27   | Killed a juggernaut
238426 | Zig:27   | Killed a juggernaut
238426 | Zig:27   | Killed a juggernaut
238426 | Zig:27   | Killed a juggernaut
238426 | Zig:27   | Killed a juggernaut
238426 | Zig:27   | Killed a juggernaut
238426 | Zig:27   | Killed a juggernaut
238426 | Zig:27   | Killed a juggernaut
238426 | Zig:27   | Killed a juggernaut
238426 | Zig:27   | Killed a juggernaut
238426 | Zig:27   | Killed a juggernaut
238426 | Zig:27   | Noticed a juggernaut
238426 | Zig:27   | Noticed a juggernaut
238427 | Zig:27   | Noticed a juggernaut
238428 | Zig:27   | Noticed a juggernaut
238428 | Zig:27   | Killed a juggernaut
238429 | Zig:27   | Noticed a juggernaut
238430 | Zig:27   | Killed a juggernaut
238430 | Zig:27   | Killed a juggernaut
238430 | Zig:27   | Killed a juggernaut
238430 | Zig:27   | Killed a juggernaut
238430 | Zig:27   | Killed a juggernaut
238430 | Zig:27   | Killed a juggernaut
238430 | Zig:27   | Killed a juggernaut
238430 | Zig:27   | Noticed a juggernaut
238430 | Zig:27   | Noticed a juggernaut
238430 | Zig:27   | Noticed a juggernaut
238431 | Zig:27   | Noticed a juggernaut
238431 | Zig:27   | Noticed a juggernaut
238431 | Zig:27   | Noticed a juggernaut
238431 | Zig:27   | Noticed a juggernaut
238432 | Zig:27   | Killed a juggernaut
238432 | Zig:27   | Killed a juggernaut
238432 | Zig:27   | Killed a juggernaut
238432 | Zig:27   | Killed a juggernaut
238432 | Zig:27   | Noticed a juggernaut
238432 | Zig:27   | Noticed a juggernaut
238433 | Zig:27   | Noticed a juggernaut
238433 | Zig:27   | Killed a juggernaut
238433 | Zig:27   | Noticed a juggernaut
238434 | Zig:27   | Killed a juggernaut
238434 | Zig:27   | Noticed a juggernaut
238435 | Zig:27   | Killed a juggernaut
238435 | Zig:27   | Killed a juggernaut
238435 | Zig:27   | Killed a juggernaut
238435 | Zig:27   | Killed a juggernaut
238435 | Zig:27   | Killed a juggernaut
238435 | Zig:27   | Killed a juggernaut
238435 | Zig:27   | Killed a juggernaut
238435 | Zig:27   | Killed a juggernaut
238435 | Zig:27   | Noticed a juggernaut
238436 | Zig:27   | Noticed a juggernaut
238436 | Zig:27   | Noticed a juggernaut
238436 | Zig:27   | Noticed a juggernaut
238437 | Zig:27   | Killed a juggernaut
238437 | Zig:27   | Noticed a juggernaut
238437 | Zig:27   | Noticed a juggernaut
238438 | Zig:27   | Noticed a juggernaut
238439 | Zig:27   | Noticed a juggernaut
238439 | Zig:27   | Noticed a juggernaut
238440 | Zig:27   | Noticed a juggernaut
238440 | Zig:27   | Noticed a juggernaut
238440 | Zig:27   | Noticed a juggernaut
238440 | Zig:27   | Noticed a juggernaut
238441 | Zig:27   | Noticed a juggernaut
238442 | Zig:27   | Noticed a juggernaut
238443 | Zig:27   | Noticed a juggernaut
238443 | Zig:27   | Killed a juggernaut
238443 | Zig:27   | Killed a juggernaut
238443 | Zig:27   | Killed a juggernaut
238443 | Zig:27   | Killed a juggernaut
238443 | Zig:27   | Killed a juggernaut
238443 | Zig:27   | Killed a juggernaut
238443 | Zig:27   | Killed a juggernaut
238443 | Zig:27   | Killed a juggernaut
238446 | Zig:27   | Noticed a juggernaut
238446 | Zig:27   | Noticed a juggernaut
238447 | Zig:27   | Killed a juggernaut
238447 | Zig:27   | Killed a juggernaut
238447 | Zig:27   | Killed a juggernaut
238447 | Zig:27   | Killed a juggernaut
238448 | Zig:27   | Noticed a juggernaut
238449 | Zig:27   | Killed a juggernaut
238449 | Zig:27   | Killed a juggernaut
238451 | Zig:27   | Killed a juggernaut
238451 | Zig:27   | Killed a juggernaut
238452 | Zig:27   | Killed a juggernaut
238452 | Zig:27   | Killed a juggernaut
238452 | Zig:27   | Killed a juggernaut
238452 | Zig:27   | Noticed a juggernaut
238453 | Zig:27   | Killed a juggernaut
238453 | Zig:27   | Killed a juggernaut
238453 | Zig:27   | Noticed a juggernaut
238462 | Zig:27   | Killed a juggernaut
238462 | Zig:27   | Killed a juggernaut
238462 | Zig:27   | Killed a juggernaut
238464 | Zig:27   | Killed a juggernaut
238465 | Zig:27   | Killed a juggernaut
238465 | Zig:27   | Noticed a juggernaut
238471 | Zig:27   | Killed a juggernaut
238635 | Zig:27   | Identified the Disquisition on Unstable Dislocation
238649 | Zig:27   | Got a sparkling amber ring
238650 | Zig:27   | Identified the ring "Cuttuis" {*Slow rF+ MR+ EV+3 Str+3}
                  | (You found it on level 27 of a ziggurat)
238708 | Zig:27   | Identified the Reference Book on Lightness
238715 | Zig:27   | Identified Yrus's Compendium of Helpful Confrontation
238737 | Zig:27   | Identified the Grimoire of Poisoning and Good Luck
238767 | Zig:27   | Identified Baweicet's Introduction to Witchcraft
239659 | Tomb:1   | Entered Level 1 of the Tomb of the Ancients
239874 | Tomb:2   | Noticed Boris
239879 | Tomb:2   | Killed Boris
239880 | Tomb:2   | Noticed a greater mummy
239882 | Tomb:2   | Noticed an ancient lich
239882 | Tomb:2   | Noticed a greater mummy
239882 | Tomb:2   | Noticed a greater mummy
239886 | Tomb:2   | Noticed a greater mummy
239887 | Tomb:2   | Killed an ancient lich
239889 | Tomb:2   | Killed a greater mummy
239889 | Tomb:2   | Killed a greater mummy
239889 | Tomb:2   | Killed a greater mummy
239889 | Tomb:2   | Killed a greater mummy
240202 | Tomb:1   | Noticed a greater mummy
240202 | Tomb:1   | Noticed a greater mummy
240203 | Tomb:1   | Noticed a greater mummy
240204 | Tomb:1   | Noticed a greater mummy
240204 | Tomb:1   | Noticed a greater mummy
240205 | Tomb:1   | Noticed a greater mummy
240208 | Tomb:1   | Noticed a greater mummy
240209 | Tomb:1   | Killed a greater mummy
240209 | Tomb:1   | Noticed a greater mummy
240210 | Tomb:1   | Killed a greater mummy
240210 | Tomb:1   | Killed a greater mummy
240211 | Tomb:1   | Killed a greater mummy
240212 | Tomb:1   | Killed a greater mummy
240214 | Tomb:1   | Killed a greater mummy
240214 | Tomb:1   | Killed a greater mummy
240214 | Tomb:1   | Killed a greater mummy
240260 | Tomb:1   | Noticed a greater mummy
240262 | Tomb:1   | Noticed a greater mummy
240262 | Tomb:1   | Noticed a greater mummy
240265 | Tomb:1   | Killed a greater mummy
240265 | Tomb:1   | Killed a greater mummy
240267 | Tomb:1   | Killed a greater mummy
240269 | Tomb:1   | Noticed a greater mummy
240272 | Tomb:1   | Noticed a greater mummy
240275 | Tomb:1   | Noticed a greater mummy
240276 | Tomb:1   | Noticed a greater mummy
240280 | Tomb:1   | Killed a greater mummy
240281 | Tomb:1   | Killed a greater mummy
240281 | Tomb:1   | Killed a greater mummy
240283 | Tomb:1   | Killed a greater mummy
240419 | Tomb:1   | Noticed a greater mummy
240422 | Tomb:1   | Killed a greater mummy
240436 | Tomb:1   | Noticed a greater mummy
240438 | Tomb:1   | Killed a greater mummy
240470 | Tomb:1   | Noticed a greater mummy
240473 | Tomb:1   | Killed a greater mummy
240474 | Tomb:1   | Noticed a greater mummy
240475 | Tomb:1   | Killed a greater mummy
240486 | Tomb:1   | Noticed a greater mummy
240487 | Tomb:1   | Noticed a greater mummy
240488 | Tomb:1   | Killed a greater mummy
240489 | Tomb:1   | Killed a greater mummy
240489 | Tomb:1   | Killed a greater mummy
240490 | Tomb:1   | Noticed a greater mummy
240491 | Tomb:1   | Killed a greater mummy
240557 | Tomb:3   | Entered Level 3 of the Tomb of the Ancients
240594 | Tomb:3   | Noticed a greater mummy
240599 | Tomb:3   | Killed a greater mummy
240614 | Tomb:3   | Noticed a greater mummy
240618 | Tomb:3   | Noticed a greater mummy
240619 | Tomb:3   | Killed a greater mummy
240620 | Tomb:3   | Noticed a greater mummy
240622 | Tomb:3   | Killed a greater mummy
240622 | Tomb:3   | Noticed a greater mummy
240622 | Tomb:3   | Noticed an ancient lich
240622 | Tomb:3   | Noticed a greater mummy
240625 | Tomb:3   | Noticed a greater mummy
240626 | Tomb:3   | Killed a greater mummy
240627 | Tomb:3   | Killed an ancient lich
240627 | Tomb:3   | Killed a greater mummy
240631 | Tomb:3   | Killed a greater mummy
240631 | Tomb:3   | Killed a greater mummy
240663 | Tomb:3   | Noticed a greater mummy
240666 | Tomb:3   | Killed a greater mummy
240835 | Tomb:3   | Got a transparent steel amulet
240836 | Tomb:3   | Identified the amulet "Uloikab" {+Rage rF+ rC- MR+ Str+7}
                  | (You found it on level 3 of the Tomb of the Ancients)
241031 | Tomb:3   | Got a scintillating brass ring
241032 | Tomb:3   | Identified the ring of Kyavaucs {Wiz *Drain rF++ rC+} (You
                  | found it on level 3 of the Tomb of the Ancients)
241379 | Tomb:3   | Got a golden rune of Zot
242158 | Coc:1    | Entered Level 1 of Cocytus
242391 | Coc:7    | Entered Level 7 of Cocytus
242764 | Coc:7    | Noticed Antaeus
242774 | Coc:7    | Killed Antaeus
242843 | Coc:7    | Got an icy rune of Zot
242965 | Tar:1    | Entered Level 1 of Tartarus
243142 | Tar:7    | Entered Level 7 of Tartarus
243162 | Tar:7    | Noticed an ancient lich
243166 | Tar:7    | Killed an ancient lich
243200 | Tar:7    | Noticed the Serpent of Hell
243206 | Tar:7    | Killed the Serpent of Hell
243212 | Tar:7    | Noticed an ancient lich
243215 | Tar:7    | Noticed Ereshkigal
243219 | Tar:7    | Killed an ancient lich
243234 | Tar:7    | Killed Ereshkigal
243315 | Tar:7    | Got a bone rune of Zot
243583 | Zig:1    | Entered Level 1 of a ziggurat
243585 | Zig:1    | Noticed Meidurra the pandemonium lord
243586 | Zig:1    | Noticed Larhez the pandemonium lord
243588 | Zig:1    | Noticed Xoklodd the pandemonium lord
243589 | Zig:1    | Killed Meidurra the pandemonium lord
243593 | Zig:1    | Noticed Ciffoab the pandemonium lord
243595 | Zig:1    | Killed Xoklodd the pandemonium lord
243602 | Zig:1    | Killed Larhez the pandemonium lord
243608 | Zig:1    | Killed Ciffoab the pandemonium lord
243771 | Zig:2    | Entered Level 2 of a ziggurat
243895 | Zig:3    | Entered Level 3 of a ziggurat
244042 | Zig:4    | Entered Level 4 of a ziggurat
244042 | Zig:4    | Noticed an ancient lich
244042 | Zig:4    | Noticed an ancient lich
244043 | Zig:4    | Killed an ancient lich
244047 | Zig:4    | Killed an ancient lich
244048 | Zig:4    | Noticed an ancient lich
244049 | Zig:4    | Noticed an ancient lich
244049 | Zig:4    | Noticed an ancient lich
244049 | Zig:4    | Noticed an ancient lich
244050 | Zig:4    | Noticed an ancient lich
244051 | Zig:4    | Killed an ancient lich
244051 | Zig:4    | Killed an ancient lich
244052 | Zig:4    | Killed an ancient lich
244052 | Zig:4    | Killed an ancient lich
244052 | Zig:4    | Killed an ancient lich
244174 | Zig:5    | Entered Level 5 of a ziggurat
244178 | Zig:5    | Noticed a greater mummy
244181 | Zig:5    | Noticed a greater mummy
244182 | Zig:5    | Noticed a greater mummy
244183 | Zig:5    | Killed a greater mummy
244186 | Zig:5    | Killed a greater mummy
244186 | Zig:5    | Killed a greater mummy
244230 | Zig:5    | Identified the Collected Works on Vitriolic Confrontation
244234 | Zig:5    | Got a faintly glowing silver ring
244235 | Zig:5    | Identified the ring of the Illusory Wars {rC+ Dex+2} (You
                  | found it on level 5 of a ziggurat)
244331 | Zig:6    | Entered Level 6 of a ziggurat
244571 | Zig:7    | Entered Level 7 of a ziggurat
244590 | Zig:7    | Identified the Almanac of the Vitriolic Rocks
244597 | Zig:7    | Identified Qoavik's Disquisition on Calling and Orientation
244796 | Zig:8    | Entered Level 8 of a ziggurat
244986 | Zig:8    | Got a scintillating jade ring
244987 | Zig:8    | Identified the cursed ring "Lythruck" {MP+9 Slay-3 Stlth+}
                  | (You found it on level 8 of a ziggurat)
245024 | Zig:9    | Entered Level 9 of a ziggurat
245059 | Zig:9    | Got a pair of slimy gloves
245060 | Zig:9    | Identified the +2 pair of gloves "Mep Ada" {rElec} (You
                  | acquired it on level 9 of a ziggurat)
245085 | Zig:9    | Got a sparkling marble ring
245086 | Zig:9    | Identified the ring of Kecwalo {Dex+4 SInv Stlth+} (You
                  | found it on level 9 of a ziggurat)
245304 | Zig:10   | Entered Level 10 of a ziggurat
245304 | Zig:10   | Noticed an ancient lich
245304 | Zig:10   | Noticed an ancient lich
245305 | Zig:10   | Killed an ancient lich
245306 | Zig:10   | Noticed an ancient lich
245306 | Zig:10   | Noticed an ancient lich
245308 | Zig:10   | Noticed an ancient lich
245309 | Zig:10   | Noticed an ancient lich
245310 | Zig:10   | Noticed an ancient lich
245310 | Zig:10   | Killed an ancient lich
245310 | Zig:10   | Killed an ancient lich
245310 | Zig:10   | Noticed an ancient lich
245313 | Zig:10   | Noticed an ancient lich
245314 | Zig:10   | Killed an ancient lich
245314 | Zig:10   | Killed an ancient lich
245314 | Zig:10   | Killed an ancient lich
245319 | Zig:10   | Killed an ancient lich
245319 | Zig:10   | Killed an ancient lich
245319 | Zig:10   | Killed an ancient lich
245480 | Zig:10   | Identified Roxanne's Compendium of the Shifting Mountains
245483 | Zig:10   | Got a crude tin ring
245484 | Zig:10   | Identified the cursed ring of Irchukhue {Int-3 Dex+4} (You
                  | found it on level 10 of a ziggurat)
245488 | Zig:10   | Identified Vehus's Guide on the Enchanting Glacier
245504 | Zig:10   | Got a clouded ivory amulet
245505 | Zig:10   | Identified the amulet "Peximid" {Harm *Drain rC+ rN+ Dex-5
                  | Stlth+} (You found it on level 10 of a ziggurat)
245590 | Zig:11   | Entered Level 11 of a ziggurat
245592 | Zig:11   | Noticed an ancient lich
245610 | Zig:11   | Killed an ancient lich
245612 | Zig:11   | Noticed an ancient lich
245630 | Zig:11   | Killed an ancient lich
245835 | Zig:11   | Identified the Grimoire of Conjuration and Fire
245850 | Zig:12   | Entered Level 12 of a ziggurat
246179 | Zig:13   | Entered Level 13 of a ziggurat
246226 | Zig:13   | Identified the Incunabulum of Vitriolic Weightlessness
246465 | Zig:13   | Got a spiked shield
246466 | Zig:13   | Identified the cursed +0 shield of Trog's Benevolence
                  | {rC++} (You found it on level 13 of a ziggurat)
246474 | Zig:14   | Entered Level 14 of a ziggurat
246778 | Zig:14   | Identified the Guide on Helpful Conjuration
246783 | Zig:14   | Identified the Volume of Summoning
246826 | Zig:14   | Identified the Almanac of the Supportive Blaze
246873 | Zig:14   | Identified the Volume of Mutagenic Bewitchment
246876 | Zig:14   | Got a pair of shimmering gloves
246877 | Zig:14   | Identified the +2 pair of gloves of Fedhas's Regard {rElec
                  | Str+2} (You found it on level 14 of a ziggurat)
246907 | Zig:15   | Entered Level 15 of a ziggurat
246960 | Zig:15   | Got a smoking wooden ring
246961 | Zig:15   | Identified the cursed ring of Kyblo {rPois Str-3} (You
                  | found it on level 15 of a ziggurat)
246968 | Zig:15   | Got a warped turquoise ring
246969 | Zig:15   | Identified the ring "Viovien" {Slay+2 Stlth+} (You found it
                  | on level 15 of a ziggurat)
246992 | Zig:15   | Got a faintly humming cloak
246993 | Zig:15   | Identified the +0 cloak of Daffodils {rF+} (You acquired it
                  | on level 15 of a ziggurat)
247025 | Zig:15   | Identified Sif Muna's Handbook of Feathers and Shape
                  | Shifting
247054 | Zig:15   | Identified Qoheusuu's Reference Book on the Cloudy
                  | Traveller
247063 | Zig:15   | Identified Pipsastu's Collected Works on Fetching Heat
247305 | Zig:16   | Entered Level 16 of a ziggurat
247305 | Zig:16   | Noticed a greater mummy
247305 | Zig:16   | Noticed a greater mummy
247305 | Zig:16   | Noticed a greater mummy
247305 | Zig:16   | Noticed a greater mummy
247306 | Zig:16   | Killed a greater mummy
247306 | Zig:16   | Killed a greater mummy
247307 | Zig:16   | Noticed a greater mummy
247307 | Zig:16   | Noticed a greater mummy
247308 | Zig:16   | Killed a greater mummy
247308 | Zig:16   | Killed a greater mummy
247308 | Zig:16   | Killed a greater mummy
247308 | Zig:16   | Killed a greater mummy
247308 | Zig:16   | Noticed a greater mummy
247310 | Zig:16   | Noticed a greater mummy
247311 | Zig:16   | Noticed a greater mummy
247314 | Zig:16   | Noticed a greater mummy
247314 | Zig:16   | Killed a greater mummy
247314 | Zig:16   | Noticed a greater mummy
247314 | Zig:16   | Noticed a greater mummy
247314 | Zig:16   | Noticed a greater mummy
247316 | Zig:16   | Noticed a greater mummy
247316 | Zig:16   | Killed a greater mummy
247316 | Zig:16   | Noticed a greater mummy
247317 | Zig:16   | Noticed a greater mummy
247318 | Zig:16   | Noticed a greater mummy
247319 | Zig:16   | Killed a greater mummy
247319 | Zig:16   | Killed a greater mummy
247319 | Zig:16   | Killed a greater mummy
247319 | Zig:16   | Killed a greater mummy
247319 | Zig:16   | Killed a greater mummy
247319 | Zig:16   | Killed a greater mummy
247319 | Zig:16   | Noticed a greater mummy
247321 | Zig:16   | Noticed a greater mummy
247321 | Zig:16   | Noticed a greater mummy
247322 | Zig:16   | Killed a greater mummy
247322 | Zig:16   | Killed a greater mummy
247323 | Zig:16   | Killed a greater mummy
247323 | Zig:16   | Killed a greater mummy
247323 | Zig:16   | Killed a greater mummy
247323 | Zig:16   | Noticed a greater mummy
247323 | Zig:16   | Noticed a greater mummy
247324 | Zig:16   | Noticed a greater mummy
247325 | Zig:16   | Noticed a greater mummy
247325 | Zig:16   | Killed a greater mummy
247325 | Zig:16   | Killed a greater mummy
247325 | Zig:16   | Killed a greater mummy
247326 | Zig:16   | Noticed a greater mummy
247328 | Zig:16   | Killed a greater mummy
247330 | Zig:16   | Killed a greater mummy
247334 | Zig:16   | Killed a greater mummy
247632 | Zig:16   | Got a coiled jade ring
247633 | Zig:16   | Identified the ring "Nempus" {rN+ MP+9 Int+2} (You found it
                  | on level 16 of a ziggurat)
247636 | Zig:16   | Got a brightly glowing lead ring
247637 | Zig:16   | Identified the ring "Quuchu Pamo" {*Corrode +Fly rElec MR+
                  | Dex+8 Slay-5} (You found it on level 16 of a ziggurat)
247677 | Zig:17   | Entered Level 17 of a ziggurat
247727 | Zig:17   | Identified the Handbook of the Voyage
247755 | Zig:17   | Got a flickering copper ring
247756 | Zig:17   | Identified the ring "Ygas" {Wiz rN++ Int+4} (You found it
                  | on level 17 of a ziggurat)
247766 | Zig:17   | Identified the Almanac of Agnosticism
248081 | Zig:18   | Entered Level 18 of a ziggurat
248122 | Zig:18   | Got a brightly glowing iron ring
248123 | Zig:18   | Identified the ring "Ohuater" {rF+ Str+3 Dex+7 SInv} (You
                  | found it on level 18 of a ziggurat)
248368 | Zig:18   | Got a sparkling pewter ring
248369 | Zig:18   | Identified the cursed ring of Huessurgh {+Inv +Fly rC+
                  | Str-2 Int-2} (You found it on level 18 of a ziggurat)
248381 | Zig:18   | Got a fine bone ring
248392 | Zig:18   | Identified the ring of Saahier {Fire rElec Int-3 Slay+5}
                  | (You found it on level 18 of a ziggurat)
248396 | Zig:18   | Got a bound sapphire amulet
248397 | Zig:18   | Identified the amulet "Lotho" {Faith Str+3 Int+4} (You
                  | found it on level 18 of a ziggurat)
248437 | Zig:18   | Identified Ricun's Second Course in Thaumaturgy
248479 | Zig:19   | Entered Level 19 of a ziggurat
248479 | Zig:19   | Noticed an ancient lich
248481 | Zig:19   | Noticed an ancient lich
248481 | Zig:19   | Noticed an ancient lich
248483 | Zig:19   | Noticed an ancient lich
248483 | Zig:19   | Noticed an ancient lich
248483 | Zig:19   | Killed an ancient lich
248484 | Zig:19   | Noticed an ancient lich
248485 | Zig:19   | Noticed an ancient lich
248486 | Zig:19   | Noticed an ancient lich
248487 | Zig:19   | Noticed an ancient lich
248487 | Zig:19   | Noticed an ancient lich
248487 | Zig:19   | Killed an ancient lich
248487 | Zig:19   | Killed an ancient lich
248487 | Zig:19   | Killed an ancient lich
248487 | Zig:19   | Killed an ancient lich
248487 | Zig:19   | Killed an ancient lich
248487 | Zig:19   | Killed an ancient lich
248487 | Zig:19   | Killed an ancient lich
248487 | Zig:19   | Noticed an ancient lich
248488 | Zig:19   | Noticed an ancient lich
248488 | Zig:19   | Noticed an ancient lich
248489 | Zig:19   | Noticed an ancient lich
248489 | Zig:19   | Killed an ancient lich
248489 | Zig:19   | Killed an ancient lich
248490 | Zig:19   | Killed an ancient lich
248490 | Zig:19   | Killed an ancient lich
248490 | Zig:19   | Killed an ancient lich
248490 | Zig:19   | Killed an ancient lich
248491 | Zig:19   | Noticed an ancient lich
248492 | Zig:19   | Noticed an ancient lich
248492 | Zig:19   | Noticed an ancient lich
248492 | Zig:19   | Noticed an ancient lich
248493 | Zig:19   | Killed an ancient lich
248494 | Zig:19   | Killed an ancient lich
248494 | Zig:19   | Killed an ancient lich
248495 | Zig:19   | Noticed an ancient lich
248496 | Zig:19   | Noticed an ancient lich
248497 | Zig:19   | Noticed an ancient lich
248498 | Zig:19   | Noticed an ancient lich
248498 | Zig:19   | Noticed an ancient lich
248502 | Zig:19   | Noticed an ancient lich
248502 | Zig:19   | Killed an ancient lich
248502 | Zig:19   | Killed an ancient lich
248502 | Zig:19   | Killed an ancient lich
248502 | Zig:19   | Killed an ancient lich
248502 | Zig:19   | Killed an ancient lich
248502 | Zig:19   | Killed an ancient lich
248502 | Zig:19   | Killed an ancient lich
248504 | Zig:19   | Noticed an ancient lich
248504 | Zig:19   | Noticed an ancient lich
248504 | Zig:19   | Noticed an ancient lich
248505 | Zig:19   | Noticed an ancient lich
248505 | Zig:19   | Noticed an ancient lich
248506 | Zig:19   | Noticed an ancient lich
248506 | Zig:19   | Killed an ancient lich
248506 | Zig:19   | Killed an ancient lich
248506 | Zig:19   | Killed an ancient lich
248506 | Zig:19   | Killed an ancient lich
248507 | Zig:19   | Noticed an ancient lich
248508 | Zig:19   | Noticed an ancient lich
248509 | Zig:19   | Killed an ancient lich
248509 | Zig:19   | Killed an ancient lich
248510 | Zig:19   | Noticed an ancient lich
248511 | Zig:19   | Noticed an ancient lich
248517 | Zig:19   | Killed an ancient lich
248517 | Zig:19   | Killed an ancient lich
248517 | Zig:19   | Killed an ancient lich
248522 | Zig:19   | Killed an ancient lich
248539 | Zig:19   | Got a pair of fine gloves
248540 | Zig:19   | Identified the +0 pair of gloves of Dyspraxia {rCorr Str+5
                  | Int+3} (You found it on level 19 of a ziggurat)
248566 | Zig:19   | Got a pair of shimmering boots
248567 | Zig:19   | Identified the cursed +0 pair of boots of Dogmatism {rC+
                  | Str+2} (You found it on level 19 of a ziggurat)
248614 | Zig:19   | Identified the Incunabulum of Contamination and Stolen
                  | Souls
248630 | Zig:19   | Identified Xyof Xaj's Reference Book on Creative
                  | Dislocation
248637 | Zig:19   | Got a pitted garnet amulet
248638 | Zig:19   | Identified the amulet "Heklimic" {Gourm rF- Int+2 Dex+2
                  | Slay+2} (You found it on level 19 of a ziggurat)
248923 | Zig:20   | Entered Level 20 of a ziggurat
248979 | Zig:20   | Identified Funockov's Tome of Sinister Battle Magic
249348 | Zig:20   | Got a twitching lapis lazuli ring
249349 | Zig:20   | Identified the ring of Searett {+Fly Str+2} (You found it
                  | on level 20 of a ziggurat)
249365 | Zig:20   | Identified the Disquisition on Enhancements and
                  | Intoxication
249419 | Zig:21   | Entered Level 21 of a ziggurat
249538 | Zig:21   | Identified Ceggik's Easy Spellweaving
249549 | Zig:21   | Got a vibrating glass ring
249550 | Zig:21   | Identified the ring "Piabrupp" {*Contam *Slow rN+ Int+7
                  | SInv} (You found it on level 21 of a ziggurat)
249553 | Zig:21   | Got a pair of twisted boots
249554 | Zig:21   | Identified the +2 pair of boots "Taliyza" {rC+ Str+2 Dex+5
                  | Stlth-} (You found it on level 21 of a ziggurat)
249564 | Zig:21   | Identified the Collected Works on Vitriolic Transmutation
249569 | Zig:21   | Got a smoking copper ring
249570 | Zig:21   | Identified the ring of the Philosopher {rPois rF+ MR+ EV+2
                  | Dex-5} (You found it on level 21 of a ziggurat)
249908 | Zig:22   | Entered Level 22 of a ziggurat
250378 | Zig:22   | Got a shimmering bone amulet
250379 | Zig:22   | Identified the amulet of Hoamoa {*Slow rN+ Regen+ Str+5}
                  | (You found it on level 22 of a ziggurat)
250480 | Zig:23   | Entered Level 23 of a ziggurat
250574 | Zig:23   | Identified the Volume of Glamour
250580 | Zig:23   | Got a twitching jade ring
250582 | Zig:23   | Identified the ring of Xelurov {+Fly MP-9 Int+6} (You found
                  | it on level 23 of a ziggurat)
251025 | Zig:24   | Entered Level 24 of a ziggurat
251130 | Zig:24   | Got a smoking turquoise ring
251131 | Zig:24   | Identified the ring "Siyzxuad" {rN+ MP+9 Str+4 Int-4 Dex+3}
                  | (You found it on level 24 of a ziggurat)
251134 | Zig:24   | Got a shimmering garnet amulet
251135 | Zig:24   | Identified the amulet "Hoemuahe" {*Slow +Rage rElec Int+4}
                  | (You found it on level 24 of a ziggurat)
251145 | Zig:24   | Got a twisted broad axe
251146 | Zig:24   | Identified the +7 broad axe of Action {chop, +Blink rF+
                  | Dex+4} (You found it on level 24 of a ziggurat)
251472 | Zig:25   | Entered Level 25 of a ziggurat
251577 | Zig:25   | Got a slimy platinum amulet
251578 | Zig:25   | Identified the amulet of the Moon {Inacc Str+4} (You found
                  | it on level 25 of a ziggurat)
251592 | Zig:25   | Got a warped turquoise ring
251593 | Zig:25   | Identified the ring of Incredulity {rElec rC- rN+ MR+
                  | Str+5} (You found it on level 25 of a ziggurat)
251669 | Zig:25   | Got a sparkling granite ring
251670 | Zig:25   | Identified the cursed ring of Ru's Delight {+Inv rC+ Str-2
                  | Int-3 SInv} (You found it on level 25 of a ziggurat)
252120 | Zig:26   | Entered Level 26 of a ziggurat
252628 | Zig:26   | Identified the Compendium of Combat Magic and the Oath
252709 | Zig:27   | Entered Level 27 of a ziggurat
252709 | Zig:27   | Noticed a juggernaut
252709 | Zig:27   | Noticed a juggernaut
252709 | Zig:27   | Noticed a juggernaut
252709 | Zig:27   | Noticed a juggernaut
252709 | Zig:27   | Noticed a juggernaut
252710 | Zig:27   | Killed a juggernaut
252710 | Zig:27   | Killed a juggernaut
252710 | Zig:27   | Killed a juggernaut
252710 | Zig:27   | Killed a juggernaut
252710 | Zig:27   | Noticed a juggernaut
252710 | Zig:27   | Noticed a juggernaut
252711 | Zig:27   | Noticed a juggernaut
252711 | Zig:27   | Noticed a juggernaut
252712 | Zig:27   | Noticed a juggernaut
252713 | Zig:27   | Noticed a juggernaut
252714 | Zig:27   | Killed a juggernaut
252714 | Zig:27   | Killed a juggernaut
252714 | Zig:27   | Killed a juggernaut
252714 | Zig:27   | Noticed a juggernaut
252716 | Zig:27   | Noticed a juggernaut
252717 | Zig:27   | Noticed a juggernaut
252717 | Zig:27   | Noticed a juggernaut
252717 | Zig:27   | Noticed a juggernaut
252717 | Zig:27   | Noticed a juggernaut
252718 | Zig:27   | Killed a juggernaut
252718 | Zig:27   | Killed a juggernaut
252718 | Zig:27   | Killed a juggernaut
252718 | Zig:27   | Killed a juggernaut
252718 | Zig:27   | Killed a juggernaut
252718 | Zig:27   | Noticed a juggernaut
252719 | Zig:27   | Noticed a juggernaut
252719 | Zig:27   | Noticed a juggernaut
252719 | Zig:27   | Noticed a juggernaut
252720 | Zig:27   | Noticed a juggernaut
252720 | Zig:27   | Noticed a juggernaut
252721 | Zig:27   | Noticed a juggernaut
252721 | Zig:27   | Noticed a juggernaut
252722 | Zig:27   | Killed a juggernaut
252722 | Zig:27   | Killed a juggernaut
252722 | Zig:27   | Killed a juggernaut
252722 | Zig:27   | Killed a juggernaut
252722 | Zig:27   | Killed a juggernaut
252722 | Zig:27   | Killed a juggernaut
252722 | Zig:27   | Noticed a juggernaut
252722 | Zig:27   | Noticed a juggernaut
252723 | Zig:27   | Noticed a juggernaut
252723 | Zig:27   | Noticed a juggernaut
252724 | Zig:27   | Noticed a juggernaut
252725 | Zig:27   | Killed a juggernaut
252725 | Zig:27   | Killed a juggernaut
252725 | Zig:27   | Killed a juggernaut
252725 | Zig:27   | Killed a juggernaut
252725 | Zig:27   | Noticed a juggernaut
252725 | Zig:27   | Noticed a juggernaut
252726 | Zig:27   | Noticed a juggernaut
252727 | Zig:27   | Killed a juggernaut
252728 | Zig:27   | Killed a juggernaut
252728 | Zig:27   | Killed a juggernaut
252728 | Zig:27   | Noticed a juggernaut
252728 | Zig:27   | Noticed a juggernaut
252729 | Zig:27   | Killed a juggernaut
252729 | Zig:27   | Noticed a juggernaut
252730 | Zig:27   | Killed a juggernaut
252730 | Zig:27   | Noticed a juggernaut
252730 | Zig:27   | Noticed a juggernaut
252731 | Zig:27   | Killed a juggernaut
252731 | Zig:27   | Killed a juggernaut
252731 | Zig:27   | Noticed a juggernaut
252732 | Zig:27   | Killed a juggernaut
252733 | Zig:27   | Killed a juggernaut
252733 | Zig:27   | Killed a juggernaut
252733 | Zig:27   | Noticed a juggernaut
252734 | Zig:27   | Noticed a juggernaut
252734 | Zig:27   | Noticed a juggernaut
252735 | Zig:27   | Killed a juggernaut
252735 | Zig:27   | Killed a juggernaut
252735 | Zig:27   | Noticed a juggernaut
252735 | Zig:27   | Noticed a juggernaut
252736 | Zig:27   | Noticed a juggernaut
252736 | Zig:27   | Noticed a juggernaut
252736 | Zig:27   | Noticed a juggernaut
252736 | Zig:27   | Noticed a juggernaut
252737 | Zig:27   | Killed a juggernaut
252737 | Zig:27   | Killed a juggernaut
252737 | Zig:27   | Killed a juggernaut
252737 | Zig:27   | Killed a juggernaut
252737 | Zig:27   | Killed a juggernaut
252737 | Zig:27   | Noticed a juggernaut
252737 | Zig:27   | Noticed a juggernaut
252739 | Zig:27   | Noticed a juggernaut
252739 | Zig:27   | Noticed a juggernaut
252740 | Zig:27   | Noticed a juggernaut
252741 | Zig:27   | Noticed a juggernaut
252741 | Zig:27   | Noticed a juggernaut
252743 | Zig:27   | Killed a juggernaut
252743 | Zig:27   | Killed a juggernaut
252743 | Zig:27   | Killed a juggernaut
252743 | Zig:27   | Killed a juggernaut
252743 | Zig:27   | Killed a juggernaut
252743 | Zig:27   | Killed a juggernaut
252743 | Zig:27   | Killed a juggernaut
252743 | Zig:27   | Killed a juggernaut
252743 | Zig:27   | Killed a juggernaut
252743 | Zig:27   | Noticed a juggernaut
252743 | Zig:27   | Noticed a juggernaut
252744 | Zig:27   | Killed a juggernaut
252744 | Zig:27   | Killed a juggernaut
252744 | Zig:27   | Killed a juggernaut
252744 | Zig:27   | Killed a juggernaut
252744 | Zig:27   | Killed a juggernaut
252744 | Zig:27   | Noticed a juggernaut
252745 | Zig:27   | Killed a juggernaut
252746 | Zig:27   | Killed a juggernaut
252746 | Zig:27   | Killed a juggernaut
252746 | Zig:27   | Killed a juggernaut
252746 | Zig:27   | Noticed a juggernaut
252746 | Zig:27   | Noticed a juggernaut
252747 | Zig:27   | Killed a juggernaut
252747 | Zig:27   | Killed a juggernaut
252748 | Zig:27   | Noticed a juggernaut
252749 | Zig:27   | Noticed a juggernaut
252753 | Zig:27   | Killed a juggernaut
252753 | Zig:27   | Noticed a juggernaut
252758 | Zig:27   | Killed a juggernaut
252764 | Zig:27   | Killed a juggernaut
252772 | Zig:27   | Killed a juggernaut
252809 | Zig:27   | Identified the Grimoire of Shifting Lightness
252839 | Zig:27   | Got a transparent bronze ring
252840 | Zig:27   | Identified the ring "Mikh" {rF- rN+ rCorr Int+5 Dex+4} (You
                  | found it on level 27 of a ziggurat)
252878 | Zig:27   | Got a coiled amber ring
252886 | Zig:27   | Got a twitching platinum amulet
252887 | Zig:27   | Identified the ring "Jafeuv" {Fire Stlth+} (You found it on
                  | level 27 of a ziggurat)
252889 | Zig:27   | Identified the amulet "Low Jehy" {*Slow rElec rF++ rN+
                  | Regen+} (You found it on level 27 of a ziggurat)
253336 | Hell     | Upgraded the game from 0.24-a0-545-gd1b266bae6 to
                  | 0.24-a0-549-g45f0056d81
253468 | Zot:3    | Killed an orb of fire
253598 | Zot:3    | Noticed an orb of fire
253602 | Zot:3    | Killed an orb of fire
253743 | Zot:4    | Noticed an ancient lich
253748 | Zot:4    | Killed an ancient lich
253777 | Zot:5    | Entered Level 5 of the Realm of Zot
253946 | Zot:5    | Noticed an ancient lich
253949 | Zot:5    | Killed an ancient lich
253960 | Zot:5    | Noticed an orb of fire
253963 | Zot:5    | Killed an orb of fire
253967 | Zot:5    | Noticed an orb of fire
253969 | Zot:5    | Killed an orb of fire
253969 | Zot:5    | Noticed an orb of fire
253973 | Zot:5    | Killed an orb of fire
253973 | Zot:5    | Noticed an orb of fire
253977 | Zot:5    | Killed an orb of fire
254036 | Zot:5    | Noticed an orb of fire
254042 | Zot:5    | Killed an orb of fire
254053 | Zot:5    | Noticed an ancient lich
254054 | Zot:5    | Noticed an ancient lich
254057 | Zot:5    | Killed an ancient lich
254059 | Zot:5    | Killed an ancient lich
254254 | Zot:5    | Got the Orb of Zot
254316 | Zot:5    | Noticed Ipid the pandemonium lord
254329 | Zot:5    | Killed Ipid the pandemonium lord
254839 | D:$      | Escaped with the Orb!

Levels and vault maps discovered:
D:1:      lightli_arrival_maybe_door_vault, layout_basic, st_stairs_1
D:2:      layout_basic, tgw_fedhas, lemuel_blue_sif_altar
D:3:      layout_rooms, portal_sewer_entry_a
D:4:      layout_basic, old_standard_altar, minmay_temple_entry_waves,
          first_ration, kennysheep_generic_room_7, uniq_eustachio, uniq_ijyb
D:5:      layout_basic, xom_teletrap_fun, kennysheep_mini_moat,
          nicolae_ossuary_entry_monument, minmay_fractal_squares_diagonal_5
D:6:      layout_loops_ring, zin_scriptorium, serial_shops, shop_scrolls,
          basic_altar, uniq_blork_the_orc, uniq_sigmund, uniq_crazy_yiuf_cottage
D:7:      layout_rooms, chequers_temple_overflow_minitemple,
          nrook_mini_backslash, the_bakery, minmay_misc_feat_rugged, uniq_pikel
D:8:      layout_loops_cross, dpeg_oklobed_lair
D:9:      layout_irregular_city, lemuel_round_altar, overflow_temple_1_default,
          serial_column_ruins, column_ruins_temple_hall, column_ruins_hut,
          column_ruins_open_medium, column_ruins_grid_2, column_ruins_grid_3,
          column_ruins_open_tiny, kennysheep_generic_room_3
D:10:     layout_roguey, orc_0_dummy, uniq_erolcha
D:11:     layout_irregular_city
D:12:     lemuel_bear_cage, layout_cave_pools, serial_shops, shop
D:13:     layout_cave_pods, ximxim_vaults_locker_room, basic_altar, uniq_maurice
D:14:     layout_cave_pools
D:15:     hangedman_depths_entry_civil_slaughter, layout_irregular_city,
          ebering_ghost_xom
Temple:   jpeg_temple_island
Lair:1:   layout_misc_corridors, patterned_corridor
Lair:2:   beast_lair_carwin_large_4, layout_chaotic_city, shoals_dummy_entry,
          dummy_snake_entry, grunt_megastairs_2, infiniplex_staircase_pool_2,
          uniq_urug
Lair:3:   wander_river, layout_hall_layers, uniq_sonja
Lair:4:   layout_cave_pods
Lair:5:   mu_elephants_graveyard, layout_gridlike
Lair:6:   gammafunk_lair_ancient_temple, layout_regular_city,
          nicolae_slime_entry_slimehenge, lemuel_fruit_tree
Shoals:1: layout_shoals, uniq_louise
Shoals:2: layout_shoals
Shoals:3: layout_shoals, serial_shops, shop
Shoals:4: shoals_end_grunt_ice, layout_shoals
Snake:1:  layout_onion
Snake:2:  hangedman_cross_veins, layout_onion, basic_altar, uniq_jorgrun
Snake:3:  layout_basic, basic_altar
Snake:4:  johnstein_snake_rune_scales, layout_layer_cave, grunt_megastairs_1,
          minmay_shoptagon
Slime:1:  layout_caves
Slime:2:  layout_caves
Slime:3:  layout_caves
Slime:4:  layout_caves
Slime:5
Orc:1:    layout_diamond_mine
Orc:2:    st_orc_rangers, layout_caves, uniq_rupert
Elf:1:    minmay_elf_arrival_summoners, layout_rooms, serial_shops, shop_coins,
          orc_legates, bh_hangedman_babel_library
Elf:2:    layout_onion_city, serial_shops, shop, uniq_agnes, uniq_aizul
Elf:3:    minmay_elf_hall_circle, layout_gridlike, serial_shops, shop
Vaults:1: ontoclasm_vaults_eye, ontoclasm_vaults_pinch,
          vaults_mumra_minichess_inversion, nicolae_vaults_alarming,
          v_alt_pattern_3, vaults_room_grunt_arrival_ludios, st_more_cells,
          ontoclasm_vaults_fault, layout_vaults_quadrants, enter_trove_3
Vaults:2: ebering_vaults_ghost_gozag, v_misc_13, hangedman_vaults_unwind,
          v_misc_2, v_misc_12, nicolae_vaults_windows_and_doors_thing,
          ontoclasm_vaults_spin, hangedman_vaults_stitches,
          nicolae_vaults_meeting, layout_vaults_omnibox, uniq_margery,
          uniq_saint_roka
Vaults:3: nicolae_vaults_specimen_jars, vaults_room_large_hall,
          nicolae_vaults_display_case, v_rooms_6, hangedman_vaults_stream,
          nicolae_vaults_ninety_degrees, minmay_crypt_entry_simple_box,
          v_pattern_3, v_misc_4, serial_ice_g, vaults_room_pool,
          nicolae_vaults_mini_display_case, nicolae_vaults_shelves_hall,
          layout_vaults_big_cross, serial_shops, shop_statue, uniq_nikola
Vaults:4: nicolae_vaults_three_branches, v_misc_14, vaults_dpeg_ring,
          grunt_vaults_focal, v_rooms_5, nicolae_vaults_stairing_the_circle,
          sword_in_stone, vaults_standard_mumra_x, vaults_room_stairs_pillars,
          vaults_room_large_hall, nicolae_vaults_circle_grid_b,
          nicolae_vaults_asterisk, layout_vaults_big_room
Vaults:5: serial_shops
Crypt:1:  gammafunk_crypt_yreds_forest, layout_gridlike, ebering_ghost_xom,
          grunt_megastairs_3
Crypt:2:  layout_misc_corridors, serial_sigils_hangedman_snap, lemuel_elevator,
          grunt_megastairs_4
Crypt:3:  lightli_unholy_cathedral, layout_chaotic_city,
          tomb_entry_shell_bobbens, st_stairs_3, uniq_bai_suzhen
Tomb:1
Tomb:2:   uniq_boris
Tomb:3
Depths:1: layout_cave_pools, rand_demon_pan_entry_4, hell_entry,
          kennysheep_generic_room_9
Depths:2: minmay_distorted_concentric_squares, layout_cave_pools, pan_entry,
          dk_noncrumbling_4, hell_entry, abyss_entry_crystal,
          serial_bayou_shore_a
Depths:3: minmay_tri_stars, layout_long_grid, enter_ziggurat_d, serial_bayou,
          serial_bayou_lake_a, serial_bayou_pond_e, serial_bayou_pond_d,
          serial_bayou_pond_b, rand_demon_pan_entry_1, hangedman_decor_opposing,
          hell_entry, nrook_uturn, serial_bayou_shore_b
Depths:4: minmay_the_grid_3x2 [minmay_the_grid_all_tris,
          minmay_the_grid_spin_star, minmay_the_grid_doors,
          minmay_the_grid_broken_lines, minmay_the_grid_minigrid_small_alt,
          minmay_the_grid_prize_big_room], layout_small_grid,
          kennysheep_nondescript, abyss_entry, hell_entry
Depths:5: grunt_crosshair, layout_cave_shapes, lightli_too_deep,
          serial_bayou_pond_c, uniq_xtahua
Hell
Dis:1:    layout_regular_city, hangedman_dis_chains, grunt_dis_stairs_iron_hall
Dis:2:    layout_jigsaw
Dis:3:    layout_regular_city
Dis:4:    layout_jigsaw
Dis:5:    layout_overlapping_boxes
Dis:6:    layout_overlapping_boxes
Dis:7:    dis_grunt_layers
Geh:1:    layout_gehenna_lava_caves
Geh:2:    layout_gehenna_pools_basic
Geh:3:    layout_gehenna_lava_caves
Geh:4:    layout_gehenna_lava_caves
Geh:5:    layout_gehenna_pools_triple
Geh:6:    layout_gehenna_pools_triple
Geh:7:    geh_old
Coc:1:    layout_cocytus_water_paths
Coc:2:    layout_cocytus_water_paths
Coc:3:    layout_cocytus_water_paths
Coc:4:    layout_ice_bergs, serial_ice, serial_ice_c, serial_ice_o, serial_ice_g
Coc:5:    layout_ice_bergs, serial_ice, serial_ice_b, serial_ice_j,
          serial_ice_d, serial_ice_h, serial_ice_n, serial_ice_g
Coc:6:    layout_ice_bergs
Coc:7:    coc_mu
Tar:1:    layout_grid_maze, nicolae_tar_cuneiform_oil
Tar:2:    layout_cathedral_of_symmetry
Tar:3:    layout_catacombs
Tar:4:    layout_honeycomb
Tar:5:    layout_honeycomb, nicolae_tar_cuneiform_heaven
Tar:6:    layout_cathedral_of_symmetry
Tar:7:    tar_old
Zot:1:    layout_concentric_octagons
Zot:2:    lemuel_halls_of_wrath, layout_twisted_circle, st_stairs_1
Zot:3:    layout_cathedral_of_symmetry
Zot:4:    layout_onion_interference, hangedman_player_shredder
Zot:5:    layout_gridlike

Skill      XL: |  1  2  3  4  5  6  7  8  9 10 11 12 13 14 15 16 17 18 19 20 21 22 23 24 25 26 27 |
---------------+----------------------------------------------------------------------------------+-----
Conjurations   | 2 3 4 5 7 9 10 12 13 14 16 17 19 21 22 24 27 | 27.0
Throwing       | 2 27 | 27.0
Evocations     | 2 3 27 | 27.0
Air Magic      | 1 2 5 27 | 27.0
Spellcasting   | 5 8 10 11 12 14 16 17 18 19 27 | 27.0
Armour         | 3 7 27 | 27.0
Polearms       | 3 5 6 8 9 10 11 13 14 27 | 27.0
Fighting       | 2 5 6 27 | 27.0
Stealth        | 4 27 | 27.0
Fire Magic     | 4 7 8 9 10 11 13 15 16 18 20 21 27 | 27.0
Shields        | 10 12 13 15 27 | 27.0
Ice Magic      | 5 27 | 27.0
Earth Magic    | 3 4 27 | 27.0
Necromancy     | 27 | 27.0
Transmutations | 27 | 27.0
Dodging        | 27 | 27.0
Translocations | 27 | 27.0
Unarmed Combat | 27 | 27.0
Charms         | 27 | 27.0
Hexes          | 27 | 27.0
Axes           | 27 | 27.0
Staves         | 27 | 27.0
Maces & Flails | 27 | 27.0
Summonings     | 27 | 27.0
Invocations    | 27 | 27.0
Long Blades    | 27 | 27.0
Bows           | 27 | 27.0
Crossbows      | 27 | 27.0
Short Blades   | 27 | 27.0
Slings         | 27 | 27.0
Poison Magic   | 27 | 27.0

Action                   |  1- 3 |  4- 6 |  7- 9 | 10-12 | 13-15 | 16-18 | 19-21 | 22-24 | 25-27 || total
-------------------------+-------+-------+-------+-------+-------+-------+-------+-------+-------++-------
Melee: Unarmed           |     5 |       |       |       |       |       |       |       |       ||     5
       Spear             |    14 |   113 |   443 |   740 |   659 |       |       |       |       ||  1969
       Trident           |       |       |       |       |   575 |   795 |   466 |   323 |       ||  2159
       Demon trident     |       |       |       |       |       |       |       |   273 |  9348 ||  9621
       Staff             |       |       |       |       |       |       |       |     1 |   707 ||   708
       Broad axe         |       |       |       |       |       |       |       |       |   506 ||   506
       Lance             |       |       |       |       |       |       |       |       |   416 ||   416
       Peck              |       |       |       |       |       |       |       |       |   356 ||   356
Throw: Dart              |       |    18 |    42 |    38 |    11 |       |       |     1 |       ||   110
       Javelin           |       |       |       |       |       |       |       |       |   308 ||   308
 Cast: Magic Dart        |    74 |    84 |   241 |   130 |    11 |    16 |     1 |       |       ||   557
       Mephitic Cloud    |       |     7 |    19 |    49 |    71 |    17 |     3 |       |       ||   166
       Conjure Flame     |       |       |    18 |    17 |    22 |     5 |       |     2 |       ||    64
       Blink             |       |       |     1 |     2 |    25 |     5 |     3 |    35 |     8 ||    79
       Iskenderun's Myst |       |       |       |   205 |   639 |   198 |   224 |    24 |       ||  1290
       Fireball          |       |       |       |       |    77 |   501 |   110 |   325 |    31 ||  1044
       Freezing Cloud    |       |       |       |       |       |     3 |   196 |     7 |    31 ||   237
       Iron Shot         |       |       |       |       |       |       |       |   180 |   746 ||   926
       Ignition          |       |       |       |       |       |       |       |    45 |  1850 ||  1895
       Fire Storm        |       |       |       |       |       |       |       |       |  1006 ||  1006
       Glaciate          |       |       |       |       |       |       |       |       |   816 ||   816
       Tornado           |       |       |       |       |       |       |       |       |   808 ||   808
       Necromutation     |       |       |       |       |       |       |       |       |   505 ||   505
       Lehudib's Crystal |       |       |       |       |       |       |       |       |   230 ||   230
       Deflect Missiles  |       |       |       |       |       |       |       |       |    25 ||    25
       Controlled Blink  |       |       |       |       |       |       |       |       |     6 ||     6
       Darkness          |       |       |       |       |       |       |       |       |     6 ||     6
       Dragon Form       |       |       |       |       |       |       |       |       |     1 ||     1
Invok: Call Merchant     |       |       |       |       |     2 |       |     3 |     2 |    60 ||    67
       Potion Petition   |       |       |       |       |       |       |       |     4 |   258 ||   262
 Abil: End Transformatio |       |       |       |       |       |       |       |       |     3 ||     3
Evoke: Wand              |       |       |     4 |     7 |    16 |     5 |       |     5 |    50 ||    87
       Staff of energy   |       |       |       |       |       |       |       |       |  2488 ||  2488
       Staff of Wucad Mu |       |       |       |       |       |       |       |       |  1548 ||  1548
       Figurine of a zig |       |       |       |       |       |       |       |       |    15 ||    15
       Box of beasts     |       |       |       |       |       |       |       |       |     3 ||     3
       Lamp of fire      |       |       |       |       |       |       |       |       |     1 ||     1
       Horn of Geryon    |       |       |       |       |       |       |       |       |     1 ||     1
  Use: Scroll            |       |     2 |    11 |     7 |     9 |    19 |     7 |    16 |   383 ||   454
       Potion            |       |       |    12 |     2 |     4 |     3 |     4 |     5 |   275 ||   305
 Stab: Sleeping          |     1 |     1 |     4 |     2 |    12 |     4 |     2 |    10 |    52 ||    88
       Confused          |       |     2 |     7 |    54 |    59 |    15 |       |       |       ||   137
       Paralysed         |       |       |    21 |       |     5 |       |       |       |       ||    26
       Distracted        |       |       |     1 |     2 |     8 |     5 |     6 |     6 |   337 ||   365
       Invisible         |       |       |       |       |       |       |       |       |    13 ||    13
  Eat: Chunk             |     1 |     7 |     3 |       |     1 |       |       |       |       ||    12
       Ration            |       |       |     4 |     8 |    15 |    15 |    12 |    12 |   135 ||   201
Armor: Robe              |     7 |    41 |       |       |    76 |   143 |    58 |    98 |    31 ||   454
       Leather armour    |       |    12 |   122 |   250 |   325 |       |       |       |       ||   709
       Scale mail        |       |       |       |       |       |       |       |       |  2383 ||  2383
       Crystal plate arm |       |       |       |       |       |       |       |       |  1724 ||  1724
Dodge: Dodged            |    23 |    97 |   166 |   302 |   560 |   226 |   110 |   128 |  2758 ||  4370
       Deflected         |       |       |       |       |       |       |       |       |   482 ||   482
Block: Buckler           |       |       |       |       |    74 |   128 |       |       |       ||   202
       Shield            |       |       |       |       |       |    95 |   168 |   209 |  3820 ||  4292
       Large shield      |       |       |       |       |       |       |       |       |  2255 ||  2255

Table legend:
 A = Non-vault XP
 B = Vault XP
 C = Vault XP percentage of total XP
 D = Non-vault monster count
 E = Vault monster count
 F = Vault count percentage of total count
                 A         B        C        D         E       F
            +---------+---------+-------+---------+---------+-------
      Total | 7456548 | 1443914 |  16.2 |   58031 |    2025 |   3.4
            +---------+---------+-------+---------+---------+-------
        D:1 |      34 |       3 |   8.1 |      20 |       2 |   9.1
        D:2 |      82 |       0 |   0.0 |      20 |       0 |   0.0
        D:3 |      39 |       2 |   4.9 |      19 |       1 |   5.0
        D:4 |     537 |     238 |  30.7 |      23 |       4 |  14.8
        D:5 |     687 |      51 |   6.9 |      17 |       5 |  22.7
        D:6 |    1221 |     345 |  22.0 |      30 |       3 |   9.1
        D:7 |     993 |     851 |  46.1 |      13 |       2 |  13.3
        D:8 |     745 |       0 |   0.0 |      20 |       0 |   0.0
        D:9 |    2231 |     115 |   4.9 |      33 |       1 |   2.9
       D:10 |    1514 |     982 |  39.3 |      18 |       1 |   5.3
       D:11 |    2877 |       0 |   0.0 |      20 |       0 |   0.0
       D:12 |    3521 |    3984 |  53.1 |      26 |      17 |  39.5
       D:13 |    9975 |    5569 |  35.8 |      39 |      12 |  23.5
       D:14 |    6780 |       0 |   0.0 |      35 |       0 |   0.0
       D:15 |   14066 |    7256 |  34.0 |      34 |       8 |  19.0
     Lair:1 |    3963 |       0 |   0.0 |      19 |       0 |   0.0
     Lair:2 |    5761 |    3979 |  40.9 |      31 |      17 |  35.4
     Lair:3 |    1964 |     820 |  29.5 |      12 |       1 |   7.7
     Lair:4 |   11541 |       0 |   0.0 |      39 |       0 |   0.0
     Lair:5 |    6480 |   11642 |  64.2 |      17 |      24 |  58.5
     Lair:6 |    8319 |   10735 |  56.3 |      30 |      32 |  51.6
   Shoals:1 |   13992 |    1715 |  10.9 |      27 |       1 |   3.6
   Shoals:2 |   24183 |       0 |   0.0 |      46 |       0 |   0.0
   Shoals:3 |   14900 |       0 |   0.0 |      28 |       0 |   0.0
   Shoals:4 |   10637 |   20679 |  66.0 |      24 |      33 |  57.9
    Snake:1 |   19135 |       0 |   0.0 |      37 |       0 |   0.0
    Snake:2 |   24054 |   14158 |  37.1 |      45 |      21 |  31.8
    Snake:3 |   12847 |       0 |   0.0 |      22 |       0 |   0.0
    Snake:4 |   36033 |   45403 |  55.8 |      66 |      73 |  52.5
    Slime:1 |    9177 |       0 |   0.0 |      16 |       0 |   0.0
    Slime:2 |   20900 |       0 |   0.0 |      50 |       0 |   0.0
    Slime:3 |   10433 |       0 |   0.0 |      21 |       0 |   0.0
    Slime:4 |   15462 |       0 |   0.0 |      20 |       0 |   0.0
    Slime:5 |   24542 |   31224 |  56.0 |      37 |      14 |  27.5
      Orc:1 |    1161 |       0 |   0.0 |      23 |       0 |   0.0
      Orc:2 |    2303 |    7471 |  76.4 |      28 |      37 |  56.9
      Elf:1 |   19344 |   18602 |  49.0 |      32 |      38 |  54.3
      Elf:2 |   25737 |    5382 |  17.3 |      36 |       5 |  12.2
      Elf:3 |   27669 |   52157 |  65.3 |      42 |      32 |  43.2
   Vaults:1 |    8439 |   13840 |  62.1 |      22 |      27 |  55.1
   Vaults:2 |   28231 |   46163 |  62.1 |      61 |      65 |  51.6
   Vaults:3 |    9053 |   24076 |  72.7 |      18 |      32 |  64.0
   Vaults:4 |   25680 |   25942 |  50.3 |      36 |      34 |  48.6
   Vaults:5 |   40064 |  108898 |  73.1 |      62 |      75 |  54.7
    Crypt:1 |   51570 |   30732 |  37.3 |      73 |      27 |  27.0
    Crypt:2 |   28958 |    7098 |  19.7 |      39 |       6 |  13.3
    Crypt:3 |   20661 |   45264 |  68.7 |      28 |      41 |  59.4
     Tomb:1 |       0 |       0 |   N/A |       7 |      47 |  87.0
     Tomb:2 |       0 |       0 |   N/A |      27 |      55 |  67.1
     Tomb:3 |       0 |       0 |   N/A |      51 |     129 |  71.7
   Depths:1 |   41412 |    2828 |   6.4 |      64 |       6 |   8.6
   Depths:2 |   33740 |   21084 |  38.5 |      45 |       7 |  13.5
   Depths:3 |   59658 |   28735 |  32.5 |      77 |      31 |  28.7
   Depths:4 |   67770 |   35009 |  34.1 |      78 |      24 |  23.5
   Depths:5 |   55922 |   36696 |  39.6 |      57 |      20 |  26.0
       Hell |   20207 |   36189 |  64.2 |      26 |      58 |  69.0
      Dis:1 |   46900 |   17446 |  27.1 |      87 |      42 |  32.6
      Dis:2 |   10049 |      40 |   0.4 |      20 |       1 |   4.8
      Dis:3 |   54497 |       0 |   0.0 |      97 |       0 |   0.0
      Dis:4 |   48964 |       0 |   0.0 |      71 |       0 |   0.0
      Dis:5 |      40 |       0 |   0.0 |       1 |       0 |   0.0
      Dis:6 |   23105 |       0 |   0.0 |      22 |       0 |   0.0
      Dis:7 |   35114 |  113972 |  76.4 |      51 |      65 |  56.0
      Geh:1 |    1938 |       0 |   0.0 |       6 |       0 |   0.0
      Geh:2 |   24012 |       0 |   0.0 |      36 |       0 |   0.0
      Geh:3 |   14360 |       0 |   0.0 |      18 |       0 |   0.0
      Geh:4 |   30525 |       0 |   0.0 |      56 |       0 |   0.0
      Geh:5 |    4046 |       0 |   0.0 |       8 |       0 |   0.0
      Geh:6 |   13330 |       0 |   0.0 |      32 |       0 |   0.0
      Geh:7 |   20826 |   42869 |  67.3 |      37 |      29 |  43.9
      Coc:2 |       0 |       0 |   N/A |       8 |       0 |   0.0
      Coc:4 |       0 |       0 |   N/A |       1 |       0 |   0.0
      Coc:5 |       0 |       0 |   N/A |       0 |       1 | 100.0
      Coc:6 |       0 |       0 |   N/A |      16 |       0 |   0.0
      Coc:7 |       0 |       0 |   N/A |      33 |      47 |  58.8
      Tar:1 |       0 |       0 |   N/A |       8 |       0 |   0.0
      Tar:2 |       0 |       0 |   N/A |       2 |       0 |   0.0
      Tar:3 |       0 |       0 |   N/A |       9 |       0 |   0.0
      Tar:4 |       0 |       0 |   N/A |       8 |       0 |   0.0
      Tar:5 |       0 |       0 |   N/A |       4 |       0 |   0.0
      Tar:6 |       0 |       0 |   N/A |       9 |       0 |   0.0
      Tar:7 |       0 |       0 |   N/A |      39 |      28 |  41.8
      Zot:1 |   40231 |       0 |   0.0 |      26 |       0 |   0.0
      Zot:2 |   31241 |   49037 |  61.1 |      19 |      50 |  72.5
      Zot:3 |    9554 |       0 |   0.0 |      12 |       0 |   0.0
      Zot:4 |       0 |       0 |   N/A |       0 |       4 | 100.0
      Zot:5 |       0 |       0 |   N/A |      23 |      45 |  66.2
    Abyss:1 |    1939 |       0 |   0.0 |       7 |       0 |   0.0
    Abyss:2 |    4728 |       0 |   0.0 |       9 |       0 |   0.0
    Abyss:3 |   72790 |   22450 |  23.6 |     131 |      52 |  28.4
    Abyss:4 |    1571 |    6375 |  80.2 |       3 |      11 |  78.6
    Abyss:5 |  463440 |    3205 |   0.7 |     794 |       9 |   1.1
        Pan |  675553 |  414418 |  38.0 |     830 |     325 |  28.1
      Zig:1 |   18681 |       0 |   0.0 |     143 |       4 |   2.7
      Zig:2 |   21362 |       0 |   0.0 |     299 |       4 |   1.3
      Zig:3 |   33225 |    2357 |   6.6 |     451 |       8 |   1.7
      Zig:4 |   40437 |       0 |   0.0 |     527 |       4 |   0.8
      Zig:5 |   52256 |       0 |   0.0 |     705 |       4 |   0.6
      Zig:6 |   88479 |       0 |   0.0 |     821 |       0 |   0.0
      Zig:7 |   94864 |       0 |   0.0 |     882 |       0 |   0.0
      Zig:8 |   93783 |    2709 |   2.8 |    1062 |       4 |   0.4
      Zig:9 |  139338 |       0 |   0.0 |    1157 |       0 |   0.0
     Zig:10 |  194017 |       0 |   0.0 |    1376 |       4 |   0.3
     Zig:11 |  156785 |   15166 |   8.8 |    1347 |      12 |   0.9
     Zig:12 |  162386 |       0 |   0.0 |    1505 |       0 |   0.0
     Zig:13 |  181012 |       0 |   0.0 |    1635 |       4 |   0.2
     Zig:14 |  130582 |       0 |   0.0 |    1940 |       8 |   0.4
     Zig:15 |  130229 |    2612 |   2.0 |    2211 |       4 |   0.2
     Zig:16 |  166759 |    2222 |   1.3 |    2338 |       8 |   0.3
     Zig:17 |  219526 |       0 |   0.0 |    2320 |      20 |   0.9
     Zig:18 |  228870 |   18762 |   7.6 |    2281 |      11 |   0.5
     Zig:19 |  212246 |    2348 |   1.1 |    2812 |       4 |   0.1
     Zig:20 |  215791 |    1438 |   0.7 |    2959 |       4 |   0.1
     Zig:21 |  329195 |       0 |   0.0 |    3179 |       4 |   0.1
     Zig:22 |  246728 |       0 |   0.0 |    3094 |       3 |   0.1
     Zig:23 |  321560 |       0 |   0.0 |    3630 |       0 |   0.0
     Zig:24 |  294138 |       0 |   0.0 |    3381 |      10 |   0.3
     Zig:25 |  414428 |    6200 |   1.5 |    3641 |      12 |   0.3
     Zig:26 |  424130 |   11024 |   2.5 |    3930 |      56 |   1.4
     Zig:27 |  329784 |    2693 |   0.8 |    3986 |      12 |   0.3
      Sewer |       0 |     118 | 100.0 |       0 |       6 | 100.0
    Ossuary |       0 |     536 | 100.0 |       0 |      38 | 100.0
            +---------+---------+-------+---------+---------+-------
